 Seeded DCSS version 0.29.1-2-gbd0b4ee654 (webtiles) character file.

Game seed: 86594 (custom seed)

1582999 Ashen the Blood Saint (level 27, -17/249 HPs)
             Began as a Demonspawn Ice Elementalist on Oct 31, 2022.
             Was the Champion of Makhleb.
             Killed from afar by a Brimstone Fiend (38 damage)
             ... with damnation
             ... on level 19 of a ziggurat on Nov 5, 2022.
             The game lasted 21:27:26 (125749 turns).

Ashen the Blood Saint (DsIE)                      Turns: 125749, Time: 21:27:26

Health: -17/249    AC: 43    Str: 23    XL:     27
Magic:  54/54      EV: 29    Int: 32    God:    Makhleb [******]
Gold:   54024      SH: 21    Dex: 21    Spells: 0/80 levels left

rFire   + + +      SeeInvis +   k - +9 staff of Wucad Mu {*channel}
rCold   + + +      Faith    .   g - +2 shield of Resistance {rF++ rC++ Will++}
rNeg    + + +      Spirit   .   p - +8 orange crystal plate armour {Archmagi, Int+3 Clar}
rPois   ∞          Reflect  .   W - -2 hat of the Alchemist {rElec rPois rF+ rC+ rN+ Will+ rMut rCorr}
rElec   +          Harm     .   (cloak unavailable)
rCorr   +          Rampage  ∞   T - +1 pair of gloves "Sasaetu" {Will+ Str+4 Dex+5 Slay-2}
rMut    +          Archmagi +   U - +3 pair of seven-league boots {Rampage+∞}
Will    +++++      Clarity  +   Q - amulet of Vitality {RegenMP++ Regen++}
Stlth   ++++++....              Z - ring of Spontaneous Combustion {+Blink rC+ rN++ Int-2 SInv}
HPRegen 12.11/turn              m - ring of Secrets {EV+4 Str+6 Dex+3}
MPRegen 1.14/turn

@: mighty, lich-form, in a vortex, weakened, corroded, flying (expiring),
studying 7 skills
A: draining attack, torment immunity, no potions, powered by death 3, powered by
pain 3, augmentation 3, sturdy frame 3, weakness stinger 3, clever 1, cold
resistance 1, strong 1
}: 6/15 runes: barnacled, slimy, silver, golden, abyssal, gossamer
a: End Transformation, Renounce Religion, Evoke Blink, Minor Destruction, Lesser
Servant of Makhleb, Major Destruction, Greater Servant of Makhleb


You were on level 19 of a ziggurat.
You worshipped Makhleb.
Makhleb was exalted by your worship.
You were an undead lich.
You visited 13 branches of the dungeon, and saw 55 of its levels.
You visited the Abyss 7 times.
You visited 14 ziggurats (completing 13), and saw 370 of their levels.
You also visited: Ossuary and Wizlab.

You collected 56544 gold pieces.
You spent 2520 gold pieces at shops.

Inventory:

Hand Weapons
 i - a +9 quick blade of protection
 k - the +9 staff of Wucad Mu (weapon) {*channel}
   (You found it on level 14 of a ziggurat)

   It occasionally powers its wielder's spells, but with a chance of causing
   confusion or draining the wielder's intelligence.
   It becomes more likely to activate and less likely to backfire with increased
   Evocations skill.
 q - a +0 scimitar of distortion
 C - a +0 war axe of distortion
 Y - the +6 shillelagh "Devastator" {shatter}
   (You found it on level 27 of a ziggurat)

   It releases a powerful concussive burst when it strikes, dealing extra damage
   to the target and all other foes adjacent to them.
Missiles
 c - 8 javelins
 y - 256 silver javelins
Armour
 g - the +2 shield of Resistance (worn) {rF++ rC++ Will++}
   (You found it on level 6 of a ziggurat)

   rF:        It greatly protects you from fire.
   rC:        It greatly protects you from cold.
   Will:      It greatly increases your willpower.
 p - the +8 orange crystal plate armour (worn) {Archmagi, Int+3 Clar}
   (You found it on level 12 of a ziggurat)

   Int:       It affects your intelligence (+3).
   Clar:      It protects you against confusion.
 T - the +1 pair of gloves "Sasaetu" (worn) {Will+ Str+4 Dex+5 Slay-2}
   (You found it on level 14 of a ziggurat)

   Str:       It affects your strength (+4).
   Dex:       It affects your dexterity (+5).
   Slay:      It affects your accuracy & damage with ranged weapons and melee
   (-2).
   Will:      It increases your willpower.
 U - the +3 pair of seven-league boots (worn) {Rampage+∞}
   (You found it on level 12 of a ziggurat)

   Its wearer moves as far as possible in that direction when moving towards
   enemies.
 W - the -2 hat of the Alchemist (worn) {rElec rPois rF+ rC+ rN+ Will+ rMut rCorr}
   (You found it on level 21 of a ziggurat)

   rF:        It protects you from fire.
   rC:        It protects you from cold.
   rElec:     It insulates you from electricity.
   rPois:     It protects you from poison.
   rN:        It protects you from negative energy.
   rCorr:     It protects you from acid and corrosion.
   rMut:      It protects you from mutation.
   Will:      It increases your willpower.
Jewellery
 m - the ring of Secrets (right hand) {EV+4 Str+6 Dex+3}
   (You found it on level 10 of a ziggurat)

   [ring of evasion]

   EV:        It affects your evasion (+4).
   Str:       It affects your strength (+6).
   Dex:       It affects your dexterity (+3).
 t - the ring of the Komtur {rPois AC+4 Dex+4 SInv}
   (You found it on level 4 of a ziggurat)

   [ring of protection]

   AC:        It affects your AC (+4).
   Dex:       It affects your dexterity (+4).
   rPois:     It protects you from poison.
   SInv:      It lets you see invisible.
 B - the ring "Nureow" {AC+4 Slay+2}
   (You found it on level 14 of a ziggurat)

   [ring of protection]

   AC:        It affects your AC (+4).
   Slay:      It affects your accuracy & damage with ranged weapons and melee
   (+2).
 H - the ring "Laujawes" {*Corrode rPois rC+ Will+ Stlth+}
   (You found it on level 18 of a ziggurat)

   [ring of willpower]

   rC:        It protects you from cold.
   rPois:     It protects you from poison.
   *Corrode:  It may corrode you when you take damage.
   Will:      It increases your willpower.
   Stlth:     It makes you more stealthy.
 I - the ring "Bileprovyps" {rF- rN+ Will+ rCorr Dex+4}
   (You found it on level 27 of a ziggurat)

   [ring of resist corrosion]

   Dex:       It affects your dexterity (+4).
   rF:        It makes you vulnerable to fire.
   rN:        It protects you from negative energy.
   rCorr:     It protects you from acid and corrosion.
   Will:      It increases your willpower.
 M - the ring "Baninoj" {rC+ Dex+10 Slay-2}
   (You found it on level 25 of a ziggurat)

   [ring of protection from cold]

   Dex:       It affects your dexterity (+10).
   Slay:      It affects your accuracy & damage with ranged weapons and melee
   (-2).
   rC:        It protects you from cold.
 O - the ring "Tocoe" {rElec rF+++ Will+ rCorr Dex-4}
   (You found it on level 25 of a ziggurat)

   [ring of willpower]

   Dex:       It affects your dexterity (-4).
   rF:        It renders you almost immune to fire.
   rElec:     It insulates you from electricity.
   rCorr:     It protects you from acid and corrosion.
   Will:      It increases your willpower.
 Q - the amulet of Vitality (around neck) {RegenMP++ Regen++}
   (You found it on level 19 of a ziggurat)

   [amulet of magic regeneration]

   It increases your rate of magic regeneration.
   Regen:     It increases your rate of health regeneration.
 V - the amulet "Pyoff" {Reflect Regen+ Int+3 Dex+2 SH+5}
   (You found it on level 6 of a ziggurat)

   [amulet of reflection]

   It reflects blocked missile attacks.
   Int:       It affects your intelligence (+3).
   Dex:       It affects your dexterity (+2).
   Regen:     It increases your rate of health regeneration.
   SH:        It affects your SH (+5).
 Z - the ring of Spontaneous Combustion (left hand) {+Blink rC+ rN++ Int-2 SInv}
   (You found it on level 12 of a ziggurat)

   [ring of protection from cold]

   Int:       It affects your intelligence (-2).
   rC:        It protects you from cold.
   rN:        It greatly protects you from negative energy.
   SInv:      It lets you see invisible.
   +Blink:    It lets you blink.
Wands
 N - a wand of iceblast (192)
 R - a wand of digging (41)
 X - a wand of quicksilver (87)
Scrolls
 e - 300 scrolls of teleportation
 f - 14 scrolls of torment
 j - 117 scrolls of blinking
 o - 19 scrolls of fear
 x - 89 scrolls of immolation
 D - 5 scrolls of poison
 F - 236 scrolls of fog
 J - 42 scrolls of vulnerability
 L - 3 scrolls of summoning
Potions
 a - 5 potions of brilliance
 b - 55 potions of magic
 d - 18 potions of resistance
 l - 100 potions of heal wounds
 u - 30 potions of lignification
 z - 95 potions of curing
 A - 22 potions of ambrosia
 E - 274 potions of mutation
 G - 70 potions of cancellation
 K - 52 potions of haste
Miscellaneous
 h - a condenser vane (inert)
 n - a tin of tremorstones (1/2)
 r - a lightning rod (4/4)
 s - a box of beasts
 v - a phantom mirror
 w - the horn of Geryon
 P - a phial of floods
 S - a phantom mirror


   Skills:
 O Level 27 Fighting
 O Level 27 Short Blades
 O Level 27 Long Blades
 O Level 27 Axes
 O Level 27 Maces & Flails
 O Level 27 Polearms
 O Level 27 Staves
 O Level 27 Ranged Weapons
 O Level 27 Throwing
 O Level 27 Armour
 O Level 27 Dodging
 O Level 27 Stealth
 O Level 27 Shields
 O Level 27 Unarmed Combat
 O Level 27 Spellcasting
 O Level 27 Conjurations
 O Level 27 Hexes
 O Level 27 Summonings
 O Level 27 Necromancy
 O Level 27 Translocations
 O Level 27 Transmutations
 O Level 27 Fire Magic
 O Level 27 Ice Magic
 O Level 27 Air Magic
 O Level 27 Earth Magic
 O Level 27 Poison Magic
 O Level 27 Invocations
 O Level 27 Evocations


You couldn't memorise any spells.
You knew the following spells:

 Your Spells              Type           Power      Damage    Failure   Level
a - Polar Vortex          Ice            72%        N/A       2%          9
b - Ignition              Fire           72%        3d19      1%          8
c - Ozocubu's Armour      Ice            100%       N/A       0%          3
d - Blink                 Tloc           100%       N/A       0%          2
e - Yara's Violent Unrav  Hex/Tmut       72%        3d27      0%          5
f - Fire Storm            Conj/Fire      72%        8d18      2%          9
g - Ozocubu's Refrigerat  Ice            72%        4d23      1%          7
h - Necromutation         Tmut/Necr      85%        N/A       1%          8
i - Chain Lightning       Conj/Air       72%        3d96      2%          9
j - Shatter               Erth           72%        3d53*     2%          9
k - Death's Door          Necr           85%        N/A       2%          9
l - Sublimation of Blood  Necr           100%       N/A       0%          2

Your spell library contained the following spells:

 Spells                   Type           Power      Damage    Failure   Level
 Apportation              Tloc           100%       N/A       0%          1
 Beastly Appendage        Tmut           100%       N/A       0%          1
 Foxfire                  Conj/Fire      100%       2x1d9     0%          1
 Freeze                   Ice            100%       1d11      0%          1
 Magic Dart               Conj           100%       1d8       0%          1
 Necrotise                Necr           100%       1d9       0%          1
 Sandblast                Erth           100%       2d20      0%          1
 Shock                    Conj/Air       100%       1d9       0%          1
 Slow                     Hex            100%       N/A       0%          1
 Sting                    Tmut/Pois      100%       1d8       0%          1
 Summon Small Mammal      Summ           100%       N/A       0%          1
 Call Imp                 Summ           100%       N/A       0%          2
 Ensorcelled Hibernation  Hex/Ice        100%       N/A       0%          2
 Passwall                 Tmut/Erth      100%       N/A       0%          2
 Poisonous Vapours        Pois/Air       100%       N/A       0%          2
 Scorch                   Fire           100%       2d10      0%          2
 Searing Ray              Conj           100%       2d8       0%          2
 Static Discharge         Conj/Air       100%       3-16/arc  0%          2
 Wereblood                Tmut           100%       N/A       0%          2
 Call Canine Familiar     Summ           100%       N/A       0%          3
 Confusing Touch          Hex            100%       N/A       0%          3
 Conjure Flame            Conj/Fire      100%       6-21      0%          3
 Dazzling Flash           Conj/Hex       100%       N/A       0%          3
 Frozen Ramparts          Ice            100%       1d16      0%          3
 Gell's Gravitas          Tloc           100%       N/A       0%          3
 Ignite Poison            Fire/Tmut/Pois 100%       N/A       0%          3
 Inner Flame              Hex/Fire       100%       N/A       0%          3
 Lesser Beckoning         Tloc           100%       N/A       0%          3
 Mephitic Cloud           Conj/Pois/Air  100%       N/A       0%          3
 Portal Projectile        Hex/Tloc       100%       N/A       0%          3
 Spider Form              Tmut/Pois      100%       N/A       0%          3
 Stone Arrow              Conj/Erth      100%       3d13      0%          3
 Summon Guardian Golem    Hex/Summ       100%       N/A       0%          3
 Swiftness                Air            100%       N/A       0%          3
 Teleport Other           Tloc           100%       N/A       0%          3
 Tukima's Dance           Hex            100%       N/A       0%          3
 Vampiric Draining        Necr           100%       2d13      0%          3
 Airstrike                Air            72%        2d(11-27) 0%          4
 Anguish                  Hex/Necr       85%        N/A       0%          4
 Animate Armour           Summ/Erth      100%       N/A       0%          4
 Animate Dead             Necr           100%       N/A       0%          4
 Cause Fear               Hex            72%        N/A       0%          4
 Corpse Rot               Necr/Pois/Air  100%       N/A       0%          4
 Dispel Undead            Necr           100%       3d31      0%          4
 Flame Wave               Conj/Fire      100%       2d21      0%          4
 Fulminant Prism          Conj/Hex       72%        3d30      0%          4
 Hailstorm                Conj/Ice       100%       3d20      0%          4
 Ice Form                 Ice/Tmut       100%       N/A       0%          4
 Iskenderun's Mystic Bla  Conj/Tloc      100%       2d19      0%          4
 Leda's Liquefaction      Hex/Erth       72%        N/A       0%          4
 Olgreb's Toxic Radiance  Pois           100%       N/A       0%          4
 Passage of Golubria      Tloc           100%       N/A       0%          4
 Petrify                  Tmut/Erth      100%       N/A       0%          4
 Sticky Flame             Conj/Fire      100%       2d11      0%          4
 Summon Ice Beast         Ice/Summ       100%       N/A       0%          4
 Summon Lightning Spire   Summ/Air       100%       N/A       0%          4
 Agony                    Necr           100%       N/A       0%          5
 Alistair's Intoxication  Tmut/Pois      96%        N/A       0%          5
 Blade Hands              Tmut           72%        N/A       0%          5
 Borgnjor's Vile Clutch   Necr/Erth      85%        N/A       0%          5
 Fireball                 Conj/Fire      72%        3d27      0%          5
 Freezing Cloud           Conj/Ice/Air   72%        6-21      0%          5
 Irradiate                Conj/Tmut      72%        3d35      0%          5
 Iskenderun's Battlesphe  Conj           100%       2d15      0%          5
 Lee's Rapid Deconstruct  Erth           72%        3d34*     0%          5
 Lightning Bolt           Conj/Air       72%        1d98      0%          5
 Manifold Assault         Tloc           100%       N/A       0%          5
 Metabolic Englaciation   Hex/Ice        72%        N/A       0%          5
 Silence                  Hex/Air        72%        N/A       0%          5
 Summon Forest            Summ/Tloc      72%        N/A       0%          5
 Summon Mana Viper        Hex/Summ       100%       N/A       0%          5
 Conjure Ball Lightning   Conj/Air       72%        3x3d27    0%          6
 Death Channel            Necr           85%        N/A       0%          6
 Dispersal                Tloc           72%        N/A       0%          6
 Eringya's Noxious Bog    Tmut/Pois      72%        N/A       0%          6
 Iron Shot                Conj/Erth      72%        9d13      0%          6
 Simulacrum               Ice/Necr       85%        N/A       0%          6
 Starburst                Conj/Fire      72%        6d19      0%          6
 Statue Form              Tmut/Erth      96%        N/A       0%          6
 Summon Cactus Giant      Summ           72%        N/A       0%          6
 Dragon Form              Tmut           72%        N/A       1%          7
 Enfeeble                 Hex            72%        N/A       1%          7
 Haunt                    Necr/Summ      85%        N/A       1%          7
 Malign Gateway           Summ/Tloc      72%        N/A       1%          7
 Monstrous Menagerie      Summ           72%        N/A       1%          7
 Orb of Destruction       Conj           72%        9d17      1%          7
 Spellforged Servitor     Conj/Summ      72%        N/A       1%          7
 Storm Form               Tmut/Air       72%        N/A       1%          7
 Summon Hydra             Summ           72%        N/A       1%          7
 Borgnjor's Revivificati  Necr           85%        N/A       1%          8
 Discord                  Hex            72%        N/A       1%          8
 Disjunction              Tloc           72%        N/A       1%          8
 Infestation              Necr           85%        N/A       1%          8
 Lehudib's Crystal Spear  Conj/Erth      72%        10d16     1%          8
 Maxwell's Capacitive Co  Air            72%        ∞         1%          8
 Summon Horrible Things   Summ           72%        N/A       1%          8
 Dragon's Call            Summ           72%        N/A       2%          9


Dungeon Overview and Level Annotations

Branches:
Dungeon (15/15)            Temple (1/1) D:7            Lair (5/5) D:10
 Shoals (4/4) Lair:3       Spider (4/4) Lair:2        Slime (5/5) Lair:5
    Orc (2/2) D:9             Elf (3/3) Orc:2        Vaults (5/5) D:14
  Crypt (3/3) Vaults:3       Tomb (3/3) Crypt:3      Depths (4/4) D:15
   Hell (visited)             Dis (0/7) Hell            Geh (0/7) Hell
    Coc (0/7) Hell            Tar (0/7) Hell            Zot (0/5) Depths:4
Ossuary (visited)          WizLab (visited)

Altars:
Ashenzari
Cheibriados
Dithmenos
Fedhas
Gozag
Hepliaklqana
Kikubaaqudgha
Makhleb
Nemelex Xobeh
Okawaru
Qazlal
Ru
Sif Muna
Trog
Uskayaw
Vehumet
Wu Jian
Xom
Yredelemnul
Jiyva

Shops:
D:11 [   Orc:2 ?((   Elf:1 =::   Elf:2 [

Portals:
Hell: Depths:1 Depths:2 Depths:3 Depths:4
Abyss: Depths:3 Depths:4
Pandemonium: Depths:2 Depths:4
Ziggurat: Depths:1


Innate Abilities, Weirdness & Mutations

You are an undead lich.
Your unarmed attacks are suffused with negative energy.
You are immune to unholy pain and torment.
Your necromantic spells are more powerful.
You cannot drink.
You are immune to poison.
You regenerate a lot of health from kills.
You are powered by pain.
Your magical and physical power is greatly enhanced at high health.
Your movements are significantly less encumbered by armour. (ER -6)
You have a sharp stinger which inflicts weakening toxins.
Your mind is acute. (Int +4, Str/Dex -1)
Your flesh is cold resistant. (rC+)
Your muscles are strong. (Str +4, Int/Dex -1)


Message History

The balrug is moderately wounded.
The balrug is struck by lightning.
Flame seeps out of the balrug.
The Brimstone Fiend is struck by lightning.
The demonspawn corrupter is struck by lightning.
Flame seeps out of the demonspawn corrupter.
The demonspawn corrupter is engulfed in blazing flames.
The titanic slime creature is engulfed in blazing flames.
Flame seeps out of the titanic slime creature.
The green death is struck by lightning.
The demonspawn corrupter calls forth creatures from the Tomb of the Ancients!
The green death is struck by lightning.
The demonspawn warmonger is struck by lightning.
The Brimstone Fiend gestures at you.
The sphere of damnation explodes!
The damnation engulfs the Brimstone Fiend.
The Brimstone Fiend completely resists.
The damnation engulfs the Brimstone Fiend.
The Brimstone Fiend completely resists.
The damnation engulfs the Brimstone Fiend.
The Brimstone Fiend completely resists.
The damnation engulfs the Brimstone Fiend.
The Brimstone Fiend completely resists.
The damnation engulfs you!!
* * * LOW HITPOINT WARNING * * *
You focus on the pain.
You feel your power returning.
The damnation engulfs the Hell Sentinel.
The Hell Sentinel completely resists.
The damnation engulfs the Hell Sentinel.
The Hell Sentinel completely resists.
The damnation engulfs the Hell Sentinel.
The Hell Sentinel completely resists.
The damnation engulfs the Hell Sentinel.
The Hell Sentinel completely resists.
The Brimstone Fiend is struck by lightning.
The vault sentinel is struck by lightning.
The vault sentinel blows a loud note on a signal horn!
The Hell Sentinel completely misses you.
The Hell Sentinel barely misses you. The Brimstone Fiend gestures at you.
The sphere of damnation explodes!
The damnation engulfs you!!!
You die...

▓.......§§§§§66
▓▓.......§§§§§3§
▓.......21§4§2§§
▓......§21§D12§Y
▓.....§§12122226
▓.....§12111X2§§
▓▓....§111166662§
▓..∩..§11L11§16§§
▓▓....§11111d22§§
▓.....§9221626§§
▓.....§333161J)d
▓.....§.§§22p126
▓.......2§J2J636
▓▓........64§X23
▓........2☼MMp2


You could see a hellephant (strong, black mark, resistant), 13 Hell Sentinels, 5
demonspawn warmongers, 2 Tzitzimimeh, an acid blob (summoned, strong), 9
Brimstone Fiends, an Ice Fiend (berserk, inner flame, strong, agile, black mark,
resistant), a red draconian, a white draconian, 6 cacodemons, 4 demonspawn blood
saints, 4 demonspawn corrupters, 2 demonspawn black suns, a quicksilver dragon
(berserk), 2 hell beasts, an azure jelly (fast), 2 lorocyprocas, a reaper (fast,
strong, black mark, resistant), 8 balrugs, 2 green deaths, 2 Executioners, 2
blizzard demons, 2 mummy priests, a titanic slime creature (summoned, inner
flame), 4 sun demons, a shadow demon (fast, agile, black mark), a war gargoyle
(summoned, inner flame, resistant), 2 vault sentinels, 2 large abominations, a
hellwing (strong, agile, black mark), 2 sixfirhies, a hellion (fast, inner
flame, black mark, resistant, weak-willed) and a red devil (berserk, fast, inner
flame, black mark, resistant).

Vanquished Creatures
  The ghost of Vuopse the Conqueror, a legendary GnIE of Ashenzari (Zig:6)
  The ghost of SevenDeadlySins the Archmage, a legendary DrCj of Vehumet (Zig:6)
  the Royal Jelly (Slime:5)
  The ghost of Ashen the Blood Saint, a legendary DsNe of Makhleb (Zig:9)
  The ghost of Ikusitist the Infernalist, a legendary NaFE of Cheibriados (Zig:13)
  The ghost of zurenarrh the Slayer, a legendary DjAE of Ashenzari (Zig:9)
  303 dread liches
  The ghost of WiseOSalty the Conqueror, a legendary TrGl of Qazlal (Zig:13)
  The ghost of Piginabag the Conqueror, a legendary DsSk of Gozag (Zig:13)
  The ghost of Diezoyro the Conqueror, a legendary DDNe of Makhleb (Zig:13)
  Khufu (Tomb:3)
  39 orbs of fire
  367 ancient liches
  The ghost of Boduf the Metallomancer, a legendary FoHu of Cheibriados (Zig:13)
  The ghost of melllvar the Conqueror, a legendary MiBe of the Shining One (Zig:13)
  The ghost of GlasyaLabolas the Conqueror, a legendary MiFi of Dithmenos (Zig:13)
  The ghost of deprived the Bringer of Light, a legendary HOFi of the Shining One (Zig:6)
  The ghost of Xorhowon the Invulnerable, a legendary MiBe of Trog (Zig:13)
  The ghost of Xorhowon the Invulnerable, a legendary MiBe of Trog (Zig:13)
  The ghost of Sext the Conqueror, a legendary MiFi of the Shining One (Zig:13)
  The ghost of Xatwola the Axe Maniac, a legendary DDFi of Makhleb (Zig:6)
  The ghost of Fusentrap the Slayer, a legendary MiBe of Makhleb (Zig:13)
  The ghost of agentgt the Executioner, a legendary MiCK of Xom (Zig:13)
  The ghost of Likado the Gnoll Barricade, a legendary GnSk of the Shining One (Zig:13)
  The ghost of Jeklifit the Conqueror, a legendary FoFi of the Shining One (Zig:13)
  The ghost of Jargh the Formicid Barricade, a legendary FoFi of the Shining One (Zig:13)
  The ghost of Totuz the Messiah, a legendary HOFi of Beogh (Zig:13)
  The ghost of Becvyf the Gnoll Aeon, a legendary GnFi of Cheibriados (Zig:9)
  The ghost of Denobboc the Imperceptible, a legendary OpMo of Jiyva (Zig:6)
  The ghost of Fueng the Bringer of Law, a legendary HOFi of Zin (Zig:13)
  The ghost of Zachydoop the Conqueror, a veteran MiMo of Ru (Zig:13)
  The ghost of Talannal the Sharpshooter, a legendary GnHW of Cheibriados (Zig:9)
  506 juggernauts
  Sojobo (Depths:2)
  The ghost of stevelinton the Ninja, a legendary KoBe of Trog (Zig:13)
  The ghost of xzight the Conqueror, a legendary MiBe of Trog (Zig:13)
  Josephina (Depths:2)
  The ghost of heteroy the Invulnerable, a legendary DsHu of Uskayaw (Zig:13)
  737 pandemonium lords
  Boris (twice) (Crypt:3 Vaults:5)
  281 royal mummies
  Saint Roka (Elf:3)
  The ghost of Waohesse the Slayer, a legendary VSFi of the Shining One (Zig:13)
  The ghost of Waohesse the Slayer, a legendary VSFi of the Shining One (Zig:13)
  314 shard shrikes
  The ghost of Evehuixoju the Rhythm of Life and Death, a legendary VSFi of Uskayaw (Zig:13)
  The ghost of Evehuixoju the Rhythm of Life and Death, a legendary VSFi of Uskayaw (Zig:13)
  256 Killer Klowns
  The ghost of Piginabag the Drop of Water, a veteran GnMo of Ru (Zig:13)
  The ghost of yaoilover the Conqueror, a veteran MiBe of Trog (Zig:13)
  Xtahua (Depths:4)
  The ghost of frimble the Slayer, a legendary GrFi of Okawaru (Zig:13)
  The ghost of Qatinlae the Archmage, a veteran DEFE of Sif Muna (Zig:13)
  The ghost of WeeknightWizard the Sorcerer, a veteran DEFE of Vehumet (Zig:6)
  Bai Suzhen (Crypt:3)
  The ghost of Heartburn the Minotaur Barricade, a veteran MiFi of Okawaru (Zig:13)
  12 curse toes
  The ghost of zurenarrh the Cloud Mage, a veteran DrAE of Sif Muna (Zig:9)
  519 golden dragons
  164 caustic shrikes
  Geryon (Hell)
  A caustic shrike (shapeshifter) (Zig:7)
  A golden dragon (shapeshifter) (Zig:26)
  170 profane servitors
  320 bone dragons
  159 pearl dragons
  The ghost of Saphesar the End of an Era, a veteran DsFi of Qazlal (Zig:13)
  277 Brimstone Fiends
  171 Tzitzimimeh
  An iron giant (shapeshifter) (Zig:23)
  98 electric golems
  193 hellephants
  3 doom hounds
  A shard shrike zombie (Abyss:4)
  A walking crystal tome (Depths:3)
  Jorgrun (Shoals:1)
  568 Ice Fiends
  241 iron giants
  A shard shrike skeleton (Crypt:2)
  445 tentacled monstrosities
  168 quicksilver dragons
  Rupert (D:15)
  A tainted leviathan (Hell)
  431 Hell Sentinels
  A walking earthen tome (Zig:18)
  267 liches
  229 searing wretches
  124 deep elf blademasters
  548 titans
  6 walking frostbound tomes
  10 quicksilver dragons (shapeshifter)
  6 walking divine tomes
  128 deep elf master archers
  5 eldritch tentacles
  1182 acid blobs
  A kraken (Abyss:6)
  An acid blob (shapeshifter) (Zig:26)
  18 sphinxes (shapeshifter)
  226 Executioners
  The ghost of frimble the Victor of a Thousand Battles, an adept DsGl of Okawaru (Zig:13)
  The ghost of frimble the Victor of a Thousand Battles, an adept DsGl of Okawaru (Zig:13)
  421 ancient champions
  139 sphinxes
  79 shadow dragons
  Polyphemus (Shoals:3)
  The ghost of Amikeex the Brawler, an adept TrMo of Nemelex Xobeh (Zig:13)
  The ghost of Viocziel the Brawler, an adept TrMo of Nemelex Xobeh (Zig:13)
  The ghost of Ubraesch the Brawler, an adept TrMo of Nemelex Xobeh (Zig:13)
  The ghost of Viocziel the Brawler, an adept TrMo of Nemelex Xobeh (Zig:13)
  The ghost of Polaczum the Brawler, an adept TrMo of Nemelex Xobeh (Zig:6)
  Gastronok (D:9)
  241 tentacled starspawn
  112 tengu reavers
  11 shadow dragons (shapeshifter)
  108 storm dragons
  6 storm dragons (shapeshifter)
  Donald (Slime:4)
  29 thorn hunters
  17 fenstrider witches (shapeshifter)
  Roxanne (Elf:3)
  8 fire giants (shapeshifter)
  140 daevas
  4 iron dragons (shapeshifter)
  13 azure jellies (shapeshifter)
  15 fenstrider witches
  239 emperor scorpions
  313 azure jellies
  921 nagarajas
  272 draconian monks
  359 revenants
  112 vault wardens
  451 draconian knights
  230 fire giants
  An emperor scorpion (shapeshifter) (Zig:16)
  239 demonspawn warmongers
  248 frost giants
  387 rockslimes
  369 narguns
  78 deep elf sorcerers
  16 frost giants (shapeshifter)
  569 balrugs
  3 ghost moths (shapeshifter)
  157 quicksilver elementals
  Aizul (Elf:3)
  869 orc warlords
  328 draconian scorchers
  The ghost of Purphixowk the Carver, a journeyman DsGl of Makhleb (D:15)
  11 juggernaut zombies
  135 iron dragons
  81 ghouls
  The ghost of MewIchigo the Bludgeoner, a journeyman MeFi of Okawaru (Spider:1)
  218 cacodemons
  383 ghost moths
  13 caustic shrike zombies
  306 curse skulls
  71 ironbound preservers
  81 angels
  220 quicksilver oozes
  372 draconian annihilators
  19 deep elf elementalists
  232 reapers
  347 demonspawn corrupters
  278 draconian stormcallers
  299 draconian shifters
  37 broodmothers
  10 juggernaut skeletons
  435 stone giants
  14 stone giants (shapeshifter)
  2 spriggan defenders
  263 demonspawn blood saints
  173 war gargoyles
  12 caustic shrike skeletons
  93 ophanim
  11 ironbound thunderhulks
  144 green draconians
  5 quicksilver oozes (shapeshifter)
  280 very ugly things
  130 bennus
  2 broodmothers (shapeshifter)
  127 black draconians
  204 vampire knights
  170 lorocyprocas
  6 putrid mouths
  23 eleionomae (shapeshifter)
  102 deep elf demonologists
  2 starflowers (Abyss:5)
  251 demonspawn black suns
  67 apis
  87 bunyips
  2 spectral hellephants (Crypt:1)
  16 dire elephants (shapeshifter)
  147 white draconians
  617 starcursed masses
  The ghost of Mefist the Jinx, a journeyman DEEE of Sif Muna (Lair:5)
  4 entropy weavers (shapeshifter)
  87 eleionomae
  172 deep elf annihilators
  5 minotaurs (shapeshifter)
  46 dire elephants
  140 purple draconians
  3 bunyips (shapeshifter)
  313 entropy weavers
  4 minotaurs
  137 yellow draconians
  120 red draconians
  341 wendigos
  A spark wasp (shapeshifter) (Zig:21)
  111 spark wasps
  50 crystal guardians
  An ettin (shapeshifter) (Zig:24)
  158 iron golems
  421 green deaths
  200 eidola
  6 quicksilver dragon zombies
  244 mummy priests
  138 ettins
  141 deep elf death magi
  175 merfolk javelineers
  78 merfolk impalers
  2 spectral elves (Crypt:1)
  54 jiangshi
  99 yaktaur captains
  348 shambling mangroves
  160 deep elf high priests
  5 fire dragons (shapeshifter)
  69 fire dragons
  479 blizzard demons
  158 great orbs of eyes
  A great orb of eyes (shapeshifter) (Zig:26)
  822 salamander tyrants
  7 quicksilver dragon skeletons
  10 rakshasas
  52 boulder beetles
  36 catoblepae
  353 hydras
  13 spriggan zombies
  A hydra (shapeshifter) (Zig:16)
  Harold (D:9)
  41 vault guards
  2 ice dragons (shapeshifter)
  17 juggernaut simulacra
  4 jorogumos (shapeshifter)
  2 radroaches (shapeshifter)
  126 ice dragons
  164 spriggan air magi
  3 boulder beetles (shapeshifter)
  156 hell beasts
  A peacekeeper (Vaults:4)
  15 caustic shrike simulacra
  52 radroaches
  40 ogre magi
  9 ironbound frosthearts
  26 jorogumos
  2 catoblepae (shapeshifter)
  13 spriggan skeletons
  47 alligator snapping turtles
  27 merfolk avatars
  15 alligator snapping turtles (shapeshifter)
  26 centaur warriors
  44 ghost crabs
  365 merfolk aquamancers
  8 anacondas (shapeshifter)
  9 two-headed ogres (shapeshifter)
  65 alligators
  124 anacondas
  A bennu skeleton (Crypt:3)
  17 death yaks
  285 dancing weapons
  27 stokers
  200 naga warriors
  35 satyrs
  4 tengu warriors
  63 two-headed ogres
  3 death knights
  3 alligators (shapeshifter)
  An azure jelly zombie (Crypt:3)
  9 deep troll shamans
  85 hell hogs
  17 deep troll earth magi
  394 thrashing horrors
  148 death scarabs
  4 death yaks (shapeshifter)
  4 satyrs (shapeshifter)
  246 vampire magi
  308 shock serpents
  4 spriggan berserkers
  871 orc high priests
  126 soul eaters
  10 titan zombies
  291 naga sharpshooters
  102 crystal echidnas
  384 wretched stars
  39 spriggans
  78 hell knights
  20 shock serpents (shapeshifter)
  9 titan skeletons
  156 deep elf knights
  The ghost of yogakurto the Covert, a novice GrBr of Lugonu (D:6)
  22 fire crabs
  113 shadow wraiths
  70 sun demons
  236 iron trolls
  9 storm dragon zombies
  3 bunyip zombies
  13 golden dragon zombies
  40 skeletal warriors
  11 storm dragon skeletons
  30 sun moths
  An iron giant zombie (Crypt:3)
  77 spatial maelstroms
  3 fire crabs (shapeshifter)
  17 iron trolls (shapeshifter)
  6 goliath frogs (shapeshifter)
  A spark wasp zombie (Zig:8)
  78 cherubim
  66 salamander mystics
  104 sixfirhies
  144 flayed ghosts
  13 sea snakes (shapeshifter)
  513 large abominations
  11 quicksilver dragon simulacra
  153 shadow demons
  12 steelbarb worms (shapeshifter)
  91 pharaoh ants
  75 steelbarb worms
  209 death drakes
  51 goliath frogs
  78 glowing orange brains
  8 death drakes (shapeshifter)
  16 swamp dragons (shapeshifter)
  99 spriggan druids
  3 orb spiders (shapeshifter)
  50 deep trolls
  267 orb spiders
  An anaconda zombie (Abyss:5)
  272 swamp dragons
  59 ironbound convokers
  109 naga ritualists
  26 bog bodies
  11 tengu zombies
  78 sea snakes
  Pikel (D:10)
  12 deep trolls (shapeshifter)
  13 glowing orange brains (shapeshifter)
  163 deep elf archers
  124 phantasmal warriors
  3 harpies (shapeshifter)
  13 golden dragon skeletons
  120 mana vipers
  16 lindwurms
  12 lindwurms (shapeshifter)
  145 ugly things
  178 harpies
  29 orange crystal statues
  30 wizards
  12 shadow dragon zombies
  46 necromancers
  30 obsidian statues
  3 iron dragon zombies
  10 sphinx zombies
  179 orc knights
  241 deep elf zephyrmancers
  267 deep elf pyromancers
  2 fire giant zombies
  334 orc sorcerers
  91 manticores
  4 sphinx skeletons
  7 fauns (shapeshifter)
  A frost giant zombie (Zig:2)
  10 mana vipers (shapeshifter)
  2 stone giant zombies (Zig:1)
  140 oklob plants
  11 manticores (shapeshifter)
  13 shining eyes (shapeshifter)
  6 tengu skeletons
  179 shining eyes
  7 shadow dragon skeletons
  77 will-o-the-wisps
  8 wolf spiders (shapeshifter)
  115 wolf spiders
  496 moths of wrath
  40 salamanders
  31 worldbinders
  A human zombie (Vaults:2)
  13 iron dragon skeletons
  93 cyclopes
  8 cyclopes (shapeshifter)
  18 elephants
  Joseph (D:9)
  50 merfolk sirens
  A molten gargoyle (Zig:19)
  2 naga zombies
  62 fauns
  A salamander (shapeshifter) (Zig:9)
  665 black mambas
  11 moths of wrath (shapeshifter)
  4 frost giant skeletons
  4 guardian serpents (shapeshifter)
  23 rust devils
  A dire elephant zombie (Crypt:1)
  13 elephants (shapeshifter)
  46 vault sentinels
  7 water nymphs (shapeshifter)
  394 water nymphs
  3 black mambas (shapeshifter)
  A stone giant skeleton (Zig:5)
  84 orange demons
  274 torpor snails
  28 ice statues
  175 apocalypse crabs
  109 eyes of devastation
  255 guardian serpents
  A fire giant skeleton (Zig:8)
  9 torpor snails (shapeshifter)
  A cane toad (shapeshifter) (Zig:26)
  15 gargoyles
  14 titan simulacra
  2 centaur skeletons
  345 naga magi
  A shock serpent skeleton (Crypt:1)
  15 storm dragon simulacra
  33 cane toads
  4 unseen horrors
  2 unseen horrors (shapeshifter)
  282 smoke demons
  3 naga skeletons
  10 eyes of devastation (shapeshifter)
  2 rime drakes (shapeshifter)
  32 komodo dragons
  353 tormentors
  323 hellions
  A dire elephant skeleton (Abyss:4)
  A green draconian zombie (Crypt:2)
  4 komodo dragons (shapeshifter)
  A spark wasp simulacrum (Zig:5)
  3 kobold demonologists
  52 rime drakes
  4 yaktaurs (shapeshifter)
  55 freezing wraiths
  114 hellwings
  2 tengu conjurers
  38 yaktaurs
  73 demonic crawlers
  26 efreet
  A redback zombie (Crypt:2)
  A sea snake zombie (Hell)
  464 guardian mummies
  49 ice devils
  4 trolls (shapeshifter)
  16 golden dragon simulacra
  A pale draconian skeleton (Crypt:2)
  A yellow draconian skeleton (Crypt:2)
  64 red devils
  A harpy zombie (Hell)
  220 ancient zymes
  2 sea snake skeletons (Hell)
  2 hydra zombies (Hell)
  321 merfolk
  4 silent spectres
  37 meliai
  186 trolls
  24 bloated husks
  2 hornets (shapeshifter)
  13 shadow dragon simulacra
  10 polar bears
  13 merfolk (shapeshifter)
  2 polar bears (shapeshifter)
  5 queen bees (shapeshifter)
  8 wind drakes (shapeshifter)
  104 tarantellas
  4 tarantellas (shapeshifter)
  56 tyrant leeches
  51 wind drakes
  6 meliai (shapeshifter)
  5 sphinx simulacra
  565 hornets
  9 tengu simulacra
  273 raiju
  2 raiju (shapeshifter)
  4 hydra skeletons
  2 tyrant leeches (shapeshifter)
  An ice dragon zombie (Crypt:3)
  A satyr zombie (Crypt:1)
  7 iron dragon simulacra
  4 frost giant simulacra
  783 slime creatures
  An alligator zombie (Hell)
  10 snapping turtles (shapeshifter)
  6 dream sheep (shapeshifter)
  5 dream sheep
  27 blink frogs
  82 snapping turtles
  5 jumping spiders (shapeshifter)
  9 slime creatures (shapeshifter)
  5 harpy skeletons
  82 air elementals
  3 stone giant simulacra
  3 fire giant simulacra
  82 jumping spiders
  2 ettin zombies
  65 culicivoras
  221 flying skulls
  143 water elementals
  3 spriggans (shapeshifter)
  6 vampires
  8 shadows
  26 wraiths
  149 ynoxinuls
  Sigmund (D:2)
  17 wyverns
  2 ettin skeletons (Abyss:5)
  12 fire bats (Abyss:5)
  150 chaos spawn
  67 yaks
  177 ushabtiu
  5 culicivoras (shapeshifter)
  4 yaks (shapeshifter)
  83 fire elementals
  A hog (shapeshifter) (Zig:12)
  16 basilisks
  120 golden eyes
  5 golden eyes (shapeshifter)
  11 steam dragons
  149 redbacks
  14 redbacks (shapeshifter)
  24 vampire mosquitoes
  194 neqoxecs
  A basilisk (shapeshifter) (Depths:1)
  42 spatial vortices
  12 swamp worms (shapeshifter)
  216 nagas
  177 wargs
  A glowing orange brain zombie (Crypt:2)
  11 glowing shapeshifter zombies
  3 harpy simulacra
  A naga (shapeshifter) (Zig:13)
  A two-headed ogre zombie (Crypt:3)
  19 acid dragons
  47 water moccasins
  27 hell hounds
  A water moccasin (shapeshifter) (Zig:26)
  A faun skeleton (Crypt:3)
  2 demonspawn skeletons
  10 floating eyes (shapeshifter)
  89 floating eyes
  4 glowing shapeshifter skeletons
  772 orc warriors
  A sky beast (shapeshifter) (Zig:26)
  5 black bears
  27 swamp drakes
  An alligator simulacrum (Hell)
  17 spriggan simulacra
  2 black bears (shapeshifter)
  22 wolves
  3 ettin simulacra
  8 boggarts
  32 ice beasts
  A manticore zombie (Crypt:1)
  384 ogres
  2 floating eye zombies (Zig:8)
  2 ogres (shapeshifter)
  18 centaurs
  10 kobold brigands
  A phantom (D:5)
  9 bullfrogs
  8 gnoll sergeants
  5 necrophages
  83 earth elementals
  A scorpion (D:4)
  18 glowing shapeshifter simulacra
  A human simulacrum (Zig:3)
  A shapeshifter zombie (Crypt:3)
  8 wights
  A cyclops skeleton (Crypt:1)
  11 killer bees
  A water moccasin skeleton (Crypt:2)
  A howler monkey (D:12)
  6 electric eels
  4 crimson imps (Zig:23)
  18 jellies
  4 hounds
  A quasit (Abyss:2)
  9 gnoll boudas
  103 orc priests
  A black bear skeleton (Crypt:3)
  2 iron imps
  13 human skeletons
  Ijyb (D:4)
  4 iguanas
  57 small abominations
  8 lightning spires
  124 orc wizards
  5 hell rats (Lair:2)
  An ice beast zombie (Crypt:1)
  736 mummies
  Robin (D:2)
  2 adders
  29 gnolls
  4 white imps
  4 ufetubi
  5 worms
  4 dart slugs
  49 orcs
  7 ball pythons
  4 bats (D:1)
  6 endoplasms
  5 giant cockroaches
  3 gnoll zombies (Ossuary)
  18 goblins
  13 hobgoblins
  A quokka (shapeshifter) (Depths:3)
  3 quokkas
  A river rat zombie (Crypt:3)
  4 frilled lizards
  A hobgoblin zombie (Ossuary)
  32 kobolds
  3 kobold zombies
  2 orc zombies (Ossuary)
  6 rats
  A spectral orc (D:9)
  36 ball lightnings
  87 briar patches
  2 bushes
  204 fire vortices
  32 lurking horrors
  26 plants
  150 starspawn tentacles
  4 tentacles (Abyss:6)
54614 creatures vanquished.

Vanquished Creatures (collateral kills)
  An ancient lich (Zig:18)
  2 pandemonium lords
  A Killer Klown (Zig:9)
  2 Tzitzimimeh
  2 Ice Fiends
  An Executioner (Zig:27)
  A cacodemon (Zig:23)
  A balrug (Zig:27)
  A ghost moth (Zig:26)
  3 emperor scorpions
  A reaper (Zig:21)
  3 demonspawn blood saints
  A demonspawn corrupter (Zig:21)
  A broodmother (Zig:26)
  A green death (Zig:23)
  A hell beast (Zig:27)
  A jorogumo (Zig:26)
  A soul eater (Zig:23)
  2 pharaoh ants (Zig:26)
  A deep elf zephyrmancer (Elf:3)
  A wolf spider (Zig:21)
  2 apocalypse crabs (Zig:9)
  A guardian serpent (shapeshifter) (Zig:11)
  3 torpor snails
  A demonic crawler (Zig:26)
  A hellwing (Zig:23)
  A merfolk (Zig:24)
  A red devil (Zig:27)
  2 tarantellas
  A ball lightning (Zig:24)
42 creatures vanquished.

Vanquished Creatures (others)
  A dread lich (Zig:26)
  An ancient lich (Zig:19)
  A juggernaut (Zig:8)
  54 pandemonium lords
  42 Killer Klowns
  A caustic shrike (shapeshifter) (Zig:26)
  8 golden dragons
  A profane servitor (Abyss:5)
  A pearl dragon (Zig:26)
  5 Brimstone Fiends
  2 iron giants
  3 Tzitzimimeh (Zig:27)
  2 Hell Sentinels (Zig:16)
  13 tentacled monstrosities
  An acid blob (shapeshifter) (Zig:11)
  3 Ice Fiends
  A deep elf blademaster (Zig:18)
  A quicksilver dragon (shapeshifter) (Zig:17)
  An Executioner (Zig:16)
  3 shadow dragons (shapeshifter) (Zig:21)
  An eldritch tentacle (Zig:25)
  A sphinx (Tomb:1)
  3 sphinxes (shapeshifter)
  5 azure jellies (shapeshifter)
  A nagaraja (Zig:19)
  A draconian monk (Zig:19)
  A tengu reaver (Zig:21)
  A fenstrider witch (shapeshifter) (Zig:16)
  3 fire giants (shapeshifter)
  An emperor scorpion (Zig:16)
  2 frost giants (shapeshifter)
  5 draconian knights
  2 fire giants
  2 demonspawn warmongers
  6 balrugs
  An iron dragon (shapeshifter) (Zig:26)
  4 cacodemons
  A frost giant (Zig:19)
  A draconian annihilator (Zig:21)
  13 demonspawn blood saints
  A broodmother (Zig:26)
  2 stone giants (shapeshifter)
  3 demonspawn corrupters
  11 very ugly things
  An apis (Zig:19)
  A red draconian (Zig:9)
  3 eleionomae (shapeshifter)
  4 lorocyprocas
  2 bunyips (shapeshifter) (Zig:26)
  A minotaur (shapeshifter) (Zig:26)
  A spark wasp (shapeshifter) (Zig:21)
  An ettin (shapeshifter) (Zig:21)
  8 blizzard demons
  3 green deaths
  A merfolk javelineer (Zig:24)
  3 fire dragons
  A fire dragon (shapeshifter) (Zig:24)
  A hydra (Zig:25)
  2 shambling mangroves
  2 hell beasts
  3 alligator snapping turtles (shapeshifter)
  4 death yaks (shapeshifter)
  4 thrashing horrors
  2 deep elf knights
  A fire crab (shapeshifter) (Zig:26)
  A soul eater (Zig:27)
  2 wretched stars (Abyss:6)
  A pharaoh ant (Zig:26)
  A salamander mystic (Zig:19)
  A sixfirhy (Zig:22)
  2 shadow demons (Zig:27)
  A glowing orange brain (shapeshifter) (Zig:26)
  A goliath frog (shapeshifter) (Zig:16)
  An orb spider (Zig:16)
  A steelbarb worm (shapeshifter) (Zig:16)
  4 orb spiders (shapeshifter)
  A deep troll (shapeshifter) (Zig:16)
  A swamp dragon (Zig:24)
  A harpy (Zig:10)
  15 ugly things
  A faun (shapeshifter) (Zig:16)
  A water nymph (shapeshifter) (Zig:16)
  An ice statue (Zig:21)
  2 smoke demons
  A cane toad (shapeshifter) (Zig:24)
  25 apocalypse crabs
  6 hellions
  A komodo dragon (shapeshifter) (Zig:17)
  3 tormentors
  A hellwing (Zig:27)
  A yaktaur (shapeshifter) (Zig:21)
  An ancient zyme (Abyss:6)
  A merfolk (shapeshifter) (Zig:26)
  10 hornets
  A merfolk (Zig:11)
  5 large abominations
  A polar bear (shapeshifter) (Zig:16)
  A tyrant leech (Zig:21)
  2 bloated husks
  A wind drake (Zig:24)
  4 raiju
  A slime creature (shapeshifter) (Zig:26)
  3 dream sheep (shapeshifter) (Zig:21)
  3 flying skulls (Abyss:6)
  An ettin skeleton (Crypt:3)
  A culicivora (shapeshifter) (Zig:26)
  A spriggan (shapeshifter) (Zig:26)
  2 spriggans (Zig:14)
  3 water elementals
  A neqoxec (Abyss:6)
  2 redbacks (shapeshifter)
  2 golden eyes (Abyss:5)
  13 chaos spawn
  A steam dragon (shapeshifter) (Zig:21)
  3 swamp worms (shapeshifter)
  2 floating eyes (shapeshifter)
  A swamp drake (shapeshifter) (Zig:26)
  2 small abominations
  39 ball lightnings
  4 briar patches
  38 bushes
  10 demonic plants
  900 fire vortices
  42 foxfires
  28 fungi
  3 lurking horrors
  353 plants
  118 starspawn tentacles
  A tentacle (Abyss:6)
  A withered plant (Shoals:2)
1949 creatures vanquished.

Grand Total: 56605 creatures vanquished

Notes
Turn   | Place    | Note
-------+----------+-------------------------------------------
     0 | D:1      | Ashen the Demonspawn Ice Elementalist began the quest for
                  | the Orb.
     0 | D:1      | Reached XP level 1. HP: 13/13 MP: 3/3
   343 | D:1      | Gained mutation: You sometimes gain a little power by
                  | taking damage. [demonic ancestry]
   343 | D:1      | Reached XP level 2. HP: 18/19 MP: 1/5
  1068 | D:1      | Gained mutation: You regenerate a little health from kills.
                  | [demonic ancestry]
  1068 | D:1      | Reached XP level 3. HP: 24/24 MP: 4/6
  1479 | D:3      | Learned a level 3 spell: Frozen Ramparts
  1586 | D:3      | Reached XP level 4. HP: 19/30 MP: 3/7
  2353 | D:4      | Noticed Ijyb
  2373 | D:4      | Killed Ijyb
  2374 | D:4      | Gained mutation: You regenerate health from kills. [demonic
                  | ancestry]
  2374 | D:4      | Reached XP level 5. HP: 30/35 MP: 0/9
  2378 | D:4      | Noticed a black bear
  2502 | D:4      | Noticed a black bear
  2550 | D:3      | Killed a black bear
  2551 | D:3      | Gained mutation: You have a small tail. [demonic ancestry]
  2551 | D:3      | Reached XP level 6. HP: 37/41 MP: 2/11
  2556 | D:3      | Learned a level 3 spell: Ozocubu's Armour
  2561 | D:3      | Learned a level 4 spell: Hailstorm
  2873 | D:4      | Reached XP level 7. HP: 42/46 MP: 7/12
  2989 | D:4      | Found a shadowy altar of Dithmenos.
  2999 | D:4      | Reached skill level 5 in Ice Magic
  3444 | D:5      | Entered Level 5 of the Dungeon
  3643 | D:5      | Found a broken altar of Ashenzari.
  4090 | D:5      | Noticed a +0 hand axe
  4090 | D:5      | Noticed a +0 dagger
  4091 | D:5      | Found a hide-covered altar of Uskayaw.
  4278 | D:5      | Found a shimmering blue altar of Sif Muna.
  4470 | D:6      | Found a sand-covered staircase.
  4481 | Ossuary  | Entered an ossuary
  4736 | Ossuary  | Reached XP level 8. HP: 52/52 MP: 14/14
  4892 | D:6      | Found a runed translucent gate.
  4893 | D:6      | Found a runed translucent gate.
  4893 | D:6      | Noticed yogakurto's ghost (novice GrBr)
  4894 | D:6      | Found a runed translucent gate.
  5037 | D:6      | Reached skill level 5 in Stealth
  5041 | D:6      | Reached skill level 5 in Spellcasting
  5047 | D:6      | Reached skill level 1 in Fighting
  5047 | D:6      | Reached skill level 5 in Dodging
  5047 | D:6      | Reached skill level 1 in Conjurations
  5467 | D:6      | Found a shimmering altar of Xom.
  5571 | D:7      | Gained mutation: You have a tail ending in a sharp stinger.
                  | [demonic ancestry]
  5571 | D:7      | Reached XP level 9. HP: 62/62 MP: 13/17
  5644 | D:7      | Found an iron altar of Okawaru.
  5969 | D:7      | Found a staircase to the Ecumenical Temple.
  5983 | Temple   | Entered the Ecumenical Temple
  5988 | Temple   | Became a worshipper of Vehumet
  7311 | D:8      | Noticed a two-headed ogre
  7486 | D:8      | Reached * piety under Vehumet
  7486 | D:8      | Offered knowledge of Magic Dart by Vehumet.
  7648 | D:8      | Found a burning altar of Makhleb.
  7831 | D:9      | Noticed Pikel
  7832 | D:9      | Noticed Joseph
  7929 | D:9      | Noticed Gastronok
  8007 | D:9      | Noticed Harold
  8059 | D:8      | Noticed a glowing orange brain
  8059 | D:8      | a two-headed ogre changed into a glowing orange brain
  8066 | D:8      | Killed a glowing orange brain
  8067 | D:8      | Gained mutation: You have a sharp stinger which inflicts
                  | weakening toxins. [demonic ancestry]
  8067 | D:8      | Reached XP level 10. HP: 73/73 MP: 4/20
  8179 | D:9      | Killed Gastronok
  8180 | D:9      | Reached skill level 5 in Fighting
  8180 | D:9      | Reached skill level 5 in Conjurations
  8386 | D:9      | Found a stormy altar of Qazlal.
  8444 | D:9      | Found a basalt altar of Yredelemnul.
  8502 | D:9      | Killed Joseph
  8608 | D:10     | Entered Level 10 of the Dungeon
  8636 | D:10     | Noticed a two-headed ogre
  8644 | D:10     | Killed a two-headed ogre
  8644 | D:10     | Offered knowledge of Shock by Vehumet.
  8737 | D:10     | Found a sacrificial altar of Ru.
  8816 | D:10     | Reached ** piety under Vehumet
  8824 | D:10     | Found a staircase to the Lair.
  9046 | D:10     | Noticed a two-headed ogre
  9232 | D:10     | Killed Pikel
  9233 | D:10     | Reached XP level 11. HP: 70/81 MP: 22/22
  9635 | Lair:1   | Entered Level 1 of the Lair of Beasts
  9831 | Lair:1   | Offered knowledge of Mephitic Cloud by Vehumet.
  9997 | Lair:1   | Noticed a four-headed hydra
 10012 | Lair:1   | Killed a four-headed hydra
 10703 | Lair:2   | Reached *** piety under Vehumet
 11024 | Lair:2   | Offered knowledge of Airstrike by Vehumet.
 11052 | Lair:2   | Found a hole to the Spider Nest.
 11087 | Lair:2   | Gained mutation: Your movements are slightly less
                  | encumbered by armour. (ER -2) [demonic ancestry]
 11087 | Lair:2   | Reached XP level 12. HP: 89/91 MP: 24/24
 12276 | Lair:3   | Found a staircase to the Shoals.
 12297 | Lair:3   | Reached **** piety under Vehumet
 12460 | Lair:3   | Reached skill level 10 in Ice Magic
 12481 | Lair:3   | Noticed a five-headed hydra
 12517 | Lair:3   | Killed a five-headed hydra
 12517 | Lair:3   | Offered knowledge of Yara's Violent Unravelling by Vehumet.
 12524 | Lair:3   | Learned a level 5 spell: Yara's Violent Unravelling
 12768 | Lair:3   | Found a blossoming altar of Fedhas.
 13465 | Lair:4   | Noticed a death yak
 13743 | Lair:4   | Noticed a death yak
 13743 | Lair:4   | Noticed a death yak
 13743 | Lair:4   | Noticed a death yak
 13789 | Lair:3   | Gained mutation: Your body sometimes deteriorates upon
                  | taking damage. [you]
 13791 | Lair:3   | Killed a death yak
 13841 | Lair:4   | Noticed a five-headed hydra
 13841 | Lair:4   | Noticed a six-headed hydra
 13861 | Lair:4   | Killed a five-headed hydra
 13883 | Lair:4   | Found the +1 robe of Vines {NoPotionHeal Regen++++}
 13900 | Lair:4   | Killed a six-headed hydra
 13901 | Lair:4   | Gained mutation: Your movements are less encumbered by
                  | armour. (ER -4) [demonic ancestry]
 13901 | Lair:4   | Reached XP level 13. HP: 89/100 MP: 13/26
 14663 | Lair:5   | Entered Level 5 of the Lair of Beasts
 14712 | Lair:4   | Reached ***** piety under Vehumet
 14712 | Lair:4   | Offered knowledge of Iskenderun's Battlesphere by Vehumet.
 14791 | Lair:5   | Noticed Mefist's ghost (journeyman DEEE)
 14792 | Lair:5   | Found a transporter.
 14838 | Lair:5   | Paralysed by a great orb of eyes for 4 turns
 14942 | Lair:5   | Noticed an azure jelly
 14953 | Lair:5   | Found a staircase to the Slime Pits.
 14953 | Lair:5   | Found a viscous altar of Jiyva.
 14981 | Lair:5   | Noticed an acid blob
 15031 | Lair:5   | Found a transporter.
 15107 | Lair:5   | Noticed a dire elephant
 15478 | Lair:4   | Reached skill level 10 in Spellcasting
 16294 | D:11     | Reached skill level 10 in Dodging
 16347 | D:11     | Found a broken altar of Ashenzari.
 16351 | D:11     | Identified the +8 spear of Zymnoriheu {speed, Str+8}
 16419 | D:11     | You fall into a shaft and drop 2 floors!
 16834 | D:11     | Found Ximual's Armour Shop.
 16871 | D:11     | Bought a +0 pair of gloves of strength for 172 gold pieces
 17000 | D:11     | Learned a level 7 spell: Orb of Destruction
 18188 | D:13     | Found the +2 hat of the Bear Spirit {Spirit, *Rage Will++}
 19026 | D:13     | Reached XP level 14. HP: 109/109 MP: 28/28
 19151 | D:14     | Reached skill level 10 in Conjurations
 19461 | D:14     | Reached skill level 10 in Fighting
 20466 | D:14     | HP: 4/110 [gargoyle/stone arrow (12)]
 21211 | D:14     | Offered knowledge of Lightning Bolt by Vehumet.
 22280 | D:14     | Found a gate to the Vaults.
 22851 | D:15     | Entered Level 15 of the Dungeon
 23092 | D:15     | Found a runed translucent gate.
 23093 | D:15     | Found a runed translucent gate.
 23093 | D:15     | Noticed Purphixowk's ghost (journeyman DsGl)
 23094 | D:15     | Found a runed translucent gate.
 23472 | D:15     | Identified the amulet of Kaurch {Reflect Fragile rElec
                  | rN+++ SH+5}
 23518 | D:15     | Noticed Rupert
 23819 | D:15     | Gained mutation: You sometimes gain power by taking damage.
                  | [demonic ancestry]
 23819 | D:15     | Reached XP level 15. HP: 117/117 MP: 0/30
 24389 | D:15     | Found a staircase to the Depths.
 25290 | D:9      | Found a staircase to the Orcish Mines.
 25535 | D:9      | Found a bloodstained altar of Trog.
 25736 | D:9      | Found a bloodstained altar of Trog.
 25762 | D:9      | Killed Harold
 25870 | D:6      | Killed yogakurto's ghost
 26110 | D:2      | Found a faded altar of an unknown god.
 26152 | D:2      | Noticed Sigmund
 26152 | D:2      | Identified the +0 helmet of Gravity {Fly Str+4 Int-2}
 26152 | D:2      | Noticed Robin
 26165 | D:2      | Killed Robin
 26167 | D:2      | Killed Sigmund
 26227 | D:2      | Identified a scroll of acquirement
 26569 | D:2      | Lost mutation: Your body sometimes deteriorates upon taking
                  | damage. [potion of mutation]
 26569 | D:2      | Gained mutation: You possess an exceptional clarity of
                  | mind. [potion of mutation]
 26632 | D:4      | Offered knowledge of Ozocubu's Refrigeration by Vehumet.
 26641 | D:4      | Learned a level 7 spell: Ozocubu's Refrigeration
 26716 | D:9      | Found a staircase to the Orcish Mines.
 26725 | Orc:1    | Entered Level 1 of the Orcish Mines
 27007 | Orc:2    | Entered Level 2 of the Orcish Mines
 27365 | Orc:2    | Found a staircase to the Elven Halls.
 27390 | Orc:2    | Found Kemim's Assorted Antiques.
 27390 | Orc:2    | Found Ydilobuu's Weapon Shop.
 27391 | Orc:2    | Found Neixt's Antique Weapon Shop.
 27391 | Orc:2    | Found Etzaqopteu's Magic Scroll Emporium.
 27399 | Orc:2    | Bought a scroll of fear for 56 gold pieces
 27399 | Orc:2    | Bought a scroll of fog for 56 gold pieces
 27399 | Orc:2    | Bought a scroll of enchant armour for 105 gold pieces
 27399 | Orc:2    | Bought a scroll of teleportation for 42 gold pieces
 27399 | Orc:2    | Bought a scroll of teleportation for 42 gold pieces
 27399 | Orc:2    | Bought a scroll of immolation for 56 gold pieces
 27399 | Orc:2    | Bought 2 scrolls of identify for 56 gold pieces
 27401 | Orc:2    | Bought a scroll of identify for 28 gold pieces
 27401 | Orc:2    | Bought a scroll of identify for 28 gold pieces
 28437 | Lair:5   | Offered knowledge of Spellforged Servitor by Vehumet.
 28673 | Lair:5   | Killed an azure jelly
 29059 | Lair:5   | Killed an acid blob
 29060 | Lair:5   | Gained mutation: Your magical and physical power is
                  | slightly enhanced at high health. [demonic ancestry]
 29060 | Lair:5   | Reached XP level 16. HP: 59/127 MP: 3/32
 30165 | Shoals:1 | Entered Level 1 of the Shoals
 31092 | Shoals:1 | Reached skill level 15 in Ice Magic
 31374 | Shoals:1 | Noticed Jorgrun
 31386 | Shoals:1 | Killed Jorgrun
 33500 | Shoals:3 | Noticed Polyphemus
 33541 | Shoals:3 | Killed Polyphemus
 34667 | Shoals:4 | Entered Level 4 of the Shoals
 34669 | Shoals:4 | Offered knowledge of Freezing Cloud by Vehumet.
 34894 | Shoals:4 | Reached XP level 17. HP: 136/136 MP: 14/35
 35725 | Shoals:4 | Identified the +4 morningstar of Pride {antimagic, rN+
                  | Int+7}
 36065 | Shoals:4 | Reached skill level 15 in Spellcasting
 36363 | Shoals:4 | Learned a level 5 spell: Freezing Cloud
 36713 | Shoals:4 | Identified the +1 morningstar "Gram" {venom, rCorr Int+2}
 36851 | Shoals:4 | Got a barnacled rune of Zot
 37141 | Spider:1 | Entered Level 1 of the Spider Nest
 37145 | Spider:1 | Reached ****** piety under Vehumet
 37310 | Spider:1 | Offered knowledge of Eringya's Noxious Bog by Vehumet.
 37337 | Lair:2   | Learned a level 5 spell: Fireball
 37344 | Lair:2   | Learned a level 6 spell: Starburst
 37527 | Spider:1 | Noticed MewIchigo's ghost (journeyman MeFi)
 38086 | Spider:1 | Found a runed translucent gate.
 38086 | Spider:1 | Found a runed translucent gate.
 38379 | Spider:1 | Found a runed translucent gate.
 38692 | Elf:1    | Entered Level 1 of the Elven Halls
 39296 | Elf:1    | Reached skill level 1 in Evocations
 39769 | Elf:1    | Found Tedwom's Jewellery Shop.
 39769 | Elf:1    | Found Waitoot's Book Emporium.
 39770 | Elf:1    | Found Eklehou's Book Emporium.
 39778 | Elf:1    | Bought the ring of Awe {rF+ rC+ Will+ Int+6 Dex-3} for 865
                  | gold pieces
 40597 | Elf:2    | Reached XP level 18. HP: 148/148 MP: 20/37
 40665 | Elf:2    | Found a runed translucent gate.
 40665 | Elf:2    | Found a runed translucent gate.
 40665 | Elf:2    | Found a runed translucent gate.
 41277 | Elf:2    | Paralysed by an air elemental for 1 turns
 41333 | Elf:2    | Reached skill level 15 in Fighting
 41333 | Elf:2    | Reached skill level 5 in Evocations
 41615 | Elf:1    | Offered knowledge of Ignition by Vehumet.
 41974 | Elf:2    | Reached skill level 15 in Dodging
 42326 | Elf:2    | Found Kuykan's Armour Boutique.
 42378 | Elf:2    | Bought a +2 helmet of see invisible for 430 gold pieces
 42502 | Elf:2    | Identified the ring "Hala Uxe" {Str+3 SInv}
 42529 | Elf:2    | Paralysed by an air elemental for 1 turns
 42889 | Elf:2    | Learned a level 8 spell: Ignition
 42924 | Elf:3    | Entered Level 3 of the Elven Halls
 42985 | Elf:3    | Paralysed by an air elemental for 1 turns
 43048 | Elf:3    | Paralysed by an air elemental for 1 turns
 43840 | Elf:3    | Noticed Aizul
 43846 | Elf:3    | Killed Aizul
 43846 | Elf:3    | Identified the ring of Cakoxkaidwa {Will+ rCorr Int-5
                  | Slay+3}
 44274 | Elf:3    | Noticed Roxanne
 44282 | Elf:3    | Killed Roxanne
 44441 | Elf:3    | Noticed Saint Roka
 44477 | Elf:3    | Killed Saint Roka
 44676 | Elf:3    | Offered knowledge of Fire Storm by Vehumet.
 44676 | Elf:3    | Offered knowledge of Shatter by Vehumet.
 44676 | Elf:3    | Offered knowledge of Polar Vortex by Vehumet.
 44777 | Elf:3    | Identified the +0 quarterstaff of Scorn {spect, rElec}
 45116 | Elf:3    | Got the Precepts of the Map and Permutations
 45119 | Elf:3    | Got the Grimoire of Allies
 45200 | Elf:3    | Identified the +1 ring mail of the Lost Path {Harm rF-
                  | SInv}
 45284 | Elf:3    | Gained mutation: You regenerate a lot of health from kills.
                  | [demonic ancestry]
 45284 | Elf:3    | Reached XP level 19. HP: 66/133 MP: 5/39
 47778 | Elf:2    | Found Kuykan's Armour Boutique.
 51097 | Spider:4 | Entered Level 4 of the Spider Nest
 51694 | Spider:3 | Learned a level 9 spell: Polar Vortex
 51697 | Spider:3 | Learned a level 2 spell: Blink
 52656 | Spider:4 | Got a gossamer rune of Zot
 53031 | Elf:2    | Bought an orb of energy for 320 gold pieces
 53315 | Vaults:1 | Entered Level 1 of the Vaults
 53512 | Vaults:1 | Gained mutation: You are powered by pain. [demonic
                  | ancestry]
 53512 | Vaults:1 | Reached XP level 20. HP: 162/162 MP: 40/42
 56242 | Vaults:2 | Found a huge runed gate.
 56242 | Vaults:2 | Found a huge runed gate.
 56242 | Vaults:2 | Found a huge runed gate.
 56242 | Vaults:2 | Found a huge runed gate.
 56242 | Vaults:2 | Found a huge runed gate.
 56243 | Vaults:2 | Found a huge runed gate.
 56243 | Vaults:2 | Found a huge runed gate.
 56243 | Vaults:2 | Found a huge runed gate.
 56243 | Vaults:2 | Found a huge runed gate.
 56243 | Vaults:2 | Found a huge runed gate.
 56244 | Vaults:2 | Found a huge runed gate.
 56244 | Vaults:2 | Found a huge runed gate.
 56245 | Vaults:2 | Found a huge runed gate.
 56246 | Vaults:2 | Found a huge runed gate.
 56247 | Vaults:2 | Found a huge runed gate.
 56256 | Vaults:2 | Found a huge runed gate.
 56256 | Vaults:2 | Found a huge runed gate.
 56256 | Vaults:2 | Found a huge runed gate.
 56256 | Vaults:2 | Found a huge runed gate.
 56256 | Vaults:2 | Found a huge runed gate.
 56256 | Vaults:2 | Found a huge runed gate.
 56256 | Vaults:2 | Found a huge runed gate.
 56257 | Vaults:2 | Found a huge runed gate.
 56258 | Vaults:2 | Found a huge runed gate.
 56266 | Vaults:2 | Found a huge runed gate.
 56266 | Vaults:2 | Found a huge runed gate.
 56266 | Vaults:2 | Found a huge runed gate.
 56266 | Vaults:2 | Found a huge runed gate.
 56266 | Vaults:2 | Found a huge runed gate.
 56266 | Vaults:2 | Found a huge runed gate.
 56266 | Vaults:2 | Found a huge runed gate.
 56267 | Vaults:2 | Found a huge runed gate.
 56268 | Vaults:2 | Found a huge runed gate.
 56276 | Vaults:2 | Found a huge runed gate.
 56276 | Vaults:2 | Found a huge runed gate.
 56276 | Vaults:2 | Found a huge runed gate.
 56446 | Vaults:2 | Identified the ring "Nidar" {Drain rC++ Will+ rCorr Int+2}
 56447 | Vaults:2 | Identified the +6 falchion of Vanity {pain, Str+2}
 56842 | Vaults:3 | Found a staircase to the Crypt.
 56881 | Vaults:3 | Found a magical portal.
 56909 | WizLab   | Entered Eringya's Formal Garden
 56922 | WizLab   | Reached XP level 21. HP: 156/168 MP: 44/44
 57467 | WizLab   | Reached skill level 1 in Long Blades
 57701 | WizLab   | Found a blossoming altar of Fedhas.
 58311 | Vaults:3 | Reached skill level 1 in Necromancy
 58407 | Vaults:3 | Reached skill level 1 in Transmutations
 58574 | Vaults:3 | Identified the +4 battleaxe "Dank" {holy, +Blink}
 58944 | Vaults:3 | You fall into a shaft and drop 1 floor!
 58995 | Vaults:4 | Reached skill level 5 in Long Blades
 60002 | Vaults:4 | Reached skill level 10 in Evocations
 60004 | Vaults:4 | Gained mutation: Your movements are significantly less
                  | encumbered by armour. (ER -6) [demonic ancestry]
 60004 | Vaults:4 | Reached XP level 22. HP: 175/175 MP: 44/46
 61282 | Depths:1 | Entered Level 1 of the Depths
 61291 | Depths:1 | Reached skill level 10 in Long Blades
 61293 | Depths:1 | Reached skill level 1 in Fire Magic
 61307 | Depths:1 | Identified the +2 tower shield of Masochism {rN+ Dex+2}
 61308 | Depths:1 | Found a one-way gateway to a ziggurat.
 61856 | Depths:1 | Identified the +1 robe of Existentialism {SInv}
 62004 | Depths:1 | Reached skill level 5 in Fire Magic
 62066 | Depths:1 | Identified the +7 demon blade of the Enchanting Wolf
                  | {freeze, Fly rElec Str-3 Dex+2}
 62118 | Depths:1 | Found a gateway to Hell.
 63024 | Depths:2 | Identified the ring "Buorr" {Ice rElec rPois}
 63024 | Depths:2 | Noticed Josephina
 63039 | Depths:2 | Killed Josephina
 63201 | Depths:2 | Found a one-way gate leading to the halls of Pandemonium.
 63521 | Depths:2 | Noticed Sojobo
 63525 | Depths:2 | Paralysed by an air elemental for 1 turns
 63527 | Depths:2 | Killed Sojobo
 63678 | Depths:2 | Found an opulent altar of Gozag.
 64278 | Depths:3 | Reached skill level 10 in Fire Magic
 64527 | Depths:3 | Found a one-way gate to the infinite horrors of the Abyss.
 64727 | Depths:3 | Gained mutation: Your magical and physical power is
                  | enhanced at high health. [demonic ancestry]
 64727 | Depths:3 | Reached XP level 23. HP: 159/181 MP: 38/47
 64727 | Depths:3 | Reached XP level 24. HP: 165/188 MP: 38/47
 65278 | Depths:3 | Identified the +10 quarterstaff of Cocytus {vorpal,
                  | *Corrode rElec rF+ Dex+9}
 65404 | Depths:3 | Identified the +6 scale mail of Mezcal {Will+}
 65867 | Depths:4 | Entered Level 4 of the Depths
 65893 | Depths:4 | Gained mutation: Armour fits poorly on your strangely
                  | shaped body. [a shining eye]
 65983 | Depths:4 | Found a transporter.
 65989 | Depths:4 | Found a transporter.
 66217 | Depths:4 | Reached skill level 15 in Fire Magic
 66554 | Depths:4 | Noticed Xtahua
 66559 | Depths:4 | Paralysed by Xtahua for 3 turns
 66560 | Depths:4 | Killed Xtahua
 66781 | Depths:4 | Found a transporter.
 66784 | Depths:4 | Found a transporter.
 66935 | Depths:4 | Found a gate to the Realm of Zot.
 67098 | Depths:4 | Found a transporter.
 67102 | Depths:4 | Found a transporter.
 67159 | Depths:4 | Found a blossoming altar of Fedhas.
 67776 | Crypt:1  | Entered Level 1 of the Crypt
 67963 | Crypt:1  | Reached skill level 5 in Necromancy
 68272 | Crypt:1  | Reached skill level 5 in Transmutations
 68559 | Crypt:1  | Identified the +2 robe "Burchi" {rN+ Will- Slay+3}
 68605 | Crypt:1  | Identified the +5 lajatang "Wetwov" {venom, Int+3}
 68987 | Crypt:2  | Gained mutation: Your magical and physical power is greatly
                  | enhanced at high health. [demonic ancestry]
 68987 | Crypt:2  | Reached XP level 25. HP: 175/183 MP: 43/47
 69005 | Crypt:2  | Noticed a dread lich
 69012 | Crypt:2  | Killed a dread lich
 69750 | Crypt:3  | Entered Level 3 of the Crypt
 69875 | Crypt:3  | Noticed Boris
 69882 | Crypt:3  | Killed Boris
 69896 | Crypt:3  | Reached skill level 10 in Necromancy
 70101 | Crypt:3  | Noticed an ancient lich
 70110 | Crypt:3  | Killed an ancient lich
 70437 | Crypt:3  | Found an ancient bone altar of Kikubaaqudgha.
 70443 | Crypt:3  | Found a basalt altar of Yredelemnul.
 70532 | Crypt:3  | Got Ereshkigal's Incunabulum of Left-Handed Deeds
 70542 | Crypt:3  | Learned a level 8 spell: Necromutation
 70837 | Crypt:3  | Found a staircase to the Tomb.
 70923 | Crypt:3  | Noticed Bai Suzhen
 70942 | Crypt:3  | Killed Bai Suzhen
 71242 | Vaults:5 | Entered Level 5 of the Vaults
 71244 | Vaults:5 | Reached skill level 10 in Transmutations
 71303 | Vaults:5 | Noticed Boris
 71309 | Vaults:5 | Killed Boris
 71380 | Vaults:5 | HP: 3/186 [titan/the air (18)]
 71469 | Vaults:5 | Identified the ring of Difere {rPois rF++ rC- rCorr MP+9}
 71786 | Vaults:5 | Reached XP level 26. HP: 187/201 MP: 42/47
 72101 | Vaults:5 | Identified the +3 dagger "Qusall" {vorpal, rC+ Str+3}
 72104 | Vaults:5 | Got a silver rune of Zot
 72155 | Vaults:5 | Identified the +10 whip of Hacking and Slashing {freeze,
                  | rF+}
 72271 | Vaults:5 | Identified the +9 scale mail "Diunlyush" {rF+}
 72425 | Vaults:5 | Identified the +4 quarterstaff of the Beast {pain, Drain
                  | Fly Int+2 Dex+3} (You took it off a vault sentinel on level
                  | 5 of the Vaults)
 72501 | Vaults:5 | Identified the +2 scale mail of Daffodils {Rampage Drain
                  | rF+ Int+6}
 73257 | Spider:1 | Killed MewIchigo's ghost
 73511 | D:15     | Killed Purphixowk's ghost
 73577 | D:15     | Killed Rupert
 73833 | Lair:5   | Killed Mefist's ghost
 73834 | Lair:5   | Reached skill level 15 in Necromancy
 74042 | Orc:2    | Bought a translucent great sword for 264 gold pieces
 74042 | Orc:2    | Identified the +8 great sword "Adithreb" {flame, rF+ Str+3}
                  | (You bought it in a shop on level 2 of the Orcish Mines)
 74223 | Slime:1  | Entered Level 1 of the Pits of Slime
 75561 | Slime:4  | Noticed Donald
 75566 | Slime:4  | Killed Donald
 75898 | Slime:5  | Entered Level 5 of the Pits of Slime
 76134 | Slime:5  | Noticed the Royal Jelly
 76141 | Slime:5  | Killed the Royal Jelly
 76306 | Slime:5  | Got a slimy rune of Zot
 76316 | Slime:5  | Identified the amulet of Malei {Acrobat rF+ Stlth+}
 76391 | Slime:5  | Identified the +4 spear of the Lair of Beasts {protect,
                  | Contam rF++ rCorr Stlth+}
 76403 | Slime:5  | Identified the +3 robe of Atheism {Harm rN++ Str-4 SInv}
 76492 | Slime:5  | Identified the +8 morningstar "Buuschynk" {drain, rPois
                  | Str+4 Int+3 Dex+2}
 76629 | Slime:5  | Paralysed by a floating eye for 3 turns
 77343 | D:8      | Fell from the grace of Vehumet
 77343 | D:8      | Became a worshipper of Makhleb the Destroyer
 77344 | D:8      | Acquired the amulet of Yleole {RegenMP Regen+}
 77360 | D:8      | Acquired 535 gold pieces
 77361 | D:8      | Acquired 720 gold pieces
 77362 | D:8      | Acquired a +2 demon blade of electrocution
 77363 | D:8      | Acquired the +0 hat "Zoqewk" {MP+9}
 77643 | Depths:3 | Voluntarily entered the Abyss.
 77867 | Abyss:2  | Reached * piety under Makhleb
 77986 | Abyss:3  | Found a basalt altar of Yredelemnul.
 78231 | Abyss:4  | Reached ** piety under Makhleb
 78396 | Abyss:4  | Reached XP level 27. HP: 202/207 MP: 22/47
 78499 | Abyss:4  | Reached *** piety under Makhleb
 78580 | Abyss:4  | Reached **** piety under Makhleb
 78747 | Abyss:4  | Found a corrupted altar of Lugonu.
 78829 | Abyss:4  | Reached skill level 1 in Throwing
 78876 | Abyss:4  | Paralysed by accursed screaming for 1 turns
 78878 | Abyss:4  | Reached ***** piety under Makhleb
 78996 | Abyss:4  | Got an abyssal rune of Zot
 79119 | Abyss:4  | Found a corrupted altar of Lugonu.
 79369 | Abyss:5  | Reached ****** piety under Makhleb
 79548 | Abyss:5  | Paralysed by accursed screaming for 1 turns
 79743 | Abyss:5  | Noticed a dread lich
 80142 | Abyss:5  | Paralysed by accursed screaming for 1 turns
 80364 | Abyss:5  | Noticed a dread lich
 80380 | Abyss:5  | Killed a dread lich
 80420 | Abyss:5  | Reached skill level 1 in Earth Magic
 80496 | Abyss:5  | Reached skill level 5 in Earth Magic
 80760 | Abyss:5  | Reached skill level 10 in Earth Magic
 80923 | Abyss:5  | Paralysed by accursed screaming for 1 turns
 81176 | Abyss:6  | Reached skill level 15 in Conjurations
 81301 | Abyss:6  | Noticed an ancient lich
 81318 | Abyss:6  | Killed an ancient lich
 81319 | Abyss:6  | Reached skill level 15 in Earth Magic
 81381 | Depths:3 | Escaped the Abyss
 81449 | Depths:3 | Voluntarily entered the Abyss.
 81450 | Abyss:6  | Noticed a dread lich
 81459 | Abyss:6  | Killed a dread lich
 81572 | Abyss:6  | Paralysed by accursed screaming for 1 turns
 81623 | Abyss:6  | Noticed a dread lich
 81627 | Abyss:6  | Killed a dread lich
 81634 | Abyss:6  | Killed a dread lich
 81677 | Depths:3 | Escaped the Abyss
 81753 | Depths:3 | Voluntarily entered the Abyss.
 81754 | Abyss:6  | Noticed an ancient lich
 81767 | Abyss:6  | Killed an ancient lich
 81796 | Abyss:6  | Noticed an ancient lich
 81803 | Abyss:6  | Killed an ancient lich
 81807 | Abyss:6  | Noticed an ancient lich
 81815 | Abyss:6  | Killed an ancient lich
 81869 | Depths:3 | Escaped the Abyss
 81889 | Depths:3 | Learned a level 8 spell: Lehudib's Crystal Spear
 81900 | Depths:3 | Learned a level 9 spell: Shatter
 81924 | Depths:3 | Voluntarily entered the Abyss.
 81966 | Abyss:6  | Noticed an ancient lich
 81974 | Abyss:6  | Killed an ancient lich
 82112 | Abyss:6  | Paralysed by accursed screaming for 2 turns
 82123 | Depths:3 | Escaped the Abyss
 82221 | Hell     | Entered the Vestibule of Hell
 82221 | Hell     | Noticed Geryon
 82229 | Hell     | Killed Geryon
 82322 | Depths:3 | Was forgiven by Vehumet
 83508 | Tomb:1   | Entered Level 1 of the Tomb of the Ancients
 83535 | Tomb:1   | Identified the +0 leather armour of Resourcefulness {Fly
                  | rC+}
 83622 | Tomb:1   | Noticed a royal mummy
 83625 | Tomb:1   | Noticed a royal mummy
 83632 | Tomb:1   | Noticed a royal mummy
 83636 | Tomb:1   | Killed a royal mummy
 83636 | Tomb:1   | Killed a royal mummy
 83640 | Tomb:1   | Killed a royal mummy
 83695 | Tomb:1   | Noticed a royal mummy
 83700 | Tomb:1   | Killed a royal mummy
 83711 | Tomb:1   | Noticed a royal mummy
 83716 | Tomb:1   | Noticed a royal mummy
 83719 | Tomb:1   | Killed a royal mummy
 83719 | Tomb:1   | Noticed a royal mummy
 83727 | Tomb:1   | Killed a royal mummy
 83727 | Tomb:1   | Killed a royal mummy
 84225 | Tomb:1   | Noticed a royal mummy
 84245 | Tomb:1   | Killed a royal mummy
 84246 | Tomb:1   | Noticed a royal mummy
 84256 | Tomb:1   | Killed a royal mummy
 84279 | Tomb:1   | Noticed a royal mummy
 84288 | Tomb:1   | Killed a royal mummy
 84338 | Tomb:1   | Noticed a royal mummy
 84340 | Tomb:1   | Noticed a royal mummy
 84345 | Tomb:1   | Killed a royal mummy
 84347 | Tomb:1   | Killed a royal mummy
 84385 | Tomb:1   | Noticed a royal mummy
 84393 | Tomb:1   | Killed a royal mummy
 84400 | Tomb:1   | Noticed a royal mummy
 84405 | Tomb:1   | Noticed a royal mummy
 84413 | Tomb:1   | Killed a royal mummy
 84413 | Tomb:1   | Killed a royal mummy
 84456 | Tomb:1   | Noticed a royal mummy
 84488 | Tomb:1   | Killed a royal mummy
 84494 | Tomb:1   | Noticed a royal mummy
 84509 | Tomb:1   | Killed a royal mummy
 84525 | Tomb:1   | Noticed a royal mummy
 84528 | Tomb:1   | Noticed a royal mummy
 84529 | Tomb:1   | Noticed a royal mummy
 84531 | Tomb:1   | Killed a royal mummy
 84535 | Tomb:1   | Noticed a royal mummy
 84538 | Tomb:1   | Killed a royal mummy
 84538 | Tomb:1   | Killed a royal mummy
 84538 | Tomb:1   | Killed a royal mummy
 84599 | Tomb:2   | Noticed a royal mummy
 84601 | Tomb:2   | Noticed a royal mummy
 84602 | Tomb:2   | Killed a royal mummy
 84604 | Tomb:2   | Noticed a royal mummy
 84606 | Tomb:2   | Killed a royal mummy
 84609 | Tomb:2   | Noticed a royal mummy
 84613 | Tomb:2   | Killed a royal mummy
 84617 | Tomb:2   | Killed a royal mummy
 84759 | Tomb:2   | Identified the +1 flail of the Caustic God {vorpal, rElec
                  | rN+ Dex-2 Stlth+}
 85027 | Tomb:3   | Entered Level 3 of the Tomb of the Ancients
 85063 | Tomb:3   | Noticed a royal mummy
 85065 | Tomb:3   | Noticed a royal mummy
 85065 | Tomb:3   | Noticed Khufu
 85065 | Tomb:3   | Noticed a royal mummy
 85065 | Tomb:3   | Noticed a royal mummy
 85068 | Tomb:3   | Noticed a royal mummy
 85069 | Tomb:3   | Killed a royal mummy
 85069 | Tomb:3   | Killed a royal mummy
 85069 | Tomb:3   | Noticed a royal mummy
 85070 | Tomb:3   | Noticed a royal mummy
 85071 | Tomb:3   | Killed a royal mummy
 85072 | Tomb:3   | Killed a royal mummy
 85072 | Tomb:3   | Killed a royal mummy
 85074 | Tomb:3   | Killed Khufu
 85075 | Tomb:3   | Killed a royal mummy
 85076 | Tomb:3   | Reached skill level 15 in Evocations
 85082 | Tomb:3   | Killed a royal mummy
 85083 | Tomb:3   | Reached skill level 1 in Invocations
 85092 | Tomb:3   | Noticed a royal mummy
 85102 | Tomb:3   | Killed a royal mummy
 85105 | Tomb:3   | Noticed a royal mummy
 85111 | Tomb:3   | Noticed a royal mummy
 85113 | Tomb:3   | Noticed a royal mummy
 85118 | Tomb:3   | Killed a royal mummy
 85118 | Tomb:3   | Killed a royal mummy
 85119 | Tomb:3   | Killed a royal mummy
 85120 | Tomb:3   | Reached skill level 5 in Invocations
 85155 | Tomb:3   | Identified the amulet "Vioci" {+Inv Will- Regen+ Int+4
                  | Dex+2}
 85162 | Tomb:3   | Got the Meditations on Pestilence and Peregrination
 85172 | Tomb:3   | Identified the amulet "Funkiwku" {Faith rPois rC+ rN+
                  | Dex-3}
 85197 | Tomb:3   | Identified the ring of the Five Mauling Beds {rPois rF+
                  | Dex+3}
 85200 | Tomb:3   | Identified the amulet of Enna {Faith rF+}
 85213 | Tomb:3   | Identified the +8 great sword of a volcano {antimagic,
                  | *Noise rN+ Str+8}
 85220 | Tomb:3   | Identified the +1 scale mail of an ossuary {rC+}
 85459 | Tomb:3   | Got a golden rune of Zot
 86216 | Hell     | Found a gateway to the decaying netherworld of Tartarus.
 86312 | Hell     | Found a gateway to the freezing wastes of Cocytus.
 86368 | Hell     | Found a gateway to the Iron City of Dis.
 86413 | Hell     | Found a gateway to the ashen valley of Gehenna.
 87858 | Zig:1    | Entered Level 1 of a ziggurat
 87988 | Zig:2    | Entered Level 2 of a ziggurat
 88011 | Zig:3    | Entered Level 3 of a ziggurat
 88054 | Zig:4    | Entered Level 4 of a ziggurat
 88079 | Zig:4    | Identified the +3 quarterstaff "Emai" {speed, rElec rCorr
                  | Str+6 Dex-4}
 88083 | Zig:5    | Entered Level 5 of a ziggurat
 88111 | Zig:6    | Entered Level 6 of a ziggurat
 88151 | Zig:7    | Entered Level 7 of a ziggurat
 88173 | Zig:7    | Identified the +6 hand axe "Jellybane" {vamp, Int+6}
 88186 | Zig:8    | Entered Level 8 of a ziggurat
 88198 | Zig:8    | Reached skill level 10 in Invocations
 88264 | Zig:9    | Entered Level 9 of a ziggurat
 88309 | Zig:10   | Entered Level 10 of a ziggurat
 88336 | Zig:10   | Found the +7 Spriggan's Knife {stab, EV+4 Stlth+}
 88348 | Zig:10   | Identified the amulet "Koeribor" {Acrobat *Slow Int+7}
 88351 | Zig:10   | Identified the +9 spear "Newtslayer" {elec, rElec rCorr
                  | Int+3}
 88353 | Zig:10   | Identified the amulet of Zeboblic {Acrobat *Corrode rF++
                  | Regen+}
 88363 | Zig:11   | Entered Level 11 of a ziggurat
 88373 | Zig:11   | Identified the +0 tower shield of Ru, Enfolding {MP-9 Int+4
                  | Slay+3}
 88430 | Zig:11   | Identified the +3 leather armour of the Shining Light
                  | {rElec rN+}
 88438 | Zig:11   | Identified the +1 leather armour of the Vanishing Stars
                  | {rF+ MP+9 Int+3}
 88481 | Zig:12   | Entered Level 12 of a ziggurat
 88490 | Zig:12   | Noticed Paczucs the pandemonium lord
 88490 | Zig:12   | Noticed Xaom the pandemonium lord
 88491 | Zig:12   | Noticed Wiopuris the pandemonium lord
 88492 | Zig:12   | Noticed Logefek the pandemonium lord
 88493 | Zig:12   | Reached skill level 15 in Invocations
 88498 | Zig:12   | Killed Paczucs the pandemonium lord
 88499 | Zig:12   | Killed Wiopuris the pandemonium lord
 88500 | Zig:12   | Killed Xaom the pandemonium lord
 88500 | Zig:12   | Killed Logefek the pandemonium lord
 88532 | Zig:12   | Identified the ring of Spontaneous Combustion {+Blink rC+
                  | rN++ Int-2 SInv}
 88551 | Zig:13   | Entered Level 13 of a ziggurat
 88575 | Zig:13   | Identified the ring of Qautom {rPois Str+6 Dex+3}
 88589 | Zig:13   | Identified the +6 spear "Meeseump" {vorpal, Int+7}
 88594 | Zig:13   | Identified the +4 ring mail "Xumair" {Rampage rElec Will-}
 88596 | Zig:13   | Got Qoubou's Encyclopedia of Spellbinding Snow
 88620 | Zig:14   | Entered Level 14 of a ziggurat
 88631 | Zig:14   | Paralysed by a floating eye for 4 turns
 88668 | Zig:14   | Identified the +6 short sword of Fundamental Breach
                  | {vorpal, rN+}
 88672 | Zig:14   | Identified the +1 plate armour of Responsibility {rPois
                  | Int+5}
 88689 | Zig:15   | Entered Level 15 of a ziggurat
 88699 | Zig:15   | Noticed a royal mummy
 88701 | Zig:15   | Noticed a royal mummy
 88701 | Zig:15   | Noticed a royal mummy
 88704 | Zig:15   | Killed a royal mummy
 88708 | Zig:15   | Killed a royal mummy
 88708 | Zig:15   | Killed a royal mummy
 88728 | Zig:15   | Identified the ring of Curghops {+Blink rPois rF+ Str-5}
 88746 | Zig:15   | Identified the ring of Enofrito {rPois rN+ Stlth+}
 88749 | Zig:15   | Identified the +4 bardiche of Debt {vorpal, rC+ Int+4}
 88754 | Zig:15   | Identified the +8 trident "Voekigegg" {holy, rElec Str+6
                  | Dex-4}
 88775 | Zig:16   | Entered Level 16 of a ziggurat
 88805 | Zig:16   | Identified the +0 pair of boots of Hioqot {rC+ Int+5
                  | Stlth-}
 88820 | Zig:16   | Identified the amulet "Puixout" {Spirit rPois rN+ Dex+3}
 88822 | Zig:16   | Identified the +4 kite shield "Lydejui" {rPois}
 88826 | Zig:16   | Identified the +9 long sword "Dynyd" {pain, rC+ rCorr
                  | Int-2}
 88869 | Zig:16   | Identified the +4 short sword of the Howling Gods {freeze,
                  | rPois}
 88870 | Zig:16   | Identified the +8 short sword "Dragonbane" {drain, rF+}
 88893 | Zig:17   | Entered Level 17 of a ziggurat
 88961 | Zig:17   | Identified the +10 dire flail of a wizard's laboratory
                  | {freeze, rPois rN+ Int+4 SInv}
 88970 | Zig:17   | Identified the +9 long sword "Ogreslayer" {pain, rC++ rCorr
                  | Dex-4}
 88999 | Zig:17   | Identified the +4 ring mail of Cowardice {MP+9}
 89026 | Zig:18   | Entered Level 18 of a ziggurat
 89034 | Zig:18   | Noticed a juggernaut
 89035 | Zig:18   | Noticed a juggernaut
 89035 | Zig:18   | Noticed a juggernaut
 89035 | Zig:18   | Noticed a juggernaut
 89035 | Zig:18   | Noticed a juggernaut
 89037 | Zig:18   | Killed a juggernaut
 89037 | Zig:18   | Killed a juggernaut
 89037 | Zig:18   | Killed a juggernaut
 89037 | Zig:18   | Killed a juggernaut
 89038 | Zig:18   | Killed a juggernaut
 89039 | Zig:18   | Found the +11 plutonium sword {Contam Stlth-}
 89046 | Zig:18   | Got the Catalogue of Hindering Coordinates
 89059 | Zig:18   | Got Nustiro's Book of Translocation
 89060 | Zig:18   | Identified the ring "Ysetemm" {rN+ Will+ Dex+3}
 89061 | Zig:18   | Identified the +1 robe "Lokao" {rN++}
 89068 | Zig:18   | Identified the ring of Freedom {rPois Will+ EV+4}
 89150 | Zig:19   | Entered Level 19 of a ziggurat
 89157 | Zig:19   | Noticed a juggernaut
 89157 | Zig:19   | Noticed a juggernaut
 89157 | Zig:19   | Noticed a juggernaut
 89158 | Zig:19   | Noticed a juggernaut
 89158 | Zig:19   | Noticed a juggernaut
 89159 | Zig:19   | Killed a juggernaut
 89160 | Zig:19   | Killed a juggernaut
 89160 | Zig:19   | Killed a juggernaut
 89160 | Zig:19   | Killed a juggernaut
 89160 | Zig:19   | Killed a juggernaut
 89165 | Zig:19   | Noticed a juggernaut
 89168 | Zig:19   | Killed a juggernaut
 89195 | Zig:19   | Identified the ring "Valeushe" {Fire rElec rCorr Int-5
                  | Dex+8}
 89258 | Zig:20   | Entered Level 20 of a ziggurat
 89268 | Abyss:6  | Cast into level 6 of the Abyss (spatial maelstrom)
 89303 | Zig:20   | Escaped the Abyss
 89339 | Zig:20   | Identified the +1 plate armour of the Locust {rF+ Str+6}
 89348 | Zig:20   | Identified the +7 flail "Nyakaak" {chaos, *Noise rElec
                  | Int+4 SInv}
 89351 | Zig:20   | Identified the +5 quarterstaff of the Wraith {drain, Fly
                  | rF+ Int+5}
 89383 | Zig:21   | Entered Level 21 of a ziggurat
 89407 | Zig:21   | Found the +3 Elemental Staff {rElec rF++ rC++ AC+5}
 89427 | Zig:21   | Identified the +11 rapier of the Modern Ears {holy, Fly
                  | rPois rN+ Stlth+}
 89450 | Zig:21   | Identified the +6 glaive "Orb Guardian's Foe" {vorpal,
                  | rElec Str+3}
 89491 | Zig:21   | Identified the +8 trident of Iluzu {pain, rCorr Str+7 Dex-3
                  | Stlth+}
 89531 | Zig:22   | Entered Level 22 of a ziggurat
 89564 | Zig:22   | Identified the amulet of Yjune {Faith Harm}
 89613 | Zig:22   | Identified the +5 chain mail of Henotheism {+Inv Str+6}
 89675 | Zig:23   | Entered Level 23 of a ziggurat
 89797 | Zig:23   | Noticed an ancient lich
 89800 | Zig:23   | Killed an ancient lich
 89801 | Zig:23   | Noticed an ancient lich
 89805 | Zig:23   | Killed an ancient lich
 89874 | Zig:23   | Identified the +5 morningstar of the Poles {pain, rPois rN+
                  | Int+4}
 89875 | Zig:23   | Identified the +1 leather armour of the Sun {Int+3}
 89876 | Zig:23   | Identified the +9 mace of Misery {holy, Fragile rF+ Will+}
 89878 | Zig:23   | Identified the amulet of Imees {RegenMP Harm Stlth+}
 89883 | Zig:23   | Identified the amulet "Oxofyil" {Spirit Rampage Dex+4}
 89892 | Zig:23   | Identified the +6 morningstar "Ogredani" {antimagic, rElec
                  | rC++}
 89895 | Zig:23   | Identified the +5 flail of Circularity {freeze, Fragile rF+
                  | Str+5}
 89966 | Zig:24   | Entered Level 24 of a ziggurat
 89975 | Zig:24   | Noticed Jidal the pandemonium lord
 89975 | Zig:24   | Noticed Biysufiv the pandemonium lord
 89977 | Zig:24   | Noticed Nitor the pandemonium lord
 89978 | Zig:24   | Noticed Obrouq the pandemonium lord
 89978 | Zig:24   | Noticed Ziekiod the pandemonium lord
 89979 | Zig:24   | Noticed Boem the pandemonium lord
 89980 | Zig:24   | Noticed Jiyc the pandemonium lord
 89980 | Zig:24   | Noticed Kydy the pandemonium lord
 89980 | Zig:24   | Noticed Etatuim the pandemonium lord
 89983 | Zig:24   | Killed Jidal the pandemonium lord
 89985 | Zig:24   | Killed Biysufiv the pandemonium lord
 89987 | Zig:24   | Killed Jiyc the pandemonium lord
 89987 | Zig:24   | HP: 6/233 [Obrouq the pandemonium lord (32)]
 89987 | Zig:24   | Noticed Noakhoiz the pandemonium lord
 89987 | Zig:24   | Noticed Weuxtept the pandemonium lord
 89988 | Zig:24   | Killed Kydy the pandemonium lord
 89988 | Zig:24   | Killed Boem the pandemonium lord
 89988 | Zig:24   | Killed Nitor the pandemonium lord
 89988 | Zig:24   | Noticed Aciefor the pandemonium lord
 89990 | Zig:24   | Killed Noakhoiz the pandemonium lord
 89990 | Zig:24   | Killed Obrouq the pandemonium lord
 89991 | Zig:24   | Killed Ziekiod the pandemonium lord
 89992 | Zig:24   | Noticed Osees the pandemonium lord
 89994 | Zig:24   | Killed Weuxtept the pandemonium lord
 89998 | Zig:24   | Killed Osees the pandemonium lord
 90000 | Zig:24   | Killed Etatuim the pandemonium lord
 90000 | Zig:24   | Killed Aciefor the pandemonium lord
 90012 | Zig:24   | Found the ring of the Octopus King
 90024 | Zig:24   | Identified the ring of Ytihism {Wiz MP+9 Int+2}
 90038 | Zig:24   | Identified the ring of Abuss {Wiz rN+}
 90049 | Zig:24   | Identified the +9 hand axe "Nuomoexu" {vorpal, rC++}
 90052 | Zig:24   | Identified the +5 mace of Hard Scrabble {spect, +Blink
                  | SInv}
 90086 | Zig:24   | Identified the +5 quarterstaff of Oloyxki {vamp, Str+6
                  | Dex+4}
 90119 | Zig:24   | Identified a ring of the Octopus King {HP+2 MP+9 AC+2 EV+2
                  | SH+2}
 90158 | Zig:25   | Entered Level 25 of a ziggurat
 90165 | Zig:25   | Noticed Daukh the pandemonium lord
 90166 | Zig:25   | Noticed Adghohaf the pandemonium lord
 90167 | Zig:25   | Noticed Acod the pandemonium lord
 90168 | Zig:25   | Noticed Xacij the pandemonium lord
 90168 | Zig:25   | Noticed Heecal the pandemonium lord
 90169 | Zig:25   | Noticed Hexypul the pandemonium lord
 90170 | Zig:25   | Killed Xacij the pandemonium lord
 90172 | Zig:25   | Killed Heecal the pandemonium lord
 90172 | Zig:25   | Killed Acod the pandemonium lord
 90174 | Zig:25   | Noticed Tomot the pandemonium lord
 90174 | Zig:25   | Noticed Norek the pandemonium lord
 90174 | Zig:25   | Noticed Mokhlum the pandemonium lord
 90176 | Zig:25   | Noticed Kikk the pandemonium lord
 90176 | Zig:25   | Noticed Idghenuc the pandemonium lord
 90176 | Zig:25   | Noticed Sajeden the pandemonium lord
 90179 | Zig:25   | Noticed Tuebyzim the pandemonium lord
 90179 | Zig:25   | Noticed Menk the pandemonium lord
 90179 | Zig:25   | Noticed Ihos the pandemonium lord
 90180 | Zig:25   | Killed Kikk the pandemonium lord
 90180 | Zig:25   | Killed Adghohaf the pandemonium lord
 90181 | Zig:25   | Noticed Pizxues the pandemonium lord
 90181 | Zig:25   | Killed Idghenuc the pandemonium lord
 90182 | Zig:25   | Noticed Syweq the pandemonium lord
 90183 | Zig:25   | Killed Norek the pandemonium lord
 90183 | Zig:25   | Killed Daukh the pandemonium lord
 90183 | Zig:25   | Killed Tomot the pandemonium lord
 90183 | Zig:25   | Killed Sajeden the pandemonium lord
 90185 | Zig:25   | Killed Pizxues the pandemonium lord
 90186 | Zig:25   | Killed Ihos the pandemonium lord
 90186 | Zig:25   | Killed Syweq the pandemonium lord
 90187 | Zig:25   | Killed Hexypul the pandemonium lord
 90189 | Zig:25   | Killed Tuebyzim the pandemonium lord
 90189 | Zig:25   | Killed Menk the pandemonium lord
 90190 | Zig:25   | Killed Mokhlum the pandemonium lord
 90241 | Zig:25   | Identified the ring of the Tick {Fire rPois rN+ Int+4
                  | Stlth-}
 90245 | Zig:25   | Identified the +5 great sword of the Feather {chaos, *Noise
                  | rElec Dex+5}
 90249 | Zig:25   | Identified the +4 short sword "Oteq Teu" {vorpal, MP+9
                  | Str+3 Dex+3}
 90262 | Zig:25   | Identified the +9 chain mail of Failure {rF++}
 90263 | Zig:25   | Identified the +5 trident of Dung {flame, +Blink rF+ Str-5
                  | Int+3 Stlth+}
 90360 | Zig:25   | Learned a level 9 spell: Fire Storm
 90370 | Zig:25   | Learned a level 9 spell: Chain Lightning
 90372 | Zig:26   | Entered Level 26 of a ziggurat
 90406 | Zig:26   | Noticed a dread lich
 90407 | Zig:26   | Noticed an ancient lich
 90407 | Zig:26   | Noticed a dread lich
 90407 | Zig:26   | Noticed a dread lich
 90409 | Zig:26   | Noticed an ancient lich
 90412 | Zig:26   | Killed an ancient lich
 90412 | Zig:26   | Killed a dread lich
 90413 | Zig:26   | Killed a dread lich
 90413 | Zig:26   | Killed an ancient lich
 90413 | Zig:26   | Noticed an ancient lich
 90414 | Zig:26   | Killed a dread lich
 90418 | Zig:26   | Killed an ancient lich
 90479 | Zig:26   | Found the +8 autumn katana {vorpal, manifold assault}
 90481 | Zig:26   | Found the +8 Vampire's Tooth {vamp}
 90486 | Zig:26   | Got the Tome of Concussion and Flames
 90487 | Zig:26   | Identified the ring "Ocesch" {rF+ rN+ rCorr Int+4}
 90521 | Zig:27   | Entered Level 27 of a ziggurat
 90558 | Zig:27   | Found the +5 scythe "Finisher" {speed, eviscerate}
 90563 | Zig:27   | Identified the ring "Sigyudifec" {Ice rPois Will+++ rCorr
                  | Dex-3}
 90577 | Zig:27   | Identified the ring of the Nightingale {Fly MP-9 EV+4 Dex+6
                  | Stlth+}
 90810 | Zig:1    | Entered Level 1 of a ziggurat
 90824 | Zig:2    | Entered Level 2 of a ziggurat
 90841 | Zig:3    | Entered Level 3 of a ziggurat
 90867 | Zig:4    | Entered Level 4 of a ziggurat
 90870 | Zig:4    | Found the +4 robe of Folly {Brilliance Will-∞ Int+8}
 90903 | Zig:5    | Entered Level 5 of a ziggurat
 90945 | Zig:6    | Entered Level 6 of a ziggurat
 90976 | Zig:7    | Entered Level 7 of a ziggurat
 91002 | Zig:7    | Identified the +11 spear of the Eternal Warrior {freeze,
                  | Str+5 Int+3}
 91018 | Zig:8    | Entered Level 8 of a ziggurat
 91040 | Zig:8    | Identified the ring "Waukaasa" {rPois rCorr EV+4 Str+3
                  | Slay-5}
 91043 | Zig:8    | Identified the ring "Igaleg" {Fire Will++}
 91052 | Zig:8    | Identified the +1 plate armour of the Sun {Harm +Blink rC+
                  | Str-2}
 91074 | Zig:9    | Entered Level 9 of a ziggurat
 91083 | Zig:9    | Noticed Sonuffaph the pandemonium lord
 91087 | Zig:9    | Killed Sonuffaph the pandemonium lord
 91094 | Zig:9    | Paralysed by you for 4 turns
 91120 | Zig:9    | Identified the +11 glaive of Okawaru's Esteem {drain,
                  | +Blink Will++}
 91170 | Zig:10   | Entered Level 10 of a ziggurat
 91183 | Zig:10   | Noticed Ekeoddi the pandemonium lord
 91187 | Zig:10   | Killed Ekeoddi the pandemonium lord
 91290 | Zig:11   | Entered Level 11 of a ziggurat
 91303 | Zig:11   | Noticed Vueno the pandemonium lord
 91303 | Zig:11   | Noticed Diosaom the pandemonium lord
 91308 | Zig:11   | Killed Diosaom the pandemonium lord
 91310 | Zig:11   | Killed Vueno the pandemonium lord
 91328 | Zig:11   | Got Sif Muna's Lectures on Rallying
 91370 | Zig:12   | Entered Level 12 of a ziggurat
 91382 | Zig:12   | Noticed Gyfuemig the pandemonium lord
 91391 | Zig:12   | Killed Gyfuemig the pandemonium lord
 91397 | Zig:12   | Found the +8 orange crystal plate armour {Archmagi, Int+3
                  | Clar}
 91403 | Zig:12   | Identified the +3 quarterstaff of Kuan Eqipsa {vorpal,
                  | rF+++ rN++ rCorr Dex-3}
 91465 | Zig:13   | Entered Level 13 of a ziggurat
 91515 | Zig:13   | Identified the ring of Luitruta {Ice rN+ rCorr SInv}
 91563 | Zig:14   | Entered Level 14 of a ziggurat
 91616 | Zig:14   | Identified the +1 plate armour "Venai" {rN+}
 91617 | Zig:14   | Identified the +9 rapier "Oloujim" {venom, rN+ Str+2}
 91650 | Zig:15   | Entered Level 15 of a ziggurat
 91680 | Zig:15   | Identified the +6 dagger of the Desert {vamp, rPois rC+
                  | Will+}
 91685 | Zig:15   | Identified the +4 helmet "Uvvuicargh" {rElec Regen+}
 91706 | Zig:15   | Identified the +5 barding of the Spheres {Int+2}
 91741 | Zig:16   | Entered Level 16 of a ziggurat
 91811 | Zig:16   | Identified the +3 ring mail of Gehenna {-Tele Fly rF+
                  | Str+4}
 91814 | Zig:16   | Identified the +8 long sword of Fopyr {chaos, Contam Will-
                  | Str+8 Dex+8}
 91893 | Zig:17   | Entered Level 17 of a ziggurat
 91909 | Zig:17   | Noticed a juggernaut
 91912 | Zig:17   | Killed a juggernaut
 91916 | Zig:17   | Found the +7 great mace "Firestarter" {inner flame, rF++}
 91927 | Zig:17   | Identified the +2 robe of Polytheism {Contam Fly Dex-3
                  | Stlth+}
 91931 | Zig:17   | Identified the amulet of Radwif {Faith Dex+4}
 91947 | Zig:17   | Identified the +8 whip "Pyxiehee" {vorpal, Str+7 Stlth+}
 92020 | Zig:18   | Entered Level 18 of a ziggurat
 92037 | Zig:18   | Noticed a dread lich
 92038 | Zig:18   | Noticed an ancient lich
 92038 | Zig:18   | Noticed a dread lich
 92039 | Zig:18   | Noticed an ancient lich
 92039 | Zig:18   | Noticed an ancient lich
 92040 | Zig:18   | Noticed an ancient lich
 92041 | Zig:18   | Killed a dread lich
 92041 | Zig:18   | Killed an ancient lich
 92041 | Zig:18   | Killed a dread lich
 92043 | Zig:18   | Killed an ancient lich
 92043 | Zig:18   | Killed an ancient lich
 92045 | Zig:18   | Killed an ancient lich
 92046 | Zig:18   | Reached skill level 5 in Air Magic
 92046 | Zig:18   | Noticed a dread lich
 92051 | Zig:18   | Killed a dread lich
 92124 | Zig:18   | Identified the +1 pair of gloves of Virtue {rPois}
 92148 | Zig:18   | Identified the +3 great mace of Plunder {protect, rC+}
 92155 | Zig:18   | Identified the amulet "Jiqim" {Reflect rElec rCorr MP-9
                  | SH+5 SInv}
 92203 | Zig:19   | Entered Level 19 of a ziggurat
 92245 | Zig:19   | Found the +1 cloak of Starlight {*Dazzle EV+4 Stlth--}
 92262 | Zig:19   | Identified the ring of Aropt {Fly rN+ Int-2 Stlth+}
 92279 | Zig:19   | Identified the +4 falchion "Ycvierye" {vorpal, Drain Will+
                  | Str+4}
 92325 | Zig:19   | Reached skill level 10 in Air Magic
 92355 | Zig:20   | Entered Level 20 of a ziggurat
 92398 | Zig:20   | Identified the amulet of the Voivode {Reflect rF- Int+6
                  | SH+5}
 92454 | Zig:20   | Identified the ring of Moral Flaws {rElec rF- rN+++ EV+4
                  | SInv}
 92461 | Zig:20   | Got Siqelur's Directory of the Inconstant Pyre
 92469 | Zig:20   | Identified the +4 plate armour "Atyraum" {Rampage *Slow
                  | rN++ SInv}
 92550 | Zig:21   | Entered Level 21 of a ziggurat
 92596 | Zig:21   | Identified the +0 plate armour of the Ten of Swords {rElec
                  | rN+ Int+3}
 92598 | Zig:21   | Identified the +6 dagger "Giant's Peril" {vorpal, Int+4}
 92672 | Zig:22   | Entered Level 22 of a ziggurat
 92695 | Zig:22   | Noticed a juggernaut
 92697 | Zig:22   | Killed a juggernaut
 92698 | Zig:22   | Reached skill level 15 in Air Magic
 92698 | Zig:22   | Noticed a juggernaut
 92700 | Zig:22   | Killed a juggernaut
 92702 | Zig:22   | Found the +8 arc blade {discharge, rElec}
 92737 | Zig:22   | Identified the +2 pair of gloves "Losy" {rPois MP+9 Dex+4}
 92739 | Zig:22   | Identified the +11 glaive "Sekhlic" {vorpal, rC+}
 92743 | Zig:22   | Identified the +4 dagger "Yviwn" {pain, Str+3}
 92767 | Zig:22   | Identified the +5 war axe "Niuqih" {drain, Fly rF+}
 92770 | Zig:22   | Identified the +0 robe of Death's Door {Dex+3}
 92781 | Zig:22   | Identified the +2 longbow of Puhosoibb {venom, Contam rC+
                  | rN++}
 92835 | Zig:23   | Entered Level 23 of a ziggurat
 92863 | Zig:23   | Noticed Qaib the pandemonium lord
 92867 | Zig:23   | Killed Qaib the pandemonium lord
 93023 | Zig:23   | Identified the amulet of Borul {+Blink Regen+}
 93034 | Zig:23   | Identified the ring "Etefacsayrr" {Fly rC++ MP-9 Str+4
                  | SInv}
 93036 | Zig:23   | Identified the ring "Xayrirch" {Fire Will+}
 93042 | Zig:23   | Identified the ring "Sibby" {Ice Str+2 Int+7 Dex-3}
 93087 | Zig:24   | Entered Level 24 of a ziggurat
 93147 | Zig:24   | Identified the ring of Joitoih {+Blink rPois rN+}
 93195 | Zig:24   | Identified the +6 broad axe "Hell-Harrower" {speed, rF- rC+
                  | Dex+4 Stlth+}
 93202 | Zig:24   | Identified the amulet of the Distant Future {RegenMP rC+
                  | rN+ Dex+5}
 93207 | Zig:24   | Identified the +6 trident "Gejytzer" {elec, rN+++ Will+
                  | Int-4 Stlth+}
 93218 | Zig:24   | Identified the +6 dagger "Qanoxott" {venom, rPois rN+
                  | Dex+2}
 93229 | Zig:24   | Identified the ring "Cimirol" {Fly rElec Int+4 Dex+2}
 93293 | Zig:25   | Entered Level 25 of a ziggurat
 93311 | Zig:25   | Noticed a juggernaut
 93313 | Zig:25   | Noticed a juggernaut
 93315 | Zig:25   | Killed a juggernaut
 93315 | Zig:25   | Noticed a juggernaut
 93317 | Zig:25   | Noticed a juggernaut
 93317 | Zig:25   | Killed a juggernaut
 93319 | Zig:25   | Noticed a juggernaut
 93320 | Zig:25   | Killed a juggernaut
 93321 | Zig:25   | Noticed a juggernaut
 93322 | Zig:25   | Killed a juggernaut
 93322 | Zig:25   | Killed a juggernaut
 93322 | Zig:25   | Noticed a juggernaut
 93323 | Zig:25   | Killed a juggernaut
 93324 | Zig:25   | Killed a juggernaut
 93370 | Zig:25   | Identified the +9 glaive "Etinih" {holy, Stlth+}
 93389 | Zig:25   | Identified the +7 quarterstaff of the Skies Above
                  | {antimagic, Fly}
 93405 | Zig:25   | Identified the +0 robe of Fallacy {Int+4}
 93411 | Zig:25   | Identified the ring "Hygaorgh" {Fly rPois Str+3 Int-2
                  | Dex+6}
 93515 | Zig:26   | Entered Level 26 of a ziggurat
 93559 | Zig:26   | Found the +6 arbalest "Damnation" {damnation}
 93581 | Zig:26   | Identified the +7 great sword of the Baking Gods {flame,
                  | Str+4 Stlth+}
 93594 | Zig:26   | Identified the +8 arbalest "Jeivoaz" {flame, Str+4}
 93736 | Zig:27   | Entered Level 27 of a ziggurat
 93751 | Zig:27   | Noticed a juggernaut
 93753 | Zig:27   | Noticed a juggernaut
 93757 | Zig:27   | Killed a juggernaut
 93758 | Zig:27   | Killed a juggernaut
 93759 | Zig:27   | Noticed a juggernaut
 93759 | Zig:27   | Noticed a juggernaut
 93761 | Zig:27   | Noticed a juggernaut
 93762 | Zig:27   | Killed a juggernaut
 93764 | Zig:27   | Killed a juggernaut
 93766 | Zig:27   | Killed a juggernaut
 93768 | Zig:27   | Noticed a juggernaut
 93772 | Zig:27   | Noticed a juggernaut
 93773 | Zig:27   | Killed a juggernaut
 93774 | Zig:27   | Killed a juggernaut
 93777 | Zig:27   | Found the +8 trishula "Condemnation" {holy, anguish, *Noise
                  | Fly rN+}
 93806 | Zig:27   | Identified the amulet "Dayjoy" {Acrobat rElec Str+4 Dex-2}
 93812 | Zig:27   | Identified the ring of Sopsef {rN+ Will- EV+4 Str+6 Slay-5}
 94034 | Zig:1    | Entered Level 1 of a ziggurat
 94054 | Zig:2    | Entered Level 2 of a ziggurat
 94072 | Zig:3    | Entered Level 3 of a ziggurat
 94097 | Zig:4    | Entered Level 4 of a ziggurat
 94132 | Zig:5    | Entered Level 5 of a ziggurat
 94168 | Zig:6    | Entered Level 6 of a ziggurat
 94174 | Zig:6    | Noticed a dread lich
 94174 | Zig:6    | Noticed an ancient lich
 94175 | Zig:6    | Killed an ancient lich
 94176 | Zig:6    | Killed a dread lich
 94197 | Zig:6    | Identified the +6 dagger of Success {drain, Will+ Int+4
                  | Stlth+}
 94208 | Zig:7    | Entered Level 7 of a ziggurat
 94249 | Zig:8    | Entered Level 8 of a ziggurat
 94254 | Zig:8    | Found the +3 crown of Dyrovepreva {rElec Int+2 SInv}
 94280 | Zig:8    | Identified the +2 leather armour "Uxeir" {Harm *Slow rF+
                  | Will++}
 94299 | Zig:9    | Entered Level 9 of a ziggurat
 94367 | Zig:10   | Entered Level 10 of a ziggurat
 94378 | Zig:10   | Found the +7 sceptre of Torment {pain, torment}
 94389 | Zig:10   | Identified the ring of Seubly {Ice rN+ Int-3 Dex+4}
 94395 | Zig:10   | Identified the +5 war axe "Ujisia" {speed, *Rage Will+
                  | Int+2}
 94432 | Zig:11   | Entered Level 11 of a ziggurat
 94445 | Zig:11   | Reached skill level 15 in Throwing
 94490 | Zig:11   | Identified the +9 dagger of Annihilation {venom, rCorr
                  | Str+4 Int+4 SInv}
 94498 | Zig:11   | Identified the +7 hand axe "Xeoruxai" {drain, *Slow rC+
                  | Will+}
 94524 | Zig:12   | Entered Level 12 of a ziggurat
 94537 | Zig:12   | Found the ring of the Mage {Wiz Archmagi}
 94540 | Zig:12   | Found the +3 pair of seven-league boots {Rampage+∞}
 94590 | Zig:13   | Entered Level 13 of a ziggurat
 94608 | Zig:13   | Identified the ring "Yhiucafo" {rN+ SInv}
 94656 | Zig:14   | Entered Level 14 of a ziggurat
 94661 | Zig:14   | Noticed an ancient lich
 94664 | Zig:14   | Killed an ancient lich
 94666 | Zig:14   | Noticed an ancient lich
 94671 | Zig:14   | Killed an ancient lich
 94677 | Zig:14   | Identified the +5 dagger "Ogrebane" {vorpal, rF+ rC+}
 94682 | Zig:14   | Identified the ring "Nucacat" {rC+ Str-5 Int+4 Dex+5}
 94696 | Zig:14   | Identified the +8 arbalest of Nightmares {elec, rPois rN+}
 94697 | Zig:14   | Identified the +9 glaive of Ashen's Painful Death {vorpal,
                  | Int+5}
 94727 | Zig:14   | Identified the +0 storm dragon scales of the Loofah {rElec
                  | Regen+ Int+4}
 94731 | Zig:15   | Entered Level 15 of a ziggurat
 94739 | Zig:15   | Found the +4 skin of Zhor {*Englaciate rC+++ SInv}
 94747 | Zig:15   | Identified the +10 great sword of Risk Management {freeze,
                  | rF+ rCorr Str+3 Stlth+}
 94749 | Zig:15   | Identified the +7 quarterstaff of Folar {vorpal, Dex+5}
 94762 | Zig:15   | Identified the +9 falchion "Xuuts" {holy, rPois rC+ MP+9}
 94767 | Zig:15   | Identified the ring of Immorality {Fly rElec rN+ Will-
                  | Dex+8}
 94768 | Zig:15   | Identified the +2 ring mail "Mezurch" {-Tele rF+ rCorr
                  | Str+2}
 94771 | Zig:15   | Identified the amulet "Fiph" {Spirit rPois rF+ rN+}
 94785 | Zig:15   | Identified the amulet of False Pretenses {Faith rCorr Int-4
                  | Dex+6}
 94808 | Zig:16   | Entered Level 16 of a ziggurat
 94841 | Zig:16   | Identified the +9 great sword of the Abyss {antimagic,
                  | Int+4}
 94859 | Zig:16   | Identified the -2 pair of gloves of the Locust {Stlth+}
 94864 | Zig:17   | Entered Level 17 of a ziggurat
 94870 | Zig:17   | Noticed a royal mummy
 94871 | Zig:17   | Noticed a royal mummy
 94871 | Zig:17   | Noticed a royal mummy
 94871 | Zig:17   | Noticed a royal mummy
 94871 | Zig:17   | Noticed a royal mummy
 94871 | Zig:17   | Noticed a royal mummy
 94871 | Zig:17   | Noticed a royal mummy
 94871 | Zig:17   | Noticed a royal mummy
 94871 | Zig:17   | Noticed a royal mummy
 94871 | Zig:17   | Noticed a royal mummy
 94872 | Zig:17   | Killed a royal mummy
 94872 | Zig:17   | Killed a royal mummy
 94872 | Zig:17   | Killed a royal mummy
 94872 | Zig:17   | Killed a royal mummy
 94872 | Zig:17   | Killed a royal mummy
 94872 | Zig:17   | Killed a royal mummy
 94873 | Zig:17   | Killed a royal mummy
 94873 | Zig:17   | Killed a royal mummy
 94874 | Zig:17   | Killed a royal mummy
 94874 | Zig:17   | Noticed a royal mummy
 94876 | Zig:17   | Killed a royal mummy
 94877 | Zig:17   | Found the +18 shield of the Gong {rElec rN+ Will+ EV-5}
 94881 | Zig:17   | Killed a royal mummy
 94895 | Zig:17   | Identified the ring "Qeef" {Drain rC+ Will+ SInv Stlth+}
 94899 | Zig:17   | Identified the +4 battleaxe of Capital Punishment {drain,
                  | rPois Int+5 SInv}
 94944 | Zig:17   | Reached skill level 10 in Staves
 94953 | Zig:18   | Entered Level 18 of a ziggurat
 94963 | Zig:18   | Noticed Leept the pandemonium lord
 94965 | Zig:18   | Killed Leept the pandemonium lord
 95028 | Zig:18   | Identified the ring "Caff" {Fire Int+6}
 95032 | Zig:18   | Identified the +0 buckler "Tilidicw" {+Inv rC+ MP+9}
 95061 | Zig:18   | Identified the +3 scimitar "Ofrefan" {holy, *Noise Str+4}
 95062 | Zig:18   | Identified the +4 robe of Egyv Jaxt {+Inv rElec Int+4
                  | Dex-4}
 95069 | Zig:18   | Identified the +7 shortbow "Urrof" {flame, Str+2}
 95112 | Zig:19   | Entered Level 19 of a ziggurat
 95120 | Zig:19   | Found the ring of the Tortoise {AC+8}
 95151 | Zig:19   | Identified the +4 mace of the Heavens {pain, Int+2 Dex+4
                  | SInv}
 95164 | Zig:19   | Identified the ring of Xom's Entertainment {rF+ Int+7
                  | Dex+4}
 95173 | Zig:20   | Entered Level 20 of a ziggurat
 95227 | Zig:20   | Identified the +7 trident "Otoekak" {holy, rN+ Str+3}
 95274 | Zig:20   | Identified the +6 battleaxe of the Swamp {drain, rN+}
 95283 | Zig:21   | Entered Level 21 of a ziggurat
 95289 | Zig:21   | Noticed Jegoug Siaje the pandemonium lord
 95289 | Zig:21   | Noticed Wiehiyng the pandemonium lord
 95290 | Zig:21   | Noticed Dies Tokihu the pandemonium lord
 95290 | Zig:21   | Noticed Humpaoska the pandemonium lord
 95291 | Zig:21   | Killed Jegoug Siaje the pandemonium lord
 95291 | Zig:21   | Noticed Zouxeuj the pandemonium lord
 95292 | Zig:21   | Killed Dies Tokihu the pandemonium lord
 95293 | Zig:21   | Noticed Jurumu Luess the pandemonium lord
 95293 | Zig:21   | Noticed Cyhed the pandemonium lord
 95293 | Zig:21   | Noticed Qadass the pandemonium lord
 95293 | Zig:21   | Noticed Uzoirph the pandemonium lord
 95293 | Zig:21   | Noticed Peib the pandemonium lord
 95294 | Zig:21   | Killed Qadass the pandemonium lord
 95295 | Zig:21   | Killed Wiehiyng the pandemonium lord
 95295 | Zig:21   | Killed Zouxeuj the pandemonium lord
 95295 | Zig:21   | Killed Humpaoska the pandemonium lord
 95295 | Zig:21   | Noticed Douheff the pandemonium lord
 95295 | Zig:21   | Noticed Veq Newi the pandemonium lord
 95296 | Zig:21   | Noticed Zienung the pandemonium lord
 95296 | Zig:21   | Killed Uzoirph the pandemonium lord
 95296 | Zig:21   | Noticed Peibrick the pandemonium lord
 95296 | Zig:21   | Noticed Noleshra the pandemonium lord
 95296 | Zig:21   | Noticed Cesos the pandemonium lord
 95297 | Zig:21   | Killed Jurumu Luess the pandemonium lord
 95297 | Zig:21   | Killed Cyhed the pandemonium lord
 95297 | Zig:21   | Noticed Plog the pandemonium lord
 95298 | Zig:21   | Killed Douheff the pandemonium lord
 95298 | Zig:21   | Killed Veq Newi the pandemonium lord
 95298 | Zig:21   | Killed Zienung the pandemonium lord
 95298 | Zig:21   | Killed Cesos the pandemonium lord
 95298 | Zig:21   | Killed Peibrick the pandemonium lord
 95298 | Zig:21   | Killed Plog the pandemonium lord
 95298 | Zig:21   | Killed Peib the pandemonium lord
 95300 | Zig:21   | Noticed Ysiobref the pandemonium lord
 95300 | Zig:21   | Noticed Ysepan the pandemonium lord
 95300 | Zig:21   | Noticed Rerika Ceum the pandemonium lord
 95300 | Zig:21   | Noticed Ganurphose the pandemonium lord
 95300 | Zig:21   | Noticed Lossiso the pandemonium lord
 95300 | Zig:21   | Noticed Gostolar the pandemonium lord
 95300 | Zig:21   | Noticed Guxt the pandemonium lord
 95300 | Zig:21   | Noticed Otset the pandemonium lord
 95300 | Zig:21   | Noticed Tozatz the pandemonium lord
 95301 | Zig:21   | Killed Noleshra the pandemonium lord
 95302 | Zig:21   | Noticed Qoebystra the pandemonium lord
 95304 | Zig:21   | Killed Tozatz the pandemonium lord
 95305 | Zig:21   | Found the -2 hat of the Alchemist {rElec rPois rF+ rC+ rN+
                  | Will+ rMut rCorr}
 95309 | Zig:21   | Found the +5 glaive of the Guard {elec, spectral, AC+5}
 95309 | Zig:21   | Killed Gostolar the pandemonium lord
 95309 | Zig:21   | Killed Lossiso the pandemonium lord
 95309 | Zig:21   | Killed Ganurphose the pandemonium lord
 95310 | Zig:21   | Killed Rerika Ceum the pandemonium lord
 95310 | Zig:21   | Killed Ysepan the pandemonium lord
 95310 | Zig:21   | Killed Guxt the pandemonium lord
 95310 | Zig:21   | Killed Qoebystra the pandemonium lord
 95311 | Zig:21   | Killed Otset the pandemonium lord
 95311 | Zig:21   | Killed Ysiobref the pandemonium lord
 95333 | Zig:21   | Acquired 838 gold pieces
 95343 | Zig:21   | Identified the +2 robe "Citirgh" {Harm}
 95347 | Zig:21   | Identified the +5 ring mail of an ice cave {rElec rCorr
                  | Dex-2 Slay+2}
 95352 | Zig:21   | Identified the +2 pair of boots "Sel Raunt" {Int+3}
 95356 | Zig:21   | Identified the +7 rapier of Piomn {antimagic, rElec rF+}
 95358 | Zig:21   | Identified the +2 leather armour "Nawy" {Fly}
 95373 | Zig:21   | Identified the +0 ring mail "Syihuhom" {rElec rC++ Stlth+}
 95447 | Zig:22   | Entered Level 22 of a ziggurat
 95479 | Zig:22   | Identified the +3 spear of Netouz {freeze, *Slow Fly Int+3}
 95480 | Zig:22   | Identified the +1 scale mail of Gozag's Scorn {rC+ Int+5
                  | Stlth-}
 95520 | Zig:22   | Identified the +6 quarterstaff of Lilijuf {flame, *Rage
                  | rElec Str-5 Dex+5}
 95528 | Zig:22   | Identified the +8 flail of Annoyance {vorpal, MP+9 Int+4
                  | Stlth+}
 95562 | Zig:23   | Entered Level 23 of a ziggurat
 95568 | Zig:23   | Noticed Cena the pandemonium lord
 95568 | Zig:23   | Noticed Nilismot the pandemonium lord
 95569 | Zig:23   | Noticed Myt Tiss the pandemonium lord
 95569 | Zig:23   | Noticed Saih the pandemonium lord
 95570 | Zig:23   | Noticed Zothroiw the pandemonium lord
 95570 | Zig:23   | Noticed Xemn the pandemonium lord
 95570 | Zig:23   | Noticed Locsen the pandemonium lord
 95570 | Zig:23   | Noticed Toxontepn the pandemonium lord
 95572 | Zig:23   | Noticed Moacomi the pandemonium lord
 95572 | Zig:23   | Killed Toxontepn the pandemonium lord
 95573 | Zig:23   | Noticed Ihery the pandemonium lord
 95573 | Zig:23   | Noticed Mimidwi the pandemonium lord
 95573 | Zig:23   | Noticed Wuimide the pandemonium lord
 95573 | Zig:23   | Noticed Foced the pandemonium lord
 95575 | Zig:23   | Killed Ihery the pandemonium lord
 95576 | Zig:23   | Killed Wuimide the pandemonium lord
 95576 | Zig:23   | Killed Myt Tiss the pandemonium lord
 95576 | Zig:23   | Killed Nilismot the pandemonium lord
 95576 | Zig:23   | Killed Saih the pandemonium lord
 95576 | Zig:23   | Killed Mimidwi the pandemonium lord
 95576 | Zig:23   | Noticed Xelol the pandemonium lord
 95577 | Zig:23   | Killed Xemn the pandemonium lord
 95577 | Zig:23   | Killed Zothroiw the pandemonium lord
 95577 | Zig:23   | Killed Moacomi the pandemonium lord
 95577 | Zig:23   | Killed Locsen the pandemonium lord
 95577 | Zig:23   | Killed Cena the pandemonium lord
 95577 | Zig:23   | Noticed Veacaeli the pandemonium lord
 95577 | Zig:23   | Noticed Qenydex the pandemonium lord
 95577 | Zig:23   | Noticed Gaodeth the pandemonium lord
 95579 | Zig:23   | Noticed Cude the pandemonium lord
 95579 | Zig:23   | Noticed Sesyu the pandemonium lord
 95579 | Zig:23   | Noticed Popatab the pandemonium lord
 95580 | Zig:23   | Killed Xelol the pandemonium lord
 95580 | Zig:23   | Killed Gaodeth the pandemonium lord
 95581 | Zig:23   | Killed Sesyu the pandemonium lord
 95582 | Zig:23   | Killed Veacaeli the pandemonium lord
 95582 | Zig:23   | Killed Cude the pandemonium lord
 95582 | Zig:23   | Killed Qenydex the pandemonium lord
 95582 | Zig:23   | Killed Popatab the pandemonium lord
 95583 | Zig:23   | Killed Foced the pandemonium lord
 95613 | Zig:23   | Identified the +3 pair of boots of the Stone Wall {Rampage
                  | rC+ Stlth-}
 95624 | Zig:23   | Identified the +7 shortbow of the Hierophant {freeze, rCorr
                  | Str+4 Int-5 Dex+2}
 95689 | Zig:24   | Entered Level 24 of a ziggurat
 95698 | Zig:24   | Noticed Fasiem the pandemonium lord
 95698 | Zig:24   | Noticed Jiosec the pandemonium lord
 95700 | Zig:24   | Killed Jiosec the pandemonium lord
 95701 | Zig:24   | Reached skill level 27 in Invocations
 95701 | Zig:24   | Noticed Onninted the pandemonium lord
 95702 | Zig:24   | Noticed Xuirixen the pandemonium lord
 95702 | Zig:24   | Noticed Ydghialirgh the pandemonium lord
 95702 | Zig:24   | Noticed Xoicas the pandemonium lord
 95702 | Zig:24   | Noticed Mewkorr the pandemonium lord
 95702 | Zig:24   | Noticed Tiul Teu the pandemonium lord
 95702 | Zig:24   | Noticed Soppaar the pandemonium lord
 95702 | Zig:24   | Noticed Deugysa the pandemonium lord
 95702 | Zig:24   | Noticed Fapses the pandemonium lord
 95703 | Zig:24   | Killed Ydghialirgh the pandemonium lord
 95704 | Zig:24   | Noticed Vizy the pandemonium lord
 95704 | Zig:24   | Killed Fasiem the pandemonium lord
 95704 | Zig:24   | Killed Xuirixen the pandemonium lord
 95704 | Zig:24   | Noticed Igim the pandemonium lord
 95704 | Zig:24   | Noticed Niemuuje the pandemonium lord
 95705 | Zig:24   | Reached skill level 27 in Fighting
 95705 | Zig:24   | Noticed Reoda the pandemonium lord
 95706 | Zig:24   | Killed Tiul Teu the pandemonium lord
 95706 | Zig:24   | Killed Fapses the pandemonium lord
 95706 | Zig:24   | Killed Mewkorr the pandemonium lord
 95707 | Zig:24   | Reached skill level 27 in Dodging
 95707 | Zig:24   | Killed Vizy the pandemonium lord
 95707 | Zig:24   | Killed Deugysa the pandemonium lord
 95708 | Zig:24   | Killed Soppaar the pandemonium lord
 95708 | Zig:24   | Noticed Diriqub the pandemonium lord
 95709 | Zig:24   | Killed Reoda the pandemonium lord
 95709 | Zig:24   | Killed Xoicas the pandemonium lord
 95710 | Zig:24   | Killed Niemuuje the pandemonium lord
 95710 | Zig:24   | Killed Igim the pandemonium lord
 95710 | Zig:24   | Noticed Qoodd the pandemonium lord
 95710 | Zig:24   | Noticed Ihusk the pandemonium lord
 95710 | Zig:24   | Noticed Loank the pandemonium lord
 95710 | Zig:24   | Noticed Nayc the pandemonium lord
 95711 | Zig:24   | Killed Zoikaq the pandemonium lord
 95711 | Zig:24   | Killed Qoodd the pandemonium lord
 95711 | Zig:24   | Killed Diriqub the pandemonium lord
 95713 | Zig:24   | Noticed Moirouk the pandemonium lord
 95713 | Zig:24   | Noticed Fabar the pandemonium lord
 95714 | Zig:24   | Noticed Zozu the pandemonium lord
 95716 | Zig:24   | Noticed Hosmy the pandemonium lord
 95718 | Zig:24   | Killed Onninted the pandemonium lord
 95720 | Zig:24   | Killed Moirouk the pandemonium lord
 95720 | Zig:24   | Killed Hosmy the pandemonium lord
 95720 | Zig:24   | Killed Nayc the pandemonium lord
 95721 | Zig:24   | Killed Loank the pandemonium lord
 95721 | Zig:24   | Killed Zozu the pandemonium lord
 95721 | Zig:24   | Killed Ihusk the pandemonium lord
 95721 | Zig:24   | Killed Fabar the pandemonium lord
 95724 | Zig:24   | Noticed Qyahukh the pandemonium lord
 95724 | Zig:24   | Noticed Dylak the pandemonium lord
 95734 | Zig:24   | Killed Dylak the pandemonium lord
 95735 | Zig:24   | Killed Qyahukh the pandemonium lord
 95761 | Zig:24   | Identified the ring "Houdaon" {rElec Str+3 Int+3 Dex+6}
 95772 | Zig:24   | Identified the +7 chain mail of Toebluist {rF+ Str+2}
 95779 | Zig:24   | Identified the +9 morningstar of Fobotor {vamp, rC++ Dex-2}
 95796 | Zig:24   | Identified the +3 dagger of Conflict {drain, rElec Int+3}
 95842 | Zig:25   | Entered Level 25 of a ziggurat
 95856 | Zig:25   | Found the +8 longbow "Zephyr" {speed, Dex+3 SInv}
 95856 | Zig:25   | Found the necklace of Bloodlust {*Rage Will++ Int-3 Slay+6}
 95912 | Zig:25   | Identified the ring of Unuuluda {+Blink Str-3 Dex+6 SInv
                  | Stlth-}
 95920 | Zig:25   | Identified the +10 scimitar of the Wasp {vorpal, Fragile
                  | Dex+4 SInv}
 95982 | Zig:26   | Entered Level 26 of a ziggurat
 95997 | Zig:26   | Noticed Fummuweu the pandemonium lord
 96002 | Zig:26   | Killed Fummuweu the pandemonium lord
 96095 | Zig:26   | Identified the +1 robe of Disguise {+Inv Stlth+}
 96111 | Zig:26   | Identified the +8 short sword "Oqyiso Beacw" {venom, Str+8
                  | Int-5}
 96119 | Zig:26   | Identified the +5 short sword "Gimixa Fayfi" {drain, Str+2}
 96120 | Zig:26   | Identified the +8 great mace of the Apocalypse {flame, rF+
                  | SInv Stlth+}
 96130 | Zig:27   | Entered Level 27 of a ziggurat
 96210 | Zig:27   | Identified the +5 arbalest of Amortisation {penet, rElec
                  | rPois Str+2 Dex+5}
 96220 | Zig:27   | Identified the +7 falchion "Nywoxemo" {drain, Fly Str+5}
 96230 | Zig:27   | Identified the +9 morningstar of Xego {vorpal, Int+2}
 96275 | Zig:27   | Identified the +8 halberd "Pedehen" {freeze, +Blink rElec
                  | rN+ Str-2}
 96368 | Hell     | Reached skill level 27 in Ice Magic
 96408 | Zig:1    | Entered Level 1 of a ziggurat
 96420 | Zig:2    | Entered Level 2 of a ziggurat
 96420 | Zig:2    | Noticed Enot the pandemonium lord
 96425 | Zig:2    | Reached skill level 27 in Fire Magic
 96425 | Zig:2    | Killed Enot the pandemonium lord
 96435 | Zig:3    | Entered Level 3 of a ziggurat
 96478 | Zig:4    | Entered Level 4 of a ziggurat
 96508 | Zig:5    | Entered Level 5 of a ziggurat
 96543 | Zig:5    | Identified the +2 helmet of Burning Curiosity {-Tele Will+
                  | Str+4 Dex+6}
 96555 | Zig:6    | Entered Level 6 of a ziggurat
 96557 | Zig:6    | Noticed Fikkae the pandemonium lord
 96560 | Zig:6    | Reached skill level 27 in Conjurations
 96563 | Zig:6    | Killed Fikkae the pandemonium lord
 96573 | Zig:6    | Identified the +11 quick blade of Earthquakes {venom, rN++}
 96639 | Zig:7    | Entered Level 7 of a ziggurat
 96647 | Zig:7    | Reached skill level 27 in Spellcasting
 96647 | Zig:7    | Reached skill level 27 in Air Magic
 96647 | Zig:7    | Reached skill level 27 in Earth Magic
 96647 | Zig:7    | Reached skill level 1 in Shields
 96675 | Zig:7    | Identified the +4 falchion of Disorder {distort, *Rage
                  | rElec Will- Int+5}
 96702 | Zig:8    | Entered Level 8 of a ziggurat
 96739 | Zig:9    | Entered Level 9 of a ziggurat
 96744 | Zig:9    | Noticed Ashen's ghost (legendary DsNe)
 96744 | Zig:9    | Noticed zurenarrh's ghost (veteran DrAE)
 96744 | Zig:9    | Noticed zurenarrh's ghost (legendary DjAE)
 96744 | Zig:9    | Noticed Talannal's ghost (legendary GnHW)
 96744 | Zig:9    | Noticed Becvyf's ghost (legendary GnFi)
 96748 | Zig:9    | Killed zurenarrh's ghost
 96749 | Zig:9    | Killed Becvyf's ghost
 96750 | Zig:9    | Killed Talannal's ghost
 96750 | Zig:9    | Killed Ashen's ghost
 96752 | Zig:9    | Killed zurenarrh's ghost
 96845 | Zig:10   | Entered Level 10 of a ziggurat
 96889 | Zig:10   | Identified the +8 great sword of Causality {vorpal, *Rage
                  | MP+9 Stlth+}
 96941 | Zig:11   | Entered Level 11 of a ziggurat
 97001 | Zig:12   | Entered Level 12 of a ziggurat
 97009 | Zig:12   | Found the +9 staff of Olgreb {rPois∞}
 97016 | Zig:12   | Identified the ring of Leups {Fire rCorr}
 97020 | Zig:12   | Identified the ring "Ymipniu" {Will+ Str+2 Dex+2}
 97034 | Zig:12   | Identified the +7 falchion of Foul Odours {pain, Dex+6}
 97083 | Zig:13   | Entered Level 13 of a ziggurat
 97091 | Zig:13   | Found the +3 robe of Clouds {*Thunder rCloud rElec}
 97093 | Zig:13   | Reached skill level 5 in Armour
 97100 | Zig:13   | Reached skill level 10 in Armour
 97101 | Zig:13   | Identified the amulet "Yraunk" {RegenMP rElec rPois Str-2
                  | Dex-4}
 97104 | Zig:13   | Identified the amulet "Qeosutta" {Spirit rF+ Regen+ MP+9
                  | Str-3}
 97108 | Zig:13   | Identified the +10 short sword of Veilanou {drain, Will+
                  | MP+9 Str+3 Dex+3}
 97144 | Zig:13   | Identified the +7 morningstar "Noypyume" {vorpal, Contam
                  | rPois rCorr Str-5}
 97150 | Zig:13   | Identified the +9 quarterstaff of Rile {spect, rElec rN++
                  | Int-2}
 97160 | Zig:14   | Entered Level 14 of a ziggurat
 97182 | Zig:14   | Identified the ring "Bucroyk" {Will+ Str+2 Int-5 Dex+3
                  | Stlth+}
 97191 | Zig:14   | Identified the ring "Eptibesu" {Wiz Slay+2}
 97223 | Zig:14   | Identified the +0 chain mail of the Farrier {rElec rPois
                  | Str-5 Dex+7}
 97272 | Zig:15   | Entered Level 15 of a ziggurat
 97277 | Zig:15   | Noticed a dread lich
 97278 | Zig:15   | Killed a dread lich
 97279 | Zig:15   | Noticed an ancient lich
 97279 | Zig:15   | Noticed an ancient lich
 97279 | Zig:15   | Noticed an ancient lich
 97279 | Zig:15   | Noticed a dread lich
 97280 | Zig:15   | Noticed a dread lich
 97281 | Zig:15   | Reached skill level 15 in Armour
 97281 | Zig:15   | Killed an ancient lich
 97281 | Zig:15   | Killed an ancient lich
 97281 | Zig:15   | Killed an ancient lich
 97282 | Zig:15   | Killed a dread lich
 97282 | Zig:15   | Noticed an ancient lich
 97286 | Zig:15   | Killed an ancient lich
 97287 | Zig:15   | Killed a dread lich
 97296 | Zig:15   | Identified the +2 scale mail "Suoxured" {*Corrode Regen+
                  | Str+3 Slay+5}
 97325 | Zig:15   | Identified the +11 mace of Theory {vorpal, rElec MP+9
                  | Str-2}
 97328 | Zig:15   | Identified the +10 morningstar of Prudence {drain, rElec
                  | rF++ rN+}
 97383 | Zig:16   | Entered Level 16 of a ziggurat
 97396 | Zig:16   | Noticed Huypt the pandemonium lord
 97398 | Zig:16   | Killed Huypt the pandemonium lord
 97419 | Zig:16   | Identified the +2 leather armour "Bodin" {rPois rF+ Int+4}
 97436 | Zig:16   | Identified the +0 war axe of Annoyance {pain, rN+ rCorr
                  | Dex+2}
 97459 | Zig:16   | Identified the +3 long sword "Ofuetzoa" {vorpal, rPois
                  | rN+++ Str+2 Dex-3}
 97519 | Zig:17   | Entered Level 17 of a ziggurat
 97544 | Zig:17   | Identified the +9 great sword of Uncertain Death {drain,
                  | rElec rC++ Dex-4}
 97552 | Zig:17   | Identified the +0 chain mail of the Snail {rElec Str+3
                  | Stlth+}
 97556 | Zig:17   | Identified the +4 scale mail of Peek-a-Boo {Str+3 Dex+2}
 97573 | Zig:17   | Identified the +3 morningstar of Parts Unknown {elec, Int+3
                  | Dex+4}
 97577 | Zig:17   | Identified the +1 helmet of the Carpenter {rPois rCorr}
 97579 | Zig:17   | Identified the +2 robe of Maxeurinn {Will+ Regen+}
 97681 | Zig:18   | Entered Level 18 of a ziggurat
 97692 | Zig:18   | Noticed a juggernaut
 97693 | Zig:18   | Noticed a juggernaut
 97695 | Zig:18   | Found the amulet of the Air {Inacc Air Fly rElec RMsl}
 97696 | Zig:18   | Killed a juggernaut
 97699 | Zig:18   | Noticed a juggernaut
 97704 | Zig:18   | Killed a juggernaut
 97706 | Zig:18   | Killed a juggernaut
 97770 | Zig:18   | Identified the ring "Ekunt" {rPois rF++ rC+ Will- Str-2}
 97796 | Zig:18   | Identified the +10 triple crossbow "Jiopyic" {elec, rElec
                  | rCorr Int+3}
 97846 | Zig:19   | Entered Level 19 of a ziggurat
 97863 | Zig:19   | Found the amulet of Vitality {RegenMP++ Regen++}
 97876 | Zig:19   | Identified the ring "Detiote" {Ice *Corrode rElec Str+8
                  | Dex+3}
 97881 | Zig:19   | Identified the +7 great sword of Honogueh {vorpal, *Noise
                  | rC+ rCorr Str+5}
 97904 | Zig:19   | Identified the +6 plate armour of Freezing Joy {rElec
                  | Regen+ Int-5 SInv}
 97907 | Zig:19   | Identified the +8 rapier "ETAOIN SHRDLU" {drain, Dex+5}
 97986 | Zig:20   | Entered Level 20 of a ziggurat
 97994 | Zig:20   | Noticed an ancient lich
 98000 | Zig:20   | Killed an ancient lich
 98001 | Zig:20   | Noticed a dread lich
 98002 | Zig:20   | Noticed an ancient lich
 98002 | Zig:20   | Noticed an ancient lich
 98002 | Zig:20   | Noticed a dread lich
 98003 | Zig:20   | Killed an ancient lich
 98003 | Zig:20   | Killed a dread lich
 98004 | Zig:20   | Killed an ancient lich
 98005 | Zig:20   | Noticed an ancient lich
 98005 | Zig:20   | Found the +7 captain's cutlass {speed, disarm}
 98006 | Zig:20   | Killed a dread lich
 98007 | Zig:20   | Killed an ancient lich
 98145 | Zig:20   | Identified the +8 falchion "Pyw Eclavu" {chaos, rF+ Str-3
                  | Int+2}
 98147 | Zig:20   | Identified the +3 morningstar "Siodilio" {freeze, Fly rElec
                  | Int+4 Stlth-}
 98148 | Zig:20   | Identified the +7 spear "Transmigrator" {holy, Str+7}
 98200 | Zig:21   | Entered Level 21 of a ziggurat
 98209 | Zig:21   | Noticed a royal mummy
 98211 | Zig:21   | Noticed a royal mummy
 98211 | Zig:21   | Noticed a royal mummy
 98211 | Zig:21   | Noticed a royal mummy
 98211 | Zig:21   | Noticed a royal mummy
 98211 | Zig:21   | Noticed a royal mummy
 98211 | Zig:21   | Noticed a royal mummy
 98211 | Zig:21   | Noticed a royal mummy
 98212 | Zig:21   | Killed a royal mummy
 98212 | Zig:21   | Killed a royal mummy
 98212 | Zig:21   | Killed a royal mummy
 98212 | Zig:21   | Killed a royal mummy
 98212 | Zig:21   | Noticed a royal mummy
 98212 | Zig:21   | Noticed a royal mummy
 98213 | Zig:21   | Noticed a royal mummy
 98213 | Zig:21   | Noticed a royal mummy
 98213 | Zig:21   | Noticed a royal mummy
 98213 | Zig:21   | Noticed a royal mummy
 98213 | Zig:21   | Found the ring of the Hare {EV+8}
 98214 | Zig:21   | Killed a royal mummy
 98214 | Zig:21   | Killed a royal mummy
 98214 | Zig:21   | Killed a royal mummy
 98214 | Zig:21   | Noticed a royal mummy
 98214 | Zig:21   | Noticed a royal mummy
 98215 | Zig:21   | Reached skill level 27 in Armour
 98215 | Zig:21   | Noticed a royal mummy
 98215 | Zig:21   | Noticed a royal mummy
 98216 | Zig:21   | Killed a royal mummy
 98216 | Zig:21   | Killed a royal mummy
 98216 | Zig:21   | Killed a royal mummy
 98216 | Zig:21   | Killed a royal mummy
 98217 | Zig:21   | Noticed a royal mummy
 98218 | Zig:21   | Killed a royal mummy
 98218 | Zig:21   | Killed a royal mummy
 98218 | Zig:21   | Killed a royal mummy
 98218 | Zig:21   | Killed a royal mummy
 98218 | Zig:21   | Killed a royal mummy
 98218 | Zig:21   | Killed a royal mummy
 98218 | Zig:21   | Killed a royal mummy
 98218 | Zig:21   | Noticed a royal mummy
 98221 | Zig:21   | Killed a royal mummy
 98222 | Zig:21   | Killed a royal mummy
 98244 | Zig:21   | Identified the +2 scale mail "Xuamm" {Rampage rN+ rCorr
                  | Int+3}
 98267 | Zig:21   | Identified the +8 mace "Yzifikub" {spect, rC- rN+ Dex+5}
 98280 | Zig:21   | Identified the +8 glaive of the Gnashing Puffin {elec,
                  | Str+7 Int+3}
 98347 | Zig:22   | Entered Level 22 of a ziggurat
 98360 | Zig:22   | Found the ring of the Octopus King
 98362 | Zig:22   | Reached skill level 27 in Throwing
 98362 | Zig:22   | Reached skill level 27 in Evocations
 98374 | Zig:22   | Identified a ring of the Octopus King {rN+ HP+2 AC+2 EV+2
                  | SH+2}
 98376 | Zig:22   | Identified the +2 pair of gloves of Gravitas {Regen+ Str+3}
 98390 | Zig:22   | Identified the +2 triple sword of the Hero {flame, Int+8}
 98394 | Zig:22   | Identified the ring of Pucwiesh {rN+ Will+}
 98397 | Zig:22   | Identified the +4 ring mail of Jely {rElec rPois Int+7}
 98416 | Zig:22   | Identified the +1 halberd "Natitzag" {freeze, rElec rPois}
 98507 | Zig:23   | Entered Level 23 of a ziggurat
 98521 | Zig:23   | Noticed Evubreng the pandemonium lord
 98523 | Zig:23   | Killed Evubreng the pandemonium lord
 98527 | Zig:23   | HP: 11/249 [Hell Sentinel (48)]
 98588 | Zig:23   | Identified the +1 broad axe of Arrival {flame, Fly}
 98612 | Zig:23   | Identified the +4 quarterstaff "Ashen's Regret" {flame,
                  | *Slow rCorr Int+2}
 98619 | Zig:23   | Identified the +6 ring mail "Fezuroah" {Str+4}
 98624 | Zig:23   | Identified the +7 whip of False Hope {freeze, Will- Str+8
                  | Dex+5}
 98774 | Zig:23   | Learned a level 9 spell: Death's Door
 98777 | Zig:23   | Learned a level 2 spell: Sublimation of Blood
 98797 | Zig:24   | Entered Level 24 of a ziggurat
 98810 | Zig:24   | Noticed an ancient lich
 98811 | Zig:24   | Noticed an ancient lich
 98811 | Zig:24   | Noticed a dread lich
 98811 | Zig:24   | Noticed a dread lich
 98811 | Zig:24   | Noticed an ancient lich
 98811 | Zig:24   | Noticed an ancient lich
 98811 | Zig:24   | Noticed a dread lich
 98811 | Zig:24   | Noticed a dread lich
 98811 | Zig:24   | Noticed a dread lich
 98811 | Zig:24   | Noticed an ancient lich
 98811 | Zig:24   | Noticed a dread lich
 98812 | Zig:24   | Killed an ancient lich
 98812 | Zig:24   | Killed a dread lich
 98813 | Zig:24   | Noticed an ancient lich
 98813 | Zig:24   | Killed an ancient lich
 98813 | Zig:24   | Killed a dread lich
 98813 | Zig:24   | Killed a dread lich
 98813 | Zig:24   | Killed a dread lich
 98813 | Zig:24   | Noticed a dread lich
 98815 | Zig:24   | Killed a dread lich
 98815 | Zig:24   | Killed a dread lich
 98815 | Zig:24   | Killed an ancient lich
 98815 | Zig:24   | Killed an ancient lich
 98815 | Zig:24   | Noticed an ancient lich
 98816 | Zig:24   | Noticed an ancient lich
 98816 | Zig:24   | Noticed a dread lich
 98816 | Zig:24   | Found the +3 warlock's mirror {reflect}
 98816 | Zig:24   | Found the +8 whip "Snakebite" {venom, curare, rPois}
 98816 | Zig:24   | Killed an ancient lich
 98817 | Zig:24   | Killed an ancient lich
 98817 | Zig:24   | Killed an ancient lich
 98817 | Zig:24   | Killed a dread lich
 98818 | Zig:24   | Killed a dread lich
 98818 | Zig:24   | Killed an ancient lich
 98865 | Zig:24   | Identified the +4 broad axe of Zin's Righteous Fury {flame,
                  | *Noise Dex+9 SInv}
 98896 | Zig:24   | Identified the +2 falchion of Righteous Anger {drain, rF+
                  | rC+ rCorr}
 98898 | Zig:24   | Identified the ring "Avefotan" {Will+ EV+4}
 98915 | Zig:24   | Identified the +3 scale mail of Refuge {Int+5}
 99038 | Zig:25   | Entered Level 25 of a ziggurat
 99106 | Zig:25   | Identified the +1 hand axe of the Lurker {venom, Dex+7}
 99231 | Zig:26   | Entered Level 26 of a ziggurat
 99422 | Zig:26   | Found the +7 great mace "Undeadhunter" {disrupt, rN+}
 99462 | Zig:26   | Identified the +7 war axe of the Hammering Gods {flame,
                  | rPois}
 99516 | Zig:27   | Entered Level 27 of a ziggurat
 99531 | Zig:27   | Noticed a juggernaut
 99532 | Zig:27   | Noticed a juggernaut
 99533 | Zig:27   | Noticed a juggernaut
 99534 | Zig:27   | Killed a juggernaut
 99534 | Zig:27   | Noticed a juggernaut
 99535 | Zig:27   | Noticed a juggernaut
 99535 | Zig:27   | Noticed a juggernaut
 99535 | Zig:27   | Noticed a juggernaut
 99536 | Zig:27   | Noticed a juggernaut
 99536 | Zig:27   | Noticed a juggernaut
 99538 | Zig:27   | Noticed a juggernaut
 99539 | Zig:27   | Killed a juggernaut
 99539 | Zig:27   | Killed a juggernaut
 99539 | Zig:27   | Killed a juggernaut
 99539 | Zig:27   | Killed a juggernaut
 99539 | Zig:27   | Killed a juggernaut
 99540 | Zig:27   | Reached skill level 27 in Transmutations
 99543 | Zig:27   | Killed a juggernaut
 99544 | Zig:27   | Killed a juggernaut
 99545 | Zig:27   | Killed a juggernaut
 99547 | Zig:27   | Noticed a juggernaut
 99548 | Zig:27   | Killed a juggernaut
 99551 | Zig:27   | Killed a juggernaut
 99555 | Zig:27   | Identified the amulet of Tejumm {Spirit rPois Str+2 Dex+3}
 99557 | Zig:27   | Identified the +7 whip of the Fortifying Vulture
                  | {antimagic, Contam rC+ rN+}
 99564 | Zig:27   | Identified the ring "Radick Bedys" {rN+ SInv}
 99596 | Zig:27   | Identified the ring "Moshrewk" {Fly MP+9}
 99604 | Zig:27   | Identified the +5 flail "Heunkeg" {antimagic, rCorr}
 99611 | Zig:27   | Identified the +4 broad axe of Ymikoec {vorpal, Str+2}
 99928 | Hell     | Lost mutation: You possess an exceptional clarity of mind.
                  | [potion of mutation]
 99928 | Hell     | Lost mutation: Armour fits poorly on your strangely shaped
                  | body. [potion of mutation]
 99928 | Hell     | Gained mutation: You are clumsy. (Dex -2) [potion of
                  | mutation]
 99928 | Hell     | Gained mutation: Your mind is acute. (Int +4, Str/Dex -1)
                  | [potion of mutation]
 99928 | Hell     | Gained mutation: You have a pair of small antennae on your
                  | head. [potion of mutation]
 99929 | Hell     | Lost mutation: You have a pair of small antennae on your
                  | head. [potion of mutation]
 99929 | Hell     | Lost mutation: Your mind is acute. (Int +4, Str/Dex -1)
                  | [potion of mutation]
 99929 | Hell     | Gained mutation: You are frail. (-10% HP) [potion of
                  | mutation]
 99929 | Hell     | Gained mutation: Your system is resistant to poisons.
                  | (rPois) [potion of mutation]
 99930 | Hell     | Lost mutation: You are clumsy. (Dex -2) [potion of
                  | mutation]
 99930 | Hell     | Lost mutation: Your system is resistant to poisons. (rPois)
                  | [potion of mutation]
 99930 | Hell     | Lost mutation: You are frail. (-10% HP) [potion of
                  | mutation]
 99930 | Hell     | Gained mutation: Your spells are a little harder to cast,
                  | but a little more powerful. [potion of mutation]
 99930 | Hell     | Gained mutation: You have hidden genetic defects. [potion
                  | of mutation]
 99931 | Hell     | Lost mutation: Your spells are a little harder to cast, but
                  | a little more powerful. [potion of mutation]
 99931 | Hell     | Lost mutation: You have hidden genetic defects. [potion of
                  | mutation]
 99931 | Hell     | Gained mutation: You are clumsy. (Dex -2) [potion of
                  | mutation]
 99931 | Hell     | Gained mutation: Armour fits poorly on your strangely
                  | shaped body. [potion of mutation]
 99931 | Hell     | Gained mutation: You have large cloven feet. [potion of
                  | mutation]
 99932 | Hell     | Lost mutation: You have large cloven feet. [potion of
                  | mutation]
 99932 | Hell     | Lost mutation: Armour fits poorly on your strangely shaped
                  | body. [potion of mutation]
 99932 | Hell     | Gained mutation: You have a pair of small antennae on your
                  | head. [potion of mutation]
 99932 | Hell     | Gained mutation: You have sharp toenails. [potion of
                  | mutation]
 99933 | Hell     | Lost mutation: You have sharp toenails. [potion of
                  | mutation]
 99933 | Hell     | Lost mutation: You are clumsy. (Dex -2) [potion of
                  | mutation]
 99933 | Hell     | Gained mutation: You expend magic power (3 MP) to
                  | strengthen your wands. [potion of mutation]
 99933 | Hell     | Gained mutation: Your mind is acute. (Int +4, Str/Dex -1)
                  | [potion of mutation]
 99934 | Hell     | Lost mutation: You expend magic power (3 MP) to strengthen
                  | your wands. [potion of mutation]
 99934 | Hell     | Lost mutation: You have a pair of small antennae on your
                  | head. [potion of mutation]
 99934 | Hell     | Lost mutation: Your mind is acute. (Int +4, Str/Dex -1)
                  | [potion of mutation]
 99934 | Hell     | Gained mutation: You do not regenerate when monsters are
                  | visible. [potion of mutation]
 99934 | Hell     | Gained mutation: You are resistant to electric shocks.
                  | (rElec) [potion of mutation]
 99934 | Hell     | Gained mutation: You sometimes lose your temper in combat.
                  | [potion of mutation]
 99935 | Hell     | Lost mutation: You do not regenerate when monsters are
                  | visible. [potion of mutation]
 99935 | Hell     | Lost mutation: You are resistant to electric shocks.
                  | (rElec) [potion of mutation]
 99935 | Hell     | Gained mutation: You have large cloven feet. [potion of
                  | mutation]
 99935 | Hell     | Gained mutation: You are agile. (Dex +4, Str/Int -1)
                  | [potion of mutation]
 99936 | Hell     | Lost mutation: You have large cloven feet. [potion of
                  | mutation]
 99936 | Hell     | Lost mutation: You sometimes lose your temper in combat.
                  | [potion of mutation]
 99936 | Hell     | Gained mutation: You have sharp toenails. [potion of
                  | mutation]
 99937 | Hell     | Lost mutation: You have sharp toenails. [potion of
                  | mutation]
 99937 | Hell     | Lost mutation: You are agile. (Dex +4, Str/Int -1) [potion
                  | of mutation]
 99937 | Hell     | Gained mutation: You sometimes lose your temper in combat.
                  | [potion of mutation]
 99937 | Hell     | Gained mutation: Potions are less effective at restoring
                  | your health. [potion of mutation]
 99938 | Hell     | Lost mutation: Potions are less effective at restoring your
                  | health. [potion of mutation]
 99938 | Hell     | Lost mutation: You sometimes lose your temper in combat.
                  | [potion of mutation]
 99938 | Hell     | Gained mutation: You are covered in fur. (AC +1) [potion of
                  | mutation]
 99938 | Hell     | Gained mutation: You have sharp toenails. [potion of
                  | mutation]
 99938 | Hell     | Gained mutation: You passively map a small area around you.
                  | [potion of mutation]
 99938 | Hell     | Gained mutation: You expend magic power (3 MP) to
                  | strengthen your wands. [potion of mutation]
 99939 | Hell     | Lost mutation: You expend magic power (3 MP) to strengthen
                  | your wands. [potion of mutation]
 99939 | Hell     | Lost mutation: You have sharp toenails. [potion of
                  | mutation]
 99939 | Hell     | Gained mutation: You are clumsy. (Dex -2) [potion of
                  | mutation]
 99939 | Hell     | Gained mutation: You are partially covered in large bone
                  | plates. (SH +4) [potion of mutation]
 99939 | Hell     | Gained mutation: You have large cloven feet. [potion of
                  | mutation]
 99940 | Hell     | Lost mutation: You are partially covered in large bone
                  | plates. (SH +4) [potion of mutation]
 99940 | Hell     | Lost mutation: You have large cloven feet. [potion of
                  | mutation]
 99940 | Hell     | Lost mutation: You are clumsy. (Dex -2) [potion of
                  | mutation]
 99940 | Hell     | Gained mutation: You passively dampen the noise of your
                  | surroundings. [potion of mutation]
 99940 | Hell     | Gained mutation: You possess an exceptional clarity of
                  | mind. [potion of mutation]
 99941 | Hell     | Lost mutation: You passively dampen the noise of your
                  | surroundings. [potion of mutation]
 99941 | Hell     | Lost mutation: You possess an exceptional clarity of mind.
                  | [potion of mutation]
 99941 | Hell     | Gained mutation: You occasionally lose the ability to read
                  | scrolls when taking damage. [potion of mutation]
 99941 | Hell     | Gained mutation: You occasionally lose the ability to drink
                  | potions when taking damage. [potion of mutation]
 99941 | Hell     | Gained mutation: You are partially covered in large bone
                  | plates. (SH +4) [potion of mutation]
 99942 | Hell     | Lost mutation: You occasionally lose the ability to read
                  | scrolls when taking damage. [potion of mutation]
 99942 | Hell     | Lost mutation: You occasionally lose the ability to drink
                  | potions when taking damage. [potion of mutation]
 99942 | Hell     | Gained mutation: You are frail. (-10% HP) [potion of
                  | mutation]
 99942 | Hell     | Gained mutation: Your spells are a little harder to cast,
                  | but a little more powerful. [potion of mutation]
 99943 | Hell     | Lost mutation: You are covered in fur. (AC +1) [potion of
                  | mutation]
 99943 | Hell     | Lost mutation: Your spells are a little harder to cast, but
                  | a little more powerful. [potion of mutation]
 99943 | Hell     | Lost mutation: You are frail. (-10% HP) [potion of
                  | mutation]
 99943 | Hell     | Gained mutation: You are strong-willed. (Will+) [potion of
                  | mutation]
 99943 | Hell     | Gained mutation: You have a pair of small horns on your
                  | head. [potion of mutation]
 99944 | Hell     | Lost mutation: You passively map a small area around you.
                  | [potion of mutation]
 99944 | Hell     | Lost mutation: You have a pair of small horns on your head.
                  | [potion of mutation]
 99944 | Hell     | Lost mutation: You are strong-willed. (Will+) [potion of
                  | mutation]
 99944 | Hell     | Gained mutation: You are mostly covered in large bone
                  | plates. (SH +6) [potion of mutation]
 99944 | Hell     | Gained mutation: You have sharp fingernails. [potion of
                  | mutation]
 99945 | Hell     | Lost mutation: You are mostly covered in large bone plates.
                  | (SH +6) [potion of mutation]
 99945 | Hell     | Lost mutation: You are partially covered in large bone
                  | plates. (SH +4) [potion of mutation]
 99945 | Hell     | Lost mutation: You have sharp fingernails. [potion of
                  | mutation]
 99945 | Hell     | Gained mutation: You are clumsy. (Dex -2) [potion of
                  | mutation]
 99945 | Hell     | Gained mutation: You passively map a small area around you.
                  | [potion of mutation]
 99945 | Hell     | Gained mutation: Your muscles are strong. (Str +4, Int/Dex
                  | -1) [potion of mutation]
 99946 | Hell     | Lost mutation: You are clumsy. (Dex -2) [potion of
                  | mutation]
 99946 | Hell     | Lost mutation: Your muscles are strong. (Str +4, Int/Dex
                  | -1) [potion of mutation]
 99946 | Hell     | Lost mutation: You passively map a small area around you.
                  | [potion of mutation]
 99946 | Hell     | Gained mutation: You are somewhat resistant to further
                  | mutation. [potion of mutation]
 99947 | Hell     | Lost mutation: You are somewhat resistant to further
                  | mutation. [potion of mutation]
 99947 | Hell     | Gained mutation: You have hidden genetic potential. [potion
                  | of mutation]
 99947 | Hell     | Gained mutation: You are occasionally teleported next to
                  | monsters. [potion of mutation]
 99947 | Hell     | Gained mutation: Your flesh is heat resistant. (rF+)
                  | [potion of mutation]
 99948 | Hell     | Lost mutation: Your flesh is heat resistant. (rF+) [potion
                  | of mutation]
 99948 | Hell     | Lost mutation: You have hidden genetic potential. [potion
                  | of mutation]
 99948 | Hell     | Gained mutation: Your mind is acute. (Int +4, Str/Dex -1)
                  | [potion of mutation]
 99948 | Hell     | Gained mutation: Your mind is very acute. (Int +8, Str/Dex
                  | -2) [potion of mutation]
 99948 | Hell     | Gained mutation: Your flesh is heat resistant. (rF+)
                  | [potion of mutation]
 99949 | Hell     | Lost mutation: You are occasionally teleported next to
                  | monsters. [potion of mutation]
 99949 | Hell     | Lost mutation: Your mind is very acute. (Int +8, Str/Dex
                  | -2) [potion of mutation]
 99949 | Hell     | Lost mutation: Your mind is acute. (Int +4, Str/Dex -1)
                  | [potion of mutation]
 99949 | Hell     | Gained mutation: Your spells are a little harder to cast,
                  | but a little more powerful. [potion of mutation]
 99949 | Hell     | Gained mutation: Your flesh is cold resistant. (rC+)
                  | [potion of mutation]
 99950 | Hell     | Lost mutation: Your spells are a little harder to cast, but
                  | a little more powerful. [potion of mutation]
 99950 | Hell     | Lost mutation: Your flesh is heat resistant. (rF+) [potion
                  | of mutation]
 99950 | Hell     | Gained mutation: You have large cloven feet. [potion of
                  | mutation]
 99950 | Hell     | Gained mutation: Your mind is acute. (Int +4, Str/Dex -1)
                  | [potion of mutation]
 99950 | Hell     | Gained mutation: You have sharp fingernails. [potion of
                  | mutation]
 99951 | Hell     | Lost mutation: Your mind is acute. (Int +4, Str/Dex -1)
                  | [potion of mutation]
 99951 | Hell     | Lost mutation: Your flesh is cold resistant. (rC+) [potion
                  | of mutation]
 99951 | Hell     | Lost mutation: You have large cloven feet. [potion of
                  | mutation]
 99951 | Hell     | Gained mutation: You are clumsy. (Dex -2) [potion of
                  | mutation]
 99951 | Hell     | Lost mutation: You have sharp fingernails. [potion of
                  | mutation]
 99951 | Hell     | Gained mutation: You have a pair of small antennae on your
                  | head. [potion of mutation]
 99952 | Hell     | Lost mutation: You are clumsy. (Dex -2) [potion of
                  | mutation]
 99952 | Hell     | Lost mutation: You have a pair of small antennae on your
                  | head. [potion of mutation]
 99952 | Hell     | Gained mutation: Armour fits poorly on your strangely
                  | shaped body. [potion of mutation]
 99953 | Hell     | Lost mutation: Armour fits poorly on your strangely shaped
                  | body. [potion of mutation]
 99953 | Hell     | Gained mutation: You are somewhat resistant to further
                  | mutation. [potion of mutation]
 99954 | Hell     | Lost mutation: You are somewhat resistant to further
                  | mutation. [potion of mutation]
 99954 | Hell     | Gained mutation: You are weak. (Str -2) [potion of
                  | mutation]
 99955 | Hell     | Lost mutation: You are weak. (Str -2) [potion of mutation]
 99955 | Hell     | Gained mutation: You have hidden genetic defects. [potion
                  | of mutation]
 99955 | Hell     | Lost mutation: You have hidden genetic defects. [potion of
                  | mutation]
 99955 | Hell     | Gained mutation: You are strong-willed. (Will+) [potion of
                  | mutation]
 99956 | Hell     | Lost mutation: You are strong-willed. (Will+) [potion of
                  | mutation]
 99956 | Hell     | Gained mutation: You possess an exceptional clarity of
                  | mind. [potion of mutation]
 99956 | Hell     | Gained mutation: Your body sometimes deteriorates upon
                  | taking damage. [potion of mutation]
 99957 | Hell     | Lost mutation: You possess an exceptional clarity of mind.
                  | [potion of mutation]
 99957 | Hell     | Lost mutation: Your body sometimes deteriorates upon taking
                  | damage. [potion of mutation]
 99957 | Hell     | Gained mutation: You have hidden genetic potential. [potion
                  | of mutation]
 99957 | Hell     | Gained mutation: Your spells are a little easier to cast,
                  | but a little less powerful. [potion of mutation]
 99957 | Hell     | Gained mutation: You are dopey. (Int -2) [potion of
                  | mutation]
 99958 | Hell     | Lost mutation: You have hidden genetic potential. [potion
                  | of mutation]
 99958 | Hell     | Lost mutation: Your spells are a little easier to cast, but
                  | a little less powerful. [potion of mutation]
 99958 | Hell     | Lost mutation: You are dopey. (Int -2) [potion of mutation]
 99958 | Hell     | Gained mutation: You have hidden genetic potential. [potion
                  | of mutation]
 99959 | Hell     | Lost mutation: You have hidden genetic potential. [potion
                  | of mutation]
 99959 | Hell     | Gained mutation: Armour fits poorly on your strangely
                  | shaped body. [potion of mutation]
 99960 | Hell     | Lost mutation: Armour fits poorly on your strangely shaped
                  | body. [potion of mutation]
 99960 | Hell     | Gained mutation: You sometimes lose your temper in combat.
                  | [potion of mutation]
 99960 | Hell     | Gained mutation: You have hidden genetic potential. [potion
                  | of mutation]
 99961 | Hell     | Lost mutation: You sometimes lose your temper in combat.
                  | [potion of mutation]
 99961 | Hell     | Lost mutation: You have hidden genetic potential. [potion
                  | of mutation]
 99961 | Hell     | Gained mutation: Your spells are a little easier to cast,
                  | but a little less powerful. [potion of mutation]
 99962 | Hell     | Lost mutation: Your spells are a little easier to cast, but
                  | a little less powerful. [potion of mutation]
 99962 | Hell     | Gained mutation: You are dopey. (Int -2) [potion of
                  | mutation]
 99962 | Hell     | Gained mutation: You are agile. (Dex +4, Str/Int -1)
                  | [potion of mutation]
 99963 | Hell     | Lost mutation: You are dopey. (Int -2) [potion of mutation]
 99963 | Hell     | Lost mutation: You are agile. (Dex +4, Str/Int -1) [potion
                  | of mutation]
 99963 | Hell     | Gained mutation: You are somewhat resistant to further
                  | mutation. [potion of mutation]
 99964 | Hell     | Lost mutation: You are somewhat resistant to further
                  | mutation. [potion of mutation]
 99964 | Hell     | Gained mutation: Your body sometimes deteriorates upon
                  | taking damage. [potion of mutation]
 99964 | Hell     | Gained mutation: You have large cloven feet. [potion of
                  | mutation]
 99964 | Hell     | Gained mutation: Your system is resistant to poisons.
                  | (rPois) [potion of mutation]
 99964 | Hell     | Gained mutation: You are agile. (Dex +4, Str/Int -1)
                  | [potion of mutation]
 99965 | Hell     | Lost mutation: You have large cloven feet. [potion of
                  | mutation]
 99965 | Hell     | Lost mutation: You are agile. (Dex +4, Str/Int -1) [potion
                  | of mutation]
 99965 | Hell     | Lost mutation: Your body sometimes deteriorates upon taking
                  | damage. [potion of mutation]
 99965 | Hell     | Gained mutation: You have a pair of small antennae on your
                  | head. [potion of mutation]
 99965 | Hell     | Gained mutation: Your mind is acute. (Int +4, Str/Dex -1)
                  | [potion of mutation]
 99966 | Hell     | Lost mutation: Your system is resistant to poisons. (rPois)
                  | [potion of mutation]
 99966 | Hell     | Lost mutation: You have a pair of small antennae on your
                  | head. [potion of mutation]
 99966 | Hell     | Gained mutation: Your flesh is heat resistant. (rF+)
                  | [potion of mutation]
 99966 | Hell     | Gained mutation: You are frail. (-10% HP) [potion of
                  | mutation]
 99966 | Hell     | Gained mutation: Your flesh is very heat resistant. (rF++)
                  | [potion of mutation]
 99966 | Hell     | Gained mutation: Your system is resistant to poisons.
                  | (rPois) [potion of mutation]
 99967 | Hell     | Lost mutation: Your flesh is very heat resistant. (rF++)
                  | [potion of mutation]
 99967 | Hell     | Lost mutation: Your flesh is heat resistant. (rF+) [potion
                  | of mutation]
 99967 | Hell     | Lost mutation: You are frail. (-10% HP) [potion of
                  | mutation]
 99967 | Hell     | Gained mutation: You are agile. (Dex +4, Str/Int -1)
                  | [potion of mutation]
 99967 | Hell     | Gained mutation: Your flesh is cold resistant. (rC+)
                  | [potion of mutation]
 99967 | Hell     | Lost mutation: Your flesh is cold resistant. (rC+) [potion
                  | of mutation]
 99967 | Hell     | Gained mutation: Your spells are a little harder to cast,
                  | but a little more powerful. [potion of mutation]
 99968 | Hell     | Lost mutation: Your system is resistant to poisons. (rPois)
                  | [potion of mutation]
 99968 | Hell     | Lost mutation: Your mind is acute. (Int +4, Str/Dex -1)
                  | [potion of mutation]
 99968 | Hell     | Gained mutation: You have sharp toenails. [potion of
                  | mutation]
 99968 | Hell     | Gained mutation: You have razor-sharp toenails. [potion of
                  | mutation]
 99968 | Hell     | Gained mutation: You are occasionally teleported next to
                  | monsters. [potion of mutation]
 99969 | Hell     | Lost mutation: You are occasionally teleported next to
                  | monsters. [potion of mutation]
 99969 | Hell     | Lost mutation: You have razor-sharp toenails. [potion of
                  | mutation]
 99969 | Hell     | Gained mutation: You are frail. (-10% HP) [potion of
                  | mutation]
 99969 | Hell     | Gained mutation: Your system is resistant to poisons.
                  | (rPois) [potion of mutation]
 99969 | Hell     | Gained mutation: You are strong-willed. (Will+) [potion of
                  | mutation]
 99970 | Hell     | Lost mutation: You are frail. (-10% HP) [potion of
                  | mutation]
 99970 | Hell     | Lost mutation: You have sharp toenails. [potion of
                  | mutation]
 99970 | Hell     | Lost mutation: You are agile. (Dex +4, Str/Int -1) [potion
                  | of mutation]
 99970 | Hell     | Gained mutation: You occasionally lose the ability to read
                  | scrolls when taking damage. [potion of mutation]
 99970 | Hell     | Lost mutation: You are strong-willed. (Will+) [potion of
                  | mutation]
 99970 | Hell     | Gained mutation: You are dopey. (Int -2) [potion of
                  | mutation]
 99970 | Hell     | Gained mutation: You are robust. (+10% HP) [potion of
                  | mutation]
 99971 | Hell     | Lost mutation: You are robust. (+10% HP) [potion of
                  | mutation]
 99971 | Hell     | Lost mutation: Your spells are a little harder to cast, but
                  | a little more powerful. [potion of mutation]
 99971 | Hell     | Lost mutation: You occasionally lose the ability to read
                  | scrolls when taking damage. [potion of mutation]
 99971 | Hell     | Gained mutation: You have a pair of small horns on your
                  | head. [potion of mutation]
 99971 | Hell     | Gained mutation: You are clumsy. (Dex -2) [potion of
                  | mutation]
 99971 | Hell     | Lost mutation: You have a pair of small horns on your head.
                  | [potion of mutation]
 99971 | Hell     | Gained mutation: Your spells are a little harder to cast,
                  | but a little more powerful. [potion of mutation]
 99972 | Hell     | Lost mutation: Your system is resistant to poisons. (rPois)
                  | [potion of mutation]
 99972 | Hell     | Lost mutation: You are clumsy. (Dex -2) [potion of
                  | mutation]
 99972 | Hell     | Gained mutation: Your muscles are strong. (Str +4, Int/Dex
                  | -1) [potion of mutation]
 99972 | Hell     | Gained mutation: You possess an exceptional clarity of
                  | mind. [potion of mutation]
 99972 | Hell     | Gained mutation: Your skin changes colour to match your
                  | surroundings (Stealth+). [potion of mutation]
 99972 | Hell     | Gained mutation: Your muscles are very strong. (Str +8,
                  | Int/Dex -2) [potion of mutation]
 99973 | Hell     | Lost mutation: Your spells are a little harder to cast, but
                  | a little more powerful. [potion of mutation]
 99973 | Hell     | Lost mutation: Your skin changes colour to match your
                  | surroundings (Stealth+). [potion of mutation]
 99973 | Hell     | Lost mutation: Your muscles are very strong. (Str +8,
                  | Int/Dex -2) [potion of mutation]
 99973 | Hell     | Gained mutation: You have an increased reservoir of magic.
                  | (+10% MP) [potion of mutation]
 99973 | Hell     | Gained mutation: Your body sometimes deteriorates upon
                  | taking damage. [potion of mutation]
 99974 | Hell     | Lost mutation: Your body sometimes deteriorates upon taking
                  | damage. [potion of mutation]
 99974 | Hell     | Lost mutation: You are dopey. (Int -2) [potion of mutation]
 99974 | Hell     | Gained mutation: Your mind is acute. (Int +4, Str/Dex -1)
                  | [potion of mutation]
 99974 | Hell     | Gained mutation: You are frail. (-10% HP) [potion of
                  | mutation]
 99975 | Hell     | Lost mutation: You possess an exceptional clarity of mind.
                  | [potion of mutation]
 99975 | Hell     | Lost mutation: You have an increased reservoir of magic.
                  | (+10% MP) [potion of mutation]
 99975 | Hell     | Lost mutation: Your muscles are strong. (Str +4, Int/Dex
                  | -1) [potion of mutation]
 99975 | Hell     | Gained mutation: You are very frail. (-20% HP) [potion of
                  | mutation]
 99975 | Hell     | Gained mutation: You are somewhat resistant to further
                  | mutation. [potion of mutation]
 99976 | Hell     | Lost mutation: You are very frail. (-20% HP) [potion of
                  | mutation]
 99976 | Hell     | Lost mutation: You are frail. (-10% HP) [potion of
                  | mutation]
 99976 | Hell     | Lost mutation: Your mind is acute. (Int +4, Str/Dex -1)
                  | [potion of mutation]
 99976 | Hell     | Gained mutation: You have large cloven feet. [potion of
                  | mutation]
 99977 | Hell     | Lost mutation: You have large cloven feet. [potion of
                  | mutation]
 99977 | Hell     | Lost mutation: You are somewhat resistant to further
                  | mutation. [potion of mutation]
 99977 | Hell     | Gained mutation: You have sharp toenails. [potion of
                  | mutation]
 99978 | Hell     | Lost mutation: You have sharp toenails. [potion of
                  | mutation]
 99978 | Hell     | Gained mutation: Armour fits poorly on your strangely
                  | shaped body. [potion of mutation]
 99979 | Hell     | Lost mutation: Armour fits poorly on your strangely shaped
                  | body. [potion of mutation]
 99979 | Hell     | Gained mutation: You have a somewhat thin skeletal
                  | structure. (Dex +2, Stealth+) [potion of mutation]
 99979 | Hell     | Gained mutation: You are clumsy. (Dex -2) [potion of
                  | mutation]
 99979 | Hell     | Gained mutation: Armour fits poorly on your strangely
                  | shaped body. [potion of mutation]
 99979 | Hell     | Gained mutation: You have hidden genetic potential. [potion
                  | of mutation]
 99980 | Hell     | Lost mutation: You have a somewhat thin skeletal structure.
                  | (Dex +2, Stealth+) [potion of mutation]
 99980 | Hell     | Lost mutation: You are clumsy. (Dex -2) [potion of
                  | mutation]
 99980 | Hell     | Gained mutation: Your spells are a little easier to cast,
                  | but a little less powerful. [potion of mutation]
 99980 | Hell     | Gained mutation: Your system is resistant to poisons.
                  | (rPois) [potion of mutation]
 99980 | Hell     | Gained mutation: You have a pair of small antennae on your
                  | head. [potion of mutation]
 99981 | Hell     | Lost mutation: Your spells are a little easier to cast, but
                  | a little less powerful. [potion of mutation]
 99981 | Hell     | Lost mutation: Armour fits poorly on your strangely shaped
                  | body. [potion of mutation]
 99981 | Hell     | Gained mutation: You are robust. (+10% HP) [potion of
                  | mutation]
 99981 | Hell     | Gained mutation: Armour fits poorly on your strangely
                  | shaped body. [potion of mutation]
 99981 | Hell     | Gained mutation: You expend magic power (3 MP) to
                  | strengthen your wands. [potion of mutation]
 99981 | Hell     | Gained mutation: You have a pair of antennae on your head.
                  | [potion of mutation]
 99982 | Hell     | Lost mutation: Armour fits poorly on your strangely shaped
                  | body. [potion of mutation]
 99982 | Hell     | Lost mutation: Your system is resistant to poisons. (rPois)
                  | [potion of mutation]
 99982 | Hell     | Lost mutation: You have hidden genetic potential. [potion
                  | of mutation]
 99982 | Hell     | Gained mutation: You sometimes lose your temper in combat.
                  | [potion of mutation]
 99982 | Hell     | Lost mutation: You sometimes lose your temper in combat.
                  | [potion of mutation]
100023 | Zig:1    | Entered Level 1 of a ziggurat
100046 | Zig:2    | Entered Level 2 of a ziggurat
100072 | Zig:3    | Entered Level 3 of a ziggurat
100109 | Zig:4    | Entered Level 4 of a ziggurat
100131 | Zig:5    | Entered Level 5 of a ziggurat
100133 | Zig:5    | Found the +2 cloak of the Thief {*Fog Slay-2 SInv Stlth+}
100141 | Zig:5    | Identified the +4 scale mail of Crawling {Str+4}
100199 | Zig:6    | Entered Level 6 of a ziggurat
100211 | Zig:6    | Identified the +7 war axe of the End {vorpal, *Slow Fly
                  | rElec rC+}
100246 | Zig:7    | Entered Level 7 of a ziggurat
100269 | Zig:7    | Identified the +1 war axe of Myjieqaf {speed, Str+7}
100275 | Zig:7    | Identified the ring "Ocaec" {Str+6 Dex+4 SInv}
100339 | Zig:8    | Entered Level 8 of a ziggurat
100345 | Zig:8    | Noticed a dread lich
100345 | Zig:8    | Noticed a dread lich
100346 | Zig:8    | Noticed a dread lich
100346 | Zig:8    | Noticed a dread lich
100346 | Zig:8    | Noticed a dread lich
100346 | Zig:8    | Noticed a dread lich
100347 | Zig:8    | Killed a dread lich
100347 | Zig:8    | Killed a dread lich
100349 | Zig:8    | Killed a dread lich
100349 | Zig:8    | Killed a dread lich
100350 | Zig:8    | Killed a dread lich
100350 | Zig:8    | Killed a dread lich
100352 | Zig:8    | Identified the ring "Jiraiz" {Will+ EV+4 Dex+5}
100359 | Zig:8    | Identified the +9 short sword "Daowner" {vorpal, rElec rF+
                  | Str+2 Int+2}
100405 | Zig:9    | Entered Level 9 of a ziggurat
100411 | Zig:9    | Noticed Tulugoyck the pandemonium lord
100411 | Zig:9    | Noticed Jut Loawnaph the pandemonium lord
100411 | Zig:9    | Noticed Pocva the pandemonium lord
100412 | Zig:9    | Noticed Eloinoti the pandemonium lord
100413 | Zig:9    | Killed Tulugoyck the pandemonium lord
100413 | Zig:9    | Noticed Enwog the pandemonium lord
100414 | Zig:9    | Noticed Soysull the pandemonium lord
100415 | Zig:9    | Killed Jut Loawnaph the pandemonium lord
100415 | Zig:9    | Killed Enwog the pandemonium lord
100416 | Zig:9    | Killed Pocva the pandemonium lord
100417 | Zig:9    | Killed Eloinoti the pandemonium lord
100417 | Zig:9    | Noticed Qidol the pandemonium lord
100418 | Zig:9    | Killed Soysull the pandemonium lord
100420 | Zig:9    | Killed Qidol the pandemonium lord
100422 | Zig:9    | Noticed Ekhlebeh the pandemonium lord
100436 | Zig:9    | Killed Ekhlebeh the pandemonium lord
100440 | Zig:9    | Found the +7 mace of Variability {chain chaos}
100444 | Zig:9    | Identified the ring of Efueh {Wiz rC+ rN+}
100452 | Zig:9    | Identified the ring "Keistraeq" {Fly rN+}
100458 | Zig:9    | Identified the ring "Jealopae" {Fly Dex+3}
100477 | Zig:10   | Entered Level 10 of a ziggurat
100485 | Zig:10   | Noticed Avuaxt the pandemonium lord
100488 | Zig:10   | Killed Avuaxt the pandemonium lord
100598 | Zig:11   | Entered Level 11 of a ziggurat
100607 | Zig:11   | Reached skill level 27 in Shields
100616 | Zig:11   | Identified the ring of the Coward {rPois Will+ Dex+3
                  | Slay-5}
100619 | Zig:11   | Identified the amulet of Midwinter {Spirit Regen+ Int+2
                  | Stlth+}
100622 | Zig:11   | Identified the amulet of Urhocsar {RegenMP rN+ Str+3 Int-5}
100669 | Zig:11   | Acquired 962 gold pieces
100682 | Zig:12   | Entered Level 12 of a ziggurat
100712 | Zig:12   | Identified the ring of Reimbursement {Fire Dex+3}
100831 | Zig:13   | Entered Level 13 of a ziggurat
100836 | Zig:13   | Noticed an ancient lich
100836 | Zig:13   | Noticed an ancient lich
100836 | Zig:13   | Noticed an ancient lich
100836 | Zig:13   | Noticed an ancient lich
100836 | Zig:13   | Noticed a dread lich
100836 | Zig:13   | Noticed a dread lich
100836 | Zig:13   | Noticed a dread lich
100838 | Zig:13   | Killed an ancient lich
100838 | Zig:13   | Killed a dread lich
100838 | Zig:13   | Killed an ancient lich
100839 | Zig:13   | Noticed a dread lich
100839 | Zig:13   | Noticed a dread lich
100840 | Zig:13   | Killed an ancient lich
100840 | Zig:13   | Killed an ancient lich
100840 | Zig:13   | Killed a dread lich
100840 | Zig:13   | Noticed a dread lich
100841 | Zig:13   | Killed a dread lich
100844 | Zig:13   | Killed a dread lich
100845 | Zig:13   | Killed a dread lich
100845 | Zig:13   | Killed a dread lich
100854 | Zig:13   | Identified the +8 quarterstaff of Ytaapn {vorpal, rPois
                  | rCorr Stlth+}
100962 | Zig:14   | Entered Level 14 of a ziggurat
101043 | Zig:14   | Identified the +2 battleaxe of the Chain {pain, rCorr MP+9}
101049 | Zig:14   | Identified the +6 scale mail of Syndicalism {Dex+3}
101054 | Zig:14   | Identified the +7 shortbow of Kisu {freeze, Fly MP+9 Str+4
                  | Int+2}
101098 | Zig:15   | Entered Level 15 of a ziggurat
101113 | Zig:15   | Reached skill level 27 in Staves
101132 | Zig:15   | Identified the +4 chain mail of Context {rF- rC- Dex+9
                  | Slay+5}
101136 | Zig:15   | Identified the +3 rapier of the Warrior-Mage {freeze, rN+}
101137 | Zig:15   | Identified the +5 glaive of Tarr {elec, Will+}
101256 | Zig:16   | Entered Level 16 of a ziggurat
101275 | Zig:16   | Noticed Ruzodd the pandemonium lord
101294 | Zig:16   | Found the +0 staff of Battle
101295 | Zig:16   | Killed Ruzodd the pandemonium lord
101329 | Zig:16   | Identified the +0 robe of Eternal Night {rC- Will++}
101350 | Zig:16   | Identified the +0 shadow dragon scales of Qetudwatz {Str+5
                  | Stlth++++}
101351 | Zig:16   | Identified the +4 flail "Joghusivi" {freeze, rElec rN+
                  | rCorr Str+4 Dex-2}
101372 | Zig:17   | Entered Level 17 of a ziggurat
101381 | Zig:17   | Noticed an ancient lich
101382 | Zig:17   | Noticed an ancient lich
101382 | Zig:17   | Noticed a dread lich
101383 | Zig:17   | Noticed an ancient lich
101383 | Zig:17   | Noticed an ancient lich
101384 | Zig:17   | Noticed an ancient lich
101384 | Zig:17   | Noticed an ancient lich
101384 | Zig:17   | Noticed an ancient lich
101385 | Zig:17   | Killed an ancient lich
101385 | Zig:17   | Killed an ancient lich
101385 | Zig:17   | Killed an ancient lich
101385 | Zig:17   | Noticed a dread lich
101386 | Zig:17   | Killed an ancient lich
101386 | Zig:17   | Killed an ancient lich
101386 | Zig:17   | Killed a dread lich
101386 | Zig:17   | Noticed an ancient lich
101387 | Zig:17   | Killed an ancient lich
101387 | Zig:17   | Killed an ancient lich
101391 | Zig:17   | Killed an ancient lich
101391 | Zig:17   | Killed a dread lich
101402 | Zig:17   | Identified the amulet "Appol" {Faith rC++ Str+6 Int-2}
101419 | Zig:17   | Identified the ring "Leom" {Fire rN++ Slay+3}
101521 | Zig:18   | Entered Level 18 of a ziggurat
101536 | Zig:18   | Reached skill level 27 in Necromancy
101557 | Zig:18   | Identified the +5 shortbow of Beakk {freeze, Fragile rN+
                  | SInv}
101573 | Zig:18   | Identified the +8 flail of Ramet {vorpal, rElec rF+ rN+}
101575 | Zig:18   | Identified the ring of Intercession {Fly rF+ Str+3 Int+4}
101579 | Zig:18   | Identified the +2 trident "Empidd" {pain, rPois rC+ Str+4
                  | Stlth+}
101654 | Zig:19   | Entered Level 19 of a ziggurat
101664 | Zig:19   | Noticed an ancient lich
101665 | Zig:19   | Noticed an ancient lich
101666 | Zig:19   | Noticed an ancient lich
101666 | Zig:19   | Noticed an ancient lich
101666 | Zig:19   | Noticed an ancient lich
101668 | Zig:19   | Noticed an ancient lich
101670 | Zig:19   | Reached skill level 5 in Short Blades
101670 | Zig:19   | Reached skill level 5 in Maces & Flails
101670 | Zig:19   | Reached skill level 5 in Polearms
101670 | Zig:19   | Reached skill level 5 in Hexes
101670 | Zig:19   | Noticed an ancient lich
101671 | Zig:19   | Killed an ancient lich
101671 | Zig:19   | Killed an ancient lich
101671 | Zig:19   | Killed an ancient lich
101672 | Zig:19   | Reached skill level 15 in Long Blades
101672 | Zig:19   | Reached skill level 10 in Stealth
101672 | Zig:19   | Killed an ancient lich
101672 | Zig:19   | Killed an ancient lich
101676 | Zig:19   | Killed an ancient lich
101677 | Zig:19   | Killed an ancient lich
101734 | Zig:19   | Identified the +1 robe "Hagupilo" {rElec rF+ Dex+5}
101736 | Zig:19   | Identified the +10 short sword of Montyuxtasch {flame,
                  | Fragile rN++ MP-9 Str+9}
101738 | Zig:19   | Identified the +5 quarterstaff "Veokkamu" {antimagic, rF++
                  | Str-4 Dex+6}
101749 | Zig:19   | Identified the ring "Kike" {rF+ MP+9 Str+3}
101751 | Zig:19   | Identified the +9 hand axe of the Hummingbird {protect, rC+
                  | Will+}
101861 | Zig:19   | Reached skill level 5 in Summonings
101861 | Zig:19   | Reached skill level 5 in Poison Magic
101862 | Zig:19   | Reached skill level 5 in Axes
101863 | Zig:19   | Reached skill level 5 in Unarmed Combat
101863 | Zig:19   | Reached skill level 5 in Translocations
101864 | Zig:19   | Reached skill level 5 in Ranged Weapons
101896 | Zig:20   | Entered Level 20 of a ziggurat
101914 | Zig:20   | Noticed an orb of fire
101915 | Zig:20   | Noticed an orb of fire
101915 | Zig:20   | Noticed an orb of fire
101915 | Zig:20   | Noticed an orb of fire
101915 | Zig:20   | Noticed an orb of fire
101915 | Zig:20   | Noticed an orb of fire
101915 | Zig:20   | Noticed an orb of fire
101915 | Zig:20   | Noticed an orb of fire
101915 | Zig:20   | Noticed an orb of fire
101915 | Zig:20   | Noticed an orb of fire
101915 | Zig:20   | Noticed an orb of fire
101915 | Zig:20   | Noticed an orb of fire
101915 | Zig:20   | Noticed an orb of fire
101915 | Zig:20   | Noticed an orb of fire
101915 | Zig:20   | Noticed an orb of fire
101915 | Zig:20   | Noticed an orb of fire
101915 | Zig:20   | Noticed an orb of fire
101917 | Zig:20   | Noticed an orb of fire
101918 | Zig:20   | Noticed an orb of fire
101919 | Zig:20   | Killed an orb of fire
101920 | Zig:20   | Killed an orb of fire
101921 | Zig:20   | Killed an orb of fire
101921 | Zig:20   | Killed an orb of fire
101921 | Zig:20   | Killed an orb of fire
101921 | Zig:20   | Killed an orb of fire
101921 | Zig:20   | Killed an orb of fire
101921 | Zig:20   | Killed an orb of fire
101921 | Zig:20   | Killed an orb of fire
101921 | Zig:20   | Killed an orb of fire
101922 | Zig:20   | Reached skill level 10 in Hexes
101922 | Zig:20   | Noticed an orb of fire
101922 | Zig:20   | Noticed an orb of fire
101922 | Zig:20   | Noticed an orb of fire
101922 | Zig:20   | Noticed an orb of fire
101922 | Zig:20   | Killed an orb of fire
101923 | Zig:20   | Killed an orb of fire
101923 | Zig:20   | Killed an orb of fire
101923 | Zig:20   | Killed an orb of fire
101924 | Zig:20   | Reached skill level 10 in Short Blades
101924 | Zig:20   | Reached skill level 10 in Maces & Flails
101925 | Zig:20   | Killed an orb of fire
101925 | Zig:20   | Killed an orb of fire
101925 | Zig:20   | Killed an orb of fire
101926 | Zig:20   | Reached skill level 10 in Polearms
101930 | Zig:20   | Killed an orb of fire
101931 | Zig:20   | Killed an orb of fire
101931 | Zig:20   | Killed an orb of fire
101932 | Zig:20   | Killed an orb of fire
101932 | Zig:20   | Killed an orb of fire
101934 | Zig:20   | Killed an orb of fire
101976 | Zig:20   | Identified the +7 short sword "Wiar" {venom, rF- Will+
                  | Str+4 Dex+4}
101982 | Zig:20   | Identified the amulet of Tauliry {Faith Int+3}
102006 | Zig:20   | Identified the ring "Halotuyph" {rPois rF- rN+ Int+4 Dex+8}
102008 | Zig:20   | Identified the ring "Ajymist" {rPois Will+++ Str-2 Int+4
                  | Dex+6}
102014 | Zig:20   | Identified the +0 pair of gloves "Earthly Heaven" {rPois
                  | Int+4}
102016 | Zig:20   | Identified the +5 sling of the Ecumenical Temple {flame,
                  | Will+ Dex+2 Stlth+}
102019 | Zig:20   | Identified the +1 ring mail of Fedhas's Fury {MP+9 SInv}
102107 | Zig:21   | Entered Level 21 of a ziggurat
102127 | Zig:21   | Found the +15 Maxwell's patent armour {-Cast -Tele rElec
                  | Will+ rCorr}
102170 | Zig:21   | Identified the +10 war axe of the Writhing Gods {protect,
                  | rF++}
102172 | Zig:21   | Identified the ring "Gyzoebla" {+Blink rElec Will+ Dex+6}
102173 | Zig:21   | Identified the +8 shortbow "Aqiof" {freeze, rF+ rCorr
                  | Str+4}
102191 | Zig:21   | Identified the +6 lajatang "Oteph" {protect, *Rage rCorr
                  | Int+2}
102192 | Zig:21   | Identified the +3 shortbow of Oteom {freeze, *Slow Fragile
                  | rPois Dex+6}
102322 | Zig:22   | Entered Level 22 of a ziggurat
102346 | Zig:22   | Paralysed by an air elemental for 1 turns
102422 | Zig:22   | Acquired 1005 gold pieces
102424 | Zig:22   | Identified the +4 ring mail of the Gnashing Gods {rElec
                  | rCorr Dex-5}
102428 | Zig:22   | Identified the +1 chain mail of Cuviaqa {rN+}
102431 | Zig:22   | Identified the ring of the Three Loafs {+Blink rElec rF++
                  | rC+ Will-}
102435 | Zig:22   | Identified the ring of Dim Light {rCorr Str+2 Dex+6}
102436 | Zig:22   | Identified the +7 broad axe of the Mauling Gods {chaos,
                  | Int+4}
102437 | Zig:22   | Identified the ring "Demef" {Will+ MP+9 Str+5}
102533 | Zig:23   | Entered Level 23 of a ziggurat
102551 | Zig:23   | Reached skill level 15 in Stealth
102551 | Zig:23   | Reached skill level 10 in Summonings
102551 | Zig:23   | Reached skill level 10 in Poison Magic
102556 | Zig:23   | Reached skill level 10 in Axes
102635 | Zig:23   | Identified the ring "Siakenum" {Fly rElec rPois rC- SInv}
102638 | Zig:23   | Identified the amulet of the Glowing Scavenger {Acrobat rC+
                  | rN+ Str+4}
102644 | Zig:23   | Identified the +4 flail "Ezouteoh" {vorpal, *Slow rF+ Int+4
                  | SInv}
102746 | Zig:24   | Entered Level 24 of a ziggurat
102759 | Zig:24   | Noticed a juggernaut
102764 | Zig:24   | Noticed a juggernaut
102764 | Zig:24   | Noticed a juggernaut
102764 | Zig:24   | Noticed a juggernaut
102765 | Zig:24   | Killed a juggernaut
102765 | Zig:24   | Killed a juggernaut
102765 | Zig:24   | Killed a juggernaut
102766 | Zig:24   | Reached skill level 10 in Ranged Weapons
102766 | Zig:24   | Reached skill level 10 in Unarmed Combat
102766 | Zig:24   | Reached skill level 10 in Translocations
102767 | Zig:24   | Noticed a juggernaut
102767 | Zig:24   | Noticed a juggernaut
102767 | Zig:24   | Noticed a juggernaut
102767 | Zig:24   | Noticed a juggernaut
102768 | Zig:24   | Killed a juggernaut
102768 | Zig:24   | Killed a juggernaut
102768 | Zig:24   | Killed a juggernaut
102776 | Zig:24   | Killed a juggernaut
102776 | Zig:24   | Killed a juggernaut
102777 | Zig:24   | Reached skill level 15 in Short Blades
102793 | Zig:24   | Identified the +11 rapier of Currency {protect, Int+3}
102814 | Zig:25   | Entered Level 25 of a ziggurat
102826 | Zig:25   | Noticed a juggernaut
102826 | Zig:25   | Noticed a juggernaut
102828 | Zig:25   | Noticed a juggernaut
102829 | Zig:25   | Noticed a juggernaut
102830 | Zig:25   | Noticed a juggernaut
102830 | Zig:25   | Noticed a juggernaut
102831 | Zig:25   | Noticed a juggernaut
102831 | Zig:25   | Noticed a juggernaut
102831 | Zig:25   | Noticed a juggernaut
102832 | Zig:25   | Killed a juggernaut
102832 | Zig:25   | Killed a juggernaut
102832 | Zig:25   | Killed a juggernaut
102832 | Zig:25   | Killed a juggernaut
102833 | Zig:25   | Noticed a juggernaut
102833 | Zig:25   | Noticed a juggernaut
102833 | Zig:25   | Noticed a juggernaut
102833 | Zig:25   | Noticed a juggernaut
102833 | Zig:25   | Noticed a juggernaut
102833 | Zig:25   | Noticed a juggernaut
102833 | Zig:25   | Noticed a juggernaut
102833 | Zig:25   | Noticed a juggernaut
102833 | Zig:25   | Noticed a juggernaut
102833 | Zig:25   | Noticed a juggernaut
102834 | Zig:25   | Noticed a juggernaut
102834 | Zig:25   | Killed a juggernaut
102834 | Zig:25   | Killed a juggernaut
102834 | Zig:25   | Killed a juggernaut
102834 | Zig:25   | Killed a juggernaut
102834 | Zig:25   | Killed a juggernaut
102834 | Zig:25   | Killed a juggernaut
102834 | Zig:25   | Killed a juggernaut
102834 | Zig:25   | Killed a juggernaut
102834 | Zig:25   | Killed a juggernaut
102835 | Zig:25   | Killed a juggernaut
102835 | Zig:25   | Killed a juggernaut
102835 | Zig:25   | Killed a juggernaut
102836 | Zig:25   | Reached skill level 15 in Hexes
102836 | Zig:25   | Noticed a juggernaut
102836 | Zig:25   | Noticed a juggernaut
102836 | Zig:25   | Found the +8 lance "Wyrmbane" {slay drac, rPois rF+ rC+
                  | AC+3}
102837 | Zig:25   | Noticed a juggernaut
102838 | Zig:25   | Killed a juggernaut
102838 | Zig:25   | Killed a juggernaut
102838 | Zig:25   | Killed a juggernaut
102838 | Zig:25   | Killed a juggernaut
102838 | Zig:25   | Killed a juggernaut
102840 | Zig:25   | Killed a juggernaut
102840 | Zig:25   | Noticed a juggernaut
102847 | Zig:25   | Killed a juggernaut
102852 | Zig:25   | Killed a juggernaut
102879 | Zig:25   | Identified the +1 robe "Fatzejua" {rPois rF++ Int-2 Dex+2}
102886 | Zig:25   | Identified the +3 long sword of Punishment {vorpal, rElec
                  | rN+ Int+4}
102900 | Zig:25   | Identified the +9 great sword of Attainder {vorpal, Stlth+}
102905 | Zig:26   | Entered Level 26 of a ziggurat
102929 | Zig:26   | Noticed a juggernaut
102932 | Zig:26   | Noticed a juggernaut
102932 | Zig:26   | Noticed a juggernaut
102933 | Zig:26   | Noticed a juggernaut
102933 | Zig:26   | Noticed a juggernaut
102933 | Zig:26   | Noticed a juggernaut
102935 | Zig:26   | Killed a juggernaut
102935 | Zig:26   | Killed a juggernaut
102936 | Zig:26   | Noticed a juggernaut
102937 | Zig:26   | Noticed a juggernaut
102937 | Zig:26   | Noticed a juggernaut
102938 | Zig:26   | Killed a juggernaut
102938 | Zig:26   | Killed a juggernaut
102938 | Zig:26   | Killed a juggernaut
102938 | Zig:26   | Killed a juggernaut
102938 | Zig:26   | Noticed a juggernaut
102940 | Zig:26   | Noticed a juggernaut
102941 | Zig:26   | Killed a juggernaut
102942 | Zig:26   | Found the ring of the Octopus King
102942 | Zig:26   | Noticed a juggernaut
102943 | Zig:26   | Noticed a juggernaut
102945 | Zig:26   | Killed a juggernaut
102946 | Zig:26   | Killed a juggernaut
102958 | Zig:26   | Killed a juggernaut
102958 | Zig:26   | Killed a juggernaut
102958 | Zig:26   | Killed a juggernaut
102959 | Zig:26   | Killed a juggernaut
102998 | Zig:26   | Identified the +2 pair of boots "Wuczumy" {rPois Will+
                  | Int-3 Dex+4}
103000 | Zig:26   | Identified a ring of the Octopus King {Wiz HP+2 AC+2 EV+2
                  | SH+2}
103010 | Zig:26   | Identified the ring of the Red Skies {Fire rElec}
103013 | Zig:26   | Identified the ring "Soeneopn" {rPois Int+2}
103025 | Zig:26   | Identified the amulet of Het Xetiem {rPois Regen+}
103053 | Zig:26   | Identified the +6 scale mail "Legiarena" {rPois}
103061 | Zig:26   | Identified the +4 battleaxe of the Disturbing Planets
                  | {flame, rElec rPois Str+7}
103138 | Zig:27   | Entered Level 27 of a ziggurat
103187 | Zig:27   | Identified the ring of Egha {Will+ Str+3 Int+4}
103233 | Zig:27   | Identified the +1 robe of the Equinox {Harm Str+7}
103245 | Zig:27   | Identified the +4 plate armour "Qism" {Rampage rF+ Will-
                  | Str+5}
103402 | Zig:1    | Entered Level 1 of a ziggurat
103402 | Zig:1    | Noticed an orb of fire
103409 | Zig:1    | Killed an orb of fire
103451 | Zig:2    | Entered Level 2 of a ziggurat
103473 | Zig:3    | Entered Level 3 of a ziggurat
103473 | Zig:3    | Found the +6 lightning scales {swift, rElec}
103485 | Zig:4    | Entered Level 4 of a ziggurat
103515 | Zig:4    | Identified the +10 plate armour of the Loving Gods {Int+4
                  | SInv Stlth+}
103524 | Zig:5    | Entered Level 5 of a ziggurat
103529 | Zig:5    | Reached skill level 27 in Stealth
103550 | Zig:6    | Entered Level 6 of a ziggurat
103559 | Zig:6    | Identified the +0 dagger of Loziuba {speed, rN+ Str+6}
103565 | Zig:7    | Entered Level 7 of a ziggurat
103571 | Zig:7    | Noticed an ancient lich
103571 | Zig:7    | Found the +5 sword of Power {vorpal}
103576 | Zig:7    | Killed an ancient lich
103613 | Zig:8    | Entered Level 8 of a ziggurat
103632 | Zig:8    | Identified the +8 eveningstar "Uloceh" {vorpal, rF+ Dex+3}
103673 | Zig:9    | Entered Level 9 of a ziggurat
103678 | Zig:9    | Noticed an ancient lich
103678 | Zig:9    | Noticed an ancient lich
103678 | Zig:9    | Noticed a dread lich
103679 | Zig:9    | Noticed an ancient lich
103679 | Zig:9    | Noticed a dread lich
103679 | Zig:9    | Noticed an ancient lich
103679 | Zig:9    | Noticed an ancient lich
103680 | Zig:9    | Killed an ancient lich
103680 | Zig:9    | Killed an ancient lich
103680 | Zig:9    | Killed a dread lich
103680 | Zig:9    | Killed a dread lich
103681 | Zig:9    | Reached skill level 15 in Maces & Flails
103682 | Zig:9    | Killed an ancient lich
103682 | Zig:9    | Killed an ancient lich
103682 | Zig:9    | Killed an ancient lich
103719 | Zig:10   | Entered Level 10 of a ziggurat
103726 | Zig:10   | Noticed an ancient lich
103726 | Zig:10   | Noticed an ancient lich
103726 | Zig:10   | Noticed an ancient lich
103726 | Zig:10   | Noticed a dread lich
103727 | Zig:10   | Killed an ancient lich
103727 | Zig:10   | Killed a dread lich
103727 | Zig:10   | Killed an ancient lich
103727 | Zig:10   | Killed an ancient lich
103728 | Zig:10   | Reached skill level 15 in Polearms
103766 | Zig:10   | Identified the +6 rapier of Desperation {elec, Int+3
                  | Stlth+}
103798 | Zig:11   | Entered Level 11 of a ziggurat
103806 | Zig:11   | Noticed Tutaq the pandemonium lord
103806 | Zig:11   | Found the brooch of Shielding {Spirit SH+8}
103807 | Zig:11   | Killed Tutaq the pandemonium lord
103890 | Zig:11   | Acquired 1045 gold pieces
103891 | Zig:11   | Acquired 410 gold pieces
103910 | Zig:12   | Entered Level 12 of a ziggurat
103918 | Zig:12   | Found the macabre finger necklace {rN+}
103921 | Zig:12   | Reached skill level 15 in Axes
103930 | Zig:12   | Identified the +0 robe of Indecent Exposure {Harm rN+}
103933 | Zig:12   | Identified the ring "Xote" {rPois MP+9}
103936 | Zig:12   | Identified the +1 pair of boots of Koimetul {Harm rPois
                  | Stlth+}
103967 | Zig:12   | Identified the +1 chain mail of Deoliari {rN+ rCorr}
103968 | Zig:12   | Identified the +0 buckler "Hieni" {+Blink Regen+ Int-2
                  | Dex+2}
103971 | Zig:12   | Identified the amulet "Lymneg" {Acrobat rC+ Dex+4}
103989 | Zig:12   | Identified the ring "Vyjybath" {rElec rC+ Will+ Str-3 SInv}
104021 | Zig:13   | Entered Level 13 of a ziggurat
104027 | Zig:13   | Reached skill level 15 in Ranged Weapons
104078 | Zig:13   | Identified the +3 flail of Waoc Mai {speed, Dex+5 SInv}
104097 | Zig:14   | Entered Level 14 of a ziggurat
104116 | Zig:14   | Reached skill level 15 in Summonings
104116 | Zig:14   | Reached skill level 15 in Poison Magic
104164 | Zig:14   | Identified the +4 short sword of Gellot {vamp, rPois}
104170 | Zig:14   | Identified the +8 chain mail of Yesterday {rElec}
104214 | Zig:15   | Entered Level 15 of a ziggurat
104388 | Zig:15   | Identified the +5 broad axe of Elix {vorpal, Will+}
104404 | Zig:16   | Entered Level 16 of a ziggurat
104431 | Zig:16   | Identified the amulet of Arghe {Acrobat rF++ rCorr}
104478 | Zig:16   | Identified the +9 broad axe "Kuij" {vorpal, rF+ rC+}
104533 | Zig:17   | Entered Level 17 of a ziggurat
104571 | Zig:17   | Found the +7 Singing Sword {vorpal, sonic wave}
104573 | Zig:17   | Found the +4 moon troll leather armour {Spirit, Regen++
                  | MP+5}
104588 | Zig:17   | Identified the amulet "Lameweys" {RegenMP Harm rF+ rC-
                  | Will+++}
104593 | Zig:17   | Identified the +3 lajatang of Grandeur {freeze, rC++ rCorr
                  | Str-2 Dex+4}
104621 | Zig:17   | Identified the +1 cloak of Asceticism {rPois rF+ Str+4}
104629 | Zig:18   | Entered Level 18 of a ziggurat
104636 | Zig:18   | Noticed a juggernaut
104636 | Zig:18   | Noticed a juggernaut
104637 | Zig:18   | Noticed a juggernaut
104637 | Zig:18   | Noticed a juggernaut
104638 | Zig:18   | Noticed a juggernaut
104638 | Zig:18   | Killed a juggernaut
104638 | Zig:18   | Killed a juggernaut
104638 | Zig:18   | Killed a juggernaut
104638 | Zig:18   | Killed a juggernaut
104639 | Zig:18   | Reached skill level 15 in Unarmed Combat
104639 | Zig:18   | Reached skill level 15 in Translocations
104639 | Zig:18   | Noticed a juggernaut
104640 | Zig:18   | Killed a juggernaut
104641 | Zig:18   | Noticed a juggernaut
104642 | Zig:18   | Found the +8 demon blade "Leech" {vamp, Harm Drain rN+}
104643 | Zig:18   | Killed a juggernaut
104648 | Zig:18   | Killed a juggernaut
104679 | Zig:18   | Identified the ring of the Iron Devil {Ice rElec rPois
                  | Str+3}
104681 | Zig:18   | Identified the amulet of Paranoia {*Corrode Regen+ Str+7
                  | Stlth+}
104692 | Zig:19   | Entered Level 19 of a ziggurat
104701 | Zig:19   | Noticed a dread lich
104701 | Zig:19   | Noticed a dread lich
104703 | Zig:19   | Noticed an ancient lich
104703 | Zig:19   | Noticed a dread lich
104703 | Zig:19   | Noticed an ancient lich
104704 | Zig:19   | Noticed a dread lich
104704 | Zig:19   | Noticed an ancient lich
104704 | Zig:19   | Noticed a dread lich
104704 | Zig:19   | Noticed an ancient lich
104704 | Zig:19   | Noticed a dread lich
104705 | Zig:19   | Noticed an ancient lich
104705 | Zig:19   | Noticed an ancient lich
104705 | Zig:19   | Noticed a dread lich
104705 | Zig:19   | Noticed an ancient lich
104705 | Zig:19   | Noticed a dread lich
104705 | Zig:19   | Noticed an ancient lich
104706 | Zig:19   | Killed an ancient lich
104707 | Zig:19   | Noticed an ancient lich
104707 | Zig:19   | Noticed a dread lich
104707 | Zig:19   | Noticed a dread lich
104707 | Zig:19   | Noticed an ancient lich
104707 | Zig:19   | Noticed an ancient lich
104707 | Zig:19   | Noticed an ancient lich
104707 | Zig:19   | Noticed a dread lich
104707 | Zig:19   | Found the +3 pair of gauntlets of War {Slay+5}
104708 | Zig:19   | Killed a dread lich
104708 | Zig:19   | Killed a dread lich
104708 | Zig:19   | Killed a dread lich
104708 | Zig:19   | Killed an ancient lich
104708 | Zig:19   | Killed a dread lich
104708 | Zig:19   | Killed an ancient lich
104708 | Zig:19   | Killed an ancient lich
104708 | Zig:19   | Killed an ancient lich
104708 | Zig:19   | Killed a dread lich
104708 | Zig:19   | Killed an ancient lich
104708 | Zig:19   | Killed a dread lich
104709 | Zig:19   | Noticed an ancient lich
104709 | Zig:19   | Found the +4 Cigotuvi's embrace {rMiasma Drain rN+}
104710 | Zig:19   | Identified the +9 battleaxe "Ygrusmip" {pain, Contam rPois
                  | rC+ Int+3}
104711 | Zig:19   | Killed a dread lich
104711 | Zig:19   | Killed an ancient lich
104711 | Zig:19   | Killed an ancient lich
104711 | Zig:19   | Killed a dread lich
104711 | Zig:19   | Killed an ancient lich
104711 | Zig:19   | Killed a dread lich
104711 | Zig:19   | Killed a dread lich
104711 | Zig:19   | Killed an ancient lich
104711 | Zig:19   | Killed a dread lich
104715 | Zig:19   | Killed an ancient lich
104717 | Zig:19   | Killed an ancient lich
104717 | Zig:19   | Killed an ancient lich
104751 | Zig:19   | Acquired 1222 gold pieces
104780 | Zig:19   | Identified the ring "Qet Agong" {rPois MP+9}
104782 | Zig:19   | Identified the amulet of Xom's Full Attention {Faith rPois
                  | Str+3 Int+2 Slay+3}
104815 | Zig:19   | Identified the +3 plate armour of Imperfection {rC+ rCorr
                  | MP+9 Int+3}
104822 | Zig:19   | Identified the +7 mace of the Rescuing Genius {pain, rPois
                  | rF- Will+ Str+4}
104826 | Zig:19   | Identified the +0 chain mail of Bitterness {rPois rCorr
                  | Str-5 Int+6}
104835 | Zig:20   | Entered Level 20 of a ziggurat
104850 | Zig:20   | Found the +3 Mad Mage's Maulers {Infuse+∞ RegenMP Int-3}
104893 | Zig:20   | Identified the ring of the Cicada {Will++ SInv}
104907 | Zig:20   | Identified the +1 dagger "Leclauje" {drain, Dex+4}
104941 | Zig:20   | Identified the +5 plate armour "Niuxtiot" {rC++ rN+}
104942 | Zig:20   | Identified the +7 hand crossbow of Impeachment {elec,
                  | Int+3}
104955 | Zig:20   | Identified the +0 plate armour of the Butterfly {Int+3}
104965 | Zig:21   | Entered Level 21 of a ziggurat
105011 | Zig:21   | Noticed Hiqyfotuva the pandemonium lord
105018 | Zig:21   | Killed Hiqyfotuva the pandemonium lord
105025 | Zig:21   | Found the +3 greatsling "Punk" {acid, rCorr}
105027 | Zig:21   | Found the +12 pair of quick blades "Gyre" and "Gimble"
                  | {protect}
105028 | Zig:21   | Found the +8 storm bow {elec, penet}
105038 | Zig:21   | Identified the +0 glaive "Cicwos" {freeze, *Noise rF+ Int+2
                  | SInv}
105063 | Zig:21   | Identified the +0 morningstar of Propriety {freeze, Contam
                  | Will+ Str+4 Dex+3}
105086 | Zig:21   | Identified the +5 shortbow "Juippeos" {flame, rElec}
105092 | Zig:22   | Entered Level 22 of a ziggurat
105135 | Zig:22   | Noticed Teff the pandemonium lord
105140 | Zig:22   | Killed Teff the pandemonium lord
105294 | Zig:22   | Identified the ring of Asceticism {Fire rPois rN+ Str+2}
105304 | Zig:23   | Entered Level 23 of a ziggurat
105327 | Zig:23   | Noticed an ancient lich
105341 | Zig:23   | Killed an ancient lich
105366 | Zig:23   | Identified the ring of Perfectionism {rPois rF+ Dex+6}
105396 | Zig:23   | Identified the +9 plate armour of Verdant Beauty {Int+4}
105408 | Zig:23   | Identified the +1 ring mail of Divine Compulsion {+Inv
                  | Str+6 Int-4 Stlth+}
105414 | Zig:23   | Identified the +4 falchion of the Jocular God {vorpal,
                  | *Rage Fragile +Blink rF+++}
105417 | Zig:23   | Identified the ring "Zyever" {Fly rF+}
105420 | Zig:23   | Identified the ring "Filympoa" {Fire +Blink rElec}
105437 | Zig:23   | Identified the +9 flail "Picih" {vorpal, +Blink rPois rF-
                  | Int+4}
105450 | Zig:24   | Entered Level 24 of a ziggurat
105551 | Zig:24   | Identified the +8 long sword of Xiankaega {drain, Stlth+}
105558 | Zig:24   | Identified the +1 long sword "Mimol" {drain, rC+ Dex+2}
105559 | Zig:24   | Identified the +7 plate armour of the Nine Singing Bones
                  | {Contam rC- Dex+5}
105564 | Zig:24   | Identified the amulet "Olaluir" {Faith Int+3}
105567 | Zig:24   | Identified the +0 sling "Vyllo" {speed, rN+ Str+4}
105574 | Zig:25   | Entered Level 25 of a ziggurat
105606 | Zig:25   | Identified the +5 great sword of the Ghost {freeze, rElec
                  | Str-4 Dex+7 SInv}
105627 | Zig:25   | Identified the +10 chain mail of the Prince of Darkness
                  | {Str+6}
105639 | Zig:25   | Identified the +9 morningstar "Tosiast" {speed, rElec rC+
                  | Will+}
105643 | Zig:25   | Identified the +6 falchion of Tarhah {freeze, Fly rF+}
105701 | Zig:26   | Entered Level 26 of a ziggurat
105727 | Zig:26   | Noticed an ancient lich
105728 | Zig:26   | Killed an ancient lich
105769 | Zig:26   | Identified the +4 war axe "Rera Sadgh" {drain, Str+4 Dex+3}
105773 | Zig:26   | Identified the ring of Kothitu {rElec rC+ Str+3 Int+2}
105778 | Zig:26   | Identified the +7 flail of Vengeance {elec, rF+ Str-5
                  | Int+4}
105780 | Zig:26   | Identified the +6 morningstar "Licsoran" {antimagic, rCorr
                  | Str+6 Int-4}
105842 | Zig:26   | Identified the ring of Ucawysy {rElec MP+9 Int+2 Dex+4}
105932 | Zig:27   | Entered Level 27 of a ziggurat
105955 | Zig:27   | Noticed a dread lich
105955 | Zig:27   | Paralysed by accursed screaming for 1 turns
105961 | Zig:27   | Found the ring of Shadows {Umbra +Inv Stlth+}
105975 | Zig:27   | Killed a dread lich
105998 | Zig:27   | Identified the +3 scale mail of the Shimmering Gods {+Inv
                  | rC+ Stlth+}
106003 | Zig:27   | Identified the ring of Ogara {Will+ Int+3 Slay+2}
106008 | Zig:27   | Identified the amulet "Achocock" {Acrobat Int+4 Dex+4}
106010 | Zig:27   | Identified the +3 mace of Maepp {spect, *Slow rC+ rN+
                  | Str+4}
106017 | Zig:27   | Identified the ring of Moiria {+Blink Dex+6}
106050 | Zig:27   | Identified the +8 chain mail "Gararhym" {rC+ Regen+ Str-4
                  | Slay+4}
106151 | Hell     | Lost mutation: You are robust. (+10% HP) [potion of
                  | mutation]
106151 | Hell     | Lost mutation: You have a pair of antennae on your head.
                  | [potion of mutation]
106151 | Hell     | Gained mutation: You are frail. (-10% HP) [potion of
                  | mutation]
106152 | Hell     | Lost mutation: You have a pair of small antennae on your
                  | head. [potion of mutation]
106152 | Hell     | Lost mutation: You expend magic power (3 MP) to strengthen
                  | your wands. [potion of mutation]
106152 | Hell     | Lost mutation: You are frail. (-10% HP) [potion of
                  | mutation]
106152 | Hell     | Gained mutation: You are strong-willed. (Will+) [potion of
                  | mutation]
106152 | Hell     | Gained mutation: Armour fits poorly on your strangely
                  | shaped body. [potion of mutation]
106152 | Hell     | Gained mutation: Your system is resistant to poisons.
                  | (rPois) [potion of mutation]
106153 | Hell     | Lost mutation: Armour fits poorly on your strangely shaped
                  | body. [potion of mutation]
106153 | Hell     | Lost mutation: Your system is resistant to poisons. (rPois)
                  | [potion of mutation]
106153 | Hell     | Lost mutation: You are strong-willed. (Will+) [potion of
                  | mutation]
106153 | Hell     | Gained mutation: Your body sometimes deteriorates upon
                  | taking damage. [potion of mutation]
106153 | Hell     | Gained mutation: You have sharp toenails. [potion of
                  | mutation]
106153 | Hell     | Gained mutation: You have sharp fingernails. [potion of
                  | mutation]
106153 | Hell     | Gained mutation: You have very sharp fingernails. [potion
                  | of mutation]
106154 | Hell     | Lost mutation: You have sharp toenails. [potion of
                  | mutation]
106154 | Hell     | Lost mutation: Your body sometimes deteriorates upon taking
                  | damage. [potion of mutation]
106154 | Hell     | Lost mutation: You have very sharp fingernails. [potion of
                  | mutation]
106154 | Hell     | Gained mutation: Your spells are a little easier to cast,
                  | but a little less powerful. [potion of mutation]
106154 | Hell     | Gained mutation: Your spells are easier to cast, but less
                  | powerful. [potion of mutation]
106155 | Hell     | Lost mutation: Your spells are easier to cast, but less
                  | powerful. [potion of mutation]
106155 | Hell     | Lost mutation: Your spells are a little easier to cast, but
                  | a little less powerful. [potion of mutation]
106155 | Hell     | Lost mutation: You have sharp fingernails. [potion of
                  | mutation]
106155 | Hell     | Gained mutation: Your spells are a little easier to cast,
                  | but a little less powerful. [potion of mutation]
106155 | Hell     | Gained mutation: Your mind is acute. (Int +4, Str/Dex -1)
                  | [potion of mutation]
106155 | Hell     | Gained mutation: You have very sharp teeth. [potion of
                  | mutation]
106155 | Hell     | Gained mutation: You passively dampen the noise of your
                  | surroundings. [potion of mutation]
106156 | Hell     | Lost mutation: You have very sharp teeth. [potion of
                  | mutation]
106156 | Hell     | Lost mutation: You passively dampen the noise of your
                  | surroundings. [potion of mutation]
106156 | Hell     | Lost mutation: Your mind is acute. (Int +4, Str/Dex -1)
                  | [potion of mutation]
106156 | Hell     | Gained mutation: You are clumsy. (Dex -2) [potion of
                  | mutation]
106156 | Hell     | Gained mutation: Your flesh is heat resistant. (rF+)
                  | [potion of mutation]
106157 | Hell     | Lost mutation: Your flesh is heat resistant. (rF+) [potion
                  | of mutation]
106157 | Hell     | Lost mutation: Your spells are a little easier to cast, but
                  | a little less powerful. [potion of mutation]
106157 | Hell     | Gained mutation: You are frail. (-10% HP) [potion of
                  | mutation]
106157 | Hell     | Gained mutation: You expend magic power (3 MP) to
                  | strengthen your wands. [potion of mutation]
106157 | Hell     | Gained mutation: Your spells are a little easier to cast,
                  | but a little less powerful. [potion of mutation]
106157 | Hell     | Lost mutation: Your spells are a little easier to cast, but
                  | a little less powerful. [potion of mutation]
106158 | Hell     | Lost mutation: You expend magic power (3 MP) to strengthen
                  | your wands. [potion of mutation]
106158 | Hell     | Lost mutation: You are clumsy. (Dex -2) [potion of
                  | mutation]
106158 | Hell     | Gained mutation: Potions are less effective at restoring
                  | your health. [potion of mutation]
106158 | Hell     | Gained mutation: Your muscles are strong. (Str +4, Int/Dex
                  | -1) [potion of mutation]
106159 | Hell     | Lost mutation: Potions are less effective at restoring your
                  | health. [potion of mutation]
106159 | Hell     | Lost mutation: Your muscles are strong. (Str +4, Int/Dex
                  | -1) [potion of mutation]
106160 | Hell     | Lost mutation: You are frail. (-10% HP) [potion of
                  | mutation]
106160 | Hell     | Gained mutation: Your body sometimes deteriorates upon
                  | taking damage. [potion of mutation]
106160 | Hell     | Gained mutation: Your system is resistant to poisons.
                  | (rPois) [potion of mutation]
106160 | Hell     | Gained mutation: You have sharp toenails. [potion of
                  | mutation]
106161 | Hell     | Lost mutation: Your system is resistant to poisons. (rPois)
                  | [potion of mutation]
106161 | Hell     | Lost mutation: You have sharp toenails. [potion of
                  | mutation]
106161 | Hell     | Gained mutation: Armour fits poorly on your strangely
                  | shaped body. [potion of mutation]
106161 | Hell     | Gained mutation: You are robust. (+10% HP) [potion of
                  | mutation]
106162 | Hell     | Lost mutation: Your body sometimes deteriorates upon taking
                  | damage. [potion of mutation]
106162 | Hell     | Lost mutation: You are robust. (+10% HP) [potion of
                  | mutation]
106162 | Hell     | Lost mutation: Armour fits poorly on your strangely shaped
                  | body. [potion of mutation]
106162 | Hell     | Gained mutation: You passively dampen the noise of your
                  | surroundings. [potion of mutation]
106162 | Hell     | Gained mutation: Armour fits poorly on your strangely
                  | shaped body. [potion of mutation]
106162 | Hell     | Gained mutation: Your spells are a little harder to cast,
                  | but a little more powerful. [potion of mutation]
106163 | Hell     | Lost mutation: You passively dampen the noise of your
                  | surroundings. [potion of mutation]
106163 | Hell     | Lost mutation: Armour fits poorly on your strangely shaped
                  | body. [potion of mutation]
106163 | Hell     | Lost mutation: Your spells are a little harder to cast, but
                  | a little more powerful. [potion of mutation]
106163 | Hell     | Gained mutation: You are clumsy. (Dex -2) [potion of
                  | mutation]
106163 | Hell     | Gained mutation: You do not regenerate when monsters are
                  | visible. [potion of mutation]
106164 | Hell     | Lost mutation: You are clumsy. (Dex -2) [potion of
                  | mutation]
106164 | Hell     | Lost mutation: You do not regenerate when monsters are
                  | visible. [potion of mutation]
106164 | Hell     | Gained mutation: You occasionally shout uncontrollably at
                  | your foes. [potion of mutation]
106164 | Hell     | Gained mutation: You are partially covered in large bone
                  | plates. (SH +4) [potion of mutation]
106165 | Hell     | Lost mutation: You occasionally shout uncontrollably at
                  | your foes. [potion of mutation]
106165 | Hell     | Lost mutation: You are partially covered in large bone
                  | plates. (SH +4) [potion of mutation]
106165 | Hell     | Gained mutation: You have large cloven feet. [potion of
                  | mutation]
106165 | Hell     | Gained mutation: You have a pair of small horns on your
                  | head. [potion of mutation]
106165 | Hell     | Gained mutation: You passively dampen the noise of your
                  | surroundings. [potion of mutation]
106166 | Hell     | Lost mutation: You have a pair of small horns on your head.
                  | [potion of mutation]
106166 | Hell     | Lost mutation: You have large cloven feet. [potion of
                  | mutation]
106166 | Hell     | Lost mutation: You passively dampen the noise of your
                  | surroundings. [potion of mutation]
106166 | Hell     | Gained mutation: You are partially covered in large bone
                  | plates. (SH +4) [potion of mutation]
106166 | Hell     | Gained mutation: You are weak. (Str -2) [potion of
                  | mutation]
106167 | Hell     | Lost mutation: You are weak. (Str -2) [potion of mutation]
106167 | Hell     | Lost mutation: You are partially covered in large bone
                  | plates. (SH +4) [potion of mutation]
106167 | Hell     | Gained mutation: Your skin changes colour to match your
                  | surroundings (Stealth+). [potion of mutation]
106168 | Hell     | Lost mutation: Your skin changes colour to match your
                  | surroundings (Stealth+). [potion of mutation]
106168 | Hell     | Gained mutation: You are dopey. (Int -2) [potion of
                  | mutation]
106168 | Hell     | Lost mutation: You are dopey. (Int -2) [potion of mutation]
106168 | Hell     | Gained mutation: You are weak. (Str -2) [potion of
                  | mutation]
106168 | Hell     | Gained mutation: Your flesh is cold resistant. (rC+)
                  | [potion of mutation]
106169 | Hell     | Lost mutation: You are weak. (Str -2) [potion of mutation]
106169 | Hell     | Lost mutation: Your flesh is cold resistant. (rC+) [potion
                  | of mutation]
106169 | Hell     | Gained mutation: You are agile. (Dex +4, Str/Int -1)
                  | [potion of mutation]
106169 | Hell     | Gained mutation: Your magical capacity is low. (-10% MP)
                  | [potion of mutation]
106169 | Hell     | Gained mutation: You passively map a small area around you.
                  | [potion of mutation]
106169 | Hell     | Gained mutation: Your skin changes colour to match your
                  | surroundings (Stealth+). [potion of mutation]
106170 | Hell     | Lost mutation: Your magical capacity is low. (-10% MP)
                  | [potion of mutation]
106170 | Hell     | Lost mutation: You are agile. (Dex +4, Str/Int -1) [potion
                  | of mutation]
106170 | Hell     | Gained mutation: Your magical capacity is low. (-10% MP)
                  | [potion of mutation]
106171 | Hell     | Lost mutation: Your magical capacity is low. (-10% MP)
                  | [potion of mutation]
106171 | Hell     | Lost mutation: You passively map a small area around you.
                  | [potion of mutation]
106171 | Hell     | Lost mutation: Your skin changes colour to match your
                  | surroundings (Stealth+). [potion of mutation]
106171 | Hell     | Gained mutation: You have hidden genetic potential. [potion
                  | of mutation]
106171 | Hell     | Gained mutation: You are agile. (Dex +4, Str/Int -1)
                  | [potion of mutation]
106171 | Hell     | Gained mutation: You possess an exceptional clarity of
                  | mind. [potion of mutation]
106172 | Hell     | Lost mutation: You are agile. (Dex +4, Str/Int -1) [potion
                  | of mutation]
106172 | Hell     | Lost mutation: You possess an exceptional clarity of mind.
                  | [potion of mutation]
106172 | Hell     | Lost mutation: You have hidden genetic potential. [potion
                  | of mutation]
106172 | Hell     | Gained mutation: Your muscles are strong. (Str +4, Int/Dex
                  | -1) [potion of mutation]
106172 | Hell     | Gained mutation: Your mind is acute. (Int +4, Str/Dex -1)
                  | [potion of mutation]
106172 | Hell     | Gained mutation: Your flesh is cold resistant. (rC+)
                  | [potion of mutation]
106180 | Zig:1    | Entered Level 1 of a ziggurat
106190 | Zig:2    | Entered Level 2 of a ziggurat
106195 | Zig:2    | Identified the +6 whip of Doubt {flame, Str+4}
106198 | Zig:3    | Entered Level 3 of a ziggurat
106198 | Zig:3    | Noticed Kyxaack the pandemonium lord
106198 | Zig:3    | Noticed Jyaczaf the pandemonium lord
106198 | Zig:3    | Noticed Jiufead the pandemonium lord
106198 | Zig:3    | Noticed Vyuqeoss the pandemonium lord
106198 | Zig:3    | Found the +18 Lear's hauberk
106199 | Zig:3    | Killed Jyaczaf the pandemonium lord
106200 | Zig:3    | Killed Jiufead the pandemonium lord
106200 | Zig:3    | Killed Vyuqeoss the pandemonium lord
106210 | Zig:3    | Killed Kyxaack the pandemonium lord
106262 | Zig:4    | Entered Level 4 of a ziggurat
106305 | Zig:5    | Entered Level 5 of a ziggurat
106305 | Zig:5    | Noticed a juggernaut
106305 | Zig:5    | Noticed a juggernaut
106307 | Zig:5    | Killed a juggernaut
106307 | Zig:5    | Killed a juggernaut
106315 | Zig:5    | Identified the +5 scimitar of Benevolence {drain, rElec
                  | Str+2}
106318 | Zig:6    | Entered Level 6 of a ziggurat
106318 | Zig:6    | Noticed Polaczum's ghost (adept TrMo)
106319 | Zig:6    | Noticed deprived's ghost (legendary HOFi)
106319 | Zig:6    | Noticed Vuopse's ghost (legendary GnIE)
106319 | Zig:6    | Noticed Denobboc's ghost (legendary OpMo)
106319 | Zig:6    | Noticed SevenDeadlySins's ghost (legendary DrCj)
106319 | Zig:6    | Noticed Xatwola's ghost (legendary DDFi)
106319 | Zig:6    | Noticed WeeknightWizard's ghost (veteran DEFE)
106323 | Zig:6    | Killed WeeknightWizard's ghost
106323 | Zig:6    | Killed Polaczum's ghost
106324 | Zig:6    | Killed SevenDeadlySins's ghost
106325 | Zig:6    | Killed deprived's ghost
106325 | Zig:6    | Killed Xatwola's ghost
106325 | Zig:6    | Killed Denobboc's ghost
106325 | Zig:6    | Killed Vuopse's ghost
106399 | Zig:7    | Entered Level 7 of a ziggurat
106400 | Zig:7    | Noticed an ancient lich
106400 | Zig:7    | Noticed an ancient lich
106401 | Zig:7    | Noticed an ancient lich
106403 | Zig:7    | Killed an ancient lich
106403 | Zig:7    | Killed an ancient lich
106405 | Zig:7    | Killed an ancient lich
106413 | Zig:7    | Identified the +7 war axe of Magnificence {drain, Will+
                  | Stlth+}
106460 | Zig:8    | Entered Level 8 of a ziggurat
106460 | Zig:8    | Noticed a royal mummy
106460 | Zig:8    | Noticed a royal mummy
106460 | Zig:8    | Noticed a royal mummy
106460 | Zig:8    | Noticed a royal mummy
106461 | Zig:8    | Noticed a royal mummy
106461 | Zig:8    | Noticed a royal mummy
106461 | Zig:8    | Noticed a royal mummy
106462 | Zig:8    | Killed a royal mummy
106462 | Zig:8    | Killed a royal mummy
106462 | Zig:8    | Killed a royal mummy
106462 | Zig:8    | Killed a royal mummy
106462 | Zig:8    | Killed a royal mummy
106462 | Zig:8    | Noticed a royal mummy
106464 | Zig:8    | Killed a royal mummy
106464 | Zig:8    | Killed a royal mummy
106467 | Zig:8    | Killed a royal mummy
106492 | Zig:8    | Identified the +1 great sword of Fyiff {vorpal, rPois Will+
                  | Dex+4 SInv}
106527 | Zig:9    | Entered Level 9 of a ziggurat
106530 | Zig:9    | Noticed Tifoti the pandemonium lord
106530 | Zig:9    | Found the +5 lochaber axe {reach-cleave, poleaxe}
106531 | Zig:9    | Killed Tifoti the pandemonium lord
106543 | Zig:9    | Identified the +11 scimitar "Giant's Undoing" {drain, rElec
                  | Str+4}
106589 | Zig:10   | Entered Level 10 of a ziggurat
106590 | Zig:10   | Found the amulet of Elemental Vulnerability {rPois rF--
                  | rC-- AC+8}
106605 | Zig:10   | Identified the amulet of Avexoisu {Faith +Blink Str+2
                  | Int+3}
106622 | Zig:10   | Identified the ring of Meeschyhe {rCorr Str-3 Int+4 Slay+4}
106634 | Zig:10   | Identified the +7 falchion of Articulation {vorpal, rN+
                  | Int+5}
106639 | Zig:11   | Entered Level 11 of a ziggurat
106644 | Zig:11   | Found the +9 heavy crossbow "Sniper" {vorpal, Acc+∞ SInv}
106644 | Zig:11   | Found the ring of the Octopus King
106648 | Zig:11   | Identified a ring of the Octopus King {Fly HP+2 AC+2 EV+2
                  | SH+2}
106653 | Zig:11   | Identified the +1 flail of Reason {holy, rF+ Will+ Dex+5}
106662 | Zig:12   | Entered Level 12 of a ziggurat
106761 | Zig:13   | Entered Level 13 of a ziggurat
106768 | Zig:13   | Found the +0 pair of fencer's gloves {Riposte Dex+3}
106777 | Zig:13   | Identified the +2 robe of Bespelled Intercession {Harm MP+9
                  | Int-5}
106778 | Zig:13   | Identified the ring "Lykuros" {Fly rC+ rN+++}
106784 | Zig:13   | Identified the ring of Uskayaw's Generosity {rElec rCorr
                  | Str-3 Int+4 Dex+4}
106815 | Zig:14   | Entered Level 14 of a ziggurat
106823 | Zig:14   | Reached skill level 27 in Hexes
106843 | Zig:14   | Identified the +6 mace of Courage {drain, Int+5 Dex-4 SInv}
106846 | Zig:14   | Identified the +9 spear "Hior" {drain, Dex+5}
106853 | Zig:15   | Entered Level 15 of a ziggurat
106893 | Zig:15   | Identified the +0 scale mail "Araosed" {rN+ rCorr}
106912 | Zig:15   | Identified the +1 robe "Muitz" {*Corrode Int+2 SInv}
106937 | Zig:15   | Identified the +8 long sword of Wu Jian, Twisting {speed,
                  | *Slow Str+3 SInv}
106982 | Zig:16   | Entered Level 16 of a ziggurat
106991 | Zig:16   | Found the +7 Kryia's mail coat {PotionHeal*2 rC+}
106994 | Zig:16   | Reached skill level 27 in Long Blades
107043 | Zig:16   | Identified the ring "Luseiti" {MP+9 Str+3 Int+4}
107050 | Zig:16   | Identified the ring "Zirye" {rC+ rN+ rCorr}
107055 | Zig:16   | Identified the ring of the Three Mystics {rElec rN+ EV+4}
107076 | Zig:16   | Identified the +3 helmet of Tegreg {-Cast rF+ Str+9}
107192 | Zig:17   | Entered Level 17 of a ziggurat
107203 | Zig:17   | Identified the +0 chain mail of Slovenliness {rN+}
107203 | Zig:17   | Noticed an ancient lich
107203 | Zig:17   | Found the +8 demon trident "Rift" {distort, reach+}
107207 | Zig:17   | Killed an ancient lich
107218 | Zig:17   | Identified the +1 short sword of Wealth {protect, rPois
                  | Dex+4}
107225 | Zig:17   | Identified the ring "Nepoaff" {rPois Dex+5}
107231 | Zig:17   | Identified the ring "Vodonk" {rElec rN+ Will+ Int-4}
107237 | Zig:17   | Identified the +4 scimitar of Awne Norojee {freeze, Fragile
                  | Str+5}
107243 | Zig:17   | Identified the ring "Jeacit" {rN+ Will+ rCorr Dex-4 Slay+3}
107258 | Zig:17   | Identified the ring "Ureode" {Wiz rN+++ Str-3 Int+5}
107261 | Zig:17   | Identified the +12 flail of Uleuvvo {chaos, rF+ MP+9 Int+2}
107266 | Zig:17   | Identified the +10 crystal plate armour "Foocip" {*Corrode
                  | Str+6 Int+2 SInv}
107273 | Zig:17   | Identified the +6 ring mail of Wumy {Contam rCorr Str-2
                  | Stlth+}
107340 | Zig:18   | Entered Level 18 of a ziggurat
107355 | Zig:18   | Identified the +1 chain mail of Wu Jian's Inspiration
                  | {Str+7 Int+2 Stlth-}
107379 | Zig:18   | Identified the +0 crystal plate armour of Hamudd {rF+
                  | Dex+5}
107381 | Zig:18   | Identified the ring of the Grinning Coward {Wiz Drain
                  | Dex+5}
107384 | Zig:18   | Identified the ring "Vuih" {rF+ Slay+4}
107391 | Zig:18   | Identified the +0 robe of Ocall {+Blink rElec rCorr Str-2}
107489 | Zig:19   | Entered Level 19 of a ziggurat
107498 | Zig:19   | Found the +10 zealot's sword {holy, *Rage rN+ EV+3}
107508 | Zig:19   | Found the ring of the Octopus King
107508 | Zig:19   | Found the +14 obsidian axe {vorpal, Mesm Drain Fly SInv}
107550 | Zig:19   | Identified a ring of the Octopus King {rCorr HP+2 AC+2 EV+2
                  | SH+2}
107560 | Zig:20   | Entered Level 20 of a ziggurat
107569 | Zig:20   | Noticed a dread lich
107573 | Zig:20   | Killed a dread lich
107580 | Zig:20   | Reached skill level 27 in Axes
107605 | Zig:20   | Identified the +1 rapier "Cookie Cutter" {venom, *Rage rF+
                  | rCorr}
107623 | Zig:20   | Identified the +9 dagger of Curucey {flame, *Noise Str+7
                  | SInv}
107645 | Zig:20   | Identified the +2 helmet of the Dozen Knaves {+Blink rElec
                  | Will+ Dex-5}
107663 | Zig:20   | Identified the ring of Jaehuv {rF+ rN+ EV+4 Int-5 Dex+6}
107665 | Zig:20   | Identified the +5 scale mail of the Morning Star {*Slow rC-
                  | Str+3 Int+6}
107679 | Zig:20   | Identified the +7 glaive of Migh {chaos, Drain rC+ Str+3}
107689 | Zig:20   | Identified the +7 battleaxe of Light {protect, rElec Dex+3
                  | Stlth-}
107792 | Zig:21   | Entered Level 21 of a ziggurat
107800 | Zig:21   | Noticed a dread lich
107801 | Zig:21   | Noticed an ancient lich
107802 | Zig:21   | Noticed a dread lich
107802 | Zig:21   | Noticed a dread lich
107802 | Zig:21   | Noticed an ancient lich
107805 | Zig:21   | Killed an ancient lich
107805 | Zig:21   | Killed a dread lich
107805 | Zig:21   | Killed a dread lich
107805 | Zig:21   | Killed an ancient lich
107805 | Zig:21   | Noticed an ancient lich
107806 | Zig:21   | Noticed a dread lich
107806 | Zig:21   | Noticed an ancient lich
107806 | Zig:21   | Noticed an ancient lich
107806 | Zig:21   | Noticed a dread lich
107806 | Zig:21   | Noticed a dread lich
107806 | Zig:21   | Noticed an ancient lich
107806 | Zig:21   | Noticed a dread lich
107806 | Zig:21   | Noticed an ancient lich
107806 | Zig:21   | Noticed an ancient lich
107807 | Zig:21   | Killed a dread lich
107807 | Zig:21   | Killed a dread lich
107807 | Zig:21   | Killed an ancient lich
107807 | Zig:21   | Killed a dread lich
107807 | Zig:21   | Killed an ancient lich
107808 | Zig:21   | Noticed a dread lich
107808 | Zig:21   | Noticed an ancient lich
107808 | Zig:21   | Noticed a dread lich
107808 | Zig:21   | Killed an ancient lich
107809 | Zig:21   | Reached skill level 27 in Short Blades
107809 | Zig:21   | Killed an ancient lich
107809 | Zig:21   | Killed an ancient lich
107809 | Zig:21   | Killed a dread lich
107809 | Zig:21   | Killed a dread lich
107809 | Zig:21   | Killed a dread lich
107812 | Zig:21   | Killed an ancient lich
107812 | Zig:21   | Killed an ancient lich
107812 | Zig:21   | Killed a dread lich
107815 | Zig:21   | Reached skill level 27 in Maces & Flails
107858 | Zig:21   | Identified the +2 scale mail of Leapfrog {Harm rPois rN+
                  | Str-4}
107868 | Zig:21   | Identified the +10 scimitar of Anguish {drain, MP+9 Str+3}
107902 | Zig:21   | Identified the +5 halberd of the Forest {vamp, rF+}
107919 | Zig:21   | Identified the +3 leather armour "Cykhliex" {Drain Str+6}
107992 | Zig:22   | Entered Level 22 of a ziggurat
108010 | Zig:22   | Found the +10 morningstar "Eos" {elec, Halo rElec}
108012 | Zig:22   | Found the +3 salamander hide armour {Flames rF++ rC--}
108051 | Zig:22   | Identified the +3 lajatang of Greed {elec, rC+}
108058 | Zig:22   | Identified the amulet of the Forgotten Curses {Acrobat
                  | Will- Str+4 Int+5}
108061 | Zig:22   | Identified the ring "Hiwiwaq" {Fire rPois Str+4 SInv}
108072 | Zig:23   | Entered Level 23 of a ziggurat
108080 | Zig:23   | Noticed an ancient lich
108080 | Zig:23   | Noticed an ancient lich
108082 | Zig:23   | Noticed an ancient lich
108082 | Zig:23   | Noticed an ancient lich
108082 | Zig:23   | Noticed a dread lich
108082 | Zig:23   | Noticed an ancient lich
108083 | Zig:23   | Noticed a dread lich
108083 | Zig:23   | Noticed a dread lich
108083 | Zig:23   | Noticed an ancient lich
108083 | Zig:23   | Noticed a dread lich
108083 | Zig:23   | Noticed an ancient lich
108083 | Zig:23   | Noticed an ancient lich
108083 | Zig:23   | Noticed a dread lich
108083 | Zig:23   | Noticed an ancient lich
108083 | Zig:23   | Noticed a dread lich
108083 | Zig:23   | Noticed an ancient lich
108083 | Zig:23   | Noticed an ancient lich
108083 | Zig:23   | Noticed a dread lich
108084 | Zig:23   | Noticed an ancient lich
108084 | Zig:23   | Noticed an ancient lich
108084 | Zig:23   | Noticed a dread lich
108084 | Zig:23   | Noticed a dread lich
108085 | Zig:23   | Noticed a dread lich
108085 | Zig:23   | Noticed an ancient lich
108085 | Zig:23   | Noticed an ancient lich
108085 | Zig:23   | Noticed a dread lich
108086 | Zig:23   | Killed an ancient lich
108086 | Zig:23   | Killed an ancient lich
108086 | Zig:23   | Noticed a dread lich
108087 | Zig:23   | Reached skill level 27 in Polearms
108087 | Zig:23   | Noticed an ancient lich
108088 | Zig:23   | Noticed a dread lich
108089 | Zig:23   | Killed an ancient lich
108089 | Zig:23   | Killed a dread lich
108089 | Zig:23   | Killed a dread lich
108089 | Zig:23   | Killed an ancient lich
108089 | Zig:23   | Killed a dread lich
108089 | Zig:23   | Killed an ancient lich
108089 | Zig:23   | Killed a dread lich
108089 | Zig:23   | Killed a dread lich
108089 | Zig:23   | Killed a dread lich
108089 | Zig:23   | Killed a dread lich
108089 | Zig:23   | Killed a dread lich
108089 | Zig:23   | Killed an ancient lich
108089 | Zig:23   | Killed a dread lich
108089 | Zig:23   | Killed an ancient lich
108089 | Zig:23   | Killed a dread lich
108089 | Zig:23   | Killed an ancient lich
108089 | Zig:23   | Killed an ancient lich
108089 | Zig:23   | Killed an ancient lich
108089 | Zig:23   | Killed a dread lich
108089 | Zig:23   | Noticed a dread lich
108089 | Zig:23   | Noticed an ancient lich
108090 | Zig:23   | Reached skill level 27 in Summonings
108090 | Zig:23   | Reached skill level 27 in Poison Magic
108091 | Zig:23   | Killed an ancient lich
108091 | Zig:23   | Noticed an ancient lich
108092 | Zig:23   | Killed a dread lich
108092 | Zig:23   | Killed an ancient lich
108093 | Zig:23   | Killed an ancient lich
108095 | Zig:23   | Killed an ancient lich
108096 | Zig:23   | Reached skill level 27 in Ranged Weapons
108096 | Zig:23   | Killed an ancient lich
108097 | Zig:23   | Killed a dread lich
108097 | Zig:23   | Killed an ancient lich
108098 | Zig:23   | Killed an ancient lich
108103 | Zig:23   | Killed a dread lich
108109 | Zig:23   | Killed an ancient lich
108126 | Zig:23   | Identified the ring "Gaoklaw" {rF+ EV+4 Dex+7}
108134 | Zig:23   | Identified the amulet of Xuxis {Acrobat *Corrode rF++ rN+
                  | Int+2 SInv}
108146 | Zig:23   | Identified the +10 great sword of Terra Cotta {antimagic,
                  | Will+ rCorr}
108147 | Zig:23   | Identified the +6 war axe "Suefru" {venom, rN++}
108152 | Zig:24   | Entered Level 24 of a ziggurat
108169 | Zig:24   | Reached skill level 27 in Unarmed Combat
108169 | Zig:24   | Reached skill level 27 in Translocations
108192 | Zig:24   | Found the +0 mask of the Dragon {Will+ Slay+3 SInv}
108196 | Zig:24   | Identified the ring "Nuagaheu" {+Blink rPois rN+++ MP-9
                  | Stlth-}
108208 | Zig:24   | Identified the +7 dagger of the Saviour {protect, rC+++ rN+
                  | rCorr Str-3}
108223 | Zig:24   | Identified the +9 battleaxe of Xemed {freeze, +Blink rPois
                  | rC+ Dex+2}
108224 | Zig:24   | Identified the +0 scale mail of Servitude {Rampage Int+5
                  | Dex-3 Stlth+}
108275 | Zig:24   | Identified the +1 ring mail of Negligence {Harm rF+ Str-5
                  | Stlth+}
108278 | Zig:25   | Entered Level 25 of a ziggurat
108289 | Zig:25   | Noticed an ancient lich
108294 | Zig:25   | Killed an ancient lich
108297 | Zig:25   | Paralysed by accursed screaming for 2 turns
108348 | Zig:25   | Acquired 622 gold pieces
108349 | Zig:25   | Acquired 1101 gold pieces
108354 | Zig:25   | Identified the ring of the Messenger {EV+4 Str-2 Int+7
                  | Dex+4}
108363 | Zig:25   | Identified the +6 giant club of Gozag, Gazing {freeze,
                  | Str+3}
108386 | Zig:26   | Entered Level 26 of a ziggurat
108397 | Zig:26   | Noticed a dread lich
108399 | Zig:26   | Noticed a dread lich
108400 | Zig:26   | Noticed a dread lich
108400 | Zig:26   | Noticed a dread lich
108400 | Zig:26   | Noticed an ancient lich
108400 | Zig:26   | Noticed a dread lich
108400 | Zig:26   | Noticed a dread lich
108400 | Zig:26   | Noticed a dread lich
108401 | Zig:26   | Noticed a dread lich
108401 | Zig:26   | Noticed an ancient lich
108402 | Zig:26   | Killed a dread lich
108402 | Zig:26   | Noticed an ancient lich
108402 | Zig:26   | Noticed a dread lich
108403 | Zig:26   | Noticed a dread lich
108404 | Zig:26   | Noticed a dread lich
108405 | Zig:26   | Killed a dread lich
108405 | Zig:26   | Killed a dread lich
108405 | Zig:26   | Killed an ancient lich
108405 | Zig:26   | Killed a dread lich
108405 | Zig:26   | Killed a dread lich
108405 | Zig:26   | Killed an ancient lich
108405 | Zig:26   | Killed a dread lich
108405 | Zig:26   | Killed a dread lich
108405 | Zig:26   | Killed a dread lich
108405 | Zig:26   | Killed a dread lich
108405 | Zig:26   | Noticed an ancient lich
108405 | Zig:26   | Noticed a dread lich
108406 | Zig:26   | Noticed a dread lich
108407 | Zig:26   | Noticed a dread lich
108407 | Zig:26   | Killed an ancient lich
108408 | Zig:26   | Noticed an ancient lich
108408 | Zig:26   | Noticed a dread lich
108408 | Zig:26   | Noticed a dread lich
108408 | Zig:26   | Noticed a dread lich
108408 | Zig:26   | Noticed an ancient lich
108408 | Zig:26   | Noticed a dread lich
108408 | Zig:26   | Noticed a dread lich
108408 | Zig:26   | Noticed a dread lich
108409 | Zig:26   | Found the ring of the Octopus King
108409 | Zig:26   | Killed a dread lich
108410 | Zig:26   | Killed a dread lich
108410 | Zig:26   | Killed a dread lich
108410 | Zig:26   | Killed an ancient lich
108410 | Zig:26   | Killed an ancient lich
108410 | Zig:26   | Killed a dread lich
108410 | Zig:26   | Killed a dread lich
108410 | Zig:26   | Killed a dread lich
108410 | Zig:26   | Killed a dread lich
108410 | Zig:26   | Killed a dread lich
108410 | Zig:26   | Killed an ancient lich
108410 | Zig:26   | Killed a dread lich
108412 | Zig:26   | Killed a dread lich
108416 | Zig:26   | Killed a dread lich
108440 | Zig:26   | Identified a ring of the Octopus King {rC+ HP+2 AC+2 EV+2
                  | SH+2}
108448 | Zig:26   | Identified the ring of Astafoy {rPois rF+}
108460 | Zig:26   | Identified the +2 plate armour "Areiplos" {rN+}
108466 | Zig:26   | Identified the +6 scimitar of Yseqarph {venom, *Rage rC+
                  | rN+ Str+8}
108470 | Zig:26   | Identified the +1 ring mail "Puppu" {-Cast rElec Str+4}
108645 | Zig:27   | Entered Level 27 of a ziggurat
108657 | Zig:27   | Noticed an ancient lich
108657 | Zig:27   | Noticed an ancient lich
108657 | Zig:27   | Noticed a dread lich
108658 | Zig:27   | Noticed an ancient lich
108659 | Zig:27   | Noticed an ancient lich
108660 | Zig:27   | Noticed a dread lich
108660 | Zig:27   | Noticed an ancient lich
108661 | Zig:27   | Noticed a dread lich
108661 | Zig:27   | Noticed an ancient lich
108662 | Zig:27   | Noticed an ancient lich
108662 | Zig:27   | Noticed an ancient lich
108662 | Zig:27   | Noticed a dread lich
108662 | Zig:27   | Noticed a dread lich
108663 | Zig:27   | Killed an ancient lich
108663 | Zig:27   | Killed an ancient lich
108663 | Zig:27   | Killed an ancient lich
108663 | Zig:27   | Noticed a dread lich
108663 | Zig:27   | Noticed an ancient lich
108664 | Zig:27   | Noticed an ancient lich
108664 | Zig:27   | Noticed a dread lich
108665 | Zig:27   | Noticed an ancient lich
108665 | Zig:27   | Noticed a dread lich
108665 | Zig:27   | Found the amulet of the Four Winds {rN+ Will+++ Clar}
108666 | Zig:27   | Killed a dread lich
108666 | Zig:27   | Killed a dread lich
108666 | Zig:27   | Killed an ancient lich
108666 | Zig:27   | Killed a dread lich
108666 | Zig:27   | Killed an ancient lich
108666 | Zig:27   | Killed an ancient lich
108666 | Zig:27   | Killed an ancient lich
108667 | Zig:27   | Killed a dread lich
108668 | Zig:27   | Killed an ancient lich
108668 | Zig:27   | Noticed a dread lich
108669 | Zig:27   | Noticed a dread lich
108669 | Zig:27   | Noticed a dread lich
108669 | Zig:27   | Killed a dread lich
108670 | Zig:27   | Killed an ancient lich
108670 | Zig:27   | Killed a dread lich
108671 | Zig:27   | Killed an ancient lich
108671 | Zig:27   | Killed a dread lich
108671 | Zig:27   | Killed a dread lich
108671 | Zig:27   | Killed a dread lich
108671 | Zig:27   | Killed an ancient lich
108673 | Zig:27   | Killed a dread lich
108678 | Zig:27   | Killed a dread lich
108741 | Zig:27   | Identified the +1 cloak of Ompicso {rPois}
108757 | Zig:27   | Identified the +7 demon trident "Val Racw" {drain, rPois
                  | rN+ Dex+3 Stlth+}
108765 | Zig:27   | Identified the ring of Jureuck {Wiz rC- Int+3 Dex+3}
108771 | Zig:27   | Identified the ring of Qyfras {Wiz rN+}
109025 | Zig:1    | Entered Level 1 of a ziggurat
109032 | Zig:1    | Identified the +1 ring mail of Neps {Stlth+}
109038 | Zig:2    | Entered Level 2 of a ziggurat
109057 | Zig:3    | Entered Level 3 of a ziggurat
109063 | Zig:3    | Identified the ring "Ybezxasa" {rF- rC+ rN+ rCorr Int+6}
109071 | Zig:4    | Entered Level 4 of a ziggurat
109071 | Zig:4    | Noticed an orb of fire
109071 | Zig:4    | Noticed an orb of fire
109071 | Zig:4    | Noticed an orb of fire
109071 | Zig:4    | Noticed an orb of fire
109072 | Zig:4    | Noticed an orb of fire
109074 | Zig:4    | Killed an orb of fire
109075 | Zig:4    | Killed an orb of fire
109075 | Zig:4    | Killed an orb of fire
109076 | Zig:4    | Killed an orb of fire
109076 | Zig:4    | Killed an orb of fire
109149 | Zig:5    | Entered Level 5 of a ziggurat
109149 | Zig:5    | Noticed a juggernaut
109149 | Zig:5    | Noticed a juggernaut
109149 | Zig:5    | Noticed a juggernaut
109150 | Zig:5    | Noticed a juggernaut
109151 | Zig:5    | Killed a juggernaut
109151 | Zig:5    | Killed a juggernaut
109151 | Zig:5    | Killed a juggernaut
109151 | Zig:5    | Killed a juggernaut
109171 | Zig:5    | Identified the +11 hand axe "Ipris" {vorpal, Str+3}
109214 | Zig:6    | Entered Level 6 of a ziggurat
109238 | Zig:6    | Identified the +6 war axe "Fonge" {antimagic, rF+}
109288 | Zig:7    | Entered Level 7 of a ziggurat
109288 | Zig:7    | Noticed an ancient lich
109288 | Zig:7    | Noticed an ancient lich
109289 | Zig:7    | Noticed an ancient lich
109289 | Zig:7    | Noticed an ancient lich
109289 | Zig:7    | Noticed an ancient lich
109289 | Zig:7    | Noticed an ancient lich
109290 | Zig:7    | Killed an ancient lich
109290 | Zig:7    | Killed an ancient lich
109290 | Zig:7    | Killed an ancient lich
109292 | Zig:7    | Killed an ancient lich
109293 | Zig:7    | Killed an ancient lich
109295 | Zig:7    | Killed an ancient lich
109298 | Zig:7    | Identified the ring of Suspected Treachery {Fly rElec rC-
                  | Will+++ Str+4}
109344 | Zig:8    | Entered Level 8 of a ziggurat
109349 | Zig:8    | Noticed a dread lich
109350 | Zig:8    | Paralysed by accursed screaming for 1 turns
109353 | Zig:8    | Killed a dread lich
109391 | Zig:8    | Identified the +7 morningstar "Xoerch" {vamp, Fly rN+}
109408 | Zig:8    | Identified the +8 trident of the Desert {vorpal, Int+5}
109409 | Zig:8    | Identified the +7 morningstar "Biuguir" {vorpal, Int+3
                  | Dex+3 SInv}
109410 | Zig:8    | Identified the +4 double sword of Offence {vamp, Str+4
                  | Int+2}
109412 | Zig:8    | Identified the +1 ring mail "Etioczud" {Harm rPois Slay-4}
109446 | Zig:9    | Entered Level 9 of a ziggurat
109450 | Zig:9    | Found the +13 scythe of Curses {drain, Drain}
109485 | Zig:9    | Identified the +10 sling "Ement" {venom, Fly}
109491 | Zig:9    | Identified the +1 robe of Inviolability {Stlth+}
109545 | Zig:10   | Entered Level 10 of a ziggurat
109546 | Zig:10   | Noticed an orb of fire
109547 | Zig:10   | Noticed an orb of fire
109547 | Zig:10   | Noticed an orb of fire
109547 | Zig:10   | Noticed an orb of fire
109547 | Zig:10   | Noticed an orb of fire
109547 | Zig:10   | Noticed an orb of fire
109547 | Zig:10   | Noticed an orb of fire
109547 | Zig:10   | Noticed an orb of fire
109547 | Zig:10   | Noticed an orb of fire
109548 | Zig:10   | Noticed an orb of fire
109551 | Zig:10   | Killed an orb of fire
109551 | Zig:10   | Killed an orb of fire
109551 | Zig:10   | Killed an orb of fire
109551 | Zig:10   | Killed an orb of fire
109552 | Zig:10   | Killed an orb of fire
109554 | Zig:10   | Killed an orb of fire
109554 | Zig:10   | Killed an orb of fire
109555 | Zig:10   | Killed an orb of fire
109555 | Zig:10   | Killed an orb of fire
109555 | Zig:10   | Killed an orb of fire
109558 | Zig:10   | Identified the +0 helmet "Gosuf" {+Inv}
109562 | Zig:10   | Identified the ring "Qijyanae" {EV+4 Dex+7}
109676 | Zig:11   | Entered Level 11 of a ziggurat
109701 | Zig:12   | Entered Level 12 of a ziggurat
109704 | Zig:12   | Noticed an ancient lich
109705 | Zig:12   | Noticed an ancient lich
109705 | Zig:12   | Noticed an ancient lich
109705 | Zig:12   | Noticed a dread lich
109705 | Zig:12   | Noticed a dread lich
109706 | Zig:12   | Killed a dread lich
109706 | Zig:12   | Killed an ancient lich
109706 | Zig:12   | Killed an ancient lich
109707 | Zig:12   | Noticed an ancient lich
109709 | Zig:12   | Killed an ancient lich
109709 | Zig:12   | Killed an ancient lich
109709 | Zig:12   | Killed a dread lich
109720 | Zig:12   | Identified the ring of Wimitt {Fire Will+}
109806 | Zig:13   | Entered Level 13 of a ziggurat
109809 | Zig:13   | Noticed an ancient lich
109810 | Zig:13   | Noticed an ancient lich
109810 | Zig:13   | Noticed a dread lich
109810 | Zig:13   | Noticed an ancient lich
109810 | Zig:13   | Noticed an ancient lich
109810 | Zig:13   | Noticed a dread lich
109810 | Zig:13   | Noticed a dread lich
109810 | Zig:13   | Noticed an ancient lich
109811 | Zig:13   | Killed a dread lich
109812 | Zig:13   | Noticed an ancient lich
109812 | Zig:13   | Noticed a dread lich
109812 | Zig:13   | Noticed a dread lich
109812 | Zig:13   | Noticed a dread lich
109812 | Zig:13   | Noticed an ancient lich
109813 | Zig:13   | Noticed an ancient lich
109815 | Zig:13   | Killed an ancient lich
109815 | Zig:13   | Killed an ancient lich
109815 | Zig:13   | Killed a dread lich
109815 | Zig:13   | Killed a dread lich
109815 | Zig:13   | Killed an ancient lich
109815 | Zig:13   | Killed an ancient lich
109816 | Zig:13   | Identified the ring "Ucwei" {rC+ rCorr}
109817 | Zig:13   | Killed an ancient lich
109818 | Zig:13   | Killed a dread lich
109818 | Zig:13   | Killed an ancient lich
109819 | Zig:13   | Killed an ancient lich
109819 | Zig:13   | Killed an ancient lich
109820 | Zig:13   | Killed a dread lich
109820 | Zig:13   | Killed a dread lich
109825 | Zig:13   | Identified the +7 quarterstaff of Causality {spect, rF-
                  | rCorr Int+2 Dex+2}
109829 | Zig:13   | Identified the ring "Qovatuom" {Ice Int+3}
109833 | Zig:13   | Identified the ring of Vuracuga {*Slow rF+ rC+ Int+2
                  | Slay+3}
109849 | Zig:13   | Identified the +7 battleaxe "Miacam" {vorpal, Int+4 Dex+2}
109854 | Zig:13   | Identified the +0 cloak of Insecurity {rPois rC+ Stlth+}
109889 | Zig:13   | Identified the +6 rapier of Yredelemnul's Whim {vorpal,
                  | rCorr}
109937 | Zig:14   | Entered Level 14 of a ziggurat
109948 | Zig:14   | Found the +9 staff of Wucad Mu {*channel}
109966 | Zig:14   | Identified the +2 war axe "Maarch" {vorpal, Int+6 Dex-5}
109974 | Zig:15   | Entered Level 15 of a ziggurat
110003 | Zig:15   | Identified the ring "Qopi" {Wiz *Slow Fly rElec}
110006 | Zig:15   | Identified the ring of Sotiwup {rF+ Will+ Int+4}
110026 | Zig:16   | Entered Level 16 of a ziggurat
110036 | Zig:16   | Identified the +10 long sword of a treasure trove {freeze,
                  | rF+ rN+ Str+3}
110048 | Zig:16   | Identified the amulet of Bixkiv {Reflect rCorr SH+5}
110063 | Zig:16   | Identified the amulet of Beoraes Cud {Spirit Str+5 Int+2
                  | Stlth-}
110213 | Zig:17   | Entered Level 17 of a ziggurat
110216 | Zig:17   | Noticed a royal mummy
110216 | Zig:17   | Noticed a royal mummy
110217 | Zig:17   | Noticed a royal mummy
110217 | Zig:17   | Noticed a royal mummy
110217 | Zig:17   | Noticed a royal mummy
110217 | Zig:17   | Noticed a royal mummy
110217 | Zig:17   | Noticed a royal mummy
110217 | Zig:17   | Noticed a royal mummy
110217 | Zig:17   | Noticed a royal mummy
110217 | Zig:17   | Noticed a royal mummy
110217 | Zig:17   | Noticed a royal mummy
110217 | Zig:17   | Noticed a royal mummy
110217 | Zig:17   | Noticed a royal mummy
110217 | Zig:17   | Noticed a royal mummy
110218 | Zig:17   | Killed a royal mummy
110218 | Zig:17   | Killed a royal mummy
110218 | Zig:17   | Killed a royal mummy
110218 | Zig:17   | Killed a royal mummy
110218 | Zig:17   | Killed a royal mummy
110218 | Zig:17   | Killed a royal mummy
110218 | Zig:17   | Killed a royal mummy
110218 | Zig:17   | Killed a royal mummy
110218 | Zig:17   | Killed a royal mummy
110218 | Zig:17   | Killed a royal mummy
110218 | Zig:17   | Killed a royal mummy
110218 | Zig:17   | Killed a royal mummy
110220 | Zig:17   | Noticed a royal mummy
110220 | Zig:17   | Noticed a royal mummy
110220 | Zig:17   | Noticed a royal mummy
110220 | Zig:17   | Noticed a royal mummy
110220 | Zig:17   | Noticed a royal mummy
110221 | Zig:17   | Killed a royal mummy
110221 | Zig:17   | Killed a royal mummy
110221 | Zig:17   | Killed a royal mummy
110221 | Zig:17   | Killed a royal mummy
110222 | Zig:17   | Noticed a royal mummy
110222 | Zig:17   | Noticed a royal mummy
110222 | Zig:17   | Noticed a royal mummy
110223 | Zig:17   | Killed a royal mummy
110223 | Zig:17   | Noticed a royal mummy
110223 | Zig:17   | Noticed a royal mummy
110224 | Zig:17   | Killed a royal mummy
110224 | Zig:17   | Killed a royal mummy
110224 | Zig:17   | Noticed a royal mummy
110225 | Zig:17   | Killed a royal mummy
110225 | Zig:17   | Killed a royal mummy
110226 | Zig:17   | Killed a royal mummy
110226 | Zig:17   | Killed a royal mummy
110226 | Zig:17   | Killed a royal mummy
110226 | Zig:17   | Killed a royal mummy
110249 | Zig:17   | Found the +2 hood of the Assassin {Detection Stab+ Stlth++}
110249 | Zig:17   | Found the +10 tower shield of Ignorance {rN+ Int-4}
110255 | Zig:17   | Identified the ring "Fyamo" {Int+2 SInv}
110295 | Zig:17   | Identified the +11 halberd of the Hidden Vale {vorpal, rC+
                  | Dex+3}
110304 | Zig:17   | Identified the +4 glaive "Pecsoim" {flame, rPois rC+ rN+++
                  | Dex-4}
110319 | Zig:17   | Identified the +7 scimitar of Amorality {elec, rElec MP+9}
110400 | Zig:18   | Entered Level 18 of a ziggurat
110405 | Zig:18   | Noticed an ancient lich
110406 | Zig:18   | Noticed an ancient lich
110406 | Zig:18   | Noticed a dread lich
110406 | Zig:18   | Noticed an ancient lich
110406 | Zig:18   | Noticed an ancient lich
110406 | Zig:18   | Noticed a dread lich
110407 | Zig:18   | Noticed a dread lich
110407 | Zig:18   | Noticed an ancient lich
110407 | Zig:18   | Noticed a dread lich
110407 | Zig:18   | Noticed a dread lich
110408 | Zig:18   | Killed a dread lich
110408 | Zig:18   | Killed a dread lich
110408 | Zig:18   | Killed a dread lich
110408 | Zig:18   | Killed an ancient lich
110408 | Zig:18   | Killed a dread lich
110409 | Zig:18   | Noticed a dread lich
110409 | Zig:18   | Noticed a dread lich
110410 | Zig:18   | Killed an ancient lich
110410 | Zig:18   | Killed an ancient lich
110410 | Zig:18   | Killed an ancient lich
110411 | Zig:18   | Noticed a dread lich
110412 | Zig:18   | Killed a dread lich
110413 | Zig:18   | Killed an ancient lich
110415 | Zig:18   | Killed a dread lich
110415 | Zig:18   | Killed a dread lich
110416 | Zig:18   | Killed a dread lich
110439 | Zig:18   | Identified the ring "Gatul" {Fly rElec rC+ Will- Int+8}
110452 | Zig:19   | Entered Level 19 of a ziggurat
110456 | Zig:19   | Noticed a juggernaut
110458 | Zig:19   | Noticed a juggernaut
110458 | Zig:19   | Noticed a juggernaut
110458 | Zig:19   | Noticed a juggernaut
110459 | Zig:19   | Noticed a juggernaut
110461 | Zig:19   | Noticed a juggernaut
110461 | Zig:19   | Noticed a juggernaut
110462 | Zig:19   | Noticed a juggernaut
110462 | Zig:19   | Noticed a juggernaut
110462 | Zig:19   | Noticed a juggernaut
110462 | Zig:19   | Found the +5 robe of Night {Dark Will+ SInv}
110463 | Zig:19   | Noticed a juggernaut
110463 | Zig:19   | Killed a juggernaut
110463 | Zig:19   | Killed a juggernaut
110463 | Zig:19   | Killed a juggernaut
110463 | Zig:19   | Killed a juggernaut
110463 | Zig:19   | Killed a juggernaut
110463 | Zig:19   | Killed a juggernaut
110464 | Zig:19   | Noticed a juggernaut
110464 | Zig:19   | Found the +5 demon whip "Spellbinder" {antimagic, Will+}
110465 | Zig:19   | Killed a juggernaut
110465 | Zig:19   | Killed a juggernaut
110465 | Zig:19   | Killed a juggernaut
110465 | Zig:19   | Killed a juggernaut
110469 | Zig:19   | Killed a juggernaut
110475 | Zig:19   | Killed a juggernaut
110492 | Zig:19   | Identified the ring of Abstinence {+Blink Fly Int+6 Slay+3}
110501 | Zig:19   | Identified the +11 battleaxe of Makhleb, Conjuring {freeze,
                  | Int+7}
110502 | Zig:19   | Identified the +1 leather armour "Mipo" {rElec rC+ Will-
                  | Int+5}
110503 | Zig:19   | Identified the +1 pair of gloves "Vuefra" {Rampage *Corrode
                  | rPois Str+6}
110505 | Zig:19   | Identified the ring "Mobowid" {+Blink rF- rC++ rCorr Str+6}
110513 | Zig:20   | Entered Level 20 of a ziggurat
110561 | Zig:20   | Identified the amulet "Cuhoducam" {Faith Str-4 Int-5 Dex+5
                  | Slay+3}
110565 | Zig:20   | Identified the ring "Lahife Gysk" {Fire rPois Dex+3}
110568 | Zig:20   | Identified the amulet "Git Ash" {RegenMP Int+5}
110574 | Zig:20   | Identified the +9 plate armour of Tenacity {rN+}
110583 | Zig:20   | Identified the ring "Bukhle" {rPois rC+ Str-4 Int+4 Stlth+}
110598 | Zig:20   | Identified the +4 ring mail "Lychej" {rPois rN+ MP+9}
110609 | Zig:20   | Identified the +8 long sword of the Dark Horse {flame,
                  | rElec rCorr Str+2 Stlth+}
110774 | Zig:21   | Entered Level 21 of a ziggurat
110852 | Zig:21   | Identified the ring of Yendor {rCorr Str+7}
110863 | Zig:21   | Identified the +0 robe of Trial and Error {Int+6 Dex-4
                  | SInv}
110885 | Zig:21   | Identified the +10 scimitar "Kew Zept" {drain, Drain Will+
                  | Int+4 Dex+4}
110901 | Zig:21   | Identified the +3 glaive of Context {antimagic, +Blink
                  | rPois rC+}
111025 | Zig:22   | Entered Level 22 of a ziggurat
111037 | Zig:22   | Found the +5 robe of Misfortune {Harm *Corrode *Slow EV+5}
111076 | Zig:22   | Identified the ring "Ositwun" {+Blink rCorr Int+2 Dex+2
                  | Slay-3}
111106 | Zig:22   | Identified the +1 leather armour of Wotrutix {Will- Str+3
                  | Dex+3}
111111 | Zig:22   | Identified the +10 long sword of the Asp {venom, Dex+2
                  | Stlth+}
111180 | Zig:23   | Entered Level 23 of a ziggurat
111332 | Zig:23   | Identified the +9 battleaxe "Ytitaetz" {vorpal, rC++ Int+4}
111483 | Zig:24   | Entered Level 24 of a ziggurat
111494 | Zig:24   | Noticed an ancient lich
111496 | Zig:24   | Noticed an ancient lich
111496 | Zig:24   | Noticed an ancient lich
111496 | Zig:24   | Noticed an ancient lich
111496 | Zig:24   | Noticed an ancient lich
111497 | Zig:24   | Killed an ancient lich
111498 | Zig:24   | Noticed an ancient lich
111499 | Zig:24   | Noticed an ancient lich
111499 | Zig:24   | Noticed an ancient lich
111499 | Zig:24   | Noticed an ancient lich
111499 | Zig:24   | Noticed an ancient lich
111500 | Zig:24   | Found the +10 dark maul {vorpal}
111500 | Zig:24   | Killed an ancient lich
111501 | Zig:24   | Killed an ancient lich
111501 | Zig:24   | Killed an ancient lich
111501 | Zig:24   | Killed an ancient lich
111501 | Zig:24   | Killed an ancient lich
111501 | Zig:24   | Killed an ancient lich
111501 | Zig:24   | Killed an ancient lich
111501 | Zig:24   | Killed an ancient lich
111502 | Zig:24   | Noticed an ancient lich
111503 | Zig:24   | Killed an ancient lich
111503 | Zig:24   | Killed an ancient lich
111585 | Zig:24   | Identified the ring of Heotig {*Corrode rF+ AC+4 Int+5}
111639 | Zig:24   | Identified the +0 scimitar "Cysedurirch" {vorpal, Contam
                  | +Blink Fly rPois}
111668 | Zig:24   | Identified the ring "Vegiun" {rPois rC+ rN+ Str-3}
111677 | Zig:24   | Identified the +1 ring mail "Tyt Pyuv" {Fly rN+ Int+4 Dex+4
                  | Slay-2}
111763 | Zig:25   | Entered Level 25 of a ziggurat
111770 | Zig:25   | Paralysed by an air elemental for 1 turns
111777 | Zig:25   | Found the ring of the Octopus King
111806 | Zig:25   | Identified a ring of the Octopus King {rF+ HP+2 AC+2 EV+2
                  | SH+2}
111813 | Zig:26   | Entered Level 26 of a ziggurat
111821 | Zig:26   | Noticed a royal mummy
111821 | Zig:26   | Noticed a royal mummy
111821 | Zig:26   | Noticed a royal mummy
111822 | Zig:26   | Noticed a royal mummy
111822 | Zig:26   | Noticed a royal mummy
111822 | Zig:26   | Noticed a royal mummy
111823 | Zig:26   | Noticed a royal mummy
111823 | Zig:26   | Noticed a royal mummy
111823 | Zig:26   | Noticed a royal mummy
111823 | Zig:26   | Noticed a royal mummy
111823 | Zig:26   | Noticed a royal mummy
111823 | Zig:26   | Noticed a royal mummy
111824 | Zig:26   | Noticed a royal mummy
111824 | Zig:26   | Noticed a royal mummy
111824 | Zig:26   | Noticed a royal mummy
111824 | Zig:26   | Noticed a royal mummy
111825 | Zig:26   | Noticed a royal mummy
111826 | Zig:26   | Killed a royal mummy
111826 | Zig:26   | Killed a royal mummy
111826 | Zig:26   | Killed a royal mummy
111826 | Zig:26   | Killed a royal mummy
111826 | Zig:26   | Killed a royal mummy
111826 | Zig:26   | Killed a royal mummy
111826 | Zig:26   | Killed a royal mummy
111826 | Zig:26   | Killed a royal mummy
111826 | Zig:26   | Killed a royal mummy
111826 | Zig:26   | Killed a royal mummy
111826 | Zig:26   | Killed a royal mummy
111826 | Zig:26   | Killed a royal mummy
111826 | Zig:26   | Noticed a royal mummy
111826 | Zig:26   | Noticed a royal mummy
111826 | Zig:26   | Noticed a royal mummy
111827 | Zig:26   | Noticed a royal mummy
111827 | Zig:26   | Noticed a royal mummy
111827 | Zig:26   | Noticed a royal mummy
111827 | Zig:26   | Noticed a royal mummy
111827 | Zig:26   | Noticed a royal mummy
111827 | Zig:26   | Noticed a royal mummy
111827 | Zig:26   | Noticed a royal mummy
111827 | Zig:26   | Noticed a royal mummy
111827 | Zig:26   | Noticed a royal mummy
111827 | Zig:26   | Noticed a royal mummy
111828 | Zig:26   | Killed a royal mummy
111828 | Zig:26   | Killed a royal mummy
111828 | Zig:26   | Killed a royal mummy
111828 | Zig:26   | Killed a royal mummy
111828 | Zig:26   | Killed a royal mummy
111828 | Zig:26   | Killed a royal mummy
111828 | Zig:26   | Killed a royal mummy
111828 | Zig:26   | Killed a royal mummy
111828 | Zig:26   | Noticed a royal mummy
111829 | Zig:26   | Noticed a royal mummy
111829 | Zig:26   | Noticed a royal mummy
111829 | Zig:26   | Noticed a royal mummy
111829 | Zig:26   | Noticed a royal mummy
111829 | Zig:26   | Noticed a royal mummy
111829 | Zig:26   | Noticed a royal mummy
111829 | Zig:26   | Noticed a royal mummy
111829 | Zig:26   | Noticed a royal mummy
111830 | Zig:26   | Noticed a royal mummy
111830 | Zig:26   | Noticed a royal mummy
111830 | Zig:26   | Noticed a royal mummy
111830 | Zig:26   | Noticed a royal mummy
111830 | Zig:26   | Noticed a royal mummy
111830 | Zig:26   | Noticed a royal mummy
111830 | Zig:26   | Noticed a royal mummy
111830 | Zig:26   | Found the ring of the Octopus King
111831 | Zig:26   | Killed a royal mummy
111831 | Zig:26   | Killed a royal mummy
111831 | Zig:26   | Killed a royal mummy
111831 | Zig:26   | Killed a royal mummy
111831 | Zig:26   | Killed a royal mummy
111831 | Zig:26   | Killed a royal mummy
111831 | Zig:26   | Killed a royal mummy
111831 | Zig:26   | Killed a royal mummy
111831 | Zig:26   | Killed a royal mummy
111831 | Zig:26   | Killed a royal mummy
111831 | Zig:26   | Killed a royal mummy
111831 | Zig:26   | Killed a royal mummy
111831 | Zig:26   | Killed a royal mummy
111831 | Zig:26   | Killed a royal mummy
111831 | Zig:26   | Killed a royal mummy
111832 | Zig:26   | Killed a royal mummy
111832 | Zig:26   | Noticed a royal mummy
111833 | Zig:26   | Killed a royal mummy
111833 | Zig:26   | Killed a royal mummy
111833 | Zig:26   | Killed a royal mummy
111833 | Zig:26   | Killed a royal mummy
111833 | Zig:26   | Killed a royal mummy
111833 | Zig:26   | Killed a royal mummy
111833 | Zig:26   | Killed a royal mummy
111833 | Zig:26   | Noticed a royal mummy
111833 | Zig:26   | Noticed a royal mummy
111833 | Zig:26   | Noticed a royal mummy
111834 | Zig:26   | Killed a royal mummy
111834 | Zig:26   | Killed a royal mummy
111834 | Zig:26   | Noticed a royal mummy
111834 | Zig:26   | Noticed a royal mummy
111835 | Zig:26   | Killed a royal mummy
111835 | Zig:26   | Noticed a royal mummy
111836 | Zig:26   | Noticed a royal mummy
111836 | Zig:26   | Noticed a royal mummy
111836 | Zig:26   | Noticed a dread lich
111836 | Zig:26   | Noticed a royal mummy
111837 | Zig:26   | Killed a royal mummy
111837 | Zig:26   | Killed a royal mummy
111837 | Zig:26   | Killed a royal mummy
111837 | Zig:26   | Killed a royal mummy
111837 | Zig:26   | Killed a royal mummy
111838 | Zig:26   | Noticed a royal mummy
111838 | Zig:26   | Noticed a royal mummy
111839 | Zig:26   | Killed a royal mummy
111839 | Zig:26   | Killed a dread lich
111840 | Zig:26   | Noticed a royal mummy
111841 | Zig:26   | Noticed a royal mummy
111841 | Zig:26   | Noticed a royal mummy
111841 | Zig:26   | Noticed a royal mummy
111841 | Zig:26   | Killed a royal mummy
111841 | Zig:26   | Killed a royal mummy
111842 | Zig:26   | Killed a royal mummy
111845 | Zig:26   | Killed a royal mummy
111845 | Zig:26   | Killed a royal mummy
111845 | Zig:26   | Killed a royal mummy
111848 | Zig:26   | Killed a royal mummy
111850 | Zig:26   | Killed a royal mummy
111850 | Zig:26   | Killed a royal mummy
111851 | Zig:26   | Killed a royal mummy
111878 | Zig:26   | Identified the ring of Mionorgh {rPois rC+ Int+4}
111880 | Zig:26   | Identified a ring of the Octopus King {HP+2 AC+2 EV+2 SH+2
                  | SInv}
111888 | Zig:26   | Identified the ring of Ivvyryun {Fly Will+ Dex+4}
111892 | Zig:26   | Identified the +5 battleaxe of Vejumocu {venom, Will+}
111893 | Zig:26   | Identified the +12 whip of Ashenzari's Hatred {vorpal,
                  | Int+3 SInv}
111894 | Zig:26   | Identified the ring "Wug Suplo" {Fly rN+}
111896 | Zig:26   | Identified the amulet of Aciduib {RegenMP Dex+4}
111903 | Zig:26   | Identified the +10 quarterstaff of Fate {holy, rN+}
111905 | Zig:26   | Identified the amulet "Ucudux" {Reflect Will+ SH+5 SInv}
111925 | Zig:27   | Entered Level 27 of a ziggurat
111940 | Zig:27   | Found the +6 Majin-Bo {vamp, MP+6 Int+6}
111974 | Zig:27   | Identified the ring of Interdependent Arising {rC+ Will+
                  | Str-2 Int+3 Dex+4}
111975 | Zig:27   | Identified the ring "Udwa Ale" {rElec MP+9}
111976 | Zig:27   | Identified the ring "Sesokh" {Wiz rElec rPois Int+2}
111978 | Zig:27   | Identified the +8 dagger of Dithmenos, Howling {flame,
                  | *Noise Will+ Dex+4}
111980 | Zig:27   | Acquired 913 gold pieces
112000 | Zig:27   | Identified the +4 glaive of Mordant Indomitability {freeze,
                  | rPois rF+}
112002 | Zig:27   | Identified the +5 spear of Qesodi {venom, rElec Str+2
                  | Dex-3}
112006 | Zig:27   | Identified the +11 whip of the Candle {holy, rN+}
112007 | Zig:27   | Identified the +4 falchion "Rofedghee" {vorpal, rElec rF+
                  | rN+++ Dex+4}
112188 | Zig:1    | Entered Level 1 of a ziggurat
112188 | Zig:1    | Noticed a royal mummy
112188 | Zig:1    | Noticed a royal mummy
112190 | Zig:1    | Killed a royal mummy
112192 | Zig:1    | Killed a royal mummy
112202 | Zig:2    | Entered Level 2 of a ziggurat
112202 | Zig:2    | Noticed an ancient lich
112205 | Zig:2    | Killed an ancient lich
112215 | Zig:3    | Entered Level 3 of a ziggurat
112226 | Zig:3    | Identified the +8 falchion of Integrity {flame, Str+3}
112230 | Zig:4    | Entered Level 4 of a ziggurat
112238 | Zig:4    | Identified the +8 executioner's axe "Ripestre" {venom,
                  | Str+6 Int+6}
112241 | Zig:4    | Identified the ring of Ratiowe {MP+9 Dex+4}
112246 | Zig:4    | Identified the ring "Kiych" {Dex+7 SInv}
112262 | Zig:5    | Entered Level 5 of a ziggurat
112269 | Zig:5    | Identified the +5 triple sword "Plog" {speed, MP+9}
112305 | Zig:6    | Entered Level 6 of a ziggurat
112305 | Zig:6    | Noticed a juggernaut
112305 | Zig:6    | Noticed a juggernaut
112305 | Zig:6    | Noticed a juggernaut
112306 | Zig:6    | Noticed a juggernaut
112306 | Zig:6    | Noticed a juggernaut
112307 | Zig:6    | Killed a juggernaut
112307 | Zig:6    | Killed a juggernaut
112307 | Zig:6    | Killed a juggernaut
112307 | Zig:6    | Killed a juggernaut
112308 | Zig:6    | Killed a juggernaut
112319 | Zig:7    | Entered Level 7 of a ziggurat
112330 | Zig:7    | Identified the ring of Pride {Fly Str+6}
112337 | Zig:7    | Identified the ring "Ilutz" {Fly rF+ Will++ Slay-4}
112341 | Zig:7    | Identified the +7 broad axe of Oraloopt {freeze, rN+ Will-
                  | Dex+2 SInv}
112344 | Zig:8    | Entered Level 8 of a ziggurat
112354 | Zig:8    | Identified the +0 fire dragon scales of Generosity {Harm
                  | rF++ rC- Str+6 Dex-2}
112360 | Zig:9    | Entered Level 9 of a ziggurat
112364 | Zig:9    | Noticed an ancient lich
112364 | Zig:9    | Noticed an ancient lich
112365 | Zig:9    | Killed an ancient lich
112365 | Zig:9    | Killed an ancient lich
112374 | Zig:9    | Identified the +4 robe of Ironlogy {rF++ Int-5}
112377 | Zig:9    | Identified the +8 chain mail of the Glamorous Tuna {SInv}
112382 | Zig:10   | Entered Level 10 of a ziggurat
112385 | Zig:10   | Found the +8 mithril axe "Arga" {speed, Will+}
112413 | Zig:10   | Identified the amulet of Ruwotusk {Spirit -Cast Harm Str+4
                  | Dex+8}
112431 | Zig:11   | Entered Level 11 of a ziggurat
112438 | Zig:11   | Found the +2 Maxwell's thermic engine {flame, freeze}
112462 | Zig:12   | Entered Level 12 of a ziggurat
112466 | Zig:12   | Found the +7 lajatang of Order {silver, rMut}
112466 | Zig:12   | Paralysed by an air elemental for 1 turns
112490 | Zig:12   | Identified the ring of Discord {rPois rF+ Str-5 Dex+6
                  | Stlth+}
112500 | Zig:12   | Identified the +2 dagger "Itsim" {freeze, Int+2 Stlth+}
112501 | Zig:12   | Identified the ring of Grace {Will+ SInv}
112518 | Zig:13   | Entered Level 13 of a ziggurat
112520 | Zig:13   | Noticed a juggernaut
112520 | Zig:13   | Noticed a juggernaut
112520 | Zig:13   | Noticed a juggernaut
112520 | Zig:13   | Noticed a juggernaut
112520 | Zig:13   | Noticed a juggernaut
112520 | Zig:13   | Noticed a juggernaut
112520 | Zig:13   | Noticed a juggernaut
112520 | Zig:13   | Noticed a juggernaut
112521 | Zig:13   | Killed a juggernaut
112521 | Zig:13   | Killed a juggernaut
112521 | Zig:13   | Killed a juggernaut
112521 | Zig:13   | Killed a juggernaut
112521 | Zig:13   | Killed a juggernaut
112521 | Zig:13   | Killed a juggernaut
112521 | Zig:13   | Noticed a juggernaut
112522 | Zig:13   | Noticed a juggernaut
112522 | Zig:13   | Noticed a juggernaut
112522 | Zig:13   | Found the +7 Throatcutter {drain, coup de grace}
112522 | Zig:13   | Killed a juggernaut
112527 | Zig:13   | Killed a juggernaut
112527 | Zig:13   | Killed a juggernaut
112528 | Zig:13   | Killed a juggernaut
112528 | Zig:13   | Killed a juggernaut
112530 | Zig:13   | Noticed a juggernaut
112531 | Zig:13   | Killed a juggernaut
112540 | Zig:13   | Identified the amulet of Fuagenem {rElec rC- Regen+ MP+9
                  | Str+10}
112586 | Zig:14   | Entered Level 14 of a ziggurat
112620 | Zig:14   | Identified the amulet "Bewu" {RegenMP Dex+3}
112642 | Zig:15   | Entered Level 15 of a ziggurat
112652 | Zig:15   | Found the +8 trident of the Octopus King {venom, rElec
                  | rPois}
112652 | Zig:15   | Found the +7 staff of the Meek {protect, meekguard}
112677 | Zig:15   | Identified the ring "Pest" {rC+ Str+6}
112689 | Zig:15   | Identified the ring of the Blind Eye {rF+ rN+ Slay+2}
112724 | Zig:16   | Entered Level 16 of a ziggurat
112733 | Zig:16   | Found the +9 sword of Zonguldrok {reap}
112733 | Zig:16   | Identified the +6 chain mail of the King of the Hill
                  | {+Blink rElec rN+ Will+ Int-2}
112775 | Abyss:6  | Cast into level 6 of the Abyss (unwielding a weapon of
                  | distortion)
112776 | Abyss:7  | Entered Level 7 of the Abyss
112778 | Abyss:7  | Found a basalt altar of Yredelemnul.
112857 | Abyss:7  | Found a basalt altar of Yredelemnul.
112887 | Abyss:7  | Paralysed by accursed screaming for 1 turns
112909 | Zig:16   | Escaped the Abyss
112927 | Zig:16   | Identified the +8 spear of Courage {vorpal, rN+ Will+
                  | Dex+2}
112966 | Zig:16   | Identified the +3 kite shield of Leaves {Int+5 Stlth+}
112971 | Zig:16   | Identified the +4 demon blade of Causality {venom, rPois
                  | Will+}
112973 | Zig:16   | Identified the +6 flail "Qisoso" {vorpal, Dex+4}
112974 | Zig:16   | Identified the +10 demon blade of the Pyrrhic Victory
                  | {vamp, rCorr Str+2}
112985 | Zig:16   | Identified the +1 leather armour of Filth {rPois Dex+2}
113030 | Zig:17   | Entered Level 17 of a ziggurat
113033 | Zig:17   | Noticed a dread lich
113034 | Zig:17   | Noticed an ancient lich
113034 | Zig:17   | Noticed a dread lich
113034 | Zig:17   | Noticed a dread lich
113034 | Zig:17   | Noticed an ancient lich
113035 | Zig:17   | Noticed a dread lich
113035 | Zig:17   | Noticed a dread lich
113036 | Zig:17   | Killed a dread lich
113036 | Zig:17   | Noticed a dread lich
113037 | Zig:17   | Noticed an ancient lich
113037 | Zig:17   | Noticed an ancient lich
113037 | Zig:17   | Noticed an ancient lich
113037 | Zig:17   | Noticed a dread lich
113037 | Zig:17   | Noticed an ancient lich
113037 | Zig:17   | Noticed an ancient lich
113037 | Zig:17   | Noticed an ancient lich
113038 | Zig:17   | Noticed an ancient lich
113041 | Zig:17   | Killed an ancient lich
113041 | Zig:17   | Killed a dread lich
113041 | Zig:17   | Killed an ancient lich
113041 | Zig:17   | Killed an ancient lich
113041 | Zig:17   | Killed a dread lich
113042 | Zig:17   | Killed an ancient lich
113042 | Zig:17   | Killed an ancient lich
113042 | Zig:17   | Killed an ancient lich
113042 | Zig:17   | Killed an ancient lich
113042 | Zig:17   | Killed an ancient lich
113042 | Zig:17   | Killed an ancient lich
113042 | Zig:17   | Killed a dread lich
113042 | Zig:17   | Noticed a dread lich
113045 | Zig:17   | Killed a dread lich
113045 | Zig:17   | Killed a dread lich
113045 | Zig:17   | Noticed a dread lich
113049 | Zig:17   | Killed a dread lich
113049 | Zig:17   | Killed a dread lich
113058 | Zig:17   | Killed a dread lich
113077 | Zig:17   | Identified the ring of Vodka {EV+4 Dex+4}
113085 | Zig:17   | Identified the ring "Edogipheriv" {*Slow rElec rF+ rCorr
                  | Dex+6}
113088 | Zig:17   | Identified the ring "Setaev" {rPois rN+ rCorr Str-2}
113099 | Zig:17   | Identified the ring "Mujiuqeo" {rPois rCorr Int-4 Slay+2}
113112 | Zig:17   | Identified the +6 trident of Gozag's Vengeance {holy, rF+
                  | Stlth+}
113218 | Zig:18   | Entered Level 18 of a ziggurat
113275 | Zig:18   | Identified the +1 leather armour "Othreoraemu" {rF+ rC+
                  | Will+}
113281 | Zig:18   | Identified the +0 dire flail of World's End {flame, rF- rN+
                  | Will+ rCorr}
113287 | Zig:19   | Entered Level 19 of a ziggurat
113329 | Zig:19   | Identified the ring "Datikior" {rN+ SInv}
113355 | Zig:19   | Identified the ring "Runojatiom" {rElec rPois MP+9 Str+8
                  | Dex-3}
113366 | Zig:20   | Entered Level 20 of a ziggurat
113376 | Zig:20   | Noticed a dread lich
113376 | Zig:20   | Noticed an ancient lich
113376 | Zig:20   | Noticed an ancient lich
113376 | Zig:20   | Noticed a dread lich
113376 | Zig:20   | Noticed an ancient lich
113376 | Zig:20   | Noticed a dread lich
113376 | Zig:20   | Noticed a dread lich
113376 | Zig:20   | Noticed a dread lich
113376 | Zig:20   | Noticed a dread lich
113376 | Zig:20   | Noticed a dread lich
113376 | Zig:20   | Noticed a dread lich
113377 | Zig:20   | Killed an ancient lich
113377 | Zig:20   | Killed an ancient lich
113377 | Zig:20   | Killed an ancient lich
113377 | Zig:20   | Killed a dread lich
113377 | Zig:20   | Killed a dread lich
113377 | Zig:20   | Killed a dread lich
113377 | Zig:20   | Killed a dread lich
113378 | Zig:20   | Killed a dread lich
113378 | Zig:20   | Killed a dread lich
113378 | Zig:20   | Killed a dread lich
113379 | Zig:20   | Noticed a dread lich
113379 | Zig:20   | Noticed an ancient lich
113380 | Zig:20   | Noticed a dread lich
113380 | Zig:20   | Noticed a dread lich
113381 | Zig:20   | Identified the amulet "Hyz Mech" {RegenMP rElec rC+ Str+3}
113381 | Zig:20   | Noticed a dread lich
113381 | Zig:20   | Noticed a dread lich
113381 | Zig:20   | Killed a dread lich
113381 | Zig:20   | Noticed an ancient lich
113382 | Zig:20   | Killed a dread lich
113382 | Zig:20   | Killed a dread lich
113382 | Zig:20   | Killed an ancient lich
113382 | Zig:20   | Killed a dread lich
113382 | Zig:20   | Killed an ancient lich
113382 | Zig:20   | Killed a dread lich
113394 | Zig:20   | Killed a dread lich
113416 | Zig:21   | Entered Level 21 of a ziggurat
113450 | Zig:21   | Identified the +1 great sword "Narid" {pain, rPois rF+}
113456 | Zig:21   | Identified the +1 ring mail "Mymussek" {rC+ Regen+}
113457 | Zig:21   | Identified the ring of Sucruth {rC+ Stlth+}
113461 | Zig:21   | Identified the ring "Ucvirayg" {rF+ Str+3}
113497 | Zig:22   | Entered Level 22 of a ziggurat
113506 | Zig:22   | Noticed a dread lich
113506 | Zig:22   | Noticed an ancient lich
113506 | Zig:22   | Noticed a dread lich
113506 | Zig:22   | Noticed a dread lich
113506 | Zig:22   | Noticed an ancient lich
113506 | Zig:22   | Noticed a dread lich
113507 | Zig:22   | Noticed an ancient lich
113507 | Zig:22   | Noticed a dread lich
113507 | Zig:22   | Noticed an ancient lich
113507 | Zig:22   | Noticed a dread lich
113507 | Zig:22   | Noticed a dread lich
113508 | Zig:22   | Noticed an ancient lich
113508 | Zig:22   | Noticed a dread lich
113508 | Zig:22   | Noticed a dread lich
113508 | Zig:22   | Noticed a dread lich
113509 | Zig:22   | Noticed a dread lich
113509 | Zig:22   | Noticed an ancient lich
113510 | Zig:22   | Killed an ancient lich
113510 | Zig:22   | Killed a dread lich
113510 | Zig:22   | Killed a dread lich
113510 | Zig:22   | Killed an ancient lich
113510 | Zig:22   | Killed a dread lich
113510 | Zig:22   | Killed a dread lich
113510 | Zig:22   | Noticed an ancient lich
113510 | Zig:22   | Noticed an ancient lich
113510 | Zig:22   | Noticed a dread lich
113511 | Zig:22   | Noticed an ancient lich
113511 | Zig:22   | Noticed an ancient lich
113511 | Zig:22   | Noticed a dread lich
113511 | Zig:22   | Noticed an ancient lich
113511 | Zig:22   | Noticed a dread lich
113511 | Zig:22   | Noticed a dread lich
113512 | Zig:22   | Noticed an ancient lich
113512 | Zig:22   | Noticed an ancient lich
113513 | Zig:22   | Killed an ancient lich
113513 | Zig:22   | Killed a dread lich
113513 | Zig:22   | Killed an ancient lich
113513 | Zig:22   | Killed a dread lich
113513 | Zig:22   | Killed an ancient lich
113513 | Zig:22   | Killed an ancient lich
113513 | Zig:22   | Killed an ancient lich
113513 | Zig:22   | Killed a dread lich
113513 | Zig:22   | Killed a dread lich
113513 | Zig:22   | Killed a dread lich
113513 | Zig:22   | Killed a dread lich
113513 | Zig:22   | Killed a dread lich
113514 | Zig:22   | Noticed an ancient lich
113514 | Zig:22   | Noticed an ancient lich
113514 | Zig:22   | Noticed an ancient lich
113514 | Zig:22   | Noticed an ancient lich
113514 | Zig:22   | Noticed a dread lich
113515 | Zig:22   | Killed a dread lich
113515 | Zig:22   | Killed an ancient lich
113515 | Zig:22   | Killed an ancient lich
113516 | Zig:22   | Killed an ancient lich
113516 | Zig:22   | Killed a dread lich
113516 | Zig:22   | Killed a dread lich
113516 | Zig:22   | Killed an ancient lich
113516 | Zig:22   | Killed an ancient lich
113516 | Zig:22   | Killed an ancient lich
113516 | Zig:22   | Killed a dread lich
113516 | Zig:22   | Killed an ancient lich
113518 | Zig:22   | Killed an ancient lich
113518 | Zig:22   | Killed an ancient lich
113518 | Zig:22   | Killed a dread lich
113523 | Zig:22   | Identified the amulet of Diprian {Spirit Harm}
113525 | Zig:22   | Identified the ring "Ygeyga Taiwk" {*Corrode Drain rC+ rN++
                  | Dex+8 SInv}
113526 | Zig:22   | Identified the ring of Afiroopp {rElec rN+ Str+4 SInv}
113557 | Zig:22   | Identified the ring of Henoeqats {rElec rPois rCorr MP+9
                  | Int-5}
113570 | Zig:22   | Identified the +1 falchion of Ruus Ele {vorpal, rElec rC-
                  | rN+}
113577 | Zig:22   | Identified the +8 shortbow of Issiviq {flame, rC++}
113718 | Zig:23   | Entered Level 23 of a ziggurat
113732 | Zig:23   | Paralysed by a floating eye for 2 turns
113752 | Zig:23   | Identified the amulet "Ewiqei" {Spirit rElec rC+ Dex+4}
113782 | Zig:23   | Identified the +10 morningstar of Interdependent Arising
                  | {freeze, Str+4 Int+2 Dex+4}
113793 | Zig:24   | Entered Level 24 of a ziggurat
113853 | Zig:24   | Identified the +1 leather armour "Noid" {+Blink rPois Str-4
                  | Int-4}
113855 | Zig:24   | Identified the ring "Mozozxod" {rPois rCorr Str-5 Int+3
                  | SInv}
113860 | Zig:24   | Identified the ring of Idawkoix {Str+6 Slay+4}
113974 | Zig:24   | Identified the +7 halberd "Bieg" {drain, Drain rPois rC+
                  | Int+3}
113979 | Zig:25   | Entered Level 25 of a ziggurat
114003 | Zig:25   | Identified the +8 halberd of Zin's Regard {flame, *Noise
                  | rN++ Str+3 Dex+3}
114027 | Zig:25   | Identified the ring of Surprise {+Blink rF+ rC- Dex+6}
114043 | Zig:25   | Identified the +0 pair of gloves of Perfidy {Str+3}
114070 | Zig:25   | Identified the +3 lajatang of the Original Sin {vorpal,
                  | Str+3}
114137 | Zig:26   | Entered Level 26 of a ziggurat
114156 | Zig:26   | Found the +8 frozen axe "Frostbite" {freezing cloud, *Noise
                  | Fly rC+}
114156 | Zig:26   | Found the +3 pair of mountain boots {steadfast, rC+}
114166 | Abyss:7  | Entered Level 7 of the Abyss
114166 | Abyss:7  | Cast into level 7 of the Abyss (unwielding a weapon of
                  | distortion)
114216 | Abyss:7  | Paralysed by accursed screaming for 1 turns
114256 | Abyss:7  | Paralysed by accursed screaming for 1 turns
114288 | Zig:26   | Escaped the Abyss
114430 | Zig:26   | Identified the +0 falchion of Untimely Demise {vorpal,
                  | *Corrode rC+ rN+ Int+5}
114445 | Zig:27   | Entered Level 27 of a ziggurat
114457 | Zig:27   | Found the +8 Wrath of Trog {antimagic, *Rage Rampage}
114460 | Zig:27   | Found the +6 shillelagh "Devastator" {shatter}
114460 | Zig:27   | Found the +3 hat of Pondering {ponderous, Will+ MP+10
                  | Int+5}
114462 | Zig:27   | Found the +4 dagger "Morg" {pain, Will+ Int+5}
114478 | Zig:27   | Paralysed by a floating eye for 4 turns
114547 | Zig:27   | Identified the +9 rapier "Jocy" {venom, Fly Str+2 Dex+4}
114574 | Zig:27   | Identified the +7 short sword "Erae" {freeze, Str+6 Stlth+}
114586 | Zig:27   | Identified the +4 shortbow "Fafuotti" {venom, rPois rF+
                  | Str+2}
114587 | Zig:27   | Identified the +4 war axe of the Gloaming {vorpal, Fly
                  | rElec rN+ Dex-2}
114588 | Zig:27   | Identified the +7 sling of Compulsion {flame, Will+ Dex+2}
114599 | Zig:27   | Identified the +1 chain mail of the Shouting Gods {rElec
                  | rN++ Str+7}
114606 | Zig:27   | Identified the +4 falchion "Uvupeut" {vorpal, Int+4}
114618 | Zig:27   | Identified the +1 crystal plate armour "Yduingea" {rC+
                  | Str+4 SInv}
114813 | Zig:1    | Entered Level 1 of a ziggurat
114838 | Zig:2    | Entered Level 2 of a ziggurat
114839 | Zig:2    | Noticed a juggernaut
114842 | Zig:2    | Killed a juggernaut
114859 | Zig:2    | Identified the +9 glaive of Kofawk {antimagic, Fly SInv}
114875 | Zig:3    | Entered Level 3 of a ziggurat
114894 | Zig:3    | Identified the +1 scale mail "Cehiacoq" {Fly rF+ rCorr
                  | Dex-3}
114898 | Zig:4    | Entered Level 4 of a ziggurat
114908 | Zig:4    | Identified the ring of Abstinence {rPois rC+ Str+5}
114911 | Zig:4    | Identified the +1 robe of Wu Jian {Dex+2}
114914 | Zig:5    | Entered Level 5 of a ziggurat
114914 | Zig:5    | Noticed a royal mummy
114914 | Zig:5    | Noticed a royal mummy
114914 | Zig:5    | Noticed a royal mummy
114914 | Zig:5    | Noticed a royal mummy
114915 | Zig:5    | Killed a royal mummy
114915 | Zig:5    | Killed a royal mummy
114915 | Zig:5    | Killed a royal mummy
114915 | Zig:5    | Killed a royal mummy
114943 | Zig:6    | Entered Level 6 of a ziggurat
114946 | Zig:6    | Found the +2 shield of Resistance {rF++ rC++ Will++}
114950 | Zig:6    | Identified the ring of Dawn {+Blink rF+ Int+5 Stlth+}
115007 | Zig:7    | Entered Level 7 of a ziggurat
115015 | Zig:7    | Noticed Daatouhe the pandemonium lord
115022 | Zig:7    | Killed Daatouhe the pandemonium lord
115041 | Zig:8    | Entered Level 8 of a ziggurat
115050 | Zig:8    | Noticed Zefimodi the pandemonium lord
115055 | Zig:8    | Killed Zefimodi the pandemonium lord
115085 | Zig:9    | Entered Level 9 of a ziggurat
115092 | Zig:9    | Found the +2 ratskin cloak {*Rats rPois rN+ Str-1 Int-1
                  | Dex+1}
115122 | Zig:9    | Identified the +1 rapier "Ipsekoco" {spect, Str+4}
115153 | Zig:10   | Entered Level 10 of a ziggurat
115156 | Zig:10   | Found the +3 woodcutter's axe {vorpal}
115164 | Zig:10   | Identified the ring "Gyfec" {Ice Int+6}
115183 | Zig:10   | Identified the amulet "Moed" {Harm Regen+}
115198 | Zig:10   | Identified the +9 quarterstaff of Dawn {vorpal, *Corrode
                  | Str+2 Int+4 Dex+2}
115217 | Zig:11   | Entered Level 11 of a ziggurat
115217 | Zig:11   | Noticed Moykk the pandemonium lord
115217 | Zig:11   | Noticed Odaenkaecs the pandemonium lord
115217 | Zig:11   | Noticed Qeemoak the pandemonium lord
115217 | Zig:11   | Noticed Tescheinu the pandemonium lord
115217 | Zig:11   | Noticed Tismujut the pandemonium lord
115219 | Zig:11   | Noticed Pefit the pandemonium lord
115219 | Zig:11   | Killed Odaenkaecs the pandemonium lord
115219 | Zig:11   | Killed Moykk the pandemonium lord
115219 | Zig:11   | Killed Qeemoak the pandemonium lord
115219 | Zig:11   | Noticed Isufaxou the pandemonium lord
115220 | Zig:11   | Noticed Viud the pandemonium lord
115221 | Zig:11   | Killed Tismujut the pandemonium lord
115222 | Zig:11   | Noticed Fykluck the pandemonium lord
115222 | Zig:11   | Noticed Ujiclurumy the pandemonium lord
115222 | Zig:11   | Noticed Poba the pandemonium lord
115223 | Zig:11   | Killed Viud the pandemonium lord
115223 | Zig:11   | Killed Tescheinu the pandemonium lord
115223 | Zig:11   | Killed Isufaxou the pandemonium lord
115223 | Zig:11   | Killed Fykluck the pandemonium lord
115225 | Zig:11   | Noticed Onurph the pandemonium lord
115225 | Zig:11   | Noticed Erreidgh the pandemonium lord
115225 | Zig:11   | Killed Erreidgh the pandemonium lord
115226 | Zig:11   | Killed Poba the pandemonium lord
115226 | Zig:11   | Killed Pefit the pandemonium lord
115226 | Zig:11   | Noticed Malil the pandemonium lord
115227 | Zig:11   | Killed Onurph the pandemonium lord
115227 | Zig:11   | Noticed Peabb the pandemonium lord
115228 | Zig:11   | Killed Peabb the pandemonium lord
115228 | Zig:11   | Noticed Gecw the pandemonium lord
115228 | Zig:11   | Noticed Dyptauf the pandemonium lord
115228 | Zig:11   | Noticed Kesigiwn the pandemonium lord
115230 | Zig:11   | Noticed Lergh the pandemonium lord
115231 | Zig:11   | Killed Ujiclurumy the pandemonium lord
115231 | Zig:11   | Killed Malil the pandemonium lord
115231 | Zig:11   | Noticed Kaqeipne the pandemonium lord
115232 | Zig:11   | Noticed Kuefya the pandemonium lord
115232 | Zig:11   | Noticed Qiotopt the pandemonium lord
115234 | Zig:11   | Killed Lergh the pandemonium lord
115234 | Zig:11   | Noticed Donehani the pandemonium lord
115235 | Zig:11   | Killed Gecw the pandemonium lord
115235 | Zig:11   | Killed Qiotopt the pandemonium lord
115236 | Zig:11   | Killed Kesigiwn the pandemonium lord
115236 | Zig:11   | Noticed Qooriteb the pandemonium lord
115237 | Zig:11   | Killed Donehani the pandemonium lord
115237 | Zig:11   | Killed Dyptauf the pandemonium lord
115237 | Zig:11   | Noticed Viodoubeh the pandemonium lord
115239 | Zig:11   | Noticed Mupomp the pandemonium lord
115240 | Zig:11   | Noticed Damet the pandemonium lord
115240 | Zig:11   | Killed Kuefya the pandemonium lord
115240 | Zig:11   | Noticed Xoixoiw the pandemonium lord
115241 | Zig:11   | Noticed Palutt the pandemonium lord
115242 | Zig:11   | Killed Viodoubeh the pandemonium lord
115242 | Zig:11   | Killed Damet the pandemonium lord
115242 | Zig:11   | Killed Mupomp the pandemonium lord
115242 | Zig:11   | Killed Kaqeipne the pandemonium lord
115243 | Zig:11   | Killed Xoixoiw the pandemonium lord
115246 | Zig:11   | Killed Palutt the pandemonium lord
115251 | Zig:11   | Killed Qooriteb the pandemonium lord
115290 | Zig:12   | Entered Level 12 of a ziggurat
115290 | Zig:12   | Noticed a juggernaut
115290 | Zig:12   | Noticed a juggernaut
115290 | Zig:12   | Noticed a juggernaut
115290 | Zig:12   | Noticed a juggernaut
115291 | Zig:12   | Killed a juggernaut
115291 | Zig:12   | Killed a juggernaut
115291 | Zig:12   | Killed a juggernaut
115291 | Zig:12   | Noticed a juggernaut
115292 | Zig:12   | Noticed a juggernaut
115293 | Zig:12   | Noticed a juggernaut
115293 | Zig:12   | Noticed a juggernaut
115293 | Zig:12   | Noticed a juggernaut
115293 | Zig:12   | Noticed a juggernaut
115294 | Zig:12   | Killed a juggernaut
115294 | Zig:12   | Killed a juggernaut
115294 | Zig:12   | Killed a juggernaut
115294 | Zig:12   | Killed a juggernaut
115294 | Zig:12   | Killed a juggernaut
115294 | Zig:12   | Noticed a juggernaut
115296 | Zig:12   | Killed a juggernaut
115296 | Zig:12   | Killed a juggernaut
115300 | Zig:12   | Killed a juggernaut
115306 | Zig:12   | Identified the ring of Xom's Flight of Fancy {rPois rC-
                  | Int+9 Dex-4 SInv}
115412 | Zig:13   | Entered Level 13 of a ziggurat
115412 | Zig:13   | Noticed Likado's ghost (legendary GnSk)
115412 | Zig:13   | Noticed WiseOSalty's ghost (legendary TrGl)
115412 | Zig:13   | Noticed Sext's ghost (legendary MiFi)
115412 | Zig:13   | Noticed Viocziel's ghost (adept TrMo)
115412 | Zig:13   | Noticed GlasyaLabolas's ghost (legendary MiFi)
115412 | Zig:13   | Noticed Saphesar's ghost (veteran DsFi)
115412 | Zig:13   | Noticed Fueng's ghost (legendary HOFi)
115412 | Zig:13   | Noticed frimble's ghost (legendary GrFi)
115412 | Zig:13   | Noticed Jargh's ghost (legendary FoFi)
115412 | Zig:13   | Noticed frimble's ghost (adept DsGl)
115412 | Zig:13   | Noticed Waohesse's ghost (legendary VSFi)
115413 | Zig:13   | Noticed Ubraesch's ghost (adept TrMo)
115413 | Zig:13   | Noticed stevelinton's ghost (legendary KoBe)
115413 | Zig:13   | Noticed Xorhowon's ghost (legendary MiBe)
115413 | Zig:13   | Noticed Jeklifit's ghost (legendary FoFi)
115413 | Zig:13   | Noticed Viocziel's ghost (adept TrMo)
115413 | Zig:13   | Noticed Waohesse's ghost (legendary VSFi)
115413 | Zig:13   | Noticed Diezoyro's ghost (legendary DDNe)
115413 | Zig:13   | Noticed Amikeex's ghost (adept TrMo)
115413 | Zig:13   | Noticed Qatinlae's ghost (veteran DEFE)
115413 | Zig:13   | Noticed Piginabag's ghost (veteran GnMo)
115413 | Zig:13   | Noticed Evehuixoju's ghost (legendary VSFi)
115413 | Zig:13   | Noticed Totuz's ghost (legendary HOFi)
115413 | Zig:13   | Noticed Xorhowon's ghost (legendary MiBe)
115414 | Zig:13   | Killed Qatinlae's ghost
115414 | Zig:13   | Noticed Piginabag's ghost (legendary DsSk)
115414 | Zig:13   | Noticed yaoilover's ghost (veteran MiBe)
115414 | Zig:13   | Noticed Evehuixoju's ghost (legendary VSFi)
115415 | Zig:13   | Noticed Zachydoop's ghost (veteran MiMo)
115416 | Zig:13   | Noticed xzight's ghost (legendary MiBe)
115416 | Zig:13   | Noticed agentgt's ghost (legendary MiCK)
115417 | Zig:13   | Killed Viocziel's ghost
115417 | Zig:13   | Killed frimble's ghost
115417 | Zig:13   | Noticed Boduf's ghost (legendary FoHu)
115418 | Zig:13   | Killed Sext's ghost
115418 | Zig:13   | Killed Viocziel's ghost
115418 | Zig:13   | Noticed melllvar's ghost (legendary MiBe)
115420 | Zig:13   | Killed WiseOSalty's ghost
115420 | Zig:13   | Killed Waohesse's ghost
115420 | Zig:13   | Killed Jargh's ghost
115420 | Zig:13   | Killed stevelinton's ghost
115420 | Zig:13   | Killed GlasyaLabolas's ghost
115420 | Zig:13   | Killed Evehuixoju's ghost
115420 | Zig:13   | Killed Amikeex's ghost
115420 | Zig:13   | Killed Ubraesch's ghost
115420 | Zig:13   | Killed Xorhowon's ghost
115421 | Zig:13   | Killed Xorhowon's ghost
115421 | Zig:13   | Noticed Ikusitist's ghost (legendary NaFE)
115421 | Zig:13   | Noticed frimble's ghost (adept DsGl)
115431 | Zig:13   | Noticed Heartburn's ghost (veteran MiFi)
115432 | Zig:13   | Noticed Fusentrap's ghost (legendary MiBe)
115444 | Zig:13   | Noticed heteroy's ghost (legendary DsHu)
115445 | Zig:13   | Killed Likado's ghost
115446 | Zig:13   | Noticed Pusocauss's ghost (legendary VSBe)
115446 | Zig:13   | Noticed Walil's ghost (veteran MiMo)
115446 | Zig:13   | Killed Totuz's ghost
115446 | Zig:13   | Killed Jeklifit's ghost
115446 | Zig:13   | Killed yaoilover's ghost
115446 | Zig:13   | Killed Fueng's ghost
115447 | Zig:13   | Killed Evehuixoju's ghost
115447 | Zig:13   | Killed frimble's ghost
115447 | Zig:13   | Killed Saphesar's ghost
115448 | Zig:13   | Killed Waohesse's ghost
115449 | Zig:13   | Killed Piginabag's ghost
115449 | Zig:13   | Killed Zachydoop's ghost
115451 | Zig:13   | Killed Boduf's ghost
115451 | Zig:13   | Killed agentgt's ghost
115453 | Zig:13   | Killed xzight's ghost
115464 | Zig:13   | Killed Piginabag's ghost
115465 | Zig:13   | Killed Heartburn's ghost
115465 | Zig:13   | Killed Diezoyro's ghost
115466 | Zig:13   | Killed frimble's ghost
115467 | Zig:13   | Killed melllvar's ghost
115472 | Zig:13   | Killed Fusentrap's ghost
115499 | Zig:13   | Killed Ikusitist's ghost
115516 | Zig:13   | Identified the ring "Ymoefipsi" {rN+ Will+ Int+2 SInv}
115521 | Zig:13   | Identified the amulet "Setew" {RegenMP rC+ Will+}
115528 | Zig:13   | Killed heteroy's ghost
115537 | Zig:13   | Identified the +2 executioner's axe "Itelal" {freeze,
                  | Int+6}
115544 | Zig:13   | Identified the +9 mace "Eprubapn" {antimagic, rN++ Stlth+}
115551 | Zig:13   | Identified the +1 cloak of the Mind {SInv Stlth+}
115557 | Zig:13   | Identified the +0 pair of boots of Wariness {Str+2}
115594 | Zig:14   | Entered Level 14 of a ziggurat
115616 | Zig:14   | Identified the ring of Voynefam {Ice rCorr Int+4}
115621 | Zig:14   | Identified the ring "Ceudoyha" {Fly rElec rPois rC- Dex+3}
115642 | Zig:15   | Entered Level 15 of a ziggurat
115680 | Zig:15   | Identified the amulet "Nirariv" {Reflect Dex+2 SH+5}
115694 | Zig:16   | Entered Level 16 of a ziggurat
115724 | Zig:16   | Identified the +4 flail "Cassejath" {elec, *Rage rElec MP+9
                  | SInv}
115746 | Zig:17   | Entered Level 17 of a ziggurat
115747 | Zig:17   | Noticed Okhesayl the pandemonium lord
115747 | Zig:17   | Noticed Gekiunid the pandemonium lord
115747 | Zig:17   | Noticed Pilefaj the pandemonium lord
115748 | Zig:17   | Noticed Vownarir the pandemonium lord
115748 | Zig:17   | Noticed Rexoecuo the pandemonium lord
115748 | Zig:17   | Noticed Heufidd the pandemonium lord
115748 | Zig:17   | Noticed Nuabig the pandemonium lord
115748 | Zig:17   | Noticed Vifocvib the pandemonium lord
115748 | Zig:17   | Noticed Oxzaot the pandemonium lord
115749 | Zig:17   | Noticed Herphokko the pandemonium lord
115750 | Zig:17   | Noticed Kigov the pandemonium lord
115750 | Zig:17   | Noticed Feupaoq the pandemonium lord
115750 | Zig:17   | Noticed Jefuar the pandemonium lord
115751 | Zig:17   | Noticed Jeprepif the pandemonium lord
115751 | Zig:17   | Noticed Doxeirah the pandemonium lord
115751 | Zig:17   | Noticed Xazxoasal the pandemonium lord
115751 | Zig:17   | Noticed Qumoh the pandemonium lord
115751 | Zig:17   | Noticed Jiufoom the pandemonium lord
115751 | Zig:17   | Noticed Muegaas the pandemonium lord
115751 | Zig:17   | Noticed Ybulod the pandemonium lord
115751 | Zig:17   | Noticed Kyshroitt the pandemonium lord
115751 | Zig:17   | Noticed Teskaquz the pandemonium lord
115751 | Zig:17   | Noticed Qusuavil the pandemonium lord
115751 | Zig:17   | Noticed Urif the pandemonium lord
115751 | Zig:17   | Noticed Jihos the pandemonium lord
115751 | Zig:17   | Noticed Tieceth the pandemonium lord
115751 | Zig:17   | Noticed Wuofod the pandemonium lord
115751 | Zig:17   | Noticed Ypsum the pandemonium lord
115751 | Zig:17   | Noticed Niugh the pandemonium lord
115751 | Zig:17   | Noticed Qaattec the pandemonium lord
115751 | Zig:17   | Noticed Qosuimn the pandemonium lord
115751 | Zig:17   | Noticed Wointer the pandemonium lord
115751 | Zig:17   | Noticed Wyadoemp the pandemonium lord
115751 | Zig:17   | Noticed Zylerhiafe the pandemonium lord
115751 | Zig:17   | Noticed Gubuvvood the pandemonium lord
115751 | Zig:17   | Noticed Porutap the pandemonium lord
115751 | Zig:17   | Noticed Uny Diuz the pandemonium lord
115751 | Zig:17   | Noticed Cecw the pandemonium lord
115751 | Zig:17   | Noticed Onkam the pandemonium lord
115751 | Zig:17   | Noticed Samporer the pandemonium lord
115751 | Zig:17   | Noticed Ekluja Uxep the pandemonium lord
115752 | Zig:17   | Noticed Xuuts the pandemonium lord
115752 | Zig:17   | Noticed Piosapn the pandemonium lord
115753 | Zig:17   | Killed Oxzaot the pandemonium lord
115753 | Zig:17   | Killed Onkam the pandemonium lord
115753 | Zig:17   | Killed Herphokko the pandemonium lord
115753 | Zig:17   | Killed Nuabig the pandemonium lord
115753 | Zig:17   | Killed Porutap the pandemonium lord
115753 | Zig:17   | Killed Vownarir the pandemonium lord
115753 | Zig:17   | Noticed Zulec the pandemonium lord
115754 | Zig:17   | Killed Jefuar the pandemonium lord
115754 | Zig:17   | Killed Kigov the pandemonium lord
115754 | Zig:17   | Killed Feupaoq the pandemonium lord
115754 | Zig:17   | Killed Okhesayl the pandemonium lord
115754 | Zig:17   | Killed Qusuavil the pandemonium lord
115754 | Zig:17   | Killed Pilefaj the pandemonium lord
115754 | Zig:17   | Killed Rexoecuo the pandemonium lord
115754 | Zig:17   | Killed Gekiunid the pandemonium lord
115754 | Zig:17   | Killed Qaattec the pandemonium lord
115754 | Zig:17   | Killed Wyadoemp the pandemonium lord
115754 | Zig:17   | Killed Qosuimn the pandemonium lord
115754 | Zig:17   | Killed Vifocvib the pandemonium lord
115754 | Zig:17   | Killed Wointer the pandemonium lord
115754 | Zig:17   | Killed Wuofod the pandemonium lord
115754 | Zig:17   | Killed Ekluja Uxep the pandemonium lord
115754 | Zig:17   | Killed Tieceth the pandemonium lord
115754 | Zig:17   | Noticed Perch the pandemonium lord
115754 | Zig:17   | Noticed Xemuschoadgh the pandemonium lord
115755 | Zig:17   | Killed Heufidd the pandemonium lord
115755 | Zig:17   | Killed Samporer the pandemonium lord
115755 | Zig:17   | Killed Gubuvvood the pandemonium lord
115755 | Zig:17   | Killed Doxeirah the pandemonium lord
115755 | Zig:17   | Killed Zylerhiafe the pandemonium lord
115755 | Zig:17   | Killed Uny Diuz the pandemonium lord
115755 | Zig:17   | Killed Urif the pandemonium lord
115755 | Zig:17   | Killed Jeprepif the pandemonium lord
115755 | Zig:17   | Killed Jiufoom the pandemonium lord
115755 | Zig:17   | Killed Teskaquz the pandemonium lord
115756 | Zig:17   | Killed Cecw the pandemonium lord
115756 | Zig:17   | Killed Kyshroitt the pandemonium lord
115757 | Zig:17   | Killed Niugh the pandemonium lord
115757 | Zig:17   | Noticed Bocwojod the pandemonium lord
115757 | Zig:17   | Killed Xazxoasal the pandemonium lord
115758 | Zig:17   | Killed Ybulod the pandemonium lord
115759 | Zig:17   | Noticed Wyrriso the pandemonium lord
115759 | Zig:17   | Noticed Uproaxu the pandemonium lord
115759 | Zig:17   | Noticed Felihi the pandemonium lord
115759 | Zig:17   | Noticed Lipn the pandemonium lord
115759 | Zig:17   | Noticed Wiubluech the pandemonium lord
115759 | Zig:17   | Noticed Dounil the pandemonium lord
115759 | Zig:17   | Noticed Zaugialu the pandemonium lord
115759 | Zig:17   | Noticed Voadaham the pandemonium lord
115759 | Zig:17   | Noticed Tuys the pandemonium lord
115759 | Zig:17   | Noticed Goqoo the pandemonium lord
115759 | Zig:17   | Noticed Gubaoshazo the pandemonium lord
115761 | Zig:17   | Killed Ypsum the pandemonium lord
115761 | Zig:17   | Killed Xuuts the pandemonium lord
115761 | Zig:17   | Killed Muegaas the pandemonium lord
115762 | Zig:17   | Noticed Gotz the pandemonium lord
115764 | Zig:17   | Killed Qumoh the pandemonium lord
115766 | Zig:17   | Killed Jihos the pandemonium lord
115766 | Zig:17   | Killed Piosapn the pandemonium lord
115767 | Zig:17   | Killed Xemuschoadgh the pandemonium lord
115767 | Zig:17   | Killed Lipn the pandemonium lord
115767 | Zig:17   | Killed Zaugialu the pandemonium lord
115767 | Zig:17   | Killed Goqoo the pandemonium lord
115767 | Zig:17   | Killed Gubaoshazo the pandemonium lord
115767 | Zig:17   | Killed Felihi the pandemonium lord
115767 | Zig:17   | Killed Wiubluech the pandemonium lord
115768 | Zig:17   | Killed Perch the pandemonium lord
115768 | Zig:17   | Killed Wyrriso the pandemonium lord
115768 | Zig:17   | Killed Voadaham the pandemonium lord
115768 | Zig:17   | Killed Zulec the pandemonium lord
115768 | Zig:17   | Killed Tuys the pandemonium lord
115768 | Zig:17   | Killed Dounil the pandemonium lord
115768 | Zig:17   | Noticed Moraupit the pandemonium lord
115769 | Zig:17   | Killed Bocwojod the pandemonium lord
115769 | Zig:17   | Killed Gotz the pandemonium lord
115769 | Zig:17   | Killed Uproaxu the pandemonium lord
115770 | Zig:17   | Noticed Hopiwad the pandemonium lord
115771 | Zig:17   | Noticed Minollish the pandemonium lord
115771 | Zig:17   | Noticed Heokoll the pandemonium lord
115776 | Zig:17   | Killed Moraupit the pandemonium lord
115777 | Zig:17   | Killed Hopiwad the pandemonium lord
115778 | Zig:17   | Killed Minollish the pandemonium lord
115782 | Zig:17   | Killed Heokoll the pandemonium lord
115789 | Zig:17   | Identified the ring of Zabag {Will+ Int+4}
115795 | Zig:17   | Identified the amulet "Jialokot" {Spirit Fly rCorr Int+3}
115807 | Zig:17   | Identified the +6 short sword "Padary" {venom, rC- Int+3
                  | Dex+3}
115825 | Zig:18   | Entered Level 18 of a ziggurat
115844 | Zig:18   | Identified the +5 whip "Syph" {vorpal, Dex+4}
115845 | Zig:18   | Identified the amulet "Buhiu" {Acrobat +Inv rC- Will+ MP+9
                  | Str+4}
115848 | Zig:18   | Identified the ring of Ynnio {rPois Str+4}
115862 | Zig:18   | Identified the ring of Uravoawa {Fly rElec rN+ Int+2}
115876 | Zig:19   | Entered Level 19 of a ziggurat
115880 | Zig:19   | Noticed a dread lich
115886 | Zig:19   | Killed a dread lich
115895 | Zig:19   | Identified the +12 morningstar "Jeveak" {vorpal, *Noise
                  | rElec rF+ rCorr}
115897 | Zig:19   | Identified the +2 pair of boots of Nilal {Int+5 Dex+4}
115901 | Zig:19   | Identified the +1 leather armour of the Everdark {Will+}
115905 | Zig:19   | Identified the +5 scimitar of the Spheres {flame, Str+5}
115908 | Zig:19   | Identified the +7 hand axe "Oregar" {speed, Str+2 Dex+4}
115909 | Zig:19   | Identified the +1 short sword of the Nexus {flame, Stlth+}
115915 | Zig:20   | Entered Level 20 of a ziggurat
115915 | Zig:20   | Noticed a juggernaut
115915 | Zig:20   | Noticed a juggernaut
115915 | Zig:20   | Noticed a juggernaut
115915 | Zig:20   | Noticed a juggernaut
115915 | Zig:20   | Noticed a juggernaut
115916 | Zig:20   | Killed a juggernaut
115916 | Zig:20   | Killed a juggernaut
115916 | Zig:20   | Killed a juggernaut
115916 | Zig:20   | Noticed a juggernaut
115917 | Zig:20   | Noticed a juggernaut
115917 | Zig:20   | Noticed a juggernaut
115917 | Zig:20   | Noticed a juggernaut
115917 | Zig:20   | Noticed a juggernaut
115917 | Zig:20   | Noticed a juggernaut
115918 | Zig:20   | Killed a juggernaut
115918 | Zig:20   | Killed a juggernaut
115918 | Zig:20   | Noticed a juggernaut
115919 | Zig:20   | Noticed a juggernaut
115919 | Zig:20   | Noticed a juggernaut
115920 | Zig:20   | Noticed a juggernaut
115920 | Zig:20   | Noticed a juggernaut
115920 | Zig:20   | Noticed a juggernaut
115920 | Zig:20   | Noticed a juggernaut
115920 | Zig:20   | Noticed a juggernaut
115920 | Zig:20   | Noticed a juggernaut
115920 | Zig:20   | Noticed a juggernaut
115920 | Zig:20   | Noticed a juggernaut
115921 | Zig:20   | Noticed a juggernaut
115921 | Zig:20   | Killed a juggernaut
115921 | Zig:20   | Killed a juggernaut
115921 | Zig:20   | Killed a juggernaut
115921 | Zig:20   | Killed a juggernaut
115921 | Zig:20   | Killed a juggernaut
115921 | Zig:20   | Killed a juggernaut
115921 | Zig:20   | Killed a juggernaut
115921 | Zig:20   | Killed a juggernaut
115921 | Zig:20   | Killed a juggernaut
115921 | Zig:20   | Killed a juggernaut
115923 | Zig:20   | Killed a juggernaut
115923 | Zig:20   | Killed a juggernaut
115923 | Zig:20   | Killed a juggernaut
115924 | Zig:20   | Noticed a juggernaut
115924 | Zig:20   | Noticed a juggernaut
115925 | Zig:20   | Killed a juggernaut
115925 | Zig:20   | Killed a juggernaut
115925 | Zig:20   | Killed a juggernaut
115925 | Zig:20   | Killed a juggernaut
115925 | Zig:20   | Killed a juggernaut
115925 | Zig:20   | Killed a juggernaut
115937 | Zig:20   | Killed a juggernaut
115956 | Zig:20   | Identified the amulet of Equivalence {Faith Contam rElec
                  | rPois MP+9}
115967 | Zig:21   | Entered Level 21 of a ziggurat
115969 | Zig:21   | Noticed an ancient lich
115969 | Zig:21   | Noticed an ancient lich
115969 | Zig:21   | Noticed an ancient lich
115969 | Zig:21   | Noticed an ancient lich
115969 | Zig:21   | Noticed an ancient lich
115970 | Zig:21   | Killed an ancient lich
115970 | Zig:21   | Killed an ancient lich
115970 | Zig:21   | Noticed an ancient lich
115971 | Zig:21   | Noticed an ancient lich
115971 | Zig:21   | Noticed an ancient lich
115971 | Zig:21   | Noticed an ancient lich
115971 | Zig:21   | Noticed an ancient lich
115971 | Zig:21   | Noticed an ancient lich
115971 | Zig:21   | Noticed an ancient lich
115971 | Zig:21   | Noticed an ancient lich
115972 | Zig:21   | Killed an ancient lich
115972 | Zig:21   | Killed an ancient lich
115972 | Zig:21   | Killed an ancient lich
115972 | Zig:21   | Killed an ancient lich
115972 | Zig:21   | Killed an ancient lich
115973 | Zig:21   | Noticed an ancient lich
115973 | Zig:21   | Noticed an ancient lich
115974 | Zig:21   | Killed an ancient lich
115974 | Zig:21   | Killed an ancient lich
115974 | Zig:21   | Killed an ancient lich
115974 | Zig:21   | Killed an ancient lich
115974 | Zig:21   | Killed an ancient lich
115974 | Zig:21   | Killed an ancient lich
115974 | Zig:21   | Killed an ancient lich
115977 | Zig:21   | Killed an ancient lich
115978 | Zig:21   | Noticed an ancient lich
115978 | Zig:21   | Noticed an ancient lich
115982 | Zig:21   | Killed an ancient lich
115983 | Zig:21   | Killed an ancient lich
115998 | Zig:21   | Identified the +8 spear "Avveu" {flame, Int+4}
116028 | Zig:21   | Identified the +0 ring mail of Amicyvag {+Inv rC+ Dex-3}
116047 | Zig:22   | Entered Level 22 of a ziggurat
116047 | Zig:22   | Noticed a juggernaut
116047 | Zig:22   | Noticed a juggernaut
116047 | Zig:22   | Noticed a juggernaut
116047 | Zig:22   | Noticed a juggernaut
116047 | Zig:22   | Noticed a juggernaut
116048 | Zig:22   | Killed a juggernaut
116048 | Zig:22   | Killed a juggernaut
116048 | Zig:22   | Killed a juggernaut
116048 | Zig:22   | Killed a juggernaut
116048 | Zig:22   | Killed a juggernaut
116048 | Zig:22   | Noticed a juggernaut
116049 | Zig:22   | Noticed a juggernaut
116050 | Zig:22   | Noticed a juggernaut
116050 | Zig:22   | Noticed a juggernaut
116050 | Zig:22   | Noticed a juggernaut
116050 | Zig:22   | Noticed a juggernaut
116050 | Zig:22   | Noticed a juggernaut
116052 | Zig:22   | Noticed a juggernaut
116052 | Zig:22   | Killed a juggernaut
116052 | Zig:22   | Killed a juggernaut
116052 | Zig:22   | Killed a juggernaut
116052 | Zig:22   | Killed a juggernaut
116052 | Zig:22   | Killed a juggernaut
116052 | Zig:22   | Killed a juggernaut
116052 | Zig:22   | Killed a juggernaut
116053 | Zig:22   | Noticed a juggernaut
116053 | Zig:22   | Noticed a juggernaut
116053 | Zig:22   | Noticed a juggernaut
116053 | Zig:22   | Noticed a juggernaut
116054 | Zig:22   | Noticed a juggernaut
116054 | Zig:22   | Noticed a juggernaut
116054 | Zig:22   | Noticed a juggernaut
116054 | Zig:22   | Noticed a juggernaut
116054 | Zig:22   | Noticed a juggernaut
116054 | Zig:22   | Noticed a juggernaut
116054 | Zig:22   | Noticed a juggernaut
116055 | Zig:22   | Killed a juggernaut
116055 | Zig:22   | Killed a juggernaut
116055 | Zig:22   | Killed a juggernaut
116055 | Zig:22   | Killed a juggernaut
116055 | Zig:22   | Killed a juggernaut
116055 | Zig:22   | Killed a juggernaut
116055 | Zig:22   | Noticed a juggernaut
116056 | Zig:22   | Killed a juggernaut
116057 | Zig:22   | Noticed a juggernaut
116057 | Zig:22   | Killed a juggernaut
116058 | Zig:22   | Killed a juggernaut
116058 | Zig:22   | Killed a juggernaut
116058 | Zig:22   | Killed a juggernaut
116058 | Zig:22   | Killed a juggernaut
116058 | Zig:22   | Killed a juggernaut
116061 | Zig:22   | Killed a juggernaut
116088 | Zig:22   | Identified the ring of Asojasof {rF+ MP+9 Stlth+}
116094 | Zig:23   | Entered Level 23 of a ziggurat
116169 | Zig:23   | Identified the +6 rapier "Hydraslayer" {protect, rF+ rN+
                  | Int+4}
116171 | Zig:23   | Identified the +3 glaive of Bread {spect, *Slow rElec Str+5
                  | Stlth+}
116172 | Zig:23   | Identified the +1 robe of Light {rF+ SInv}
116181 | Zig:24   | Entered Level 24 of a ziggurat
116186 | Zig:24   | Found the +1 Delatra's gloves {ID++}
116196 | Zig:24   | Identified the +0 plate armour "Cikeat" {Fly Int+3 SInv}
116197 | Zig:24   | Identified the amulet "Himiu" {Reflect +Blink Int-5 Dex+8
                  | SH+5}
116214 | Zig:24   | Identified the +5 scale mail of Damn {Rampage +Inv rCorr
                  | Stlth+}
116249 | Zig:24   | Identified the +1 ring mail "Vyjinaw" {rElec rPois rC+}
116257 | Zig:24   | Identified the +10 shortbow of Fosonehuh {vorpal, MP+9}
116262 | Zig:25   | Entered Level 25 of a ziggurat
116271 | Zig:25   | Noticed an ancient lich
116276 | Zig:25   | Killed an ancient lich
116277 | Zig:25   | Identified the ring "Feguuhea" {rPois MP+9}
116284 | Zig:25   | Identified the +7 hand axe "Trog's Anger" {flame, rElec
                  | rC++ MP-9}
116292 | Zig:25   | Identified the +5 scale mail "Doewao" {rC+}
116301 | Zig:25   | Identified the +9 arbalest of the Protecting Gods {venom,
                  | rN++}
116310 | Zig:26   | Entered Level 26 of a ziggurat
116312 | Zig:26   | Noticed an ancient lich
116313 | Zig:26   | Noticed an ancient lich
116313 | Zig:26   | Noticed a dread lich
116313 | Zig:26   | Noticed an ancient lich
116313 | Zig:26   | Noticed a dread lich
116313 | Zig:26   | Noticed a dread lich
116313 | Zig:26   | Noticed an ancient lich
116313 | Zig:26   | Noticed a dread lich
116313 | Zig:26   | Noticed an ancient lich
116313 | Zig:26   | Noticed an ancient lich
116314 | Zig:26   | Killed a dread lich
116314 | Zig:26   | Killed an ancient lich
116314 | Zig:26   | Killed a dread lich
116314 | Zig:26   | Killed an ancient lich
116314 | Zig:26   | Killed an ancient lich
116314 | Zig:26   | Noticed an ancient lich
116314 | Zig:26   | Noticed a dread lich
116315 | Zig:26   | Noticed a dread lich
116315 | Zig:26   | Noticed a dread lich
116315 | Zig:26   | Noticed a dread lich
116315 | Zig:26   | Noticed an ancient lich
116315 | Zig:26   | Noticed a dread lich
116315 | Zig:26   | Noticed a dread lich
116315 | Zig:26   | Noticed a dread lich
116315 | Zig:26   | Noticed an ancient lich
116315 | Zig:26   | Noticed a dread lich
116315 | Zig:26   | Noticed an ancient lich
116315 | Zig:26   | Noticed a dread lich
116315 | Zig:26   | Noticed an ancient lich
116315 | Zig:26   | Noticed an ancient lich
116316 | Zig:26   | Killed a dread lich
116316 | Zig:26   | Killed an ancient lich
116316 | Zig:26   | Killed a dread lich
116316 | Zig:26   | Killed an ancient lich
116316 | Zig:26   | Killed a dread lich
116316 | Zig:26   | Killed an ancient lich
116316 | Zig:26   | Killed a dread lich
116316 | Zig:26   | Killed a dread lich
116316 | Zig:26   | Killed an ancient lich
116316 | Zig:26   | Killed a dread lich
116316 | Zig:26   | Noticed a dread lich
116316 | Zig:26   | Noticed a dread lich
116317 | Zig:26   | Noticed an ancient lich
116317 | Zig:26   | Noticed a dread lich
116317 | Zig:26   | Noticed a dread lich
116317 | Zig:26   | Noticed a dread lich
116317 | Zig:26   | Noticed an ancient lich
116317 | Zig:26   | Noticed a dread lich
116317 | Zig:26   | Noticed an ancient lich
116317 | Zig:26   | Noticed a dread lich
116317 | Zig:26   | Noticed an ancient lich
116317 | Zig:26   | Killed a dread lich
116318 | Zig:26   | Noticed an ancient lich
116318 | Zig:26   | Noticed an ancient lich
116318 | Zig:26   | Noticed an ancient lich
116318 | Zig:26   | Noticed a dread lich
116318 | Zig:26   | Noticed a dread lich
116318 | Zig:26   | Noticed a dread lich
116318 | Zig:26   | Noticed an ancient lich
116318 | Zig:26   | Noticed an ancient lich
116318 | Zig:26   | Noticed a dread lich
116318 | Zig:26   | Noticed a dread lich
116318 | Zig:26   | Noticed a dread lich
116319 | Zig:26   | Killed an ancient lich
116319 | Zig:26   | Killed an ancient lich
116319 | Zig:26   | Killed a dread lich
116319 | Zig:26   | Killed a dread lich
116319 | Zig:26   | Killed a dread lich
116319 | Zig:26   | Killed a dread lich
116319 | Zig:26   | Killed a dread lich
116319 | Zig:26   | Killed an ancient lich
116319 | Zig:26   | Killed an ancient lich
116319 | Zig:26   | Killed an ancient lich
116319 | Zig:26   | Killed a dread lich
116319 | Zig:26   | Killed an ancient lich
116319 | Zig:26   | Killed a dread lich
116319 | Zig:26   | Killed a dread lich
116319 | Zig:26   | Killed an ancient lich
116319 | Zig:26   | Killed a dread lich
116321 | Zig:26   | Killed an ancient lich
116321 | Zig:26   | Killed an ancient lich
116321 | Zig:26   | Killed a dread lich
116321 | Zig:26   | Killed a dread lich
116321 | Zig:26   | Killed an ancient lich
116321 | Zig:26   | Killed a dread lich
116321 | Zig:26   | Killed a dread lich
116321 | Zig:26   | Killed a dread lich
116321 | Zig:26   | Killed a dread lich
116324 | Zig:26   | Killed an ancient lich
116324 | Zig:26   | Killed an ancient lich
116324 | Zig:26   | Killed an ancient lich
116324 | Zig:26   | Killed a dread lich
116326 | Zig:26   | Killed a dread lich
116327 | Zig:26   | Killed an ancient lich
116335 | Zig:26   | Identified the ring "Unuzuy Tetoss" {MP+9 Str+2 Dex+2}
116369 | Zig:27   | Entered Level 27 of a ziggurat
116371 | Zig:27   | Noticed an ancient lich
116374 | Zig:27   | Noticed a dread lich
116375 | Zig:27   | Killed a dread lich
116377 | Zig:27   | Noticed an ancient lich
116378 | Zig:27   | Noticed an ancient lich
116379 | Zig:27   | Identified the +7 war axe of Dominance {vamp, Will+ Int+2
                  | SInv}
116380 | Zig:27   | Killed an ancient lich
116383 | Zig:27   | Paralysed by a wendigo for 1 turns
116386 | Zig:27   | Killed an ancient lich
116387 | Zig:27   | Killed an ancient lich
116404 | Zig:27   | Identified the +7 longbow of the Philosopher {venom, rElec
                  | rN+ Int-4}
116408 | Zig:27   | Identified the ring "Ligaaq" {rPois rCorr AC+4 Str+5}
116420 | Zig:27   | Identified the +0 shortbow of Parts Unknown {vorpal, rC+}
116431 | Zig:27   | Identified the amulet of Moderation {Reflect +Inv rElec rC+
                  | Dex+3 SH+5}
116434 | Zig:27   | Identified the +4 pair of gloves of Uwkitzei {Str+3 Slay-2
                  | Stlth+}
116444 | Zig:27   | Identified the ring "Bileprovyps" {rF- rN+ Will+ rCorr
                  | Dex+4}
116535 | Zig:1    | Entered Level 1 of a ziggurat
116547 | Zig:2    | Entered Level 2 of a ziggurat
116548 | Zig:2    | Noticed Xecw the pandemonium lord
116551 | Zig:2    | Killed Xecw the pandemonium lord
116557 | Zig:2    | Identified the ring of Diutt {rPois Dex+6}
116561 | Zig:3    | Entered Level 3 of a ziggurat
116574 | Zig:4    | Entered Level 4 of a ziggurat
116574 | Zig:4    | Noticed a dread lich
116574 | Zig:4    | Noticed an ancient lich
116574 | Zig:4    | Noticed an ancient lich
116575 | Zig:4    | Noticed a dread lich
116575 | Zig:4    | Noticed a dread lich
116575 | Zig:4    | Noticed a dread lich
116575 | Zig:4    | Noticed an ancient lich
116576 | Zig:4    | Killed a dread lich
116576 | Zig:4    | Killed a dread lich
116576 | Zig:4    | Killed a dread lich
116576 | Zig:4    | Killed a dread lich
116576 | Zig:4    | Killed an ancient lich
116576 | Zig:4    | Killed an ancient lich
116579 | Zig:4    | Killed an ancient lich
116590 | Zig:4    | Identified the ring of Pipniushae {rF- Will+ Int+4}
116599 | Zig:5    | Entered Level 5 of a ziggurat
116616 | Zig:6    | Entered Level 6 of a ziggurat
116620 | Zig:6    | Found the +4 robe of Augmentation {Str+4 Int+4 Dex+4}
116640 | Zig:6    | Identified the ring of Obbaco {rF+ Will+ Str+2 Int-2 Dex+6}
116646 | Zig:7    | Entered Level 7 of a ziggurat
116650 | Zig:7    | Paralysed by an air elemental for 1 turns
116664 | Zig:7    | Acquired 959 gold pieces
116665 | Zig:7    | Acquired 1204 gold pieces
116672 | Zig:8    | Entered Level 8 of a ziggurat
116672 | Zig:8    | Noticed a juggernaut
116672 | Zig:8    | Noticed a juggernaut
116672 | Zig:8    | Noticed a juggernaut
116672 | Zig:8    | Noticed a juggernaut
116672 | Zig:8    | Noticed a juggernaut
116672 | Zig:8    | Noticed a juggernaut
116672 | Zig:8    | Noticed a juggernaut
116672 | Zig:8    | Noticed a juggernaut
116672 | Zig:8    | Noticed a juggernaut
116672 | Zig:8    | Noticed a juggernaut
116672 | Zig:8    | Noticed a juggernaut
116673 | Zig:8    | Noticed a juggernaut
116673 | Zig:8    | Noticed a juggernaut
116673 | Zig:8    | Noticed a juggernaut
116673 | Zig:8    | Noticed a juggernaut
116673 | Zig:8    | Noticed a juggernaut
116674 | Zig:8    | Killed a juggernaut
116674 | Zig:8    | Killed a juggernaut
116674 | Zig:8    | Killed a juggernaut
116674 | Zig:8    | Killed a juggernaut
116674 | Zig:8    | Killed a juggernaut
116674 | Zig:8    | Killed a juggernaut
116674 | Zig:8    | Killed a juggernaut
116674 | Zig:8    | Killed a juggernaut
116674 | Zig:8    | Killed a juggernaut
116674 | Zig:8    | Killed a juggernaut
116674 | Zig:8    | Killed a juggernaut
116674 | Zig:8    | Noticed a juggernaut
116675 | Zig:8    | Killed a juggernaut
116675 | Zig:8    | Killed a juggernaut
116675 | Zig:8    | Killed a juggernaut
116675 | Zig:8    | Killed a juggernaut
116676 | Zig:8    | Killed a juggernaut
116676 | Zig:8    | Killed a juggernaut
116676 | Zig:8    | Noticed a juggernaut
116676 | Zig:8    | Noticed a juggernaut
116678 | Zig:8    | Killed a juggernaut
116680 | Zig:8    | Killed a juggernaut
116690 | Zig:8    | Identified the +10 plate armour of the Valley of Death
                  | {rPois Regen+ Str+2}
116705 | Zig:9    | Entered Level 9 of a ziggurat
116728 | Zig:9    | Identified the ring of Bevit {+Blink rC+ rN+ Int+3}
116745 | Zig:9    | Identified the +1 ring mail of the Wary Defenders {Dex+4
                  | Stlth+}
116750 | Zig:9    | Identified the +4 kite shield of Gigraurgh {-Tele Rampage
                  | rCorr Dex-3}
116757 | Zig:10   | Entered Level 10 of a ziggurat
116757 | Zig:10   | Noticed a dread lich
116757 | Zig:10   | Noticed a dread lich
116757 | Zig:10   | Noticed an ancient lich
116758 | Zig:10   | Noticed an ancient lich
116758 | Zig:10   | Noticed an ancient lich
116758 | Zig:10   | Noticed an ancient lich
116759 | Zig:10   | Killed an ancient lich
116759 | Zig:10   | Killed an ancient lich
116759 | Zig:10   | Killed an ancient lich
116759 | Zig:10   | Killed a dread lich
116759 | Zig:10   | Killed an ancient lich
116760 | Zig:10   | Noticed a dread lich
116761 | Zig:10   | Noticed a dread lich
116761 | Zig:10   | Noticed an ancient lich
116761 | Zig:10   | Noticed an ancient lich
116762 | Zig:10   | Killed a dread lich
116762 | Zig:10   | Killed a dread lich
116762 | Zig:10   | Killed a dread lich
116764 | Zig:10   | Killed an ancient lich
116769 | Zig:10   | Killed an ancient lich
116781 | Zig:10   | Identified the amulet of Luificwi {Faith Str+5 Int-2}
116783 | Zig:10   | Identified the +1 leather armour "Useptero" {Fly Str+3}
116796 | Zig:10   | Identified the amulet of Seocsodgh {+Blink Regen+ MP+9
                  | Dex-5}
116808 | Zig:10   | Identified the +4 war axe of the Sugar Beet {vorpal, *Slow
                  | MP+9 Str+8 Stlth+}
116818 | Zig:11   | Entered Level 11 of a ziggurat
116842 | Zig:11   | Identified the +7 great sword "Doji" {flame, rF+}
116846 | Zig:11   | Identified the +7 longbow "Dragon's Tongue" {vorpal, Dex+2}
116847 | Zig:11   | Identified the +6 battleaxe of Caexzam {pain, Int+4}
116848 | Zig:11   | Identified the ring of Kuebrac {rPois rC+ Int+2 Dex-5}
116853 | Zig:11   | Identified the amulet "Zuilutu" {Acrobat Will+ Int+4}
116866 | Zig:12   | Entered Level 12 of a ziggurat
116890 | Zig:12   | Identified the +9 dagger of the Disturbing Queens {drain,
                  | *Noise +Blink rElec rCorr}
116891 | Zig:12   | Identified the +2 fire dragon scales of Baldness {rElec
                  | rF++ rC- Dex+2}
116892 | Zig:12   | Identified the +9 great sword of Calculation {vorpal,
                  | Str+3}
116898 | Zig:12   | Identified the amulet of Xyd Miss {Reflect rPois SH+5}
116906 | Zig:12   | Identified the +0 robe of Protective Custody {rF++}
116919 | Zig:13   | Entered Level 13 of a ziggurat
116920 | Zig:13   | Noticed an ancient lich
116921 | Zig:13   | Killed an ancient lich
116925 | Zig:13   | Identified the +1 robe "Ecwes" {rF+ rCorr}
116929 | Zig:13   | Identified the ring "Ostoerun" {rC+ Str+5 Stlth+}
116934 | Zig:13   | Identified the ring "Beyrow" {Drain rElec rN+ Str+2 Int+6}
116945 | Zig:13   | Identified the amulet of Asiutajul {Reflect Fragile rPois
                  | Int-5 SH+5 Stlth+}
116955 | Zig:13   | Identified the +0 ring mail of Free Will {rPois Str+4
                  | Stlth-}
116987 | Zig:14   | Entered Level 14 of a ziggurat
117002 | Zig:14   | Identified the ring "Symn" {rPois rF+ Str-3 Dex+6 Stlth+}
117005 | Zig:14   | Identified the +5 pair of boots "Olagua" {Dex+2}
117008 | Zig:14   | Identified the amulet "Edotept" {Acrobat Will+}
117016 | Zig:14   | Identified the +2 robe of Gin Fuawk {rF+ rCorr Str+2 Int+4}
117035 | Zig:14   | Identified the ring "Nureow" {AC+4 Slay+2}
117043 | Zig:14   | Identified the +0 robe of the Slorg {Int-5 Dex+7 Stlth+}
117074 | Zig:15   | Entered Level 15 of a ziggurat
117105 | Zig:15   | Identified the amulet of the Feral Grape {rPois Regen+
                  | Stlth+}
117111 | Zig:15   | Identified the +2 cloak "Zyjomn" {rF+++ rC- Int+5}
117115 | Zig:15   | Identified the amulet of Irchathem {Spirit *Corrode +Inv
                  | rN+ Will++}
117125 | Zig:15   | Identified the ring of Wonder {rElec rPois EV+4 Int-5}
117133 | Zig:15   | Identified the +1 robe of the Blessed Realm {rElec rF+
                  | Int+3}
117136 | Zig:16   | Entered Level 16 of a ziggurat
117136 | Zig:16   | Noticed a royal mummy
117136 | Zig:16   | Noticed a royal mummy
117136 | Zig:16   | Noticed a royal mummy
117136 | Zig:16   | Noticed a royal mummy
117136 | Zig:16   | Noticed a royal mummy
117136 | Zig:16   | Noticed a royal mummy
117136 | Zig:16   | Noticed a royal mummy
117136 | Zig:16   | Noticed a royal mummy
117136 | Zig:16   | Noticed a royal mummy
117136 | Zig:16   | Noticed a royal mummy
117137 | Zig:16   | Killed a royal mummy
117137 | Zig:16   | Killed a royal mummy
117137 | Zig:16   | Killed a royal mummy
117137 | Zig:16   | Killed a royal mummy
117137 | Zig:16   | Killed a royal mummy
117137 | Zig:16   | Killed a royal mummy
117137 | Zig:16   | Killed a royal mummy
117137 | Zig:16   | Killed a royal mummy
117137 | Zig:16   | Killed a royal mummy
117140 | Zig:16   | Killed a royal mummy
117142 | Zig:16   | Noticed a royal mummy
117142 | Zig:16   | Noticed a royal mummy
117142 | Zig:16   | Noticed a royal mummy
117143 | Zig:16   | Noticed a royal mummy
117143 | Zig:16   | Noticed a royal mummy
117143 | Zig:16   | Noticed a royal mummy
117143 | Zig:16   | Noticed a royal mummy
117145 | Zig:16   | Noticed a royal mummy
117145 | Zig:16   | Noticed a royal mummy
117145 | Zig:16   | Noticed a royal mummy
117146 | Zig:16   | Killed a royal mummy
117146 | Zig:16   | Killed a royal mummy
117146 | Zig:16   | Killed a royal mummy
117146 | Zig:16   | Killed a royal mummy
117146 | Zig:16   | Killed a royal mummy
117146 | Zig:16   | Killed a royal mummy
117146 | Zig:16   | Killed a royal mummy
117147 | Zig:16   | Killed a royal mummy
117147 | Zig:16   | Killed a royal mummy
117147 | Zig:16   | Killed a royal mummy
117155 | Zig:16   | Identified the ring of Tacrudgh {Drain rPois MP+9 Int+4}
117163 | Zig:16   | Identified the +1 pair of boots "Zybun" {Harm}
117176 | Zig:17   | Entered Level 17 of a ziggurat
117176 | Zig:17   | Noticed a juggernaut
117176 | Zig:17   | Noticed a juggernaut
117176 | Zig:17   | Noticed a juggernaut
117176 | Zig:17   | Noticed a juggernaut
117176 | Zig:17   | Noticed a juggernaut
117176 | Zig:17   | Noticed a juggernaut
117176 | Zig:17   | Noticed a juggernaut
117176 | Zig:17   | Noticed a juggernaut
117176 | Zig:17   | Noticed a juggernaut
117176 | Zig:17   | Noticed a juggernaut
117176 | Zig:17   | Noticed a juggernaut
117176 | Zig:17   | Noticed a juggernaut
117177 | Zig:17   | Killed a juggernaut
117177 | Zig:17   | Killed a juggernaut
117177 | Zig:17   | Killed a juggernaut
117177 | Zig:17   | Killed a juggernaut
117177 | Zig:17   | Killed a juggernaut
117177 | Zig:17   | Killed a juggernaut
117177 | Zig:17   | Killed a juggernaut
117177 | Zig:17   | Killed a juggernaut
117177 | Zig:17   | Killed a juggernaut
117177 | Zig:17   | Noticed a juggernaut
117177 | Zig:17   | Noticed a juggernaut
117177 | Zig:17   | Noticed a juggernaut
117178 | Zig:17   | Noticed a juggernaut
117178 | Zig:17   | Noticed a juggernaut
117178 | Zig:17   | Noticed a juggernaut
117179 | Zig:17   | Noticed a juggernaut
117179 | Zig:17   | Killed a juggernaut
117179 | Zig:17   | Killed a juggernaut
117179 | Zig:17   | Killed a juggernaut
117179 | Zig:17   | Killed a juggernaut
117179 | Zig:17   | Killed a juggernaut
117179 | Zig:17   | Killed a juggernaut
117179 | Zig:17   | Killed a juggernaut
117180 | Zig:17   | Noticed a juggernaut
117181 | Zig:17   | Noticed a juggernaut
117181 | Zig:17   | Noticed a juggernaut
117181 | Zig:17   | Noticed a juggernaut
117182 | Zig:17   | Noticed a juggernaut
117182 | Zig:17   | Killed a juggernaut
117182 | Zig:17   | Killed a juggernaut
117182 | Zig:17   | Killed a juggernaut
117182 | Zig:17   | Killed a juggernaut
117182 | Zig:17   | Killed a juggernaut
117182 | Zig:17   | Killed a juggernaut
117185 | Zig:17   | Killed a juggernaut
117188 | Zig:17   | Killed a juggernaut
117193 | Zig:17   | Identified the +5 morningstar of Chagrin {vorpal, rF++}
117198 | Zig:17   | Identified the +1 sling of Kaphac {flame, rCorr Dex+3}
117215 | Zig:18   | Entered Level 18 of a ziggurat
117215 | Zig:18   | Noticed an ancient lich
117220 | Zig:18   | Killed an ancient lich
117221 | Zig:18   | Noticed an ancient lich
117228 | Zig:18   | Killed an ancient lich
117237 | Zig:18   | Identified the ring of Rothacry {rElec MP+9 AC+4 Dex-5}
117240 | Zig:18   | Identified the +7 quarterstaff "Zimys" {pain, *Slow rCorr
                  | Str+5}
117242 | Zig:18   | Identified the ring "Laujawes" {*Corrode rPois rC+ Will+
                  | Stlth+}
117262 | Zig:19   | Entered Level 19 of a ziggurat
117266 | Zig:19   | Noticed an ancient lich
117266 | Zig:19   | Noticed a dread lich
117268 | Zig:19   | Killed an ancient lich
117270 | Zig:19   | Noticed a dread lich
117273 | Zig:19   | Killed a dread lich
117273 | Zig:19   | Killed a dread lich
117275 | Zig:19   | Identified the +6 glaive of Fahob {vamp, Str+2 Dex+4}
117295 | Zig:19   | Identified the +4 shortbow of Atoreogu {venom, Dex+4}
117306 | Zig:20   | Entered Level 20 of a ziggurat
117315 | Zig:20   | Paralysed by a wendigo for 1 turns
117323 | Zig:20   | Identified the ring "Zuytufopp" {Fire Str-5 Int+9}
117330 | Zig:20   | Acquired 796 gold pieces
117349 | Zig:20   | Identified the +3 demon blade of Immorality {flame, Will+}
117379 | Zig:21   | Entered Level 21 of a ziggurat
117403 | Zig:21   | Noticed Rivuu the pandemonium lord
117407 | Zig:21   | Killed Rivuu the pandemonium lord
117431 | Zig:21   | Identified the +2 helmet of Nutynuown {Fly Str+2 Slay+3}
117447 | Zig:21   | Identified the +2 chain mail of the Candlemaker {-Cast
                  | Will+ Regen+}
117450 | Zig:21   | Identified the ring "Mong" {rPois rF- Slay+3 SInv}
117464 | Zig:21   | Identified the +1 chain mail of the Stone Wall {Str+7}
117468 | Zig:21   | Acquired 530 gold pieces
117469 | Zig:21   | Acquired 696 gold pieces
117485 | Zig:21   | Identified the ring "Appuk" {rC+ Int+2 Dex+6 Slay+4}
117500 | Zig:22   | Entered Level 22 of a ziggurat
117500 | Zig:22   | Noticed a royal mummy
117500 | Zig:22   | Noticed a royal mummy
117500 | Zig:22   | Noticed a royal mummy
117500 | Zig:22   | Noticed a royal mummy
117500 | Zig:22   | Noticed a royal mummy
117500 | Zig:22   | Noticed a royal mummy
117500 | Zig:22   | Noticed a royal mummy
117500 | Zig:22   | Noticed a royal mummy
117501 | Zig:22   | Killed a royal mummy
117501 | Zig:22   | Killed a royal mummy
117501 | Zig:22   | Killed a royal mummy
117501 | Zig:22   | Killed a royal mummy
117503 | Zig:22   | Killed a royal mummy
117504 | Zig:22   | Killed a royal mummy
117504 | Zig:22   | Killed a royal mummy
117504 | Zig:22   | Killed a royal mummy
117506 | Zig:22   | Noticed a royal mummy
117506 | Zig:22   | Noticed a royal mummy
117506 | Zig:22   | Noticed a royal mummy
117506 | Zig:22   | Noticed a royal mummy
117506 | Zig:22   | Noticed a royal mummy
117506 | Zig:22   | Noticed a royal mummy
117506 | Zig:22   | Noticed a royal mummy
117506 | Zig:22   | Noticed a royal mummy
117506 | Zig:22   | Noticed a royal mummy
117506 | Zig:22   | Noticed a royal mummy
117506 | Zig:22   | Noticed a royal mummy
117507 | Zig:22   | Noticed a royal mummy
117507 | Zig:22   | Noticed a royal mummy
117507 | Zig:22   | Noticed a royal mummy
117507 | Zig:22   | Noticed a royal mummy
117507 | Zig:22   | Noticed a royal mummy
117507 | Zig:22   | Noticed a royal mummy
117508 | Zig:22   | Killed a royal mummy
117508 | Zig:22   | Killed a royal mummy
117508 | Zig:22   | Killed a royal mummy
117508 | Zig:22   | Killed a royal mummy
117508 | Zig:22   | Killed a royal mummy
117508 | Zig:22   | Killed a royal mummy
117508 | Zig:22   | Killed a royal mummy
117508 | Zig:22   | Killed a royal mummy
117508 | Zig:22   | Killed a royal mummy
117508 | Zig:22   | Killed a royal mummy
117508 | Zig:22   | Noticed a royal mummy
117509 | Zig:22   | Noticed a royal mummy
117509 | Zig:22   | Noticed a royal mummy
117509 | Zig:22   | Noticed a royal mummy
117509 | Zig:22   | Noticed a royal mummy
117509 | Zig:22   | Noticed a royal mummy
117510 | Zig:22   | Killed a royal mummy
117510 | Zig:22   | Killed a royal mummy
117510 | Zig:22   | Killed a royal mummy
117510 | Zig:22   | Killed a royal mummy
117510 | Zig:22   | Killed a royal mummy
117510 | Zig:22   | Noticed a royal mummy
117511 | Zig:22   | Killed a royal mummy
117511 | Zig:22   | Noticed a royal mummy
117511 | Zig:22   | Noticed a royal mummy
117512 | Zig:22   | Killed a royal mummy
117512 | Zig:22   | Killed a royal mummy
117512 | Zig:22   | Killed a royal mummy
117512 | Zig:22   | Killed a royal mummy
117512 | Zig:22   | Killed a royal mummy
117513 | Zig:22   | Noticed a royal mummy
117513 | Zig:22   | Noticed a royal mummy
117513 | Zig:22   | Noticed a royal mummy
117513 | Zig:22   | Noticed a royal mummy
117513 | Zig:22   | Killed a royal mummy
117513 | Zig:22   | Noticed a royal mummy
117514 | Zig:22   | Noticed a royal mummy
117514 | Zig:22   | Noticed a royal mummy
117514 | Zig:22   | Killed a royal mummy
117515 | Zig:22   | Killed a royal mummy
117515 | Zig:22   | Killed a royal mummy
117515 | Zig:22   | Killed a royal mummy
117515 | Zig:22   | Killed a royal mummy
117515 | Zig:22   | Killed a royal mummy
117515 | Zig:22   | Killed a royal mummy
117515 | Zig:22   | Killed a royal mummy
117515 | Zig:22   | Noticed a royal mummy
117517 | Zig:22   | Killed a royal mummy
117517 | Zig:22   | Killed a royal mummy
117517 | Zig:22   | Killed a royal mummy
117520 | Zig:22   | Killed a royal mummy
117537 | Zig:22   | Identified the amulet "Hatum" {Reflect Harm *Corrode Regen+
                  | Str+4 SH+5}
117552 | Zig:22   | Identified the ring "Mysaotog" {rPois Dex+3 SInv}
117570 | Zig:22   | Identified the +5 rapier "Zinohust" {vorpal, Fly MP-9
                  | Int+6}
117572 | Zig:22   | Identified the +5 glaive of Tezy Noe {venom, rC+ Dex+3}
117575 | Zig:23   | Entered Level 23 of a ziggurat
117604 | Zig:23   | Identified the +1 scale mail "Zomi" {rCorr}
117617 | Zig:23   | Identified the +7 falchion of Luwk {flame, rPois rN+ SInv}
117619 | Zig:23   | Identified the +6 hand axe of Tueqociu {speed, Drain rPois
                  | Will+++}
117646 | Zig:23   | Identified the +1 plate armour of the Game of Life {Int+3
                  | Slay+2}
117652 | Zig:24   | Entered Level 24 of a ziggurat
117705 | Zig:24   | Identified the ring "Lairhar" {Will+ Slay+2 Stlth+}
117714 | Zig:24   | Identified the +7 hand axe "Cidamp" {venom, rElec rF+
                  | rCorr}
117728 | Zig:24   | Identified the ring of Greed {Fire rElec Str+5 Stlth+}
117734 | Zig:24   | Identified the +8 executioner's axe "Leviticus" {venom,
                  | rElec Int+4}
117740 | Zig:25   | Entered Level 25 of a ziggurat
117740 | Zig:25   | Noticed a juggernaut
117740 | Zig:25   | Noticed a juggernaut
117740 | Zig:25   | Noticed a juggernaut
117740 | Zig:25   | Noticed a juggernaut
117740 | Zig:25   | Noticed a juggernaut
117740 | Zig:25   | Noticed a juggernaut
117740 | Zig:25   | Noticed a juggernaut
117740 | Zig:25   | Noticed a juggernaut
117740 | Zig:25   | Noticed a juggernaut
117741 | Zig:25   | Killed a juggernaut
117741 | Zig:25   | Killed a juggernaut
117741 | Zig:25   | Killed a juggernaut
117741 | Zig:25   | Killed a juggernaut
117741 | Zig:25   | Killed a juggernaut
117741 | Zig:25   | Killed a juggernaut
117741 | Zig:25   | Killed a juggernaut
117742 | Zig:25   | Noticed a juggernaut
117742 | Zig:25   | Noticed a juggernaut
117742 | Zig:25   | Noticed a juggernaut
117742 | Zig:25   | Noticed a juggernaut
117742 | Zig:25   | Noticed a juggernaut
117742 | Zig:25   | Noticed a juggernaut
117742 | Zig:25   | Noticed a juggernaut
117742 | Zig:25   | Noticed a juggernaut
117742 | Zig:25   | Noticed a juggernaut
117742 | Zig:25   | Noticed a juggernaut
117742 | Zig:25   | Noticed a juggernaut
117742 | Zig:25   | Noticed a juggernaut
117742 | Zig:25   | Noticed a juggernaut
117743 | Zig:25   | Killed a juggernaut
117743 | Zig:25   | Killed a juggernaut
117743 | Zig:25   | Killed a juggernaut
117743 | Zig:25   | Killed a juggernaut
117743 | Zig:25   | Killed a juggernaut
117743 | Zig:25   | Killed a juggernaut
117743 | Zig:25   | Killed a juggernaut
117743 | Zig:25   | Killed a juggernaut
117743 | Zig:25   | Killed a juggernaut
117743 | Zig:25   | Killed a juggernaut
117743 | Zig:25   | Killed a juggernaut
117743 | Zig:25   | Noticed a juggernaut
117744 | Zig:25   | Noticed a juggernaut
117744 | Zig:25   | Noticed a juggernaut
117744 | Zig:25   | Noticed a juggernaut
117744 | Zig:25   | Noticed a juggernaut
117745 | Zig:25   | Noticed a juggernaut
117745 | Zig:25   | Noticed a juggernaut
117745 | Zig:25   | Noticed a juggernaut
117745 | Zig:25   | Killed a juggernaut
117746 | Zig:25   | Killed a juggernaut
117746 | Zig:25   | Killed a juggernaut
117746 | Zig:25   | Killed a juggernaut
117746 | Zig:25   | Killed a juggernaut
117746 | Zig:25   | Killed a juggernaut
117746 | Zig:25   | Noticed a juggernaut
117747 | Zig:25   | Killed a juggernaut
117747 | Zig:25   | Killed a juggernaut
117747 | Zig:25   | Killed a juggernaut
117747 | Zig:25   | Killed a juggernaut
117748 | Zig:25   | Killed a juggernaut
117749 | Zig:25   | Killed a juggernaut
117751 | Zig:25   | Noticed a juggernaut
117752 | Zig:25   | Noticed a juggernaut
117752 | Zig:25   | Noticed a juggernaut
117752 | Zig:25   | Noticed a juggernaut
117754 | Zig:25   | Noticed a juggernaut
117754 | Zig:25   | Noticed a juggernaut
117754 | Zig:25   | Killed a juggernaut
117755 | Zig:25   | Killed a juggernaut
117755 | Zig:25   | Killed a juggernaut
117755 | Zig:25   | Killed a juggernaut
117755 | Zig:25   | Killed a juggernaut
117756 | Zig:25   | Noticed a juggernaut
117758 | Zig:25   | Killed a juggernaut
117759 | Zig:25   | Identified the +2 battleaxe of Articulation {drain, Drain
                  | rF- Will+ Int+9}
117759 | Zig:25   | Killed a juggernaut
117763 | Zig:25   | Killed a juggernaut
117772 | Zig:25   | Identified the ring "Baninoj" {rC+ Dex+10 Slay-2}
117783 | Zig:25   | Identified the ring "Ytixt" {rN+ MP+9}
117789 | Zig:25   | Identified the ring of Supu {Fire *Corrode rN++ Str+7}
117795 | Zig:25   | Identified the ring "Tocoe" {rElec rF+++ Will+ rCorr Dex-4}
117802 | Zig:25   | Identified the amulet of Sefant {Reflect rN+ Int+5 SH+5}
117819 | Zig:25   | Identified the ring of Midsummer {Wiz rF+ Int+2}
117834 | Zig:26   | Entered Level 26 of a ziggurat
117895 | Zig:26   | Identified the ring "Coumimp" {rElec SInv}
117908 | Zig:26   | Acquired 530 gold pieces
117911 | Zig:26   | Identified the ring "Jiofeugg" {SInv Stlth+}
117916 | Zig:26   | Identified the amulet of Xom's Ringing Laughter {Faith
                  | +Blink}
117924 | Zig:26   | Identified the +6 shortbow "Hoirom" {speed, +Blink rElec
                  | Int+3 Stlth-}
117930 | Zig:27   | Entered Level 27 of a ziggurat
117962 | Zig:27   | Noticed Yxucsi the pandemonium lord
117992 | Zig:27   | Killed Yxucsi the pandemonium lord
118010 | Zig:27   | Identified the +1 leather armour of Kycruih {Regen+ Str-5
                  | Int+4}
118026 | Zig:27   | Identified the +8 battleaxe "Feuwn" {vorpal, rPois}
118041 | Zig:27   | Identified the ring of Jil Roimp {rPois rCorr}
118058 | Zig:27   | Identified the +0 robe "Ufios" {Slay+3}
118059 | Zig:27   | Identified the +7 plate armour of the Ferocious God {Regen+
                  | Str+3 Dex+4}
118064 | Zig:27   | Identified the ring "Fisenn" {Wiz rElec Will+}
118086 | Zig:27   | Identified the +3 trident "Seimeecupp" {venom, Dex+2 SInv
                  | Stlth-}
118119 | Zig:1    | Entered Level 1 of a ziggurat
118119 | Zig:1    | Noticed a royal mummy
118119 | Zig:1    | Noticed a royal mummy
118119 | Zig:1    | Noticed a royal mummy
118122 | Zig:1    | Killed a royal mummy
118122 | Zig:1    | Killed a royal mummy
118125 | Zig:1    | Killed a royal mummy
118137 | Zig:2    | Entered Level 2 of a ziggurat
118138 | Zig:2    | Noticed Hofiom the pandemonium lord
118142 | Zig:2    | Killed Hofiom the pandemonium lord
118173 | Zig:3    | Entered Level 3 of a ziggurat
118174 | Zig:3    | Noticed Beulepho the pandemonium lord
118184 | Zig:3    | Killed Beulepho the pandemonium lord
118197 | Zig:4    | Entered Level 4 of a ziggurat
118197 | Zig:4    | Noticed a juggernaut
118197 | Zig:4    | Noticed a juggernaut
118197 | Zig:4    | Noticed a juggernaut
118198 | Zig:4    | Killed a juggernaut
118201 | Zig:4    | Killed a juggernaut
118201 | Zig:4    | Killed a juggernaut
118297 | Zig:5    | Entered Level 5 of a ziggurat
118297 | Zig:5    | Noticed a juggernaut
118297 | Zig:5    | Noticed a juggernaut
118297 | Zig:5    | Noticed a juggernaut
118297 | Zig:5    | Noticed a juggernaut
118298 | Zig:5    | Noticed a juggernaut
118298 | Zig:5    | Noticed a juggernaut
118299 | Zig:5    | Killed a juggernaut
118299 | Zig:5    | Killed a juggernaut
118299 | Zig:5    | Killed a juggernaut
118299 | Zig:5    | Noticed a juggernaut
118301 | Zig:5    | Killed a juggernaut
118303 | Zig:5    | Killed a juggernaut
118303 | Zig:5    | Killed a juggernaut
118305 | Zig:5    | Killed a juggernaut
118373 | Zig:6    | Entered Level 6 of a ziggurat
118420 | Zig:6    | Identified the amulet "Pyoff" {Reflect Regen+ Int+3 Dex+2
                  | SH+5}
118424 | Zig:6    | Identified the +1 chain mail of the Komodo Dragon {rF+ rN+
                  | Dex+4}
118452 | Zig:7    | Entered Level 7 of a ziggurat
118453 | Zig:7    | Noticed an ancient lich
118453 | Zig:7    | Noticed a dread lich
118453 | Zig:7    | Noticed a dread lich
118453 | Zig:7    | Noticed an ancient lich
118453 | Zig:7    | Noticed a dread lich
118453 | Zig:7    | Noticed an ancient lich
118454 | Zig:7    | Killed a dread lich
118454 | Zig:7    | Killed a dread lich
118454 | Zig:7    | Killed an ancient lich
118456 | Zig:7    | Killed an ancient lich
118460 | Zig:7    | Killed an ancient lich
118460 | Zig:7    | Killed a dread lich
118491 | Zig:8    | Entered Level 8 of a ziggurat
118529 | Zig:8    | Identified the ring of Touxzil {AC+4 Str+6 Dex+3 Slay+3}
118562 | Zig:9    | Entered Level 9 of a ziggurat
118581 | Zig:9    | Identified the ring "Otialemiga" {rF+ rN+ rCorr Dex+4}
118586 | Zig:10   | Entered Level 10 of a ziggurat
118586 | Zig:10   | Noticed a juggernaut
118586 | Zig:10   | Noticed a juggernaut
118586 | Zig:10   | Noticed a juggernaut
118587 | Zig:10   | Killed a juggernaut
118587 | Zig:10   | Killed a juggernaut
118587 | Zig:10   | Noticed a juggernaut
118589 | Zig:10   | Noticed a juggernaut
118589 | Zig:10   | Noticed a juggernaut
118589 | Zig:10   | Noticed a juggernaut
118589 | Zig:10   | Noticed a juggernaut
118590 | Zig:10   | Killed a juggernaut
118590 | Zig:10   | Killed a juggernaut
118590 | Zig:10   | Killed a juggernaut
118592 | Zig:10   | Noticed a juggernaut
118592 | Zig:10   | Noticed a juggernaut
118592 | Zig:10   | Noticed a juggernaut
118592 | Zig:10   | Noticed a juggernaut
118593 | Zig:10   | Killed a juggernaut
118593 | Zig:10   | Killed a juggernaut
118593 | Zig:10   | Killed a juggernaut
118593 | Zig:10   | Killed a juggernaut
118593 | Zig:10   | Killed a juggernaut
118594 | Zig:10   | Killed a juggernaut
118594 | Zig:10   | Killed a juggernaut
118606 | Zig:10   | Identified the ring of Secrets {EV+4 Str+6 Dex+3}
118618 | Zig:10   | Identified the +0 gold dragon scales of Avvischar {Harm
                  | rPois rF+ rC+ Dex+3}
118705 | Zig:11   | Entered Level 11 of a ziggurat
118732 | Zig:11   | Identified the ring "Fepyloup" {Ice Will+}
118733 | Zig:11   | Identified the +9 spear "Biaqiru" {speed, rC- rN+++ Will+}
118750 | Zig:11   | Identified the +7 lajatang "Killer Bee's Foe" {chaos,
                  | Int+2}
118766 | Zig:11   | Identified the +2 chain mail of Spite {Contam rF+ rC+ rN+}
118772 | Zig:11   | Identified the ring of Music {AC+4 Str+3 Slay+3}
118889 | Zig:12   | Entered Level 12 of a ziggurat
118890 | Zig:12   | Noticed a dread lich
118894 | Zig:12   | Killed a dread lich
118920 | Zig:12   | Identified the +4 triple sword of Baept {antimagic, rC+
                  | Str-5 Int+3 SInv}
118921 | Zig:12   | Identified the +3 dire flail of Dung {freeze, Int+2}
118928 | Zig:12   | Identified the +9 spear of Stickiness {freeze, Fly rF++
                  | rCorr Dex-3}
118930 | Zig:12   | Identified the +7 rapier of Superiority {freeze, Dex+8}
118944 | Zig:12   | Identified the +0 ice dragon scales of Mental Paralysis
                  | {rPois rF- rC++ Int+2 Slay-4}
118958 | Zig:12   | Identified the +3 glaive of Starshine {pain, rC+ MP+9}
119001 | Zig:13   | Entered Level 13 of a ziggurat
119005 | Zig:13   | Noticed Qonackenk the pandemonium lord
119005 | Zig:13   | Noticed Fiopef the pandemonium lord
119005 | Zig:13   | Noticed Ujatil the pandemonium lord
119005 | Zig:13   | Noticed Qeku the pandemonium lord
119005 | Zig:13   | Noticed Vafapu the pandemonium lord
119005 | Zig:13   | Noticed Luvic the pandemonium lord
119005 | Zig:13   | Noticed Umpiegu the pandemonium lord
119006 | Zig:13   | Noticed Ryma the pandemonium lord
119006 | Zig:13   | Noticed Japo the pandemonium lord
119006 | Zig:13   | Noticed Jixt the pandemonium lord
119007 | Zig:13   | Noticed Rukouhitt the pandemonium lord
119007 | Zig:13   | Noticed Aschiosm the pandemonium lord
119007 | Zig:13   | Killed Umpiegu the pandemonium lord
119007 | Zig:13   | Noticed Jias the pandemonium lord
119007 | Zig:13   | Noticed Leuxuf the pandemonium lord
119008 | Zig:13   | Noticed Hopar the pandemonium lord
119009 | Zig:13   | Noticed Fimex the pandemonium lord
119012 | Zig:13   | Noticed Saory the pandemonium lord
119012 | Zig:13   | Noticed Iggum the pandemonium lord
119012 | Zig:13   | Noticed Keeg the pandemonium lord
119016 | Zig:13   | Killed Fiopef the pandemonium lord
119016 | Zig:13   | Killed Japo the pandemonium lord
119016 | Zig:13   | Killed Keeg the pandemonium lord
119016 | Zig:13   | Killed Jixt the pandemonium lord
119016 | Zig:13   | Killed Qeku the pandemonium lord
119016 | Zig:13   | Killed Rukouhitt the pandemonium lord
119016 | Zig:13   | Killed Hopar the pandemonium lord
119016 | Zig:13   | Noticed Xuich the pandemonium lord
119017 | Zig:13   | Killed Luvic the pandemonium lord
119017 | Zig:13   | Killed Saory the pandemonium lord
119017 | Zig:13   | Killed Iggum the pandemonium lord
119017 | Zig:13   | Killed Qonackenk the pandemonium lord
119017 | Zig:13   | Killed Aschiosm the pandemonium lord
119017 | Zig:13   | Killed Fimex the pandemonium lord
119018 | Zig:13   | Killed Ryma the pandemonium lord
119018 | Zig:13   | Noticed Pacheh the pandemonium lord
119019 | Zig:13   | Noticed Gomi the pandemonium lord
119019 | Zig:13   | Killed Xuich the pandemonium lord
119019 | Zig:13   | Killed Ujatil the pandemonium lord
119019 | Zig:13   | Killed Jias the pandemonium lord
119019 | Zig:13   | Noticed Ogaryang the pandemonium lord
119020 | Zig:13   | Killed Leuxuf the pandemonium lord
119020 | Zig:13   | Killed Ogaryang the pandemonium lord
119020 | Zig:13   | Noticed Otzyjikeesch the pandemonium lord
119020 | Zig:13   | Noticed Sismory the pandemonium lord
119020 | Zig:13   | Noticed Upimavvuyru the pandemonium lord
119020 | Zig:13   | Noticed Uniuriw the pandemonium lord
119021 | Zig:13   | Killed Gomi the pandemonium lord
119022 | Zig:13   | Killed Pacheh the pandemonium lord
119022 | Zig:13   | Killed Otzyjikeesch the pandemonium lord
119022 | Zig:13   | Noticed Maray the pandemonium lord
119022 | Zig:13   | Noticed Gyosep the pandemonium lord
119022 | Zig:13   | Noticed Hocurgh the pandemonium lord
119023 | Zig:13   | Noticed Touvuel the pandemonium lord
119023 | Zig:13   | Killed Upimavvuyru the pandemonium lord
119023 | Zig:13   | Noticed Byucomis the pandemonium lord
119023 | Zig:13   | Noticed Zuhaepent the pandemonium lord
119023 | Zig:13   | Noticed Teithuno the pandemonium lord
119024 | Zig:13   | Killed Uniuriw the pandemonium lord
119024 | Zig:13   | Killed Maray the pandemonium lord
119024 | Zig:13   | Killed Hocurgh the pandemonium lord
119024 | Zig:13   | Noticed Xisiyl the pandemonium lord
119025 | Zig:13   | Killed Byucomis the pandemonium lord
119025 | Zig:13   | Noticed Naeg the pandemonium lord
119025 | Zig:13   | Noticed Inioraez the pandemonium lord
119025 | Zig:13   | Noticed Enur the pandemonium lord
119026 | Zig:13   | Killed Touvuel the pandemonium lord
119026 | Zig:13   | Killed Teithuno the pandemonium lord
119026 | Zig:13   | Killed Xisiyl the pandemonium lord
119026 | Zig:13   | Noticed Sypneris the pandemonium lord
119026 | Zig:13   | Killed Vafapu the pandemonium lord
119027 | Zig:13   | Killed Gyosep the pandemonium lord
119027 | Zig:13   | Killed Sismory the pandemonium lord
119027 | Zig:13   | Killed Enur the pandemonium lord
119028 | Zig:13   | Killed Zuhaepent the pandemonium lord
119028 | Zig:13   | Killed Naeg the pandemonium lord
119028 | Zig:13   | Killed Inioraez the pandemonium lord
119029 | Zig:13   | Noticed Mubaarog the pandemonium lord
119029 | Zig:13   | Killed Sypneris the pandemonium lord
119029 | Zig:13   | Noticed Tanousid the pandemonium lord
119029 | Zig:13   | Noticed Loqem the pandemonium lord
119030 | Zig:13   | Killed Mubaarog the pandemonium lord
119031 | Zig:13   | Noticed Esmito Gugg the pandemonium lord
119032 | Zig:13   | Noticed Mola the pandemonium lord
119034 | Zig:13   | Killed Tanousid the pandemonium lord
119034 | Zig:13   | Killed Loqem the pandemonium lord
119034 | Zig:13   | Noticed Ycsircho the pandemonium lord
119034 | Zig:13   | Noticed Plog the pandemonium lord
119035 | Zig:13   | Killed Mola the pandemonium lord
119035 | Zig:13   | Noticed Zaucide the pandemonium lord
119036 | Zig:13   | Killed Esmito Gugg the pandemonium lord
119037 | Zig:13   | Noticed Dofo the pandemonium lord
119037 | Zig:13   | Noticed Utzem the pandemonium lord
119038 | Zig:13   | Killed Plog the pandemonium lord
119038 | Zig:13   | Killed Ycsircho the pandemonium lord
119039 | Zig:13   | Noticed Hakaek the pandemonium lord
119039 | Zig:13   | Noticed Haggiemi the pandemonium lord
119039 | Zig:13   | Noticed Laoxomink the pandemonium lord
119039 | Zig:13   | Noticed Vaipt the pandemonium lord
119040 | Zig:13   | Noticed Tibrij the pandemonium lord
119040 | Zig:13   | Noticed Imnuh the pandemonium lord
119040 | Zig:13   | Noticed Ziohet the pandemonium lord
119043 | Zig:13   | Killed Dofo the pandemonium lord
119043 | Zig:13   | Killed Zaucide the pandemonium lord
119043 | Zig:13   | Killed Haggiemi the pandemonium lord
119043 | Zig:13   | Killed Utzem the pandemonium lord
119044 | Zig:13   | Killed Hakaek the pandemonium lord
119044 | Zig:13   | Killed Vaipt the pandemonium lord
119045 | Zig:13   | Killed Imnuh the pandemonium lord
119046 | Zig:13   | Killed Ziohet the pandemonium lord
119047 | Zig:13   | Killed Laoxomink the pandemonium lord
119048 | Zig:13   | Killed Tibrij the pandemonium lord
119059 | Zig:13   | Identified the ring of the Vendetta {rPois Will+++ MP+9
                  | Str-3 Int+3}
119060 | Zig:13   | Identified the +1 steam dragon scales of Deantoc {rCorr
                  | Int+3 Dex+3}
119065 | Zig:13   | Identified the +6 whip of the Shrinking Traitor {venom, rN+
                  | Int+4}
119072 | Zig:13   | Identified the ring "Jezity" {rN+ Dex+5 Slay+3}
119087 | Zig:13   | Identified the ring of Midsummer {rPois rF++}
119088 | Zig:13   | Identified the ring "Welu" {Fly rCorr Str-4 Int-4 Stlth+}
119090 | Zig:13   | Identified the ring of the Madman {Wiz rF+ Stlth+}
119092 | Zig:13   | Identified the +11 spear of Otetzi Saill {vorpal, rC+ rCorr
                  | Str+3 Stlth-}
119101 | Zig:14   | Entered Level 14 of a ziggurat
119133 | Zig:14   | Identified the amulet of Sicoohyd {Acrobat rPois Str+3
                  | Dex+2}
119139 | Zig:14   | Identified the ring "Ficepat" {rCorr Str+7 Dex+4}
119153 | Zig:14   | Identified the +0 scale mail of Darkness {Will+++}
119156 | Zig:14   | Identified the +1 pair of gloves "Sasaetu" {Will+ Str+4
                  | Dex+5 Slay-2}
119170 | Zig:15   | Entered Level 15 of a ziggurat
119176 | Zig:15   | Noticed a dread lich
119176 | Zig:15   | Noticed an ancient lich
119177 | Zig:15   | Killed a dread lich
119178 | Zig:15   | Killed an ancient lich
119204 | Zig:15   | Identified the ring "Cusiez" {Fire rPois rCorr Int-2}
119236 | Zig:16   | Entered Level 16 of a ziggurat
119330 | Zig:16   | Identified the +11 short sword of the People {freeze, Will+
                  | Str+4 Dex-3}
119331 | Zig:16   | Identified the ring of the Firefly {rC+ rCorr}
119337 | Zig:16   | Identified the amulet "Jugoj" {Spirit Fly rC+ Regen+}
119339 | Zig:16   | Identified the +10 shortbow "Lunluoc" {vorpal, rCorr}
119343 | Zig:16   | Identified the +2 pair of boots of Free Expression
                  | {*Corrode Will+ Str+4}
119354 | Zig:16   | Identified the ring "Naliutipn" {rF+ MP+9 Str-3 Dex+2}
119396 | Zig:17   | Entered Level 17 of a ziggurat
119401 | Zig:17   | Noticed a dread lich
119401 | Zig:17   | Noticed a dread lich
119401 | Zig:17   | Noticed an ancient lich
119401 | Zig:17   | Noticed a dread lich
119401 | Zig:17   | Noticed an ancient lich
119401 | Zig:17   | Noticed a dread lich
119402 | Zig:17   | Killed a dread lich
119402 | Zig:17   | Killed a dread lich
119402 | Zig:17   | Killed an ancient lich
119402 | Zig:17   | Noticed a dread lich
119403 | Zig:17   | Noticed an ancient lich
119403 | Zig:17   | Noticed an ancient lich
119403 | Zig:17   | Noticed an ancient lich
119403 | Zig:17   | Noticed an ancient lich
119404 | Zig:17   | Killed an ancient lich
119404 | Zig:17   | Killed a dread lich
119404 | Zig:17   | Killed a dread lich
119404 | Zig:17   | Killed a dread lich
119405 | Zig:17   | Noticed an ancient lich
119405 | Zig:17   | Noticed a dread lich
119406 | Zig:17   | Noticed an ancient lich
119409 | Zig:17   | Noticed a dread lich
119410 | Zig:17   | Killed an ancient lich
119410 | Zig:17   | Killed an ancient lich
119410 | Zig:17   | Killed an ancient lich
119411 | Zig:17   | Noticed an ancient lich
119411 | Zig:17   | Noticed a dread lich
119411 | Zig:17   | Noticed a dread lich
119411 | Zig:17   | Killed a dread lich
119411 | Zig:17   | Killed an ancient lich
119412 | Zig:17   | Killed an ancient lich
119412 | Zig:17   | Killed a dread lich
119412 | Zig:17   | Killed an ancient lich
119413 | Zig:17   | Killed an ancient lich
119413 | Zig:17   | Killed a dread lich
119417 | Zig:17   | Noticed an ancient lich
119422 | Zig:17   | Killed a dread lich
119425 | Zig:17   | Killed an ancient lich
119439 | Zig:17   | Identified the ring of Finality {rC+ Int+4 Dex+6}
119449 | Zig:17   | Identified the ring "Pauggyaq" {rC++ rN+ Will+ Str+6}
119458 | Zig:17   | Identified the amulet "Luulit" {RegenMP Will+}
119460 | Zig:17   | Identified the +1 spear of Xom {elec, Str+4}
119462 | Zig:17   | Identified the ring of Guhaaha {rF+ Will+ Int+3}
119509 | Zig:17   | Identified the +2 leather armour of Iklepub {rC+ rN+ Int+5}
119524 | Zig:17   | Identified the +1 chain mail "Adghui Alam" {Harm rF++ rN+
                  | Dex-3}
119613 | Zig:18   | Entered Level 18 of a ziggurat
119623 | Zig:18   | Noticed a dread lich
119624 | Zig:18   | Killed a dread lich
119657 | Zig:18   | Identified the +1 leather armour of Proximity {rC+ rN+ MP+9
                  | Int+3}
119670 | Zig:18   | Identified the amulet of the Morning {Acrobat Int+6}
119681 | Zig:18   | Identified the +6 great sword of the Depths {protect, rF+
                  | rCorr}
119684 | Zig:18   | Identified the ring of Hocruh {rElec rC+ Str+7 Int+6 Dex-5}
119685 | Zig:18   | Identified the ring "Wohiwk" {rPois rF- Int+3 Slay+5}
119696 | Zig:19   | Entered Level 19 of a ziggurat
119743 | Zig:19   | Identified the +6 bardiche "Demon's Death Toll" {spect,
                  | Int+4}
119746 | Zig:19   | Identified the +1 acid dragon scales of Nauby Biwkerph {Fly
                  | rCorr}
119750 | Zig:19   | Identified the amulet of Qiut Gog {Reflect +Blink rC+ Int+2
                  | SH+5}
119758 | Zig:19   | Acquired 836 gold pieces
119759 | Zig:19   | Acquired 1226 gold pieces
119760 | Zig:19   | Acquired 1288 gold pieces
119786 | Zig:19   | Identified the +6 war axe of Karma {drain, Will++}
119793 | Zig:19   | Identified the +10 quarterstaff of the Extremes {flame,
                  | *Slow rPois rN+ MP+9}
119811 | Zig:19   | Identified the +8 rapier "Grum" {freeze, Contam rF+ rC+++
                  | rCorr}
119813 | Zig:19   | Identified the +7 short sword of Lulodd {vorpal, rF+}
119816 | Zig:19   | Identified the +6 spear "Bossol" {pain, rPois rN+ Stlth+}
119819 | Zig:19   | Identified the ring "Avoacs" {rCorr Int+4 Dex+4}
119831 | Zig:19   | Identified the ring of Feptoevejy {Ice rN+ rCorr Dex+3}
119901 | Zig:20   | Entered Level 20 of a ziggurat
119952 | Zig:20   | Identified the ring of Tyel {rC++ rN+ Str+4}
119963 | Zig:20   | Identified the +1 falchion "Jegar" {freeze, Dex+2}
119970 | Zig:20   | Identified the ring "Pinilia" {rPois rF- Str-5 Dex+6
                  | Slay+4}
119971 | Zig:20   | Identified the +8 broad axe of Responsibility {speed, rC++
                  | Stlth+}
119976 | Zig:20   | Identified the +7 gold dragon scales of Gapicet {rPois rF+
                  | rC+ rN+++ rCorr Stlth+}
119980 | Zig:20   | Identified the ring of Tuhoysuu {rN+ rCorr Str+5 Dex-5
                  | Slay+4}
119995 | Zig:20   | Identified the +10 demon whip of Judgement {vamp, +Blink
                  | rElec rCorr Dex-2}
120007 | Zig:20   | Identified the ring "Voelof" {*Corrode rF++ Will+ Int+6
                  | Stlth+}
120009 | Zig:20   | Identified the +2 ring mail of the Garden {rF+ Stlth+}
120088 | Zig:20   | Identified the +1 ice dragon scales "Poimo Loxtyi" {rF-
                  | rC++ Str+3}
120095 | Zig:21   | Entered Level 21 of a ziggurat
120114 | Zig:21   | Noticed Ukug the pandemonium lord
120116 | Zig:21   | Killed Ukug the pandemonium lord
120173 | Zig:21   | Identified the +6 great sword "Huseib Emaal" {vorpal, rElec
                  | Will- rCorr Str+4}
120174 | Zig:21   | Identified the +3 battleaxe of the Indestructible God
                  | {venom, Str+3}
120179 | Zig:21   | Identified the +0 plate armour of Insatiable Hunger {rElec}
120185 | Zig:21   | Identified the +2 leather armour of the Leaf {rPois Int+3}
120186 | Zig:21   | Identified the ring "Mileeche" {rC+ rN++ rCorr Str+2 Int-5}
120192 | Zig:21   | Identified the +3 great sword "Qemacotu" {venom, *Corrode
                  | rElec Str+7 Stlth+}
120196 | Zig:21   | Identified the +1 chain mail of Quantum Leap {rPois rF- rN+
                  | Str+2}
120200 | Zig:21   | Identified the ring of Woedghok {*Slow rElec Str+4 Int+2
                  | Slay+4}
120212 | Zig:21   | Identified the +1 scale mail of Saaxu {rC+ Regen+ Dex+3
                  | Slay+2}
120214 | Zig:21   | Identified the +12 demon whip "Godwoc" {flame, rPois rCorr
                  | Dex-4}
120315 | Zig:22   | Entered Level 22 of a ziggurat
120374 | Zig:22   | Identified the +4 quarterstaff of the Inferno {drain, rN+}
120379 | Zig:22   | Identified the +6 demon trident "Demonspawn's Bane" {elec,
                  | rF+ rC+ rN+}
120382 | Zig:22   | Identified the ring of Laocsiar {Wiz rF+}
120400 | Zig:23   | Entered Level 23 of a ziggurat
120408 | Zig:23   | Noticed an ancient lich
120408 | Zig:23   | Noticed an ancient lich
120408 | Zig:23   | Noticed an ancient lich
120408 | Zig:23   | Noticed a dread lich
120408 | Zig:23   | Noticed an ancient lich
120408 | Zig:23   | Noticed an ancient lich
120408 | Zig:23   | Noticed an ancient lich
120409 | Zig:23   | Killed an ancient lich
120409 | Zig:23   | Noticed an ancient lich
120410 | Zig:23   | Noticed an ancient lich
120410 | Zig:23   | Noticed an ancient lich
120410 | Zig:23   | Noticed an ancient lich
120410 | Zig:23   | Noticed a dread lich
120410 | Zig:23   | Noticed an ancient lich
120410 | Zig:23   | Noticed an ancient lich
120410 | Zig:23   | Noticed a dread lich
120411 | Zig:23   | Noticed a dread lich
120411 | Zig:23   | Killed a dread lich
120411 | Zig:23   | Killed an ancient lich
120411 | Zig:23   | Killed a dread lich
120411 | Zig:23   | Killed an ancient lich
120411 | Zig:23   | Killed an ancient lich
120411 | Zig:23   | Killed an ancient lich
120411 | Zig:23   | Killed an ancient lich
120411 | Zig:23   | Killed an ancient lich
120412 | Zig:23   | Noticed an ancient lich
120412 | Zig:23   | Noticed an ancient lich
120412 | Zig:23   | Noticed a dread lich
120413 | Zig:23   | Noticed an ancient lich
120413 | Zig:23   | Noticed an ancient lich
120413 | Zig:23   | Noticed an ancient lich
120413 | Zig:23   | Noticed a dread lich
120413 | Zig:23   | Noticed a dread lich
120413 | Zig:23   | Noticed an ancient lich
120413 | Zig:23   | Noticed an ancient lich
120413 | Zig:23   | Noticed a dread lich
120413 | Zig:23   | Noticed a dread lich
120413 | Zig:23   | Noticed a dread lich
120413 | Zig:23   | Noticed a dread lich
120414 | Zig:23   | Killed an ancient lich
120414 | Zig:23   | Killed an ancient lich
120414 | Zig:23   | Killed a dread lich
120414 | Zig:23   | Killed an ancient lich
120414 | Zig:23   | Killed a dread lich
120414 | Zig:23   | Noticed a dread lich
120415 | Zig:23   | Noticed an ancient lich
120415 | Zig:23   | Noticed a dread lich
120415 | Zig:23   | Noticed a dread lich
120415 | Zig:23   | Noticed a dread lich
120415 | Zig:23   | Noticed an ancient lich
120415 | Zig:23   | Noticed an ancient lich
120415 | Zig:23   | Noticed a dread lich
120415 | Zig:23   | Noticed an ancient lich
120415 | Zig:23   | Noticed an ancient lich
120415 | Zig:23   | Noticed an ancient lich
120415 | Zig:23   | Noticed an ancient lich
120415 | Zig:23   | Noticed a dread lich
120416 | Zig:23   | Killed an ancient lich
120416 | Zig:23   | Killed a dread lich
120416 | Zig:23   | Killed an ancient lich
120416 | Zig:23   | Killed an ancient lich
120416 | Zig:23   | Killed an ancient lich
120416 | Zig:23   | Killed a dread lich
120416 | Zig:23   | Killed an ancient lich
120416 | Zig:23   | Killed an ancient lich
120416 | Zig:23   | Killed an ancient lich
120416 | Zig:23   | Killed an ancient lich
120416 | Zig:23   | Killed an ancient lich
120416 | Zig:23   | Killed an ancient lich
120417 | Zig:23   | Killed a dread lich
120417 | Zig:23   | Killed a dread lich
120418 | Zig:23   | Killed an ancient lich
120418 | Zig:23   | Killed a dread lich
120418 | Zig:23   | Killed a dread lich
120418 | Zig:23   | Killed a dread lich
120418 | Zig:23   | Killed an ancient lich
120418 | Zig:23   | Killed an ancient lich
120418 | Zig:23   | Killed an ancient lich
120418 | Zig:23   | Killed a dread lich
120418 | Zig:23   | Killed an ancient lich
120419 | Zig:23   | Killed a dread lich
120419 | Zig:23   | Killed a dread lich
120420 | Zig:23   | Killed a dread lich
120421 | Zig:23   | Killed a dread lich
120421 | Zig:23   | Killed a dread lich
120421 | Zig:23   | Killed an ancient lich
120422 | Zig:23   | Noticed an ancient lich
120424 | Zig:23   | Killed an ancient lich
120436 | Zig:23   | Identified the ring "Bepsam" {rElec rPois rF- rN+++ Dex+3}
120459 | Zig:23   | Identified the +0 pair of boots of Lies {+Inv rPois MP+9
                  | Str-4}
120483 | Zig:23   | Acquired 851 gold pieces
120487 | Zig:24   | Entered Level 24 of a ziggurat
120824 | Zig:24   | Identified the +5 mace of the Vaults {speed, *Rage rC+ rN+
                  | Str+5}
120837 | Zig:24   | Identified the +4 plate armour of a volcano {+Blink rElec
                  | rF+}
120843 | Zig:24   | Identified the amulet "Zampa" {Acrobat Regen+}
120856 | Zig:24   | Identified the amulet of Vutwi {Acrobat *Slow Str+5 Dex+2}
120874 | Zig:24   | Identified the +0 ring mail of the Turtle {Dex+3}
120935 | Zig:25   | Entered Level 25 of a ziggurat
120941 | Zig:25   | Noticed a juggernaut
120941 | Zig:25   | Noticed a juggernaut
120941 | Zig:25   | Noticed a juggernaut
120941 | Zig:25   | Noticed a juggernaut
120941 | Zig:25   | Noticed a juggernaut
120943 | Zig:25   | Noticed a juggernaut
120944 | Zig:25   | Noticed a juggernaut
120944 | Zig:25   | Noticed a juggernaut
120944 | Zig:25   | Noticed a juggernaut
120944 | Zig:25   | Noticed a juggernaut
120944 | Zig:25   | Noticed a juggernaut
120945 | Zig:25   | Noticed a juggernaut
120945 | Zig:25   | Noticed a juggernaut
120945 | Zig:25   | Noticed a juggernaut
120945 | Zig:25   | Noticed a juggernaut
120945 | Zig:25   | Noticed a juggernaut
120945 | Zig:25   | Noticed a juggernaut
120946 | Zig:25   | Noticed a juggernaut
120946 | Zig:25   | Noticed a juggernaut
120946 | Zig:25   | Noticed a juggernaut
120946 | Zig:25   | Killed a juggernaut
120946 | Zig:25   | Killed a juggernaut
120946 | Zig:25   | Killed a juggernaut
120946 | Zig:25   | Killed a juggernaut
120946 | Zig:25   | Noticed a juggernaut
120946 | Zig:25   | Noticed a juggernaut
120947 | Zig:25   | Noticed a juggernaut
120947 | Zig:25   | Noticed a juggernaut
120947 | Zig:25   | Noticed a juggernaut
120947 | Zig:25   | Noticed a juggernaut
120947 | Zig:25   | Noticed a juggernaut
120947 | Zig:25   | Noticed a juggernaut
120947 | Zig:25   | Noticed a juggernaut
120947 | Zig:25   | Noticed a juggernaut
120947 | Zig:25   | Noticed a juggernaut
120947 | Zig:25   | Noticed a juggernaut
120947 | Zig:25   | Noticed a juggernaut
120947 | Zig:25   | Noticed a juggernaut
120947 | Zig:25   | Noticed a juggernaut
120947 | Zig:25   | Noticed a juggernaut
120947 | Zig:25   | Noticed a juggernaut
120948 | Zig:25   | Noticed a juggernaut
120948 | Zig:25   | Noticed a juggernaut
120948 | Zig:25   | Noticed a juggernaut
120948 | Zig:25   | Noticed a juggernaut
120948 | Zig:25   | Noticed a juggernaut
120948 | Zig:25   | Noticed a juggernaut
120948 | Zig:25   | Noticed a juggernaut
120948 | Zig:25   | Noticed a juggernaut
120948 | Zig:25   | Noticed a juggernaut
120948 | Zig:25   | Noticed a juggernaut
120948 | Zig:25   | Noticed a juggernaut
120948 | Zig:25   | Noticed a juggernaut
120948 | Zig:25   | Noticed a juggernaut
120949 | Zig:25   | Noticed a juggernaut
120950 | Zig:25   | Noticed a juggernaut
120950 | Zig:25   | Noticed a juggernaut
120950 | Zig:25   | Killed a juggernaut
120950 | Zig:25   | Killed a juggernaut
120950 | Zig:25   | Killed a juggernaut
120950 | Zig:25   | Killed a juggernaut
120950 | Zig:25   | Killed a juggernaut
120950 | Zig:25   | Killed a juggernaut
120950 | Zig:25   | Killed a juggernaut
120950 | Zig:25   | Killed a juggernaut
120950 | Zig:25   | Killed a juggernaut
120950 | Zig:25   | Killed a juggernaut
120950 | Zig:25   | Killed a juggernaut
120950 | Zig:25   | Killed a juggernaut
120950 | Zig:25   | Killed a juggernaut
120950 | Zig:25   | Killed a juggernaut
120950 | Zig:25   | Killed a juggernaut
120950 | Zig:25   | Noticed a juggernaut
120950 | Zig:25   | Noticed a juggernaut
120951 | Zig:25   | Noticed a juggernaut
120951 | Zig:25   | Noticed a juggernaut
120951 | Zig:25   | Killed a juggernaut
120951 | Zig:25   | Killed a juggernaut
120951 | Zig:25   | Killed a juggernaut
120951 | Zig:25   | Killed a juggernaut
120951 | Zig:25   | Killed a juggernaut
120951 | Zig:25   | Killed a juggernaut
120951 | Zig:25   | Killed a juggernaut
120951 | Zig:25   | Killed a juggernaut
120951 | Zig:25   | Killed a juggernaut
120951 | Zig:25   | Killed a juggernaut
120951 | Zig:25   | Killed a juggernaut
120951 | Zig:25   | Killed a juggernaut
120951 | Zig:25   | Killed a juggernaut
120951 | Zig:25   | Killed a juggernaut
120951 | Zig:25   | Killed a juggernaut
120951 | Zig:25   | Killed a juggernaut
120951 | Zig:25   | Killed a juggernaut
120951 | Zig:25   | Killed a juggernaut
120951 | Zig:25   | Killed a juggernaut
120951 | Zig:25   | Killed a juggernaut
120951 | Zig:25   | Killed a juggernaut
120951 | Zig:25   | Killed a juggernaut
120951 | Zig:25   | Killed a juggernaut
120951 | Zig:25   | Killed a juggernaut
120951 | Zig:25   | Killed a juggernaut
120951 | Zig:25   | Killed a juggernaut
120951 | Zig:25   | Killed a juggernaut
120951 | Zig:25   | Killed a juggernaut
120951 | Zig:25   | Killed a juggernaut
120951 | Zig:25   | Killed a juggernaut
120951 | Zig:25   | Noticed a juggernaut
120951 | Zig:25   | Noticed a juggernaut
120952 | Zig:25   | Noticed a juggernaut
120952 | Zig:25   | Noticed a juggernaut
120952 | Zig:25   | Noticed a juggernaut
120952 | Zig:25   | Noticed a juggernaut
120952 | Zig:25   | Noticed a juggernaut
120952 | Zig:25   | Noticed a juggernaut
120952 | Zig:25   | Noticed a juggernaut
120953 | Zig:25   | Noticed a juggernaut
120953 | Zig:25   | Killed a juggernaut
120953 | Zig:25   | Killed a juggernaut
120954 | Zig:25   | Killed a juggernaut
120954 | Zig:25   | Killed a juggernaut
120954 | Zig:25   | Killed a juggernaut
120954 | Zig:25   | Killed a juggernaut
120954 | Zig:25   | Killed a juggernaut
120954 | Zig:25   | Killed a juggernaut
120954 | Zig:25   | Killed a juggernaut
120955 | Zig:25   | Killed a juggernaut
120958 | Zig:25   | Noticed a juggernaut
120959 | Zig:25   | Killed a juggernaut
120959 | Zig:25   | Killed a juggernaut
120959 | Zig:25   | Noticed a juggernaut
120960 | Zig:25   | Noticed a juggernaut
120962 | Zig:25   | Killed a juggernaut
120962 | Zig:25   | Killed a juggernaut
120962 | Zig:25   | Killed a juggernaut
120962 | Zig:25   | Killed a juggernaut
120962 | Zig:25   | Killed a juggernaut
120962 | Zig:25   | Killed a juggernaut
120962 | Zig:25   | Killed a juggernaut
120962 | Zig:25   | Killed a juggernaut
120963 | Zig:25   | Killed a juggernaut
121008 | Zig:25   | Identified the ring "Fupsidas" {rPois MP+9 SInv}
121012 | Zig:25   | Identified the ring of the Shining Light {rF+ Int+4}
121020 | Zig:26   | Entered Level 26 of a ziggurat
121030 | Zig:26   | Identified the +1 tower shield "Reukhlium" {rPois rF-
                  | Regen+ Dex+5}
121032 | Zig:26   | Identified the +5 tower shield "Damnable Contraption"
                  | {rElec}
121032 | Zig:26   | Identified the +1 tower shield of Anaesthesia {rCorr}
121037 | Zig:26   | Identified the +5 tower shield "Egacon" {rF+ rC- Dex+4
                  | Slay+3}
121041 | Zig:26   | Identified the +2 tower shield "Paog" {Regen+ Str+4 Int+3}
121047 | Zig:26   | Identified the +8 tower shield "Ehaekk" {*Slow rPois Int+8}
121069 | Zig:26   | Identified the amulet "Mosoicw" {rF+ Regen+}
121073 | Zig:26   | Identified the amulet of Kisipt {Reflect rC- Str+2 Slay+3
                  | SH+5}
121076 | Zig:26   | Identified the +2 battleaxe "Wove" {antimagic, rPois Str+2
                  | Stlth+}
121077 | Zig:26   | Identified the amulet of Sasudew {Spirit rF- rC+ MP+9
                  | Dex+3}
121080 | Zig:26   | Identified the +0 robe of Undesirable Species {+Inv Slay+2
                  | SInv}
121091 | Zig:26   | Identified the ring "Feug" {rF+ Int+2}
121099 | Zig:26   | Identified the +4 rapier of Uskayaw's Hatred {flame, rElec
                  | rN+ Int+3 Dex-2}
121108 | Zig:26   | Identified the +0 robe of Ru's Displeasure {Dex+6}
121112 | Zig:26   | Identified the +1 leather armour "Bitebig" {rC- Will- rCorr
                  | Dex+10}
121282 | Zig:26   | Identified the +9 battleaxe of Day {vorpal, rElec Str+4
                  | Dex+2}
121284 | Zig:26   | Identified the +8 arbalest "Qagec" {vorpal, Fragile rElec
                  | rCorr}
121294 | Zig:26   | Identified the +3 demon trident of Wonderful Valour {vamp,
                  | rElec rCorr Str-4}
121305 | Zig:26   | Identified the +1 troll leather armour of Fallacy {Regen+
                  | Int+4}
121389 | Zig:27   | Entered Level 27 of a ziggurat
121438 | Zig:27   | Noticed Xuwiut the pandemonium lord
121448 | Zig:27   | Killed Xuwiut the pandemonium lord
121482 | Zig:27   | Identified the amulet of Checkmate {Acrobat Str+4}
121512 | Zig:27   | Identified the +0 ring mail of Ashenzari's Vengeance {+Inv
                  | Dex+4}
121513 | Zig:27   | Identified the ring "Cotu" {rCorr AC+4}
121525 | Zig:27   | Identified the +7 trident "Cyqirr" {drain, rF+ rC+}
121526 | Zig:27   | Identified the +0 hat of the Equator {rF+ Dex+7}
121534 | Zig:27   | Identified the +10 war axe of Vodka {freeze, Int+8 Dex-3
                  | SInv Stlth+}
121541 | Zig:27   | Identified the +10 storm dragon scales "Pitwibloedao"
                  | {rElec rF+ Str+4 Int+3}
121551 | Zig:27   | Identified the +7 long sword "Idobiucu" {vamp, Int+4}
121654 | Zig:1    | Entered Level 1 of a ziggurat
121654 | Zig:1    | Noticed an ancient lich
121654 | Zig:1    | Noticed an ancient lich
121656 | Zig:1    | Killed an ancient lich
121657 | Zig:1    | Killed an ancient lich
121678 | Zig:2    | Entered Level 2 of a ziggurat
121688 | Zig:2    | Identified the +1 leather armour "Kihakia" {Rampage rElec
                  | Str+3 Stlth-}
121695 | Zig:3    | Entered Level 3 of a ziggurat
121705 | Zig:3    | Identified the +0 helmet of Xeqauschy {Stlth+}
121716 | Zig:4    | Entered Level 4 of a ziggurat
121732 | Zig:4    | Identified the +2 robe of Living Creativity {Rampage rN+}
121742 | Zig:5    | Entered Level 5 of a ziggurat
121743 | Zig:5    | Noticed a dread lich
121744 | Zig:5    | Killed a dread lich
121767 | Zig:5    | Identified the +1 spear "Josuavie" {flame, rPois rN+}
121771 | Zig:6    | Entered Level 6 of a ziggurat
121771 | Zig:6    | Noticed an ancient lich
121771 | Zig:6    | Noticed a dread lich
121771 | Zig:6    | Noticed a dread lich
121771 | Zig:6    | Noticed a dread lich
121771 | Zig:6    | Noticed an ancient lich
121772 | Zig:6    | Noticed a dread lich
121772 | Zig:6    | Noticed a dread lich
121772 | Zig:6    | Noticed an ancient lich
121773 | Zig:6    | Killed a dread lich
121773 | Zig:6    | Killed a dread lich
121773 | Zig:6    | Killed an ancient lich
121773 | Zig:6    | Killed an ancient lich
121773 | Zig:6    | Killed a dread lich
121774 | Zig:6    | Killed a dread lich
121774 | Zig:6    | Killed a dread lich
121774 | Zig:6    | Killed an ancient lich
121776 | Zig:6    | Noticed an ancient lich
121783 | Zig:6    | Killed an ancient lich
121789 | Zig:6    | Identified the ring "Sauwnet" {Drain rF+ Str+6}
121798 | Zig:6    | Identified the +9 quarterstaff of the Chewing Gods {freeze,
                  | Str+4 Int+3}
121833 | Zig:7    | Entered Level 7 of a ziggurat
121833 | Zig:7    | Noticed Xyekism the pandemonium lord
121833 | Zig:7    | Noticed Eserrana the pandemonium lord
121833 | Zig:7    | Noticed Kapuggenni the pandemonium lord
121833 | Zig:7    | Noticed Oxixi the pandemonium lord
121833 | Zig:7    | Noticed Cukhlal the pandemonium lord
121833 | Zig:7    | Noticed Kaonaps the pandemonium lord
121833 | Zig:7    | Noticed Cihojev the pandemonium lord
121833 | Zig:7    | Noticed Vitoh the pandemonium lord
121833 | Zig:7    | Noticed Amijoydgh the pandemonium lord
121834 | Zig:7    | Noticed Qiownaz the pandemonium lord
121834 | Zig:7    | Noticed Ycror the pandemonium lord
121834 | Zig:7    | Noticed Ejoago Jeak the pandemonium lord
121834 | Zig:7    | Noticed Helekep the pandemonium lord
121834 | Zig:7    | Noticed Zow Xyme the pandemonium lord
121834 | Zig:7    | Noticed Raofank the pandemonium lord
121834 | Zig:7    | Noticed Juresh the pandemonium lord
121834 | Zig:7    | Noticed Jumeawyd the pandemonium lord
121834 | Zig:7    | Noticed Otoec the pandemonium lord
121834 | Zig:7    | Noticed Vugo Vowed the pandemonium lord
121835 | Zig:7    | Killed Qiownaz the pandemonium lord
121835 | Zig:7    | Killed Ycror the pandemonium lord
121835 | Zig:7    | Killed Ejoago Jeak the pandemonium lord
121835 | Zig:7    | Killed Kapuggenni the pandemonium lord
121835 | Zig:7    | Killed Juresh the pandemonium lord
121835 | Zig:7    | Killed Xyekism the pandemonium lord
121835 | Zig:7    | Killed Eserrana the pandemonium lord
121835 | Zig:7    | Killed Kaonaps the pandemonium lord
121835 | Zig:7    | Killed Cihojev the pandemonium lord
121836 | Zig:7    | Killed Cukhlal the pandemonium lord
121836 | Zig:7    | Killed Vugo Vowed the pandemonium lord
121836 | Zig:7    | Noticed Kunig the pandemonium lord
121837 | Zig:7    | Noticed Doxob the pandemonium lord
121837 | Zig:7    | Noticed Kesava the pandemonium lord
121838 | Zig:7    | Noticed Xugeukk the pandemonium lord
121839 | Zig:7    | Killed Amijoydgh the pandemonium lord
121840 | Zig:7    | Killed Otoec the pandemonium lord
121840 | Zig:7    | Killed Kunig the pandemonium lord
121840 | Zig:7    | Killed Helekep the pandemonium lord
121840 | Zig:7    | Killed Oxixi the pandemonium lord
121840 | Zig:7    | Killed Vitoh the pandemonium lord
121840 | Zig:7    | Killed Jumeawyd the pandemonium lord
121840 | Zig:7    | Noticed Adestrih the pandemonium lord
121841 | Zig:7    | Killed Zow Xyme the pandemonium lord
121842 | Zig:7    | Killed Raofank the pandemonium lord
121842 | Zig:7    | Killed Kesava the pandemonium lord
121842 | Zig:7    | Killed Doxob the pandemonium lord
121843 | Zig:7    | Killed Adestrih the pandemonium lord
121844 | Zig:7    | Killed Xugeukk the pandemonium lord
121851 | Zig:7    | Identified the ring of Sahosaib {rPois rF+ SInv}
121858 | Zig:7    | Identified the ring of Iteibes {Fly rCorr Str+2 Stlth+}
121865 | Zig:7    | Identified the +5 broad axe of the Onslaught {vamp, +Blink
                  | Int+5}
121872 | Zig:7    | Identified the ring "Bepsus" {rN+ Int+6}
121882 | Zig:8    | Entered Level 8 of a ziggurat
121882 | Zig:8    | Noticed a juggernaut
121882 | Zig:8    | Noticed a juggernaut
121882 | Zig:8    | Noticed a juggernaut
121882 | Zig:8    | Noticed a juggernaut
121883 | Zig:8    | Killed a juggernaut
121883 | Zig:8    | Killed a juggernaut
121883 | Zig:8    | Killed a juggernaut
121883 | Zig:8    | Killed a juggernaut
121884 | Zig:8    | Noticed a juggernaut
121884 | Zig:8    | Noticed a juggernaut
121884 | Zig:8    | Noticed a juggernaut
121884 | Zig:8    | Noticed a juggernaut
121885 | Zig:8    | Noticed a juggernaut
121885 | Zig:8    | Noticed a juggernaut
121885 | Zig:8    | Noticed a juggernaut
121886 | Zig:8    | Killed a juggernaut
121886 | Zig:8    | Killed a juggernaut
121886 | Zig:8    | Killed a juggernaut
121886 | Zig:8    | Killed a juggernaut
121886 | Zig:8    | Killed a juggernaut
121886 | Zig:8    | Killed a juggernaut
121894 | Zig:8    | Killed a juggernaut
121897 | Zig:8    | Identified the +5 hand axe "Usse" {vorpal, rN+++ Will-
                  | Int+4}
121899 | Zig:8    | Identified the ring "Hawuidek" {rC+ Int+4 SInv Stlth+}
121915 | Zig:9    | Entered Level 9 of a ziggurat
121941 | Zig:9    | Identified the +2 glaive "Qugrym" {venom, Int+4 Dex+4
                  | Stlth-}
121960 | Zig:10   | Entered Level 10 of a ziggurat
121978 | Zig:10   | Identified the ring of Peax {rC+ EV+4 Int+2 Dex+3}
121983 | Zig:11   | Entered Level 11 of a ziggurat
121998 | Zig:11   | Noticed Uchaonoc the pandemonium lord
122033 | Zig:11   | Killed Uchaonoc the pandemonium lord
122074 | Zig:11   | Identified the ring of the Growing Fool {rElec rPois
                  | Will+++ Str-4 SInv}
122189 | Zig:12   | Entered Level 12 of a ziggurat
122233 | Zig:12   | Identified the ring of Miullo {+Blink rPois Slay+3}
122265 | Zig:13   | Entered Level 13 of a ziggurat
122289 | Zig:13   | Identified the +8 flail "Hydraslayer" {freeze, rElec rN+
                  | Will+}
122306 | Zig:13   | Identified the +0 ring mail of Mutualism {Harm *Slow rPois
                  | Dex+5}
122323 | Zig:14   | Entered Level 14 of a ziggurat
122354 | Zig:14   | Identified the ring "Bofosux" {Wiz Str-4 Int+4 Stlth+}
122362 | Zig:14   | Identified the +5 mace of Jyeck {protect, rElec Will+ Str+4
                  | Int-3}
122392 | Zig:15   | Entered Level 15 of a ziggurat
122461 | Zig:15   | Identified the amulet of Music {RegenMP rF+}
122464 | Zig:15   | Identified the +10 rapier of Changing Execution {speed,
                  | Fragile Will++}
122474 | Zig:15   | Identified the +8 arbalest "Teosegew" {speed, rPois}
122482 | Zig:15   | Identified the +6 long sword of the Wizarding Gods {vorpal,
                  | *Rage rC+ rCorr}
122566 | Zig:16   | Entered Level 16 of a ziggurat
122575 | Zig:16   | Paralysed by a wendigo for 1 turns
122588 | Zig:16   | Noticed Gumuic the pandemonium lord
122593 | Zig:16   | Killed Gumuic the pandemonium lord
122612 | Zig:16   | Identified the amulet "Ylyaf" {RegenMP rElec Str+3}
122631 | Zig:16   | Identified the ring of Tynel {rN++ Str+3 Int+6 Dex-2}
122647 | Zig:16   | Identified the +8 quick blade of Accord {flame, Will++
                  | Int-2 SInv Stlth+}
122655 | Zig:16   | Identified the +3 scale mail of Ynoil {Drain rElec rPois
                  | Dex+7}
122664 | Zig:16   | Identified the +10 flail of Beuzisusch {freeze, rElec}
122674 | Zig:16   | Identified the ring of the Everdark {Fly rElec rN+ Int+3
                  | Dex+3}
122813 | Zig:17   | Entered Level 17 of a ziggurat
122813 | Zig:17   | Noticed a royal mummy
122813 | Zig:17   | Noticed a royal mummy
122813 | Zig:17   | Noticed a royal mummy
122813 | Zig:17   | Noticed a royal mummy
122813 | Zig:17   | Noticed a royal mummy
122813 | Zig:17   | Noticed a royal mummy
122815 | Zig:17   | Killed a royal mummy
122815 | Zig:17   | Killed a royal mummy
122815 | Zig:17   | Killed a royal mummy
122815 | Zig:17   | Killed a royal mummy
122815 | Zig:17   | Killed a royal mummy
122815 | Zig:17   | Killed a royal mummy
122816 | Zig:17   | Noticed a royal mummy
122817 | Zig:17   | Noticed a dread lich
122817 | Zig:17   | Noticed a royal mummy
122817 | Zig:17   | Noticed a royal mummy
122817 | Zig:17   | Noticed a royal mummy
122817 | Zig:17   | Noticed a royal mummy
122817 | Zig:17   | Noticed a royal mummy
122817 | Zig:17   | Noticed a royal mummy
122817 | Zig:17   | Noticed a royal mummy
122817 | Zig:17   | Noticed a royal mummy
122817 | Zig:17   | Noticed a royal mummy
122818 | Zig:17   | Killed a dread lich
122818 | Zig:17   | Noticed a royal mummy
122818 | Zig:17   | Noticed a royal mummy
122818 | Zig:17   | Noticed a royal mummy
122818 | Zig:17   | Noticed a royal mummy
122818 | Zig:17   | Noticed a royal mummy
122819 | Zig:17   | Noticed a royal mummy
122819 | Zig:17   | Noticed a royal mummy
122820 | Zig:17   | Killed a royal mummy
122820 | Zig:17   | Killed a royal mummy
122820 | Zig:17   | Killed a royal mummy
122820 | Zig:17   | Killed a royal mummy
122820 | Zig:17   | Killed a royal mummy
122820 | Zig:17   | Killed a royal mummy
122820 | Zig:17   | Killed a royal mummy
122820 | Zig:17   | Killed a royal mummy
122820 | Zig:17   | Killed a royal mummy
122820 | Zig:17   | Killed a royal mummy
122820 | Zig:17   | Noticed a royal mummy
122821 | Zig:17   | Noticed a royal mummy
122821 | Zig:17   | Noticed a royal mummy
122821 | Zig:17   | Noticed a royal mummy
122821 | Zig:17   | Noticed a royal mummy
122821 | Zig:17   | Noticed a royal mummy
122821 | Zig:17   | Killed a royal mummy
122822 | Zig:17   | Noticed a royal mummy
122822 | Zig:17   | Noticed a royal mummy
122822 | Zig:17   | Noticed a royal mummy
122822 | Zig:17   | Noticed a royal mummy
122822 | Zig:17   | Noticed a royal mummy
122823 | Zig:17   | Noticed a royal mummy
122824 | Zig:17   | Killed a royal mummy
122824 | Zig:17   | Killed a royal mummy
122824 | Zig:17   | Killed a royal mummy
122824 | Zig:17   | Killed a royal mummy
122824 | Zig:17   | Killed a royal mummy
122824 | Zig:17   | Noticed a royal mummy
122825 | Zig:17   | Noticed a royal mummy
122825 | Zig:17   | Noticed a royal mummy
122825 | Zig:17   | Noticed a royal mummy
122825 | Zig:17   | Noticed a royal mummy
122826 | Zig:17   | Killed a royal mummy
122826 | Zig:17   | Killed a royal mummy
122826 | Zig:17   | Killed a royal mummy
122826 | Zig:17   | Killed a royal mummy
122826 | Zig:17   | Killed a royal mummy
122826 | Zig:17   | Killed a royal mummy
122826 | Zig:17   | Killed a royal mummy
122826 | Zig:17   | Killed a royal mummy
122826 | Zig:17   | Killed a royal mummy
122826 | Zig:17   | Killed a royal mummy
122826 | Zig:17   | Killed a royal mummy
122826 | Zig:17   | Killed a royal mummy
122826 | Zig:17   | Killed a royal mummy
122827 | Zig:17   | Noticed a royal mummy
122827 | Zig:17   | Noticed a royal mummy
122827 | Zig:17   | Noticed a royal mummy
122827 | Zig:17   | Noticed a royal mummy
122827 | Zig:17   | Noticed a royal mummy
122828 | Zig:17   | Killed a royal mummy
122828 | Zig:17   | Killed a royal mummy
122828 | Zig:17   | Killed a royal mummy
122828 | Zig:17   | Killed a royal mummy
122828 | Zig:17   | Killed a royal mummy
122828 | Zig:17   | Killed a royal mummy
122828 | Zig:17   | Killed a royal mummy
122828 | Zig:17   | Killed a royal mummy
122828 | Zig:17   | Killed a royal mummy
122835 | Zig:17   | Killed a royal mummy
122855 | Zig:17   | Identified the amulet "Myosken" {Harm rC+ Regen+}
122858 | Zig:17   | Acquired 975 gold pieces
122881 | Zig:17   | Identified the +2 dagger of Juram {protect, Fly Will+}
122886 | Zig:17   | Identified the +7 sling "Kusaron" {flame, Int+4 Dex+4}
122888 | Zig:17   | Identified the +9 mace of Havoc {drain, rElec rN++ Int-4}
122896 | Zig:17   | Identified the +8 spear "Feets" {antimagic, rF+}
122906 | Zig:17   | Identified the +3 chain mail "Xajolabokk" {rPois Dex+5}
122912 | Zig:17   | Identified the +1 leather armour of Trumpets {+Blink Int+6}
122966 | Zig:18   | Entered Level 18 of a ziggurat
122977 | Zig:18   | Identified the ring of Botzadghajynn {rN+++ Int-5 Dex-4
                  | Slay+6 SInv}
123094 | Zig:18   | Identified the amulet of Zienuwk {Regen+ Dex+2}
123098 | Zig:18   | Identified the ring "Ungytt" {Ice *Corrode Will+ SInv}
123112 | Zig:18   | Identified the +0 spear of the Bespelled God {freeze, *Slow
                  | Fly rPois}
123115 | Zig:19   | Entered Level 19 of a ziggurat
123196 | Zig:19   | Identified the ring "Ipyuk" {*Slow AC+4 Str+2 Slay+5 SInv}
123200 | Zig:19   | Identified the ring of Temptation {rPois rF+++ rC- rN+
                  | Stlth+}
123206 | Zig:20   | Entered Level 20 of a ziggurat
123214 | Zig:20   | Noticed an ancient lich
123214 | Zig:20   | Noticed an ancient lich
123215 | Zig:20   | Noticed an ancient lich
123215 | Zig:20   | Noticed a dread lich
123215 | Zig:20   | Noticed a dread lich
123215 | Zig:20   | Noticed a dread lich
123215 | Zig:20   | Noticed a dread lich
123215 | Zig:20   | Noticed an ancient lich
123216 | Zig:20   | Noticed an ancient lich
123216 | Zig:20   | Noticed a dread lich
123216 | Zig:20   | Noticed an ancient lich
123216 | Zig:20   | Noticed a dread lich
123216 | Zig:20   | Noticed an ancient lich
123217 | Zig:20   | Killed an ancient lich
123217 | Zig:20   | Killed a dread lich
123217 | Zig:20   | Killed a dread lich
123217 | Zig:20   | Killed a dread lich
123217 | Zig:20   | Killed an ancient lich
123217 | Zig:20   | Killed an ancient lich
123217 | Zig:20   | Noticed a dread lich
123219 | Zig:20   | Killed a dread lich
123219 | Zig:20   | Killed an ancient lich
123219 | Zig:20   | Killed an ancient lich
123219 | Zig:20   | Killed an ancient lich
123220 | Zig:20   | Noticed an ancient lich
123220 | Zig:20   | Noticed an ancient lich
123224 | Zig:20   | Killed a dread lich
123224 | Zig:20   | Killed an ancient lich
123224 | Zig:20   | Killed a dread lich
123225 | Zig:20   | Noticed a dread lich
123225 | Zig:20   | Noticed an ancient lich
123226 | Zig:20   | Noticed an ancient lich
123226 | Zig:20   | Noticed a dread lich
123228 | Zig:20   | Noticed a dread lich
123228 | Zig:20   | Noticed an ancient lich
123228 | Zig:20   | Noticed an ancient lich
123228 | Zig:20   | Noticed an ancient lich
123228 | Zig:20   | Noticed a dread lich
123228 | Zig:20   | Noticed a dread lich
123228 | Zig:20   | Noticed an ancient lich
123228 | Zig:20   | Noticed a dread lich
123228 | Zig:20   | Noticed a dread lich
123229 | Zig:20   | Noticed an ancient lich
123229 | Zig:20   | Noticed a dread lich
123229 | Zig:20   | Noticed a dread lich
123229 | Zig:20   | Noticed a dread lich
123230 | Zig:20   | Killed an ancient lich
123230 | Zig:20   | Killed an ancient lich
123230 | Zig:20   | Killed a dread lich
123231 | Zig:20   | Killed an ancient lich
123231 | Zig:20   | Killed an ancient lich
123232 | Zig:20   | Killed a dread lich
123233 | Zig:20   | Killed an ancient lich
123233 | Zig:20   | Killed an ancient lich
123233 | Zig:20   | Killed a dread lich
123233 | Zig:20   | Killed an ancient lich
123234 | Zig:20   | Killed a dread lich
123235 | Zig:20   | Noticed a dread lich
123235 | Zig:20   | Killed a dread lich
123236 | Zig:20   | Noticed a dread lich
123236 | Zig:20   | Killed a dread lich
123236 | Zig:20   | Killed a dread lich
123236 | Zig:20   | Killed a dread lich
123236 | Zig:20   | Killed a dread lich
123237 | Zig:20   | Killed an ancient lich
123237 | Zig:20   | Killed a dread lich
123238 | Zig:20   | Killed an ancient lich
123238 | Zig:20   | Noticed an ancient lich
123244 | Zig:20   | Killed a dread lich
123244 | Zig:20   | Killed an ancient lich
123245 | Zig:20   | Killed a dread lich
123250 | Zig:20   | Killed a dread lich
123271 | Zig:20   | Identified the +0 ring mail "Ceneh" {rPois}
123276 | Zig:20   | Identified the amulet of Thoughtfulness {Faith Int+3 Dex+3}
123283 | Zig:20   | Identified the +8 hand axe "Jipec" {flame, +Blink rPois
                  | Stlth+}
123291 | Zig:20   | Identified the +1 war axe "Reghet" {vorpal, Will+ SInv}
123292 | Zig:20   | Identified the +7 plate armour "Kilod" {Harm rF- Dex+5}
123295 | Zig:20   | Identified the +2 chain mail of Experimentation {rCorr
                  | Dex+4}
123309 | Zig:20   | Identified the +8 mace of Triumph {freeze, Str+2 Int+3}
123317 | Zig:20   | Identified the +0 pair of gloves of Dim Light {rPois Dex+3}
123326 | Zig:20   | Identified the +10 dagger of Akinaro {drain, Str+5}
123336 | Zig:21   | Entered Level 21 of a ziggurat
123345 | Zig:21   | Noticed Kelenn the pandemonium lord
123345 | Zig:21   | Noticed Paipt the pandemonium lord
123345 | Zig:21   | Noticed Hoppyten the pandemonium lord
123345 | Zig:21   | Noticed Nywkeol the pandemonium lord
123345 | Zig:21   | Noticed Raepuus the pandemonium lord
123345 | Zig:21   | Noticed Hiom the pandemonium lord
123345 | Zig:21   | Noticed Iteaskuq the pandemonium lord
123345 | Zig:21   | Noticed Viroh the pandemonium lord
123345 | Zig:21   | Noticed Ruovviaguu the pandemonium lord
123345 | Zig:21   | Noticed Caitaho the pandemonium lord
123345 | Zig:21   | Noticed Baimagib the pandemonium lord
123346 | Zig:21   | Noticed Taith the pandemonium lord
123346 | Zig:21   | Noticed Apude the pandemonium lord
123346 | Zig:21   | Noticed Misaceef the pandemonium lord
123346 | Zig:21   | Noticed Hauxzi Gihy the pandemonium lord
123346 | Zig:21   | Noticed Voruadghaceo the pandemonium lord
123346 | Zig:21   | Noticed Sasephop the pandemonium lord
123346 | Zig:21   | Noticed Tucis the pandemonium lord
123346 | Zig:21   | Noticed Emomezon the pandemonium lord
123346 | Zig:21   | Noticed Himo the pandemonium lord
123347 | Zig:21   | Noticed Topus the pandemonium lord
123347 | Zig:21   | Noticed Kiutab the pandemonium lord
123347 | Zig:21   | Killed Baimagib the pandemonium lord
123347 | Zig:21   | Noticed Umeag the pandemonium lord
123347 | Zig:21   | Noticed Yfaetea the pandemonium lord
123347 | Zig:21   | Noticed Teager the pandemonium lord
123347 | Zig:21   | Noticed Zaelolod the pandemonium lord
123348 | Zig:21   | Killed Paipt the pandemonium lord
123348 | Zig:21   | Killed Nywkeol the pandemonium lord
123348 | Zig:21   | Killed Hiom the pandemonium lord
123348 | Zig:21   | Killed Hoppyten the pandemonium lord
123348 | Zig:21   | Killed Misaceef the pandemonium lord
123348 | Zig:21   | Killed Apude the pandemonium lord
123348 | Zig:21   | Noticed Zyusmoge the pandemonium lord
123348 | Zig:21   | Noticed Igyeqak the pandemonium lord
123348 | Zig:21   | Noticed Kusakhlit the pandemonium lord
123348 | Zig:21   | Noticed Xesinej the pandemonium lord
123348 | Zig:21   | Noticed Myver the pandemonium lord
123348 | Zig:21   | Noticed Ibuuvoir the pandemonium lord
123349 | Zig:21   | Killed Emomezon the pandemonium lord
123349 | Zig:21   | Killed Himo the pandemonium lord
123349 | Zig:21   | Noticed Byweof the pandemonium lord
123349 | Zig:21   | Noticed Gaunoe the pandemonium lord
123350 | Zig:21   | Noticed Haxzas the pandemonium lord
123350 | Zig:21   | Killed Raepuus the pandemonium lord
123350 | Zig:21   | Killed Voruadghaceo the pandemonium lord
123350 | Zig:21   | Killed Kiutab the pandemonium lord
123350 | Zig:21   | Killed Viroh the pandemonium lord
123350 | Zig:21   | Noticed Bolicuus the pandemonium lord
123350 | Zig:21   | Noticed Sijeckiw the pandemonium lord
123350 | Zig:21   | Noticed Cyateeff the pandemonium lord
123351 | Zig:21   | Noticed Geti the pandemonium lord
123351 | Zig:21   | Killed Iteaskuq the pandemonium lord
123351 | Zig:21   | Killed Hauxzi Gihy the pandemonium lord
123351 | Zig:21   | Killed Kelenn the pandemonium lord
123351 | Zig:21   | Killed Umeag the pandemonium lord
123351 | Zig:21   | Killed Taith the pandemonium lord
123351 | Zig:21   | Killed Caitaho the pandemonium lord
123351 | Zig:21   | Killed Zaelolod the pandemonium lord
123351 | Zig:21   | Noticed Nuyzatal the pandemonium lord
123351 | Zig:21   | Noticed Oneykker the pandemonium lord
123351 | Zig:21   | Noticed Lecumu the pandemonium lord
123352 | Zig:21   | Noticed Dulustry the pandemonium lord
123352 | Zig:21   | Killed Sasephop the pandemonium lord
123352 | Zig:21   | Killed Zyusmoge the pandemonium lord
123352 | Zig:21   | Killed Teager the pandemonium lord
123352 | Zig:21   | Killed Tucis the pandemonium lord
123352 | Zig:21   | Killed Yfaetea the pandemonium lord
123352 | Zig:21   | Killed Topus the pandemonium lord
123352 | Zig:21   | Killed Xesinej the pandemonium lord
123352 | Zig:21   | Noticed Kosk the pandemonium lord
123353 | Zig:21   | Noticed Kafys the pandemonium lord
123353 | Zig:21   | Killed Myver the pandemonium lord
123353 | Zig:21   | Killed Sijeckiw the pandemonium lord
123353 | Zig:21   | Killed Ibuuvoir the pandemonium lord
123353 | Zig:21   | Killed Kusakhlit the pandemonium lord
123353 | Zig:21   | Killed Igyeqak the pandemonium lord
123353 | Zig:21   | Killed Gaunoe the pandemonium lord
123353 | Zig:21   | Killed Byweof the pandemonium lord
123353 | Zig:21   | Noticed Hillohef the pandemonium lord
123354 | Zig:21   | Killed Bolicuus the pandemonium lord
123354 | Zig:21   | Noticed Unim the pandemonium lord
123354 | Zig:21   | Noticed Surong the pandemonium lord
123354 | Zig:21   | Noticed Dahuced the pandemonium lord
123354 | Zig:21   | Noticed Lalum the pandemonium lord
123354 | Zig:21   | Noticed Doteses the pandemonium lord
123354 | Zig:21   | Noticed Ypsa the pandemonium lord
123354 | Zig:21   | Noticed Rommeafo the pandemonium lord
123354 | Zig:21   | Noticed Istemo the pandemonium lord
123355 | Zig:21   | Noticed Mupt the pandemonium lord
123355 | Zig:21   | Killed Dulustry the pandemonium lord
123356 | Zig:21   | Noticed Faruew the pandemonium lord
123356 | Zig:21   | Noticed Razatrur the pandemonium lord
123356 | Zig:21   | Killed Kafys the pandemonium lord
123356 | Zig:21   | Killed Ruovviaguu the pandemonium lord
123356 | Zig:21   | Noticed Fuury the pandemonium lord
123356 | Zig:21   | Noticed Kiurghani the pandemonium lord
123356 | Zig:21   | Noticed Xeefa the pandemonium lord
123356 | Zig:21   | Killed Cyateeff the pandemonium lord
123357 | Zig:21   | Noticed Maantusy the pandemonium lord
123357 | Zig:21   | Noticed Miehuivuotz the pandemonium lord
123357 | Zig:21   | Noticed Kom Hae the pandemonium lord
123357 | Zig:21   | Noticed Voprooru the pandemonium lord
123357 | Zig:21   | Noticed Harerph the pandemonium lord
123357 | Zig:21   | Noticed Uhigritz the pandemonium lord
123357 | Zig:21   | Noticed Bicvuwae the pandemonium lord
123357 | Zig:21   | Noticed Fabaeshr Muin the pandemonium lord
123357 | Zig:21   | Noticed Wufeusko the pandemonium lord
123357 | Zig:21   | Noticed Cuclomis the pandemonium lord
123357 | Zig:21   | Noticed Urute the pandemonium lord
123357 | Zig:21   | Noticed Cymaem the pandemonium lord
123357 | Zig:21   | Noticed Zetwok the pandemonium lord
123357 | Zig:21   | Noticed Suddoryck the pandemonium lord
123357 | Zig:21   | Noticed Kofedghe the pandemonium lord
123357 | Zig:21   | Noticed Waneidont the pandemonium lord
123357 | Zig:21   | Noticed Sanihaf the pandemonium lord
123357 | Zig:21   | Noticed Jodani the pandemonium lord
123357 | Zig:21   | Noticed Ipenakh the pandemonium lord
123357 | Zig:21   | Noticed Beath the pandemonium lord
123357 | Zig:21   | Noticed Conucice the pandemonium lord
123357 | Zig:21   | Noticed Poimmufo the pandemonium lord
123357 | Zig:21   | Noticed Waguiq the pandemonium lord
123357 | Zig:21   | Noticed Obbaryxt the pandemonium lord
123357 | Zig:21   | Noticed Dashromup the pandemonium lord
123357 | Zig:21   | Noticed Vurchici the pandemonium lord
123357 | Zig:21   | Noticed Buxosh the pandemonium lord
123357 | Zig:21   | Noticed Luocun the pandemonium lord
123358 | Zig:21   | Noticed Bedaeqay the pandemonium lord
123359 | Zig:21   | Noticed Ydweicah the pandemonium lord
123359 | Zig:21   | Noticed Senepruu the pandemonium lord
123359 | Zig:21   | Killed Lecumu the pandemonium lord
123359 | Zig:21   | Killed Nuyzatal the pandemonium lord
123359 | Zig:21   | Killed Doteses the pandemonium lord
123359 | Zig:21   | Killed Wufeusko the pandemonium lord
123359 | Zig:21   | Killed Geti the pandemonium lord
123359 | Zig:21   | Killed Xeefa the pandemonium lord
123359 | Zig:21   | Killed Rommeafo the pandemonium lord
123359 | Zig:21   | Killed Istemo the pandemonium lord
123359 | Zig:21   | Noticed Migok the pandemonium lord
123360 | Zig:21   | Killed Fuury the pandemonium lord
123360 | Zig:21   | Killed Kosk the pandemonium lord
123360 | Zig:21   | Killed Kiurghani the pandemonium lord
123360 | Zig:21   | Killed Ypsa the pandemonium lord
123360 | Zig:21   | Killed Surong the pandemonium lord
123360 | Zig:21   | Killed Suddoryck the pandemonium lord
123360 | Zig:21   | Killed Waneidont the pandemonium lord
123360 | Zig:21   | Killed Faruew the pandemonium lord
123360 | Zig:21   | Killed Cuclomis the pandemonium lord
123360 | Zig:21   | Killed Conucice the pandemonium lord
123360 | Zig:21   | Killed Lalum the pandemonium lord
123360 | Zig:21   | Killed Dahuced the pandemonium lord
123360 | Zig:21   | Killed Vurchici the pandemonium lord
123360 | Zig:21   | Killed Oneykker the pandemonium lord
123360 | Zig:21   | Killed Haxzas the pandemonium lord
123360 | Zig:21   | Killed Sanihaf the pandemonium lord
123360 | Zig:21   | Killed Poimmufo the pandemonium lord
123360 | Zig:21   | Killed Dashromup the pandemonium lord
123360 | Zig:21   | Noticed Jakicuse the pandemonium lord
123360 | Zig:21   | Noticed Ukaowun the pandemonium lord
123360 | Zig:21   | Noticed Vysh the pandemonium lord
123361 | Zig:21   | Killed Kom Hae the pandemonium lord
123361 | Zig:21   | Killed Jodani the pandemonium lord
123361 | Zig:21   | Killed Maantusy the pandemonium lord
123362 | Zig:21   | Killed Zetwok the pandemonium lord
123362 | Zig:21   | Killed Senepruu the pandemonium lord
123362 | Zig:21   | Killed Bicvuwae the pandemonium lord
123362 | Zig:21   | Killed Hillohef the pandemonium lord
123362 | Zig:21   | Killed Uhigritz the pandemonium lord
123362 | Zig:21   | Killed Ipenakh the pandemonium lord
123362 | Zig:21   | Killed Voprooru the pandemonium lord
123362 | Zig:21   | Killed Obbaryxt the pandemonium lord
123362 | Zig:21   | Killed Kofedghe the pandemonium lord
123362 | Zig:21   | Killed Bedaeqay the pandemonium lord
123362 | Zig:21   | Noticed Bytodgh the pandemonium lord
123362 | Zig:21   | Noticed Beziuc the pandemonium lord
123362 | Zig:21   | Noticed Upoiryr the pandemonium lord
123362 | Zig:21   | Noticed Vuybom the pandemonium lord
123363 | Zig:21   | Killed Razatrur the pandemonium lord
123364 | Zig:21   | Noticed Ziocs the pandemonium lord
123364 | Zig:21   | Noticed Xotu the pandemonium lord
123364 | Zig:21   | Noticed Ehey the pandemonium lord
123364 | Zig:21   | Noticed Zaom Lec the pandemonium lord
123364 | Zig:21   | Noticed Faqule the pandemonium lord
123364 | Zig:21   | Noticed Bet Fyho the pandemonium lord
123364 | Zig:21   | Noticed Luquf the pandemonium lord
123364 | Zig:21   | Noticed Asanos the pandemonium lord
123364 | Zig:21   | Noticed Kuuchug the pandemonium lord
123364 | Zig:21   | Killed Beath the pandemonium lord
123364 | Zig:21   | Noticed Vuthil the pandemonium lord
123365 | Zig:21   | Killed Mupt the pandemonium lord
123365 | Zig:21   | Killed Cymaem the pandemonium lord
123365 | Zig:21   | Killed Ydweicah the pandemonium lord
123365 | Zig:21   | Killed Harerph the pandemonium lord
123365 | Zig:21   | Killed Miehuivuotz the pandemonium lord
123365 | Zig:21   | Killed Waguiq the pandemonium lord
123365 | Zig:21   | Killed Buxosh the pandemonium lord
123365 | Zig:21   | Killed Fabaeshr Muin the pandemonium lord
123367 | Zig:21   | Killed Upoiryr the pandemonium lord
123367 | Zig:21   | Killed Ziocs the pandemonium lord
123367 | Zig:21   | Killed Migok the pandemonium lord
123367 | Zig:21   | Killed Zigyidaz the pandemonium lord
123369 | Zig:21   | Killed Unim the pandemonium lord
123369 | Zig:21   | Killed Asanos the pandemonium lord
123369 | Zig:21   | Killed Faqule the pandemonium lord
123369 | Zig:21   | Killed Kuuchug the pandemonium lord
123369 | Zig:21   | Killed Urute the pandemonium lord
123369 | Zig:21   | Killed Ukaowun the pandemonium lord
123369 | Zig:21   | Killed Vuybom the pandemonium lord
123369 | Zig:21   | Killed Xotu the pandemonium lord
123369 | Zig:21   | Killed Vysh the pandemonium lord
123369 | Zig:21   | Killed Ehey the pandemonium lord
123369 | Zig:21   | Noticed Jidezug the pandemonium lord
123370 | Zig:21   | Killed Bytodgh the pandemonium lord
123370 | Zig:21   | Killed Beziuc the pandemonium lord
123370 | Zig:21   | Killed Luocun the pandemonium lord
123370 | Zig:21   | Killed Bet Fyho the pandemonium lord
123370 | Zig:21   | Killed Vuthil the pandemonium lord
123370 | Zig:21   | Killed Luquf the pandemonium lord
123370 | Zig:21   | Killed Zaom Lec the pandemonium lord
123371 | Zig:21   | Killed Jakicuse the pandemonium lord
123371 | Zig:21   | Noticed Hanet the pandemonium lord
123371 | Zig:21   | Noticed Rylos the pandemonium lord
123371 | Zig:21   | Noticed Ruqexiy the pandemonium lord
123372 | Zig:21   | Noticed Jupeqez the pandemonium lord
123372 | Zig:21   | Noticed Enkourimor the pandemonium lord
123373 | Zig:21   | Killed Jidezug the pandemonium lord
123373 | Zig:21   | Killed Hanet the pandemonium lord
123373 | Zig:21   | Noticed Duvill the pandemonium lord
123373 | Zig:21   | Noticed Guheakh the pandemonium lord
123373 | Zig:21   | Noticed Javohipn the pandemonium lord
123374 | Zig:21   | Killed Jupeqez the pandemonium lord
123374 | Zig:21   | Killed Enkourimor the pandemonium lord
123374 | Zig:21   | Killed Rylos the pandemonium lord
123374 | Zig:21   | Killed Ruqexiy the pandemonium lord
123374 | Zig:21   | Noticed Heownun the pandemonium lord
123375 | Zig:21   | Killed Duvill the pandemonium lord
123375 | Zig:21   | Killed Javohipn the pandemonium lord
123375 | Zig:21   | Noticed Luakuc the pandemonium lord
123376 | Zig:21   | Killed Guheakh the pandemonium lord
123376 | Zig:21   | Noticed Wogaofol the pandemonium lord
123376 | Zig:21   | Noticed Wohic the pandemonium lord
123377 | Zig:21   | Killed Heownun the pandemonium lord
123378 | Zig:21   | Noticed Wanaimp the pandemonium lord
123379 | Zig:21   | Killed Wogaofol the pandemonium lord
123379 | Zig:21   | Killed Luakuc the pandemonium lord
123379 | Zig:21   | Noticed Celisio the pandemonium lord
123380 | Zig:21   | Noticed Ishrate the pandemonium lord
123381 | Zig:21   | Killed Wohic the pandemonium lord
123381 | Zig:21   | Noticed Sama the pandemonium lord
123381 | Zig:21   | Noticed Ove Ackaecek the pandemonium lord
123382 | Zig:21   | Killed Wanaimp the pandemonium lord
123382 | Zig:21   | Killed Ishrate the pandemonium lord
123382 | Zig:21   | Noticed Kauhi the pandemonium lord
123383 | Zig:21   | Killed Celisio the pandemonium lord
123383 | Zig:21   | Killed Ove Ackaecek the pandemonium lord
123384 | Zig:21   | Killed Sama the pandemonium lord
123384 | Zig:21   | Noticed Metel the pandemonium lord
123385 | Zig:21   | Killed Kauhi the pandemonium lord
123386 | Zig:21   | Killed Metel the pandemonium lord
123409 | Zig:21   | Noticed Xooxir the pandemonium lord
123416 | Zig:21   | Killed Xooxir the pandemonium lord
123448 | Zig:21   | Identified the ring "Zigoegh" {AC+4 Slay+6}
123457 | Zig:21   | Identified the +2 flail of Eternity {flame, rElec}
123462 | Zig:22   | Entered Level 22 of a ziggurat
123467 | Zig:22   | Noticed a juggernaut
123467 | Zig:22   | Noticed a juggernaut
123467 | Zig:22   | Noticed a juggernaut
123467 | Zig:22   | Noticed a juggernaut
123467 | Zig:22   | Noticed a juggernaut
123467 | Zig:22   | Noticed a juggernaut
123467 | Zig:22   | Noticed a juggernaut
123467 | Zig:22   | Noticed a juggernaut
123467 | Zig:22   | Noticed a juggernaut
123467 | Zig:22   | Noticed a juggernaut
123468 | Zig:22   | Killed a juggernaut
123468 | Zig:22   | Killed a juggernaut
123468 | Zig:22   | Killed a juggernaut
123468 | Zig:22   | Killed a juggernaut
123468 | Zig:22   | Killed a juggernaut
123468 | Zig:22   | Killed a juggernaut
123468 | Zig:22   | Noticed a juggernaut
123468 | Zig:22   | Noticed a juggernaut
123468 | Zig:22   | Noticed a juggernaut
123468 | Zig:22   | Noticed a juggernaut
123468 | Zig:22   | Noticed a juggernaut
123469 | Zig:22   | Noticed a juggernaut
123470 | Zig:22   | Noticed a juggernaut
123470 | Zig:22   | Noticed a juggernaut
123470 | Zig:22   | Noticed a juggernaut
123470 | Zig:22   | Noticed a juggernaut
123470 | Zig:22   | Noticed a juggernaut
123470 | Zig:22   | Noticed a juggernaut
123470 | Zig:22   | Noticed a juggernaut
123470 | Zig:22   | Noticed a juggernaut
123470 | Zig:22   | Noticed a juggernaut
123470 | Zig:22   | Noticed a juggernaut
123470 | Zig:22   | Noticed a juggernaut
123470 | Zig:22   | Noticed a juggernaut
123472 | Zig:22   | Noticed a juggernaut
123473 | Zig:22   | Noticed a juggernaut
123473 | Zig:22   | Killed a juggernaut
123473 | Zig:22   | Killed a juggernaut
123473 | Zig:22   | Killed a juggernaut
123473 | Zig:22   | Killed a juggernaut
123473 | Zig:22   | Killed a juggernaut
123473 | Zig:22   | Killed a juggernaut
123473 | Zig:22   | Killed a juggernaut
123473 | Zig:22   | Killed a juggernaut
123473 | Zig:22   | Killed a juggernaut
123473 | Zig:22   | Killed a juggernaut
123473 | Zig:22   | Killed a juggernaut
123473 | Zig:22   | Killed a juggernaut
123473 | Zig:22   | Killed a juggernaut
123473 | Zig:22   | Killed a juggernaut
123473 | Zig:22   | Killed a juggernaut
123473 | Zig:22   | Killed a juggernaut
123473 | Zig:22   | Killed a juggernaut
123473 | Zig:22   | Killed a juggernaut
123474 | Zig:22   | Noticed a juggernaut
123474 | Zig:22   | Noticed a juggernaut
123474 | Zig:22   | Killed a juggernaut
123474 | Zig:22   | Killed a juggernaut
123475 | Zig:22   | Noticed a juggernaut
123475 | Zig:22   | Noticed a juggernaut
123475 | Zig:22   | Noticed a juggernaut
123475 | Zig:22   | Noticed a juggernaut
123475 | Zig:22   | Noticed a juggernaut
123475 | Zig:22   | Noticed a juggernaut
123475 | Zig:22   | Noticed a juggernaut
123475 | Zig:22   | Noticed a juggernaut
123475 | Zig:22   | Noticed a juggernaut
123475 | Zig:22   | Noticed a juggernaut
123475 | Zig:22   | Noticed a juggernaut
123475 | Zig:22   | Noticed a juggernaut
123475 | Zig:22   | Noticed a juggernaut
123475 | Zig:22   | Noticed a juggernaut
123475 | Zig:22   | Noticed a juggernaut
123475 | Zig:22   | Noticed a juggernaut
123475 | Zig:22   | Noticed a juggernaut
123475 | Zig:22   | Killed a juggernaut
123476 | Zig:22   | Killed a juggernaut
123476 | Zig:22   | Killed a juggernaut
123476 | Zig:22   | Killed a juggernaut
123476 | Zig:22   | Killed a juggernaut
123476 | Zig:22   | Killed a juggernaut
123476 | Zig:22   | Killed a juggernaut
123476 | Zig:22   | Killed a juggernaut
123476 | Zig:22   | Killed a juggernaut
123476 | Zig:22   | Killed a juggernaut
123476 | Zig:22   | Killed a juggernaut
123476 | Zig:22   | Killed a juggernaut
123476 | Zig:22   | Killed a juggernaut
123476 | Zig:22   | Killed a juggernaut
123476 | Zig:22   | Killed a juggernaut
123476 | Zig:22   | Killed a juggernaut
123476 | Zig:22   | Noticed a juggernaut
123476 | Zig:22   | Noticed a juggernaut
123476 | Zig:22   | Noticed a juggernaut
123477 | Zig:22   | Noticed a juggernaut
123477 | Zig:22   | Noticed a juggernaut
123478 | Zig:22   | Killed a juggernaut
123478 | Zig:22   | Killed a juggernaut
123478 | Zig:22   | Killed a juggernaut
123478 | Zig:22   | Killed a juggernaut
123478 | Zig:22   | Noticed a juggernaut
123480 | Zig:22   | Killed a juggernaut
123481 | Zig:22   | Noticed a juggernaut
123481 | Zig:22   | Noticed a juggernaut
123482 | Zig:22   | Killed a juggernaut
123482 | Zig:22   | Killed a juggernaut
123482 | Zig:22   | Killed a juggernaut
123482 | Zig:22   | Killed a juggernaut
123482 | Zig:22   | Killed a juggernaut
123482 | Zig:22   | Killed a juggernaut
123482 | Zig:22   | Killed a juggernaut
123485 | Zig:22   | Killed a juggernaut
123485 | Zig:22   | Killed a juggernaut
123485 | Zig:22   | Killed a juggernaut
123502 | Zig:22   | Identified the ring of Gozag's Regard {MP+9 Slay+2}
123506 | Zig:22   | Identified the ring "Gaytira" {Fire rN+}
123509 | Zig:22   | Identified the +9 quarterstaff "Merghom" {drain, Str+8}
123517 | Zig:22   | Acquired 576 gold pieces
123527 | Zig:22   | Identified the ring of Ecauts Toma {Fire rCorr Int-3 Dex+4}
123533 | Zig:22   | Identified the +4 short sword "Aubergine" {drain, rElec rF+
                  | rC++ Will-}
123542 | Zig:23   | Entered Level 23 of a ziggurat
123548 | Zig:23   | Noticed a dread lich
123548 | Zig:23   | Noticed a dread lich
123549 | Zig:23   | Noticed a dread lich
123550 | Zig:23   | Noticed an ancient lich
123550 | Zig:23   | Noticed a dread lich
123551 | Zig:23   | Killed an ancient lich
123551 | Zig:23   | Killed a dread lich
123551 | Zig:23   | Killed a dread lich
123551 | Zig:23   | Noticed an ancient lich
123552 | Zig:23   | Noticed a dread lich
123552 | Zig:23   | Noticed an ancient lich
123553 | Zig:23   | Noticed an ancient lich
123555 | Zig:23   | Noticed an ancient lich
123555 | Zig:23   | Noticed an ancient lich
123555 | Zig:23   | Noticed an ancient lich
123555 | Zig:23   | Noticed an ancient lich
123555 | Zig:23   | Noticed an ancient lich
123555 | Zig:23   | Killed a dread lich
123556 | Zig:23   | Noticed an ancient lich
123556 | Zig:23   | Noticed a dread lich
123556 | Zig:23   | Noticed an ancient lich
123556 | Zig:23   | Killed a dread lich
123557 | Zig:23   | Killed an ancient lich
123557 | Zig:23   | Killed an ancient lich
123557 | Zig:23   | Killed an ancient lich
123557 | Zig:23   | Killed a dread lich
123557 | Zig:23   | Killed an ancient lich
123557 | Zig:23   | Killed an ancient lich
123557 | Zig:23   | Noticed a dread lich
123557 | Zig:23   | Noticed an ancient lich
123558 | Zig:23   | Noticed an ancient lich
123558 | Zig:23   | Noticed an ancient lich
123558 | Zig:23   | Noticed an ancient lich
123558 | Zig:23   | Noticed a dread lich
123558 | Zig:23   | Noticed an ancient lich
123558 | Zig:23   | Noticed an ancient lich
123558 | Zig:23   | Noticed a dread lich
123558 | Zig:23   | Killed an ancient lich
123559 | Zig:23   | Noticed an ancient lich
123559 | Zig:23   | Noticed a dread lich
123559 | Zig:23   | Noticed a dread lich
123559 | Zig:23   | Noticed a dread lich
123559 | Zig:23   | Noticed an ancient lich
123559 | Zig:23   | Noticed a dread lich
123559 | Zig:23   | Noticed an ancient lich
123559 | Zig:23   | Noticed a dread lich
123559 | Zig:23   | Noticed a dread lich
123559 | Zig:23   | Noticed an ancient lich
123559 | Zig:23   | Noticed a dread lich
123559 | Zig:23   | Killed a dread lich
123560 | Zig:23   | Killed an ancient lich
123560 | Zig:23   | Killed a dread lich
123560 | Zig:23   | Killed an ancient lich
123560 | Zig:23   | Killed a dread lich
123560 | Zig:23   | Killed an ancient lich
123560 | Zig:23   | Killed an ancient lich
123560 | Zig:23   | Killed a dread lich
123560 | Zig:23   | Killed an ancient lich
123560 | Zig:23   | Killed an ancient lich
123560 | Zig:23   | Killed a dread lich
123560 | Zig:23   | Killed an ancient lich
123560 | Zig:23   | Killed an ancient lich
123560 | Zig:23   | Killed a dread lich
123560 | Zig:23   | Killed a dread lich
123561 | Zig:23   | Noticed an ancient lich
123561 | Zig:23   | Noticed a dread lich
123561 | Zig:23   | Noticed an ancient lich
123561 | Zig:23   | Noticed a dread lich
123561 | Zig:23   | Noticed an ancient lich
123561 | Zig:23   | Noticed an ancient lich
123562 | Zig:23   | Killed a dread lich
123562 | Zig:23   | Killed an ancient lich
123562 | Zig:23   | Killed a dread lich
123562 | Zig:23   | Killed an ancient lich
123562 | Zig:23   | Killed an ancient lich
123562 | Zig:23   | Killed a dread lich
123562 | Zig:23   | Killed an ancient lich
123562 | Zig:23   | Killed an ancient lich
123566 | Zig:23   | Killed an ancient lich
123566 | Zig:23   | Killed an ancient lich
123566 | Zig:23   | Killed an ancient lich
123566 | Zig:23   | Killed a dread lich
123567 | Zig:23   | Noticed an ancient lich
123573 | Zig:23   | Killed a dread lich
123574 | Zig:23   | Killed an ancient lich
123574 | Zig:23   | Killed a dread lich
123575 | Zig:23   | Killed an ancient lich
123575 | Zig:23   | Killed an ancient lich
123598 | Zig:23   | Identified the +1 leather armour of the Game Afoot {Int+3}
123621 | Zig:23   | Identified the +0 lajatang of the Genius {venom, rPois
                  | Will+ Dex-5}
123630 | Zig:24   | Entered Level 24 of a ziggurat
123640 | Zig:24   | Paralysed by a floating eye for 4 turns
123658 | Zig:24   | Identified the ring of the Thoughtful Wars {rCorr Str+6}
123787 | Zig:24   | Identified the amulet "Ygetup" {RegenMP rN+ Dex+4 Slay+3
                  | Stlth+}
123799 | Zig:24   | Acquired 883 gold pieces
123809 | Zig:25   | Entered Level 25 of a ziggurat
123924 | Zig:25   | Identified the amulet "Ofisuem" {Acrobat *Slow Regen+
                  | Dex+8}
123931 | Zig:25   | Identified the +11 scimitar of the Common Good {vorpal,
                  | rPois rN+}
123934 | Zig:25   | Identified the +9 hand axe of Action {holy, Fragile rPois
                  | Int+9}
123948 | Zig:25   | Identified the +3 ring mail of the Slorg {rC+ rCorr Int+3
                  | Dex+3}
124055 | Zig:26   | Entered Level 26 of a ziggurat
124061 | Zig:26   | Noticed Pokhlisui the pandemonium lord
124062 | Zig:26   | Noticed Bonyis the pandemonium lord
124065 | Zig:26   | Noticed Qautydy the pandemonium lord
124065 | Zig:26   | Noticed Zutyxegh the pandemonium lord
124065 | Zig:26   | Noticed Ushuoprana the pandemonium lord
124066 | Zig:26   | Killed Bonyis the pandemonium lord
124066 | Zig:26   | Noticed Kauceteg the pandemonium lord
124066 | Zig:26   | Noticed Tudyur the pandemonium lord
124066 | Zig:26   | Noticed Woetitt the pandemonium lord
124066 | Zig:26   | Noticed Lonucin the pandemonium lord
124066 | Zig:26   | Noticed Qucotit the pandemonium lord
124067 | Zig:26   | Killed Pokhlisui the pandemonium lord
124067 | Zig:26   | Noticed Ceynol the pandemonium lord
124067 | Zig:26   | Noticed Vokkaar the pandemonium lord
124068 | Zig:26   | Noticed Kitacwom the pandemonium lord
124068 | Zig:26   | Noticed Kaeb the pandemonium lord
124068 | Zig:26   | Noticed Weify Histe the pandemonium lord
124068 | Zig:26   | Noticed Nentam Woa the pandemonium lord
124068 | Zig:26   | Noticed Nuheagh the pandemonium lord
124069 | Zig:26   | Noticed Astijoj the pandemonium lord
124069 | Zig:26   | Noticed Kiuxuot the pandemonium lord
124069 | Zig:26   | Noticed Zemapn the pandemonium lord
124069 | Zig:26   | Noticed Iqahis the pandemonium lord
124070 | Zig:26   | Killed Ushuoprana the pandemonium lord
124070 | Zig:26   | Killed Vokkaar the pandemonium lord
124070 | Zig:26   | Killed Qucotit the pandemonium lord
124070 | Zig:26   | Killed Woetitt the pandemonium lord
124070 | Zig:26   | Noticed Hucistr Ocaa the pandemonium lord
124070 | Zig:26   | Noticed Anoahur the pandemonium lord
124070 | Zig:26   | Noticed Sugielog the pandemonium lord
124071 | Zig:26   | Noticed Cyrur the pandemonium lord
124071 | Zig:26   | Killed Lonucin the pandemonium lord
124071 | Zig:26   | Killed Ceynol the pandemonium lord
124071 | Zig:26   | Killed Tudyur the pandemonium lord
124071 | Zig:26   | Killed Kaeb the pandemonium lord
124071 | Zig:26   | Killed Kitacwom the pandemonium lord
124071 | Zig:26   | Killed Qautydy the pandemonium lord
124071 | Zig:26   | Noticed Hixetz the pandemonium lord
124071 | Zig:26   | Noticed Jibaem the pandemonium lord
124071 | Zig:26   | Noticed Arhigeud the pandemonium lord
124071 | Zig:26   | Noticed Tonif the pandemonium lord
124072 | Zig:26   | Killed Kauceteg the pandemonium lord
124072 | Zig:26   | Killed Nentam Woa the pandemonium lord
124072 | Zig:26   | Killed Cyrur the pandemonium lord
124072 | Zig:26   | Killed Weify Histe the pandemonium lord
124072 | Zig:26   | Killed Iqahis the pandemonium lord
124072 | Zig:26   | Noticed Zedwai Pode the pandemonium lord
124072 | Zig:26   | Noticed Hunogian the pandemonium lord
124072 | Zig:26   | Noticed Ximor the pandemonium lord
124072 | Zig:26   | Noticed Cibrel the pandemonium lord
124072 | Zig:26   | Noticed Sawoph the pandemonium lord
124072 | Zig:26   | Noticed Toel the pandemonium lord
124073 | Zig:26   | Noticed Udwu the pandemonium lord
124073 | Zig:26   | Killed Zutyxegh the pandemonium lord
124073 | Zig:26   | Killed Nuheagh the pandemonium lord
124073 | Zig:26   | Noticed Zuxtil the pandemonium lord
124073 | Zig:26   | Noticed Wicvas the pandemonium lord
124073 | Zig:26   | Noticed Fozxiok the pandemonium lord
124073 | Zig:26   | Noticed Vyuph the pandemonium lord
124073 | Zig:26   | Noticed Woczis Rim the pandemonium lord
124074 | Zig:26   | Noticed Wack the pandemonium lord
124074 | Zig:26   | Killed Astijoj the pandemonium lord
124074 | Zig:26   | Killed Hucistr Ocaa the pandemonium lord
124074 | Zig:26   | Killed Sugielog the pandemonium lord
124074 | Zig:26   | Killed Zemapn the pandemonium lord
124074 | Zig:26   | Killed Jibaem the pandemonium lord
124074 | Zig:26   | Noticed Juudwum the pandemonium lord
124074 | Zig:26   | Noticed Veok the pandemonium lord
124075 | Zig:26   | Noticed Zaeshrasea the pandemonium lord
124075 | Zig:26   | Noticed Kegucuf the pandemonium lord
124075 | Zig:26   | Noticed Kioh the pandemonium lord
124075 | Zig:26   | Noticed Myna the pandemonium lord
124075 | Zig:26   | Noticed Xiatil the pandemonium lord
124076 | Zig:26   | Killed Kiuxuot the pandemonium lord
124076 | Zig:26   | Killed Anoahur the pandemonium lord
124076 | Zig:26   | Killed Wack the pandemonium lord
124076 | Zig:26   | Noticed Qyvaigh the pandemonium lord
124076 | Zig:26   | Noticed Dosudo the pandemonium lord
124077 | Zig:26   | Killed Arhigeud the pandemonium lord
124077 | Zig:26   | Noticed Zastrax the pandemonium lord
124077 | Zig:26   | Noticed Goss the pandemonium lord
124077 | Zig:26   | Noticed Wuleng the pandemonium lord
124077 | Zig:26   | Noticed Cunk the pandemonium lord
124078 | Zig:26   | Killed Hunogian the pandemonium lord
124078 | Zig:26   | Killed Toel the pandemonium lord
124078 | Zig:26   | Killed Hixetz the pandemonium lord
124078 | Zig:26   | Killed Udwu the pandemonium lord
124078 | Zig:26   | Killed Zuxtil the pandemonium lord
124078 | Zig:26   | Killed Wicvas the pandemonium lord
124078 | Zig:26   | Killed Vyuph the pandemonium lord
124078 | Zig:26   | Noticed Piduun the pandemonium lord
124078 | Zig:26   | Noticed Kuot Pip the pandemonium lord
124078 | Zig:26   | Noticed Wobovvea the pandemonium lord
124079 | Zig:26   | Noticed Wosey the pandemonium lord
124079 | Zig:26   | Killed Woczis Rim the pandemonium lord
124079 | Zig:26   | Killed Sawoph the pandemonium lord
124079 | Zig:26   | Killed Cibrel the pandemonium lord
124079 | Zig:26   | Killed Zaeshrasea the pandemonium lord
124079 | Zig:26   | Killed Kioh the pandemonium lord
124079 | Zig:26   | Killed Juudwum the pandemonium lord
124079 | Zig:26   | Killed Zedwai Pode the pandemonium lord
124079 | Zig:26   | Killed Fozxiok the pandemonium lord
124079 | Zig:26   | Killed Tonif the pandemonium lord
124079 | Zig:26   | Killed Wuleng the pandemonium lord
124079 | Zig:26   | Noticed Gunuaj the pandemonium lord
124080 | Zig:26   | Noticed Nubed the pandemonium lord
124080 | Zig:26   | Noticed Muoguzui the pandemonium lord
124080 | Zig:26   | Killed Ximor the pandemonium lord
124080 | Zig:26   | Killed Qyvaigh the pandemonium lord
124080 | Zig:26   | Killed Kegucuf the pandemonium lord
124080 | Zig:26   | Killed Veok the pandemonium lord
124080 | Zig:26   | Killed Myna the pandemonium lord
124080 | Zig:26   | Noticed Nuvush the pandemonium lord
124081 | Zig:26   | Noticed Timod the pandemonium lord
124081 | Zig:26   | Noticed Kupnut the pandemonium lord
124081 | Zig:26   | Killed Dosudo the pandemonium lord
124081 | Zig:26   | Killed Cunk the pandemonium lord
124081 | Zig:26   | Killed Nubed the pandemonium lord
124081 | Zig:26   | Killed Xiatil the pandemonium lord
124081 | Zig:26   | Killed Goss the pandemonium lord
124081 | Zig:26   | Noticed Qotoez the pandemonium lord
124081 | Zig:26   | Noticed Xyips the pandemonium lord
124081 | Zig:26   | Noticed Ymeso the pandemonium lord
124081 | Zig:26   | Noticed Qokkuc the pandemonium lord
124082 | Zig:26   | Noticed Lyalofat the pandemonium lord
124082 | Zig:26   | Noticed Aral the pandemonium lord
124082 | Zig:26   | Noticed Qarch the pandemonium lord
124082 | Zig:26   | Noticed Hutia the pandemonium lord
124083 | Zig:26   | Noticed Xeluvorioh the pandemonium lord
124083 | Zig:26   | Noticed Puppenob the pandemonium lord
124084 | Zig:26   | Killed Nuvush the pandemonium lord
124084 | Zig:26   | Noticed Opil the pandemonium lord
124084 | Zig:26   | Noticed Jiarchunk the pandemonium lord
124085 | Zig:26   | Killed Lyalofat the pandemonium lord
124085 | Zig:26   | Noticed Heoqudi the pandemonium lord
124085 | Zig:26   | Killed Kuot Pip the pandemonium lord
124085 | Zig:26   | Killed Piduun the pandemonium lord
124086 | Zig:26   | Noticed Pufiq the pandemonium lord
124086 | Zig:26   | Noticed Lodghaogh the pandemonium lord
124086 | Zig:26   | Killed Ymeso the pandemonium lord
124086 | Zig:26   | Killed Qotoez the pandemonium lord
124086 | Zig:26   | Killed Kupnut the pandemonium lord
124086 | Zig:26   | Killed Wobovvea the pandemonium lord
124086 | Zig:26   | Killed Zastrax the pandemonium lord
124086 | Zig:26   | Killed Hutia the pandemonium lord
124087 | Zig:26   | Killed Timod the pandemonium lord
124087 | Zig:26   | Killed Wosey the pandemonium lord
124087 | Zig:26   | Killed Pufiq the pandemonium lord
124087 | Zig:26   | Killed Opil the pandemonium lord
124087 | Zig:26   | Killed Puppenob the pandemonium lord
124087 | Zig:26   | Killed Xyips the pandemonium lord
124087 | Zig:26   | Killed Xeluvorioh the pandemonium lord
124087 | Zig:26   | Noticed Niext the pandemonium lord
124087 | Zig:26   | Noticed Quxypp the pandemonium lord
124087 | Zig:26   | Noticed Enykh the pandemonium lord
124087 | Zig:26   | Noticed Imniobop the pandemonium lord
124087 | Zig:26   | Noticed Ruer the pandemonium lord
124088 | Zig:26   | Noticed Utzeotso the pandemonium lord
124088 | Zig:26   | Noticed Uleoler the pandemonium lord
124088 | Zig:26   | Killed Muoguzui the pandemonium lord
124088 | Zig:26   | Killed Gunuaj the pandemonium lord
124088 | Zig:26   | Killed Jiarchunk the pandemonium lord
124088 | Zig:26   | Killed Aral the pandemonium lord
124088 | Zig:26   | Killed Lodghaogh the pandemonium lord
124088 | Zig:26   | Noticed Gummun the pandemonium lord
124089 | Zig:26   | Killed Qokkuc the pandemonium lord
124089 | Zig:26   | Killed Qarch the pandemonium lord
124089 | Zig:26   | Noticed Habbozy the pandemonium lord
124089 | Zig:26   | Noticed Piloim the pandemonium lord
124090 | Zig:26   | Killed Enykh the pandemonium lord
124090 | Zig:26   | Noticed Eklos the pandemonium lord
124090 | Zig:26   | Noticed Ceneppoa the pandemonium lord
124091 | Zig:26   | Noticed Zyppulen the pandemonium lord
124091 | Zig:26   | Noticed Teuj Vuf the pandemonium lord
124092 | Zig:26   | Killed Heoqudi the pandemonium lord
124092 | Zig:26   | Killed Uleoler the pandemonium lord
124092 | Zig:26   | Killed Quxypp the pandemonium lord
124092 | Zig:26   | Noticed Povopp the pandemonium lord
124093 | Zig:26   | Killed Niext the pandemonium lord
124093 | Zig:26   | Killed Ruer the pandemonium lord
124093 | Zig:26   | Noticed Gamur the pandemonium lord
124093 | Zig:26   | Noticed Kufo the pandemonium lord
124093 | Zig:26   | Noticed Hephiuva the pandemonium lord
124094 | Zig:26   | Killed Gummun the pandemonium lord
124094 | Zig:26   | Killed Ceneppoa the pandemonium lord
124094 | Zig:26   | Killed Piloim the pandemonium lord
124094 | Zig:26   | Noticed Memia the pandemonium lord
124095 | Zig:26   | Killed Habbozy the pandemonium lord
124095 | Zig:26   | Noticed Xisogor the pandemonium lord
124095 | Zig:26   | Noticed Gagaul the pandemonium lord
124096 | Zig:26   | Noticed Yheel the pandemonium lord
124096 | Zig:26   | Killed Zyppulen the pandemonium lord
124096 | Zig:26   | Noticed Zorchousi the pandemonium lord
124097 | Zig:26   | Killed Teuj Vuf the pandemonium lord
124097 | Zig:26   | Killed Utzeotso the pandemonium lord
124097 | Zig:26   | Killed Eklos the pandemonium lord
124097 | Zig:26   | Noticed Ipsan the pandemonium lord
124097 | Zig:26   | Noticed Astogis the pandemonium lord
124098 | Zig:26   | Killed Gamur the pandemonium lord
124098 | Zig:26   | Killed Imniobop the pandemonium lord
124099 | Zig:26   | Killed Kufo the pandemonium lord
124099 | Zig:26   | Killed Hephiuva the pandemonium lord
124099 | Zig:26   | Killed Povopp the pandemonium lord
124099 | Zig:26   | Killed Memia the pandemonium lord
124099 | Zig:26   | Killed Xisogor the pandemonium lord
124099 | Zig:26   | Noticed Ritoki the pandemonium lord
124099 | Zig:26   | Noticed Xubof the pandemonium lord
124100 | Zig:26   | Noticed Igedgh the pandemonium lord
124100 | Zig:26   | Killed Gagaul the pandemonium lord
124100 | Zig:26   | Killed Ipsan the pandemonium lord
124100 | Zig:26   | Noticed Inuxam the pandemonium lord
124100 | Zig:26   | Noticed Ipsoreqe the pandemonium lord
124100 | Zig:26   | Noticed Kipunk the pandemonium lord
124100 | Zig:26   | Killed Zorchousi the pandemonium lord
124101 | Zig:26   | Noticed Uviahao the pandemonium lord
124101 | Zig:26   | Killed Yheel the pandemonium lord
124101 | Zig:26   | Killed Xubof the pandemonium lord
124101 | Zig:26   | Killed Igedgh the pandemonium lord
124101 | Zig:26   | Killed Uviahao the pandemonium lord
124101 | Zig:26   | Noticed Liufoexe the pandemonium lord
124101 | Zig:26   | Noticed Esedgh the pandemonium lord
124102 | Zig:26   | Noticed Asawa the pandemonium lord
124102 | Zig:26   | Noticed Baesch the pandemonium lord
124102 | Zig:26   | Noticed Zaingeeh the pandemonium lord
124103 | Zig:26   | Killed Inuxam the pandemonium lord
124103 | Zig:26   | Killed Ritoki the pandemonium lord
124103 | Zig:26   | Killed Kipunk the pandemonium lord
124103 | Zig:26   | Noticed Miroroys the pandemonium lord
124103 | Zig:26   | Noticed Xuituipta the pandemonium lord
124103 | Zig:26   | Killed Astogis the pandemonium lord
124105 | Zig:26   | Noticed Rolushrargh the pandemonium lord
124105 | Zig:26   | Noticed Zuxug the pandemonium lord
124105 | Zig:26   | Noticed Jokobriw the pandemonium lord
124106 | Zig:26   | Killed Ipsoreqe the pandemonium lord
124107 | Zig:26   | Noticed Peitauss the pandemonium lord
124107 | Zig:26   | Noticed Posiubid the pandemonium lord
124108 | Zig:26   | Noticed Naragij the pandemonium lord
124108 | Zig:26   | Noticed Ycaysman the pandemonium lord
124108 | Zig:26   | Killed Naragij the pandemonium lord
124108 | Zig:26   | Killed Liufoexe the pandemonium lord
124108 | Zig:26   | Killed Esedgh the pandemonium lord
124108 | Zig:26   | Killed Rolushrargh the pandemonium lord
124108 | Zig:26   | Killed Asawa the pandemonium lord
124108 | Zig:26   | Killed Miroroys the pandemonium lord
124108 | Zig:26   | Noticed Farout the pandemonium lord
124109 | Zig:26   | Killed Zaingeeh the pandemonium lord
124109 | Zig:26   | Killed Jokobriw the pandemonium lord
124109 | Zig:26   | Killed Ycaysman the pandemonium lord
124109 | Zig:26   | Killed Baesch the pandemonium lord
124109 | Zig:26   | Killed Peitauss the pandemonium lord
124109 | Zig:26   | Killed Farout the pandemonium lord
124109 | Zig:26   | Noticed Hunam the pandemonium lord
124110 | Zig:26   | Noticed Meamet the pandemonium lord
124110 | Zig:26   | Noticed Hawn the pandemonium lord
124110 | Zig:26   | Noticed Ohaxyeqi the pandemonium lord
124110 | Zig:26   | Noticed Aduekaj the pandemonium lord
124110 | Zig:26   | Noticed Peym the pandemonium lord
124110 | Zig:26   | Noticed Izitz the pandemonium lord
124110 | Zig:26   | Noticed Fasa Subb the pandemonium lord
124110 | Zig:26   | Noticed Ucudemem the pandemonium lord
124110 | Zig:26   | Killed Zuxug the pandemonium lord
124111 | Zig:26   | Killed Posiubid the pandemonium lord
124111 | Zig:26   | Noticed Essyph the pandemonium lord
124112 | Zig:26   | Noticed Zessis the pandemonium lord
124112 | Zig:26   | Noticed Deleihuy the pandemonium lord
124112 | Zig:26   | Noticed Zilehor the pandemonium lord
124112 | Zig:26   | Noticed Numm the pandemonium lord
124112 | Zig:26   | Noticed Guiteiwa the pandemonium lord
124112 | Zig:26   | Noticed Quga Amo the pandemonium lord
124112 | Zig:26   | Killed Peym the pandemonium lord
124112 | Zig:26   | Killed Hawn the pandemonium lord
124112 | Zig:26   | Killed Xuituipta the pandemonium lord
124112 | Zig:26   | Noticed Yssutz the pandemonium lord
124113 | Zig:26   | Killed Ohaxyeqi the pandemonium lord
124113 | Zig:26   | Killed Aduekaj the pandemonium lord
124113 | Zig:26   | Killed Hunam the pandemonium lord
124113 | Zig:26   | Killed Ucudemem the pandemonium lord
124113 | Zig:26   | Noticed Zet Owag the pandemonium lord
124113 | Zig:26   | Noticed Qococeuh the pandemonium lord
124113 | Zig:26   | Noticed Pikki the pandemonium lord
124114 | Zig:26   | Noticed Lysuczerph the pandemonium lord
124114 | Zig:26   | Noticed Aretwo the pandemonium lord
124114 | Zig:26   | Noticed Bimac the pandemonium lord
124114 | Zig:26   | Noticed Quatry the pandemonium lord
124114 | Zig:26   | Noticed Amil the pandemonium lord
124114 | Zig:26   | Noticed Hethatoyb the pandemonium lord
124114 | Zig:26   | Noticed Ydiett the pandemonium lord
124114 | Zig:26   | Noticed Emno the pandemonium lord
124114 | Zig:26   | Noticed Fuikh the pandemonium lord
124114 | Zig:26   | Noticed Doigug the pandemonium lord
124114 | Zig:26   | Noticed Seol the pandemonium lord
124114 | Zig:26   | Noticed Zuc Rou the pandemonium lord
124114 | Zig:26   | Noticed Oqit the pandemonium lord
124114 | Zig:26   | Noticed Sonnenko the pandemonium lord
124114 | Zig:26   | Noticed Onatzeirr the pandemonium lord
124114 | Zig:26   | Noticed Kinaat the pandemonium lord
124114 | Zig:26   | Killed Fasa Subb the pandemonium lord
124115 | Zig:26   | Killed Numm the pandemonium lord
124115 | Zig:26   | Killed Qococeuh the pandemonium lord
124115 | Zig:26   | Killed Deleihuy the pandemonium lord
124115 | Zig:26   | Killed Guiteiwa the pandemonium lord
124115 | Zig:26   | Killed Emno the pandemonium lord
124115 | Zig:26   | Killed Izitz the pandemonium lord
124115 | Zig:26   | Killed Essyph the pandemonium lord
124115 | Zig:26   | Killed Oqit the pandemonium lord
124115 | Zig:26   | Killed Fuikh the pandemonium lord
124115 | Zig:26   | Noticed Ehoruj the pandemonium lord
124116 | Zig:26   | Killed Zessis the pandemonium lord
124116 | Zig:26   | Killed Pikki the pandemonium lord
124116 | Zig:26   | Killed Amil the pandemonium lord
124116 | Zig:26   | Killed Lysuczerph the pandemonium lord
124116 | Zig:26   | Killed Meamet the pandemonium lord
124116 | Zig:26   | Killed Doigug the pandemonium lord
124116 | Zig:26   | Killed Zet Owag the pandemonium lord
124116 | Zig:26   | Killed Zuc Rou the pandemonium lord
124116 | Zig:26   | Killed Seol the pandemonium lord
124116 | Zig:26   | Noticed Epets the pandemonium lord
124116 | Zig:26   | Killed Quatry the pandemonium lord
124116 | Zig:26   | Noticed Ywkayf the pandemonium lord
124116 | Zig:26   | Killed Ydiett the pandemonium lord
124116 | Zig:26   | Killed Bimac the pandemonium lord
124116 | Zig:26   | Noticed Gompiq the pandemonium lord
124117 | Zig:26   | Noticed Rumpopp the pandemonium lord
124117 | Zig:26   | Killed Yssutz the pandemonium lord
124117 | Zig:26   | Killed Zilehor the pandemonium lord
124117 | Zig:26   | Killed Quga Amo the pandemonium lord
124117 | Zig:26   | Killed Aretwo the pandemonium lord
124117 | Zig:26   | Killed Sonnenko the pandemonium lord
124117 | Zig:26   | Killed Hethatoyb the pandemonium lord
124117 | Zig:26   | Killed Kinaat the pandemonium lord
124119 | Zig:26   | Killed Ywkayf the pandemonium lord
124119 | Zig:26   | Killed Onatzeirr the pandemonium lord
124119 | Zig:26   | Killed Gompiq the pandemonium lord
124120 | Zig:26   | Killed Ehoruj the pandemonium lord
124120 | Zig:26   | Noticed Ryuwucw the pandemonium lord
124121 | Zig:26   | Noticed Ufugre the pandemonium lord
124121 | Zig:26   | Noticed Goxoup the pandemonium lord
124121 | Zig:26   | Noticed Yrotethyri the pandemonium lord
124121 | Zig:26   | Noticed Pugihem the pandemonium lord
124121 | Zig:26   | Noticed Sufainn the pandemonium lord
124121 | Zig:26   | Noticed Tanuxup the pandemonium lord
124122 | Zig:26   | Killed Epets the pandemonium lord
124122 | Zig:26   | Killed Sufainn the pandemonium lord
124122 | Zig:26   | Noticed Ifif the pandemonium lord
124122 | Zig:26   | Noticed Eneeg the pandemonium lord
124123 | Zig:26   | Killed Rumpopp the pandemonium lord
124123 | Zig:26   | Killed Ryuwucw the pandemonium lord
124123 | Zig:26   | Killed Pugihem the pandemonium lord
124123 | Zig:26   | Noticed Qoojaok the pandemonium lord
124124 | Zig:26   | Noticed Heuthej the pandemonium lord
124124 | Zig:26   | Noticed Ciudgh the pandemonium lord
124124 | Zig:26   | Noticed Duerghai the pandemonium lord
124124 | Zig:26   | Noticed Isa Bepn the pandemonium lord
124124 | Zig:26   | Noticed Geirych the pandemonium lord
124124 | Zig:26   | Noticed Rudaptiu the pandemonium lord
124124 | Zig:26   | Noticed Zemahur the pandemonium lord
124125 | Zig:26   | Killed Qoojaok the pandemonium lord
124125 | Zig:26   | Killed Tanuxup the pandemonium lord
124125 | Zig:26   | Killed Ufugre the pandemonium lord
124125 | Zig:26   | Killed Yrotethyri the pandemonium lord
124126 | Zig:26   | Killed Ifif the pandemonium lord
124126 | Zig:26   | Killed Eneeg the pandemonium lord
124126 | Zig:26   | Killed Isa Bepn the pandemonium lord
124126 | Zig:26   | Killed Ciudgh the pandemonium lord
124126 | Zig:26   | Killed Goxoup the pandemonium lord
124126 | Zig:26   | Noticed Kyd Rikhete the pandemonium lord
124127 | Zig:26   | Killed Rudaptiu the pandemonium lord
124127 | Zig:26   | Killed Duerghai the pandemonium lord
124127 | Zig:26   | Killed Zemahur the pandemonium lord
124128 | Zig:26   | Killed Geirych the pandemonium lord
124128 | Zig:26   | Killed Kyd Rikhete the pandemonium lord
124136 | Zig:26   | Killed Heuthej the pandemonium lord
124167 | Zig:26   | Identified the amulet "Jouhumup" {Reflect Drain +Inv Will++
                  | SH+5}
124171 | Zig:26   | Identified the +3 pair of boots "Covysel" {rCorr Stlth+}
124176 | Zig:26   | Identified the ring "Loevvuon" {rF+ rN+ Dex+3}
124193 | Zig:26   | Identified the +0 robe of Benevolence {rF+ Int-3 SInv}
124201 | Zig:27   | Entered Level 27 of a ziggurat
124206 | Zig:27   | Noticed a juggernaut
124208 | Zig:27   | Noticed a juggernaut
124209 | Zig:27   | Noticed a juggernaut
124210 | Zig:27   | Noticed a juggernaut
124210 | Zig:27   | Noticed a juggernaut
124210 | Zig:27   | Noticed a juggernaut
124211 | Zig:27   | Noticed a juggernaut
124211 | Zig:27   | Noticed a juggernaut
124212 | Zig:27   | Noticed a juggernaut
124213 | Zig:27   | Noticed a juggernaut
124213 | Zig:27   | Noticed a juggernaut
124213 | Zig:27   | Noticed a juggernaut
124213 | Zig:27   | Noticed a juggernaut
124214 | Zig:27   | Killed a juggernaut
124214 | Zig:27   | Killed a juggernaut
124214 | Zig:27   | Killed a juggernaut
124214 | Zig:27   | Killed a juggernaut
124214 | Zig:27   | Killed a juggernaut
124215 | Zig:27   | Noticed a juggernaut
124215 | Zig:27   | Noticed a juggernaut
124215 | Zig:27   | Noticed a juggernaut
124215 | Zig:27   | Noticed a juggernaut
124215 | Zig:27   | Noticed a juggernaut
124215 | Zig:27   | Noticed a juggernaut
124215 | Zig:27   | Noticed a juggernaut
124215 | Zig:27   | Noticed a juggernaut
124216 | Zig:27   | Noticed a juggernaut
124216 | Zig:27   | Noticed a juggernaut
124216 | Zig:27   | Noticed a juggernaut
124216 | Zig:27   | Noticed a juggernaut
124216 | Zig:27   | Noticed a juggernaut
124216 | Zig:27   | Noticed a juggernaut
124216 | Zig:27   | Noticed a juggernaut
124216 | Zig:27   | Noticed a juggernaut
124217 | Zig:27   | Killed a juggernaut
124217 | Zig:27   | Killed a juggernaut
124217 | Zig:27   | Killed a juggernaut
124217 | Zig:27   | Killed a juggernaut
124217 | Zig:27   | Killed a juggernaut
124217 | Zig:27   | Killed a juggernaut
124217 | Zig:27   | Killed a juggernaut
124217 | Zig:27   | Killed a juggernaut
124217 | Zig:27   | Killed a juggernaut
124217 | Zig:27   | Killed a juggernaut
124217 | Zig:27   | Killed a juggernaut
124217 | Zig:27   | Noticed a juggernaut
124217 | Zig:27   | Noticed a juggernaut
124217 | Zig:27   | Noticed a juggernaut
124218 | Zig:27   | Noticed a juggernaut
124218 | Zig:27   | Noticed a juggernaut
124218 | Zig:27   | Noticed a juggernaut
124218 | Zig:27   | Noticed a juggernaut
124219 | Zig:27   | Noticed a juggernaut
124219 | Zig:27   | Noticed a juggernaut
124219 | Zig:27   | Noticed a juggernaut
124219 | Zig:27   | Noticed a juggernaut
124219 | Zig:27   | Noticed a juggernaut
124219 | Zig:27   | Noticed a juggernaut
124219 | Zig:27   | Noticed a juggernaut
124219 | Zig:27   | Noticed a juggernaut
124220 | Zig:27   | Noticed a juggernaut
124220 | Zig:27   | Noticed a juggernaut
124220 | Zig:27   | Noticed a juggernaut
124220 | Zig:27   | Noticed a juggernaut
124220 | Zig:27   | Noticed a juggernaut
124220 | Zig:27   | Noticed a juggernaut
124220 | Zig:27   | Noticed a juggernaut
124221 | Zig:27   | Killed a juggernaut
124221 | Zig:27   | Killed a juggernaut
124221 | Zig:27   | Killed a juggernaut
124221 | Zig:27   | Killed a juggernaut
124221 | Zig:27   | Killed a juggernaut
124221 | Zig:27   | Killed a juggernaut
124221 | Zig:27   | Killed a juggernaut
124221 | Zig:27   | Killed a juggernaut
124221 | Zig:27   | Killed a juggernaut
124221 | Zig:27   | Killed a juggernaut
124221 | Zig:27   | Killed a juggernaut
124221 | Zig:27   | Killed a juggernaut
124221 | Zig:27   | Killed a juggernaut
124221 | Zig:27   | Killed a juggernaut
124221 | Zig:27   | Killed a juggernaut
124221 | Zig:27   | Killed a juggernaut
124221 | Zig:27   | Killed a juggernaut
124221 | Zig:27   | Killed a juggernaut
124221 | Zig:27   | Noticed a juggernaut
124221 | Zig:27   | Noticed a juggernaut
124222 | Zig:27   | Noticed a juggernaut
124222 | Zig:27   | Noticed a juggernaut
124222 | Zig:27   | Noticed a juggernaut
124222 | Zig:27   | Noticed a juggernaut
124222 | Zig:27   | Noticed a juggernaut
124222 | Zig:27   | Noticed a juggernaut
124222 | Zig:27   | Noticed a juggernaut
124222 | Zig:27   | Noticed a juggernaut
124222 | Zig:27   | Noticed a juggernaut
124222 | Zig:27   | Noticed a juggernaut
124223 | Zig:27   | Noticed a juggernaut
124223 | Zig:27   | Noticed a juggernaut
124223 | Zig:27   | Noticed a juggernaut
124223 | Zig:27   | Killed a juggernaut
124223 | Zig:27   | Killed a juggernaut
124223 | Zig:27   | Killed a juggernaut
124223 | Zig:27   | Killed a juggernaut
124223 | Zig:27   | Killed a juggernaut
124223 | Zig:27   | Killed a juggernaut
124223 | Zig:27   | Killed a juggernaut
124223 | Zig:27   | Killed a juggernaut
124223 | Zig:27   | Killed a juggernaut
124223 | Zig:27   | Killed a juggernaut
124223 | Zig:27   | Killed a juggernaut
124223 | Zig:27   | Killed a juggernaut
124223 | Zig:27   | Killed a juggernaut
124223 | Zig:27   | Killed a juggernaut
124223 | Zig:27   | Noticed a juggernaut
124224 | Zig:27   | Noticed a juggernaut
124224 | Zig:27   | Noticed a juggernaut
124226 | Zig:27   | Noticed a juggernaut
124228 | Zig:27   | Killed a juggernaut
124228 | Zig:27   | Killed a juggernaut
124228 | Zig:27   | Killed a juggernaut
124228 | Zig:27   | Killed a juggernaut
124228 | Zig:27   | Killed a juggernaut
124228 | Zig:27   | Killed a juggernaut
124228 | Zig:27   | Killed a juggernaut
124229 | Zig:27   | Killed a juggernaut
124229 | Zig:27   | Killed a juggernaut
124229 | Zig:27   | Killed a juggernaut
124229 | Zig:27   | Killed a juggernaut
124229 | Zig:27   | Killed a juggernaut
124229 | Zig:27   | Killed a juggernaut
124231 | Zig:27   | Killed a juggernaut
124231 | Zig:27   | Killed a juggernaut
124231 | Zig:27   | Killed a juggernaut
124231 | Zig:27   | Killed a juggernaut
124231 | Zig:27   | Killed a juggernaut
124233 | Zig:27   | Killed a juggernaut
124233 | Zig:27   | Killed a juggernaut
124234 | Zig:27   | Noticed a juggernaut
124234 | Zig:27   | Noticed a juggernaut
124236 | Zig:27   | Noticed a juggernaut
124237 | Zig:27   | Killed a juggernaut
124237 | Zig:27   | Killed a juggernaut
124239 | Zig:27   | Killed a juggernaut
124240 | Zig:27   | Killed a juggernaut
124241 | Zig:27   | Killed a juggernaut
124277 | Zig:27   | Identified the +2 ring mail "Ciad" {Contam rPois rN+}
124290 | Zig:27   | Identified the +5 mace of Eternal Vigilance {pain, rPois
                  | rC- Int+10 Dex-4}
124299 | Zig:27   | Identified the -1 pair of boots of the Dwarven Hall {Int+3}
124301 | Zig:27   | Identified the +3 acid dragon scales of Grace {rC+ rCorr
                  | SInv Stlth+}
124528 | Zig:1    | Entered Level 1 of a ziggurat
124528 | Zig:1    | Identified the +7 tower shield "Trusted Companion" {rPois
                  | rF+}
124553 | Zig:2    | Entered Level 2 of a ziggurat
124553 | Zig:2    | Noticed a juggernaut
124554 | Zig:2    | Killed a juggernaut
124568 | Zig:2    | Identified the +2 flail "Morora Mikli" {vorpal, Drain rPois
                  | rF+++ Int-2}
124583 | Zig:2    | Acquired 1030 gold pieces
124590 | Zig:3    | Entered Level 3 of a ziggurat
124590 | Zig:3    | Noticed an ancient lich
124590 | Zig:3    | Noticed an ancient lich
124590 | Zig:3    | Noticed a dread lich
124592 | Zig:3    | Killed an ancient lich
124592 | Zig:3    | Killed an ancient lich
124593 | Zig:3    | Killed a dread lich
124609 | Zig:4    | Entered Level 4 of a ziggurat
124609 | Zig:4    | Noticed Goclue the pandemonium lord
124609 | Zig:4    | Noticed Per Zito the pandemonium lord
124609 | Zig:4    | Noticed Pewyatwi the pandemonium lord
124609 | Zig:4    | Noticed Geackosh the pandemonium lord
124609 | Zig:4    | Noticed Zuaram the pandemonium lord
124609 | Zig:4    | Noticed Qesekhlig the pandemonium lord
124609 | Zig:4    | Noticed Ciosi the pandemonium lord
124609 | Zig:4    | Noticed Ureosyhi the pandemonium lord
124609 | Zig:4    | Noticed Ruptid the pandemonium lord
124609 | Zig:4    | Noticed Nadune the pandemonium lord
124609 | Zig:4    | Noticed Kushieps the pandemonium lord
124609 | Zig:4    | Noticed Mayn the pandemonium lord
124609 | Zig:4    | Noticed Alyu the pandemonium lord
124609 | Zig:4    | Noticed Omuon the pandemonium lord
124611 | Zig:4    | Noticed Onotaz the pandemonium lord
124612 | Zig:4    | Killed Mayn the pandemonium lord
124612 | Zig:4    | Killed Nadune the pandemonium lord
124612 | Zig:4    | Killed Zuaram the pandemonium lord
124612 | Zig:4    | Killed Pewyatwi the pandemonium lord
124613 | Zig:4    | Killed Ruptid the pandemonium lord
124613 | Zig:4    | Killed Kushieps the pandemonium lord
124614 | Zig:4    | Killed Qesekhlig the pandemonium lord
124614 | Zig:4    | Killed Alyu the pandemonium lord
124614 | Zig:4    | Killed Ciosi the pandemonium lord
124614 | Zig:4    | Killed Geackosh the pandemonium lord
124614 | Zig:4    | Killed Ureosyhi the pandemonium lord
124615 | Zig:4    | Killed Goclue the pandemonium lord
124619 | Zig:4    | Killed Omuon the pandemonium lord
124619 | Zig:4    | Killed Onotaz the pandemonium lord
124620 | Zig:4    | Killed Per Zito the pandemonium lord
124633 | Zig:4    | Acquired 876 gold pieces
124634 | Zig:4    | Acquired 1222 gold pieces
124635 | Zig:4    | Acquired 1103 gold pieces
124642 | Zig:4    | Identified the ring of the Komtur {rPois AC+4 Dex+4 SInv}
124658 | Zig:4    | Identified the +2 pair of gloves of the Beastly God {rPois}
124661 | Zig:5    | Entered Level 5 of a ziggurat
124661 | Zig:5    | Noticed a dread lich
124661 | Zig:5    | Noticed an ancient lich
124661 | Zig:5    | Noticed a dread lich
124661 | Zig:5    | Noticed a dread lich
124661 | Zig:5    | Noticed a dread lich
124663 | Zig:5    | Killed a dread lich
124663 | Zig:5    | Killed an ancient lich
124663 | Zig:5    | Killed a dread lich
124663 | Zig:5    | Killed a dread lich
124670 | Zig:5    | Killed a dread lich
124678 | Zig:5    | Identified the +9 plate armour of the Dowdy Salamander
                  | {rElec Dex+2}
124684 | Zig:6    | Entered Level 6 of a ziggurat
124724 | Zig:7    | Entered Level 7 of a ziggurat
124724 | Zig:7    | Noticed Kyuplom the pandemonium lord
124724 | Zig:7    | Noticed Tikkar Jana the pandemonium lord
124724 | Zig:7    | Noticed Tegom the pandemonium lord
124724 | Zig:7    | Noticed Piegogen the pandemonium lord
124724 | Zig:7    | Noticed Bire the pandemonium lord
124724 | Zig:7    | Noticed Fiutsuk the pandemonium lord
124724 | Zig:7    | Noticed Nuodiweg the pandemonium lord
124724 | Zig:7    | Noticed Jobucoh the pandemonium lord
124724 | Zig:7    | Noticed Duyqip the pandemonium lord
124724 | Zig:7    | Noticed Cext the pandemonium lord
124724 | Zig:7    | Noticed Peenn the pandemonium lord
124724 | Zig:7    | Noticed Oradof the pandemonium lord
124724 | Zig:7    | Noticed Taovoih the pandemonium lord
124724 | Zig:7    | Noticed Cenok the pandemonium lord
124724 | Zig:7    | Noticed Sonack the pandemonium lord
124724 | Zig:7    | Noticed Fidwomas the pandemonium lord
124724 | Zig:7    | Noticed Noutua the pandemonium lord
124724 | Zig:7    | Noticed Ethreus the pandemonium lord
124724 | Zig:7    | Noticed Udduy the pandemonium lord
124724 | Zig:7    | Noticed Hish the pandemonium lord
124724 | Zig:7    | Noticed Xiph the pandemonium lord
124724 | Zig:7    | Noticed Cugush the pandemonium lord
124724 | Zig:7    | Noticed Zuer the pandemonium lord
124724 | Zig:7    | Noticed Tyevas the pandemonium lord
124724 | Zig:7    | Noticed Caddoerph the pandemonium lord
124724 | Zig:7    | Noticed Eloyri the pandemonium lord
124724 | Zig:7    | Noticed Oxiadil the pandemonium lord
124725 | Zig:7    | Killed Tikkar Jana the pandemonium lord
124725 | Zig:7    | Killed Tegom the pandemonium lord
124725 | Zig:7    | Killed Nuodiweg the pandemonium lord
124725 | Zig:7    | Killed Peenn the pandemonium lord
124725 | Zig:7    | Killed Fiutsuk the pandemonium lord
124725 | Zig:7    | Killed Taovoih the pandemonium lord
124725 | Zig:7    | Killed Jobucoh the pandemonium lord
124725 | Zig:7    | Killed Cenok the pandemonium lord
124725 | Zig:7    | Noticed Quleh the pandemonium lord
124726 | Zig:7    | Killed Sonack the pandemonium lord
124726 | Zig:7    | Killed Hish the pandemonium lord
124726 | Zig:7    | Killed Cext the pandemonium lord
124726 | Zig:7    | Killed Xiph the pandemonium lord
124726 | Zig:7    | Killed Tyevas the pandemonium lord
124726 | Zig:7    | Noticed Dastrit the pandemonium lord
124726 | Zig:7    | Noticed Vopsurgh the pandemonium lord
124726 | Zig:7    | Noticed Xeemish the pandemonium lord
124726 | Zig:7    | Noticed Aluxe the pandemonium lord
124727 | Zig:7    | Noticed Loan the pandemonium lord
124728 | Zig:7    | Noticed Nuteatt the pandemonium lord
124728 | Zig:7    | Killed Zuer the pandemonium lord
124728 | Zig:7    | Killed Fidwomas the pandemonium lord
124728 | Zig:7    | Killed Piegogen the pandemonium lord
124728 | Zig:7    | Killed Duyqip the pandemonium lord
124728 | Zig:7    | Killed Oxiadil the pandemonium lord
124728 | Zig:7    | Killed Cugush the pandemonium lord
124729 | Zig:7    | Noticed Daroto the pandemonium lord
124729 | Zig:7    | Killed Bire the pandemonium lord
124729 | Zig:7    | Killed Oradof the pandemonium lord
124729 | Zig:7    | Killed Ethreus the pandemonium lord
124729 | Zig:7    | Killed Loan the pandemonium lord
124729 | Zig:7    | Killed Aluxe the pandemonium lord
124729 | Zig:7    | Killed Eloyri the pandemonium lord
124729 | Zig:7    | Noticed Xaumynoh the pandemonium lord
124730 | Zig:7    | Killed Noutua the pandemonium lord
124730 | Zig:7    | Killed Caddoerph the pandemonium lord
124730 | Zig:7    | Killed Quleh the pandemonium lord
124730 | Zig:7    | Killed Xeemish the pandemonium lord
124730 | Zig:7    | Killed Udduy the pandemonium lord
124731 | Zig:7    | Noticed Eqer the pandemonium lord
124731 | Zig:7    | Noticed Perher the pandemonium lord
124731 | Zig:7    | Noticed Garek the pandemonium lord
124731 | Zig:7    | Killed Nuteatt the pandemonium lord
124732 | Zig:7    | Killed Vopsurgh the pandemonium lord
124733 | Zig:7    | Killed Garek the pandemonium lord
124733 | Zig:7    | Killed Kyuplom the pandemonium lord
124733 | Zig:7    | Killed Eqer the pandemonium lord
124733 | Zig:7    | Killed Daroto the pandemonium lord
124737 | Zig:7    | Killed Xaumynoh the pandemonium lord
124739 | Zig:7    | Killed Dastrit the pandemonium lord
124740 | Zig:7    | Killed Perher the pandemonium lord
124745 | Zig:7    | Identified the ring of Jealousy {*Slow rN+++ MP+9 Int+5}
124748 | Zig:7    | Identified the +7 falchion "Suroixt" {freeze, rElec rPois
                  | Str+7}
124755 | Zig:7    | Identified the +3 ring mail "Batuko" {Harm rElec Str-4
                  | SInv}
124757 | Zig:7    | Identified the +7 plate armour of the Pink Corner {MP+9
                  | Dex+6}
124802 | Zig:8    | Entered Level 8 of a ziggurat
124834 | Zig:8    | Identified the +2 robe "Hausa" {Dex+6 Archmagi}
124837 | Zig:9    | Entered Level 9 of a ziggurat
124837 | Zig:9    | Noticed a dread lich
124840 | Zig:9    | Killed a dread lich
124850 | Zig:9    | Identified the ring "Cocvosa" {rElec rPois rC+ Dex+6
                  | Stlth+}
124861 | Zig:9    | Identified the +1 chain mail of Domepsi {rN+ Will+ Dex+4}
124930 | Zig:10   | Entered Level 10 of a ziggurat
124939 | Zig:10   | Noticed Qetinapp the pandemonium lord
124948 | Zig:10   | Killed Qetinapp the pandemonium lord
124970 | Zig:10   | Identified the ring "Epoiqexa" {rPois rC+ Int+6 Dex+2}
125073 | Zig:11   | Entered Level 11 of a ziggurat
125080 | Zig:11   | Noticed Isyqunte the pandemonium lord
125092 | Zig:11   | Killed Isyqunte the pandemonium lord
125104 | Zig:11   | Acquired 1007 gold pieces
125110 | Zig:11   | Identified the ring "Hosiemir" {Will+ SInv}
125143 | Zig:12   | Entered Level 12 of a ziggurat
125143 | Zig:12   | Noticed a dread lich
125143 | Zig:12   | Noticed a dread lich
125143 | Zig:12   | Noticed an ancient lich
125144 | Zig:12   | Noticed an ancient lich
125144 | Zig:12   | Noticed an ancient lich
125144 | Zig:12   | Noticed an ancient lich
125144 | Zig:12   | Noticed a dread lich
125144 | Zig:12   | Noticed an ancient lich
125145 | Zig:12   | Killed an ancient lich
125145 | Zig:12   | Killed an ancient lich
125145 | Zig:12   | Killed a dread lich
125145 | Zig:12   | Killed a dread lich
125145 | Zig:12   | Killed a dread lich
125146 | Zig:12   | Noticed an ancient lich
125146 | Zig:12   | Noticed an ancient lich
125146 | Zig:12   | Noticed an ancient lich
125146 | Zig:12   | Noticed an ancient lich
125146 | Zig:12   | Noticed an ancient lich
125146 | Zig:12   | Noticed a dread lich
125146 | Zig:12   | Noticed an ancient lich
125146 | Zig:12   | Noticed a dread lich
125146 | Zig:12   | Noticed a dread lich
125146 | Zig:12   | Noticed a dread lich
125147 | Zig:12   | Noticed an ancient lich
125147 | Zig:12   | Noticed an ancient lich
125147 | Zig:12   | Killed a dread lich
125147 | Zig:12   | Killed a dread lich
125147 | Zig:12   | Killed a dread lich
125147 | Zig:12   | Killed an ancient lich
125147 | Zig:12   | Killed an ancient lich
125149 | Zig:12   | Killed an ancient lich
125150 | Zig:12   | Killed an ancient lich
125150 | Zig:12   | Killed an ancient lich
125150 | Zig:12   | Killed an ancient lich
125151 | Zig:12   | Killed an ancient lich
125151 | Zig:12   | Killed an ancient lich
125152 | Zig:12   | Killed an ancient lich
125152 | Zig:12   | Killed an ancient lich
125152 | Zig:12   | Killed a dread lich
125153 | Zig:12   | Killed an ancient lich
125178 | Zig:12   | Identified the amulet of Abyewk {Reflect SH+5 SInv}
125226 | Zig:13   | Entered Level 13 of a ziggurat
125267 | Zig:13   | Identified the ring "Vood" {Wiz rF+ rC- MP-9 Dex+8}
125280 | Zig:13   | Identified the ring of Moodiness {MP+9 Str-5 Dex+5}
125292 | Zig:13   | Identified the ring "Faff" {Wiz rCorr Dex+3}
125309 | Zig:14   | Entered Level 14 of a ziggurat
125346 | Zig:14   | Identified the +4 scale mail of Words of Power {rElec
                  | Will+}
125354 | Zig:14   | Identified the ring "Cutin" {+Blink rN+ Will+ Int+6}
125358 | Zig:15   | Entered Level 15 of a ziggurat
125386 | Zig:15   | Identified the ring of Hitz {Will+ MP+9 SInv}
125391 | Zig:15   | Identified the ring of Syaqoroz {rPois rC- Will+ Str+4
                  | Stlth+}
125395 | Zig:15   | Identified the ring of Funtots {Wiz rF+}
125401 | Zig:15   | Identified the ring of Kuelexze {Fly Str+2 Dex+6}
125402 | Zig:15   | Identified the +1 scale mail "Moavats" {Dex+3}
125407 | Zig:16   | Entered Level 16 of a ziggurat
125409 | Zig:16   | Noticed Xiaps the pandemonium lord
125409 | Zig:16   | Noticed Jethras the pandemonium lord
125410 | Zig:16   | Noticed Avviguso the pandemonium lord
125410 | Zig:16   | Noticed Litodiro the pandemonium lord
125410 | Zig:16   | Noticed Tucag the pandemonium lord
125411 | Zig:16   | Noticed Toloaff the pandemonium lord
125411 | Zig:16   | Noticed Pemenna Luyj the pandemonium lord
125411 | Zig:16   | Noticed Laikhon the pandemonium lord
125411 | Zig:16   | Noticed Jyhif the pandemonium lord
125411 | Zig:16   | Noticed Yveqi the pandemonium lord
125411 | Zig:16   | Noticed Renin the pandemonium lord
125411 | Zig:16   | Noticed Waovadwo the pandemonium lord
125411 | Zig:16   | Noticed Ciprihum the pandemonium lord
125411 | Zig:16   | Noticed Neagenu the pandemonium lord
125411 | Zig:16   | Noticed Zyunaj the pandemonium lord
125411 | Zig:16   | Noticed Failuesa the pandemonium lord
125411 | Zig:16   | Noticed Ihealasi the pandemonium lord
125411 | Zig:16   | Noticed Loifuska the pandemonium lord
125411 | Zig:16   | Noticed Coawavon the pandemonium lord
125411 | Zig:16   | Noticed Uxtipt the pandemonium lord
125411 | Zig:16   | Noticed Kaelagh the pandemonium lord
125411 | Zig:16   | Noticed Nentucis the pandemonium lord
125411 | Zig:16   | Noticed Tun Hoy the pandemonium lord
125411 | Zig:16   | Noticed Lacheph the pandemonium lord
125411 | Zig:16   | Noticed Dexkaimo the pandemonium lord
125411 | Zig:16   | Noticed Ikhoaf the pandemonium lord
125411 | Zig:16   | Noticed Ishetoqe the pandemonium lord
125411 | Zig:16   | Noticed Peonuod the pandemonium lord
125411 | Zig:16   | Noticed Foshocho the pandemonium lord
125411 | Zig:16   | Noticed Mawetz the pandemonium lord
125411 | Zig:16   | Noticed Jar Wir the pandemonium lord
125411 | Zig:16   | Noticed Hugh the pandemonium lord
125411 | Zig:16   | Noticed Rastuhun the pandemonium lord
125411 | Zig:16   | Noticed Makoesoi the pandemonium lord
125411 | Zig:16   | Noticed Irirphei the pandemonium lord
125411 | Zig:16   | Noticed Oruuhici the pandemonium lord
125411 | Zig:16   | Noticed Jesanoed the pandemonium lord
125411 | Zig:16   | Noticed Geli the pandemonium lord
125411 | Zig:16   | Noticed Mekouw the pandemonium lord
125411 | Zig:16   | Noticed Miaxt the pandemonium lord
125411 | Zig:16   | Noticed Ibrisk the pandemonium lord
125411 | Zig:16   | Noticed Qofias the pandemonium lord
125411 | Zig:16   | Noticed Tut Ury the pandemonium lord
125411 | Zig:16   | Noticed Vausiucs the pandemonium lord
125411 | Zig:16   | Noticed Mexzi the pandemonium lord
125411 | Zig:16   | Noticed Achoisiq the pandemonium lord
125411 | Zig:16   | Noticed Buhewah the pandemonium lord
125412 | Zig:16   | Killed Foshocho the pandemonium lord
125412 | Zig:16   | Killed Zyunaj the pandemonium lord
125412 | Zig:16   | Killed Yveqi the pandemonium lord
125412 | Zig:16   | Killed Geli the pandemonium lord
125412 | Zig:16   | Killed Ibrisk the pandemonium lord
125412 | Zig:16   | Killed Peonuod the pandemonium lord
125412 | Zig:16   | Killed Ishetoqe the pandemonium lord
125412 | Zig:16   | Killed Ikhoaf the pandemonium lord
125412 | Zig:16   | Killed Tun Hoy the pandemonium lord
125412 | Zig:16   | Killed Kaelagh the pandemonium lord
125412 | Zig:16   | Killed Mexzi the pandemonium lord
125412 | Zig:16   | Killed Qofias the pandemonium lord
125412 | Zig:16   | Killed Hugh the pandemonium lord
125412 | Zig:16   | Noticed Axzeehah the pandemonium lord
125413 | Zig:16   | Killed Renin the pandemonium lord
125413 | Zig:16   | Noticed Ucupsez the pandemonium lord
125413 | Zig:16   | Noticed Dantotur the pandemonium lord
125413 | Zig:16   | Noticed Qaissen the pandemonium lord
125413 | Zig:16   | Noticed Onuci the pandemonium lord
125413 | Zig:16   | Noticed Muek the pandemonium lord
125413 | Zig:16   | Noticed Toyxups the pandemonium lord
125413 | Zig:16   | Noticed Qitey the pandemonium lord
125413 | Zig:16   | Noticed Zicem the pandemonium lord
125414 | Zig:16   | Noticed Siufidgh the pandemonium lord
125414 | Zig:16   | Noticed Sydur the pandemonium lord
125414 | Zig:16   | Killed Jethras the pandemonium lord
125414 | Zig:16   | Noticed Myniadi the pandemonium lord
125414 | Zig:16   | Noticed Xifuh the pandemonium lord
125414 | Zig:16   | Noticed Seattyps the pandemonium lord
125414 | Zig:16   | Noticed Qulux the pandemonium lord
125415 | Zig:16   | Noticed Quiqeump the pandemonium lord
125415 | Zig:16   | Killed Mawetz the pandemonium lord
125415 | Zig:16   | Killed Jesanoed the pandemonium lord
125415 | Zig:16   | Killed Nentucis the pandemonium lord
125415 | Zig:16   | Killed Jar Wir the pandemonium lord
125415 | Zig:16   | Killed Failuesa the pandemonium lord
125415 | Zig:16   | Killed Coawavon the pandemonium lord
125415 | Zig:16   | Noticed Bammec the pandemonium lord
125415 | Zig:16   | Noticed Uriwi the pandemonium lord
125416 | Zig:16   | Noticed Qeteh the pandemonium lord
125416 | Zig:16   | Noticed Exiol the pandemonium lord
125416 | Zig:16   | Killed Jyhif the pandemonium lord
125416 | Zig:16   | Killed Mekouw the pandemonium lord
125416 | Zig:16   | Killed Ciprihum the pandemonium lord
125416 | Zig:16   | Killed Irirphei the pandemonium lord
125416 | Zig:16   | Killed Tucag the pandemonium lord
125416 | Zig:16   | Killed Axzeehah the pandemonium lord
125416 | Zig:16   | Killed Rastuhun the pandemonium lord
125416 | Zig:16   | Killed Xiaps the pandemonium lord
125416 | Zig:16   | Killed Neagenu the pandemonium lord
125416 | Zig:16   | Killed Miaxt the pandemonium lord
125416 | Zig:16   | Killed Onuci the pandemonium lord
125416 | Zig:16   | Killed Ihealasi the pandemonium lord
125416 | Zig:16   | Killed Lacheph the pandemonium lord
125416 | Zig:16   | Killed Buhewah the pandemonium lord
125416 | Zig:16   | Killed Achoisiq the pandemonium lord
125416 | Zig:16   | Killed Dexkaimo the pandemonium lord
125416 | Zig:16   | Killed Qulux the pandemonium lord
125416 | Zig:16   | Killed Loifuska the pandemonium lord
125416 | Zig:16   | Noticed Zicw the pandemonium lord
125417 | Zig:16   | Killed Uxtipt the pandemonium lord
125417 | Zig:16   | Killed Litodiro the pandemonium lord
125417 | Zig:16   | Killed Vausiucs the pandemonium lord
125417 | Zig:16   | Killed Avviguso the pandemonium lord
125417 | Zig:16   | Killed Pemenna Luyj the pandemonium lord
125417 | Zig:16   | Killed Qaissen the pandemonium lord
125417 | Zig:16   | Killed Waovadwo the pandemonium lord
125417 | Zig:16   | Killed Laikhon the pandemonium lord
125417 | Zig:16   | Killed Sydur the pandemonium lord
125417 | Zig:16   | Killed Zicem the pandemonium lord
125417 | Zig:16   | Killed Bammec the pandemonium lord
125417 | Zig:16   | Killed Qitey the pandemonium lord
125417 | Zig:16   | Noticed Qerch the pandemonium lord
125417 | Zig:16   | Noticed Jir Daub the pandemonium lord
125417 | Zig:16   | Noticed Goifro the pandemonium lord
125417 | Zig:16   | Killed Muek the pandemonium lord
125417 | Zig:16   | Noticed Sytuxt the pandemonium lord
125417 | Zig:16   | Noticed Rytacrunk the pandemonium lord
125417 | Zig:16   | Killed Siufidgh the pandemonium lord
125417 | Zig:16   | Killed Toyxups the pandemonium lord
125417 | Zig:16   | Killed Makoesoi the pandemonium lord
125418 | Zig:16   | Noticed Luobor the pandemonium lord
125418 | Zig:16   | Killed Oruuhici the pandemonium lord
125418 | Zig:16   | Killed Tut Ury the pandemonium lord
125418 | Zig:16   | Killed Luobor the pandemonium lord
125418 | Zig:16   | Killed Xifuh the pandemonium lord
125418 | Zig:16   | Killed Toloaff the pandemonium lord
125418 | Zig:16   | Killed Seattyps the pandemonium lord
125418 | Zig:16   | Killed Ucupsez the pandemonium lord
125418 | Zig:16   | Noticed Pitax the pandemonium lord
125418 | Zig:16   | Noticed Quttew the pandemonium lord
125418 | Zig:16   | Noticed Uroq the pandemonium lord
125418 | Zig:16   | Noticed Fezor the pandemonium lord
125418 | Zig:16   | Killed Qeteh the pandemonium lord
125418 | Zig:16   | Killed Uriwi the pandemonium lord
125418 | Zig:16   | Noticed Kiuneunk the pandemonium lord
125419 | Zig:16   | Killed Myniadi the pandemonium lord
125419 | Zig:16   | Noticed Inifeog the pandemonium lord
125419 | Zig:16   | Noticed Iffosof the pandemonium lord
125419 | Zig:16   | Noticed Cosit the pandemonium lord
125419 | Zig:16   | Noticed Hefut the pandemonium lord
125419 | Zig:16   | Noticed Ruaduav the pandemonium lord
125419 | Zig:16   | Noticed Erriato the pandemonium lord
125420 | Zig:16   | Killed Goifro the pandemonium lord
125420 | Zig:16   | Killed Jir Daub the pandemonium lord
125420 | Zig:16   | Noticed Bokk the pandemonium lord
125420 | Zig:16   | Noticed Odufinot the pandemonium lord
125421 | Zig:16   | Killed Rytacrunk the pandemonium lord
125421 | Zig:16   | Killed Exiol the pandemonium lord
125421 | Zig:16   | Killed Dantotur the pandemonium lord
125421 | Zig:16   | Killed Quiqeump the pandemonium lord
125421 | Zig:16   | Noticed Iluturapn the pandemonium lord
125421 | Zig:16   | Noticed Lies Ygh the pandemonium lord
125421 | Zig:16   | Noticed Dedyntif the pandemonium lord
125422 | Zig:16   | Killed Kiuneunk the pandemonium lord
125422 | Zig:16   | Killed Fezor the pandemonium lord
125422 | Zig:16   | Killed Hefut the pandemonium lord
125422 | Zig:16   | Killed Pitax the pandemonium lord
125422 | Zig:16   | Killed Zicw the pandemonium lord
125422 | Zig:16   | Killed Sytuxt the pandemonium lord
125422 | Zig:16   | Noticed Ywoxzapa the pandemonium lord
125422 | Zig:16   | Noticed Torghu the pandemonium lord
125422 | Zig:16   | Noticed Jayde the pandemonium lord
125423 | Zig:16   | Noticed Zeokeogy the pandemonium lord
125423 | Zig:16   | Killed Qerch the pandemonium lord
125423 | Zig:16   | Killed Uroq the pandemonium lord
125423 | Zig:16   | Killed Inifeog the pandemonium lord
125423 | Zig:16   | Killed Cosit the pandemonium lord
125424 | Zig:16   | Killed Erriato the pandemonium lord
125424 | Zig:16   | Killed Ywoxzapa the pandemonium lord
125424 | Zig:16   | Noticed Nestrap the pandemonium lord
125424 | Zig:16   | Noticed Sefokloc the pandemonium lord
125424 | Zig:16   | Noticed Foqoimym the pandemonium lord
125424 | Zig:16   | Killed Lies Ygh the pandemonium lord
125424 | Zig:16   | Killed Quttew the pandemonium lord
125425 | Zig:16   | Killed Iffosof the pandemonium lord
125425 | Zig:16   | Killed Zeokeogy the pandemonium lord
125425 | Zig:16   | Killed Bokk the pandemonium lord
125425 | Zig:16   | Killed Ruaduav the pandemonium lord
125425 | Zig:16   | Killed Odufinot the pandemonium lord
125425 | Zig:16   | Noticed Neloun the pandemonium lord
125426 | Zig:16   | Killed Iluturapn the pandemonium lord
125426 | Zig:16   | Killed Dedyntif the pandemonium lord
125426 | Zig:16   | Noticed Kooxoxasch the pandemonium lord
125427 | Zig:16   | Killed Sefokloc the pandemonium lord
125427 | Zig:16   | Killed Jayde the pandemonium lord
125427 | Zig:16   | Killed Torghu the pandemonium lord
125428 | Zig:16   | Killed Neloun the pandemonium lord
125429 | Zig:16   | Killed Nestrap the pandemonium lord
125430 | Zig:16   | Killed Foqoimym the pandemonium lord
125432 | Zig:16   | Killed Kooxoxasch the pandemonium lord
125467 | Zig:16   | Identified the +4 scimitar of the Eternal Void {antimagic,
                  | *Rage rPois rC++ Str+8}
125468 | Zig:16   | Identified the +2 falchion "Spiderslayer" {vorpal, Fly
                  | rElec Str+3}
125470 | Zig:16   | Identified the ring "Vodell" {Drain Fly rF- MP+9 Str+5}
125549 | Zig:17   | Entered Level 17 of a ziggurat
125550 | Zig:17   | Noticed a dread lich
125551 | Zig:17   | Noticed an ancient lich
125551 | Zig:17   | Noticed an ancient lich
125551 | Zig:17   | Noticed an ancient lich
125551 | Zig:17   | Noticed a dread lich
125551 | Zig:17   | Noticed an ancient lich
125552 | Zig:17   | Killed an ancient lich
125552 | Zig:17   | Killed a dread lich
125552 | Zig:17   | Killed an ancient lich
125552 | Zig:17   | Killed an ancient lich
125552 | Zig:17   | Killed a dread lich
125552 | Zig:17   | Noticed an ancient lich
125553 | Zig:17   | Noticed a dread lich
125553 | Zig:17   | Noticed an ancient lich
125553 | Zig:17   | Noticed a dread lich
125553 | Zig:17   | Noticed a dread lich
125554 | Zig:17   | Noticed a dread lich
125554 | Zig:17   | Noticed an ancient lich
125554 | Zig:17   | Noticed an ancient lich
125554 | Zig:17   | Noticed a dread lich
125554 | Zig:17   | Noticed an ancient lich
125554 | Zig:17   | Noticed an ancient lich
125554 | Zig:17   | Noticed a dread lich
125554 | Zig:17   | Noticed a dread lich
125555 | Zig:17   | Killed a dread lich
125555 | Zig:17   | Killed an ancient lich
125555 | Zig:17   | Killed an ancient lich
125555 | Zig:17   | Killed a dread lich
125556 | Zig:17   | Noticed an ancient lich
125556 | Zig:17   | Noticed an ancient lich
125556 | Zig:17   | Noticed a dread lich
125557 | Zig:17   | Noticed an ancient lich
125558 | Zig:17   | Killed an ancient lich
125558 | Zig:17   | Killed an ancient lich
125558 | Zig:17   | Killed an ancient lich
125558 | Zig:17   | Killed a dread lich
125558 | Zig:17   | Killed a dread lich
125558 | Zig:17   | Killed an ancient lich
125558 | Zig:17   | Killed a dread lich
125558 | Zig:17   | Killed an ancient lich
125558 | Zig:17   | Noticed an ancient lich
125559 | Zig:17   | Noticed an ancient lich
125561 | Zig:17   | Noticed a dread lich
125561 | Zig:17   | Killed a dread lich
125561 | Zig:17   | Killed an ancient lich
125561 | Zig:17   | Killed a dread lich
125561 | Zig:17   | Killed an ancient lich
125564 | Zig:17   | Killed an ancient lich
125565 | Zig:17   | Killed an ancient lich
125565 | Zig:17   | Killed a dread lich
125566 | Zig:17   | Killed an ancient lich
125568 | Zig:17   | Killed a dread lich
125575 | Zig:17   | Noticed a dread lich
125577 | Zig:17   | Killed a dread lich
125587 | Zig:17   | Identified the +0 helmet of Mumblety Peg {Harm rF- rC-
                  | rN+++}
125591 | Zig:17   | Identified the ring "Xotiogh" {Drain rElec rF+ MP+9 Int+5}
125595 | Zig:17   | Identified the +1 dagger "Isopeka" {vorpal, rF+ rN+ Dex+2}
125600 | Zig:17   | Identified the ring "Heluw" {Wiz rN+}
125608 | Zig:17   | Identified the +1 plate armour of Pyunato {rElec rN+ Int-5
                  | SInv}
125609 | Zig:17   | Identified the amulet "Unnaeq" {Reflect Str+4 SH+5}
125631 | Zig:17   | Identified the ring of Free Will {Ice rPois Will+}
125637 | Zig:18   | Entered Level 18 of a ziggurat
125651 | Zig:18   | Paralysed by an air elemental for 1 turns
125717 | Zig:18   | Identified the +0 plate armour of Shadows and Fog {+Inv
                  | rN+}
125723 | Zig:19   | Entered Level 19 of a ziggurat
125749 | Zig:19   | Killed from afar by a Brimstone Fiend

Illustrated notes

Levels and vault maps discovered:
D:1:      co_arrival_square_in_a_square_in_a_square, layout_basic
D:2:      layout_rooms, hellmonk_ecumenical_altar_leap_of_faith, uniq_robin,
          uniq_sigmund
D:3:      layout_rooms, interstate_on_off, minmay_misc_feat_alley,
          nicolae_wormholes
D:4:      layout_rooms, nicolae_dithmenos_through_a_glass_darkly,
          chequers_serial_rivers_room_a, dreamdust_gnoll_farm, uniq_ijyb
D:5:      layout_gridville, nicolae_sif_muna_little_library,
          general_overflow_altar, dancing_weapons_uskayaw
D:6:      layout_rooms, xom_teletrap_fun, gammafunk_ghost_nasty_kobolds,
          enter_ossuary_1, nrook_pool_corridor
D:7:      layout_basic, okawaru_ov_weapons_minmay, minmay_temple_entry_waves,
          kennysheep_dice
D:8:      layout_rooms, kennysheep_mini_moat, roderic_lattice_a
D:9:      layout_cave_pods, yredelemnul_forgotten_temple_becter,
          amcnicky_altar_gilded, grunt_qazlal_clouds,
          minmay_orc_entry_guard_dogs, uniq_joseph, uniq_gastronok, uniq_harold,
          uniq_pikel
D:10:     layout_roguey, mainiacjoe_overflow_small_starburst,
          mainiacjoe_overflow_paths, erik_lair_orcish_takeover, kennysheep_donut
D:11:     layout_roguey, serial_shops, shop, evilmike_ruin_ashenzari
D:12:     layout_gridville
D:13:     layout_loops_corners
D:14:     minmay_big_diamond_grid, layout_basic, david_vaults_4,
          minmay_hedge_maze
D:15:     grunt_enter_depths_hoard, layout_stronghold,
          gammafunk_ghost_hydra_chop, grunt_ministairs_8, uniq_rupert
Temple:   hellmonk_temple_micro_hex
Lair:1:   layout_misc_corridors
Lair:2:   layout_long_grid, hellmonk_spider_entry_life_and_decay,
          grunt_megastairs_3
Lair:3:   layout_cave_shapes, minmay_shoals_entry_centaurs, serial_bayou_pond_c,
          hangedman_tree_tricks, chequers_serial_rivers_marsh,
          beast_lair_carwin_11
Lair:4:   layout_roguey, hellmonk_guarded_unrand_vines, serial_bayou_shore_a,
          lemuel_fruit_fields, serial_bayou_shore_b, grunt_megastairs_2
Lair:5:   grunt_lair_end_beastmaster, layout_cave_pods, slime_entry_1,
          gammafunk_ghost_arena, special_room [special_room_jelly],
          nicolae_lair_run_with_the_wolves, serial_bayou_shore_b,
          wad_woods_river_01
Shoals:1: layout_shoals, nicolae_shoals_this_corrosion, uniq_jorgrun
Shoals:2: layout_shoals, nicolae_shoals_cliffside_cave, argonaut_gorgonesque
Shoals:3: layout_shoals, uniq_polyphemus
Shoals:4: shoals_end_hellmonk_lost_city, serial_shops
Spider:1: layout_spider_delve, gammafunk_ghost_split
Spider:2: layout_spider_delve, nicolae_spider_stair_cavern
Spider:3: nicolae_spider_mines_2, hangedman_spider_tarantella_strand
Spider:4: grunt_spider_rune_parallel
Slime:1:  layout_caves, cheibrodos_slime_lost_civilization_4
Slime:2:  layout_caves
Slime:3:  layout_caves
Slime:4:  layout_caves, uniq_donald
Slime:5
Orc:1:    layout_caves
Orc:2:    st_orc_ogre_mass, layout_caves
Elf:1:    nicolae_elf_arrival_no_cutting_in_line, layout_geoelf_grid,
          hangedman_elven_crosses_minicolossus, minmay_shop_grove
Elf:2:    nicolae_elf_blades_splatter_lattice
          [nicolae_blade_entry_area_security], layout_gridlike, serial_shops,
          nicolae_shop_crystal, onia_ninara_cookie,
          roderic_lattice_octagonal_star
Elf:3:    grunt_elf_hall_spiral, layout_geoelf_octagon, uniq_saint_roka,
          uniq_aizul, uniq_roxanne
Vaults:1: vaults_room_octagon, nicolae_vaults_arrows,
          nicolae_vaults_three_branches, hangedman_vaults_locks,
          nicolae_vaults_network_periphery, dpeg_vaults_hating_casters,
          hangedman_vaults_impose, v_alt_pattern_2,
          ontoclasm_vaults_decontamination, layout_vaults_chaotic_city
Vaults:2: v_misc_14, hangedman_vaults_stitches, v_pattern_3,
          nicolae_vaults_angled_halls, door_vault, vaults_dpeg_emergency_exit,
          nicolae_vaults_hallways_thing, ontoclasm_vaults_ligature, v_rooms_4,
          nicolae_vaults_theta, vaults_standard_mumra_lines,
          vaults_room_door_ring, nicolae_vaults_theta, grunt_vaults_bifocal,
          layout_vaults_omnicross
Vaults:3: lightli_enter_wizlab_magi_temple, minmay_crypt_entry_simple_box,
          hangedman_vaults_trim, vaults_room_stairs_pillars, v_misc_4,
          vaults_room_fancy_cross, st_quartered_hall, grunt_vaults_swirl,
          vaults_room_octagon, dpeg_vaults_monster_row, vaults_mumra_hex,
          vaults_dpeg_diagonal, ontoclasm_vaults_hangar,
          nicolae_vaults_mini_display_case, layout_vaults_omnibox
Vaults:4: nicolae_vaults_disjoint_gnomons, nicolae_vaults_border_crossing,
          v_pattern_2, ontoclasm_vaults_spin, vaults_room_pools,
          grunt_vaults_diagonal, v_misc_17, nicolae_vaults_specimen_jars,
          ontoclasm_vaults_fault, ontoclasm_vaults_eye, dpeg_vaults_monster_box,
          nicolae_vaults_diagonal_hallway_9,
          hangedman_vaults_stretched_pinwheel, vaults_room_pools,
          nicolae_vaults_shelves_hall, ontoclasm_vaults_loading_screen,
          layout_vaults_omnigrid
Vaults:5
Crypt:1:  layout_chaotic_city, st_stairs_14, beargit_elvish_explorers
Crypt:2:  layout_chaotic_city
Crypt:3:  lightli_unholy_cathedral, layout_chaotic_city,
          nicolae_tomb_entry_rubble_hallway, uniq_bai_suzhen, uniq_boris
Tomb:1
Tomb:2
Tomb:3:   uniq_khufu
Depths:1: layout_cave_shapes, enter_ziggurat_c, hellmouth_2,
          corexii_leaking_fountain, nicolae_tso_carved_into_rock
Depths:2: minmay_curly_fans, layout_twisted_cross, grunt_gozag_statues,
          grunt_hell_entry_dis_mu, rand_demon_pan_entry_9,
          infiniplex_staircase_zigzag_2, uniq_josephina, uniq_sojobo
Depths:3: nicolae_legendary_halls, layout_cave_shapes,
          chequers_serial_rivers_micro_c, abyss_entry, hell_entry,
          infiniplex_staircase_pillars_3a
Depths:4: grunt_zot_entry_gee_three, layout_gridlike, abyss_entry,
          rand_demon_pan_entry_5, fedhas_altar_4, hell_entry,
          grunt_ministairs_7, kennysheep_flooded_box,
          chequers_serial_rivers_small_b, grunt_decor_one_mirror,
          serial_nicolae_subway, nicolae_sub_station_crystal,
          nicolae_sub_station_metal, nicolae_sub_station_stone, uniq_xtahua
Hell
Zig:19:   ziggurat_pillar_d, ziggurat_pillar_d, ziggurat_pillar_d,
          ziggurat_pillar_d, ziggurat_pillar_abc, ziggurat_pillar_abc,
          ziggurat_pillar_abc, ziggurat_pillar_abc

Skill      XL: |  1  2  3  4  5  6  7  8  9 10 11 12 13 14 15 16 17 18 19 20 21 22 23 24 25 26 27 |
---------------+----------------------------------------------------------------------------------+-----
Stealth        | 2 3 4 5 27 | 27.0
Dodging        | 2 3 4 5 6 7 8 9 10 11 12 14 15 27 | 27.0
Ice Magic      | 4 5 6 7 8 9 10 12 13 14 15 16 18 20 21 27 | 27.0
Spellcasting   | 3 4 5 6 7 8 9 10 11 12 14 15 16 18 19 20 27 | 27.0
Fighting       | 2 4 6 7 8 9 10 11 13 14 15 27 | 27.0
Conjurations   | 2 4 6 7 8 9 11 12 27 | 27.0
Evocations     | 3 5 10 27 | 27.0
Long Blades    | 7 10 27 | 27.0
Necromancy     | 1 7 13 16 27 | 27.0
Transmutations | 1 6 11 14 27 | 27.0
Fire Magic     | 10 11 15 27 | 27.0
Throwing       | 27 | 27.0
Earth Magic    | 27 | 27.0
Invocations    | 27 | 27.0
Air Magic      | 27 | 27.0
Staves         | 27 | 27.0
Shields        | 27 | 27.0
Armour         | 27 | 27.0
Short Blades   | 27 | 27.0
Axes           | 27 | 27.0
Maces & Flails | 27 | 27.0
Polearms       | 27 | 27.0
Ranged Weapons | 27 | 27.0
Unarmed Combat | 27 | 27.0
Hexes          | 27 | 27.0
Summonings     | 27 | 27.0
Translocations | 27 | 27.0
Poison Magic   | 27 | 27.0

Action                   |  1- 3 |  4- 6 |  7- 9 | 10-12 | 13-15 | 16-18 | 19-21 | 22-24 | 25-27 || total
-------------------------+-------+-------+-------+-------+-------+-------+-------+-------+-------++-------
Melee: Unarmed           |    14 |       |       |       |       |       |       |       |       ||    14
       Spear             |    19 |    54 |   265 |   253 |   247 |     8 |       |       |       ||   846
       Punch             |       |     1 |     7 |     5 |    11 |     7 |     4 |     3 |    39 ||    77
       Tailslap          |       |     3 |    54 |    64 |   131 |    76 |   129 |    95 |  1532 ||  2084
       Long sword        |       |       |    76 |    25 |   370 |   295 |   518 |    42 |       ||  1326
       Staff             |       |       |    24 |    55 |     2 |     9 |    26 |    14 |  2864 ||  2994
       Demon blade       |       |       |       |       |       |       |       |   311 |  1979 ||  2290
       Shillelagh        |       |       |       |       |       |       |       |       |   262 ||   262
       Quick blade       |       |       |       |       |       |       |       |       |   186 ||   186
       Broad axe         |       |       |       |       |       |       |       |       |     9 ||     9
       Trident           |       |       |       |       |       |       |       |       |     4 ||     4
Throw: Dart              |     2 |       |       |       |       |       |       |       |       ||     2
       Javelin           |       |       |       |       |       |       |       |       |    22 ||    22
 Cast: Freeze            |    47 |    57 |    58 |    99 |    65 |       |       |       |       ||   326
       Frozen Ramparts   |     1 |     5 |    22 |    46 |    38 |     1 |       |       |       ||   113
       Ozocubu's Armour  |       |     1 |    30 |    42 |    42 |     6 |    54 |    39 |    72 ||   286
       Hailstorm         |       |       |    16 |    58 |    50 |     3 |       |       |       ||   127
       Yara's Violent Un |       |       |       |     1 |     6 |       |       |       |    11 ||    18
       Orb of Destructio |       |       |       |       |   187 |   146 |    58 |   104 |    45 ||   540
       Ozocubu's Refrige |       |       |       |       |    48 |   297 |   117 |    17 |    94 ||   573
       Freezing Cloud    |       |       |       |       |       |    51 |    14 |       |       ||    65
       Fireball          |       |       |       |       |       |    12 |    75 |    15 |    15 ||   117
       Polar Vortex      |       |       |       |       |       |       |    85 |    66 |   712 ||   863
       Starburst         |       |       |       |       |       |       |     7 |     3 |     2 ||    12
       Blink             |       |       |       |       |       |       |     1 |     2 |     5 ||     8
       Ignition          |       |       |       |       |       |       |       |    12 |  1050 ||  1062
       Necromutation     |       |       |       |       |       |       |       |       |   528 ||   528
       Shatter           |       |       |       |       |       |       |       |       |   438 ||   438
       Chain Lightning   |       |       |       |       |       |       |       |       |   397 ||   397
       Fire Storm        |       |       |       |       |       |       |       |       |   245 ||   245
       Lehudib's Crystal |       |       |       |       |       |       |       |       |     2 ||     2
 Abil: End Transformatio |       |       |       |       |       |       |       |       |    29 ||    29
       Evoke Blink       |       |       |       |       |       |       |       |       |    10 ||    10
Evoke: Wand              |       |       |    10 |     1 |     2 |    13 |       |       |    54 ||    80
       Phantom mirror    |       |       |       |       |     1 |     5 |       |       |     5 ||    11
       Condenser vane    |       |       |       |       |       |       |     1 |       |     9 ||    10
       Tin of tremorston |       |       |       |       |       |       |       |       |    25 ||    25
       Lightning rod     |       |       |       |       |       |       |       |       |    22 ||    22
       Figurine of a zig |       |       |       |       |       |       |       |       |    14 ||    14
       Box of beasts     |       |       |       |       |       |       |       |       |     3 ||     3
       Horn of Geryon    |       |       |       |       |       |       |       |       |     2 ||     2
       Phial of floods   |       |       |       |       |       |       |       |       |     2 ||     2
  Use: Scroll            |       |       |       |    10 |    33 |    15 |    12 |     2 |   115 ||   187
       Potion            |       |       |       |       |     4 |     9 |     4 |     5 |   176 ||   198
 Stab: Sleeping          |     3 |     4 |     8 |     7 |     6 |     3 |     9 |     2 |     2 ||    44
       Distracted        |       |       |     1 |     1 |       |     2 |       |       |     5 ||     9
       Petrifying        |       |       |       |       |       |       |       |       |     1 ||     1
       Petrified         |       |       |       |       |       |       |       |       |     1 ||     1
Armor: Robe              |     1 |       |       |       |   266 |    35 |       |       |    10 ||   312
       Leather armour    |    13 |     2 |       |       |       |       |       |       |   336 ||   351
       Troll leather arm |       |    24 |   106 |   192 |     2 |    99 |   481 |   161 |  1162 ||  2227
       Skin              |       |       |       |       |    18 |       |       |       |       ||    18
       Crystal plate arm |       |       |       |       |       |       |       |       |  3453 ||  3453
Dodge: Dodged            |    44 |    81 |   279 |   439 |   840 |   493 |   885 |   344 |  7001 || 10406
Block: Kite shield       |       |       |       |       |       |       |       |       |  5685 ||  5685
